 Dungeon Crawl Stone Soup version 0.32-a0-41-gec2d92a32c (webtiles) character file.

Game seed: 8826964457886807885

1879999 ooooo the Ninja (level 27, -10/224 HPs)
             Began as an Octopode Conjurer on Dec 12, 2023.
             Was an Initiate of Gozag.
             Killed from afar by a Brimstone Fiend (42 damage)
             ... with damnation
             ... on level 26 of a ziggurat on Jan 25, 2024.
             The game lasted 1 day 03:44:18 (352405 turns).

ooooo the Ninja (Octopode Conjurer)           Turns: 352405, Time: 1 , 03:44:19

Health: -10/224    AC: 25    Str: 13    XL:     27
Magic:  28/54      EV: 52    Int: 44    God:    Gozag
Gold:   116067     SH:  0    Dex: 37    Spells: 0/80 levels left

rFire   + + +        a - +3 Elemental Staff {ele, rElec rF+ rC+ AC+3}
rCold   + + +        s - crystal ball of Wucad Mu {*channel}
rNeg    + + +        V - +5 hat of Surprise {Dex+2}
rPois   ∞            A - amulet of Vitality {RegenMP++ Regen++}
rElec   +            D - ring "Feytoej" {+Blink rElec rPois rF+++}
rCorr   +            I - ring of Lexaw {rC++ Dex+6 Stlth+}
SInv    +            F - ring "Gunos" {rElec rC- AC+4 Int+2 SInv}
Will    +++++        G - ring "Nerphatt" {rElec AC+4 Str+2 Int+3 Dex+6} Stlth *********+
                     C - ring of Shadows {Umbra +Inv Stlth+}
HPRegen 2.17/turn    E - ring "Nowumonwat" {Fly rCorr Int+7 Dex-2 Stlth-}
MPRegen 1.14/turn    H - ring of Pipriun {Will+ Int+2 Dex+6 Stlth+}
                     B - ring of the Tortoise {AC+8}

%: clarity, channel magic (40%)
@: sluggish, death-form, death channelling, gold aura, flying, slightly
contaminated, wreathed by umbra, studying 3 skills, very slow
A: vile attack, torment immunity, no potions, almost no armour, amphibious, 8
rings, camouflage 1, gelatinous body 1, (nimble swimmer 1), tentacles, clarity,
strong-willed 1
}: 15/15 runes: decaying, serpentine, slimy, silver, golden, iron, obsidian,
icy, bone, abyssal, demonic, glowing, magical, fiery, dark
a: Siphon Essence, Begin Untransformation, Renounce Religion, Evoke Blink, Evoke
Invisibility, Potion Petition, Call Merchant, Bribe Branch


You were on level 26 of a ziggurat.
You worshipped Gozag.
Gozag was exalted by your worship.
You were an undying horror.
You visited 18 branches of the dungeon, and saw 88 of its levels.
You visited Pandemonium 2 times, and saw 14 of its levels.
You visited the Abyss 13 times.
You visited 14 ziggurats (completing 13), and saw 377 of their levels.
You also visited: Trove.

You collected 661125 gold pieces.
You spent 16456 gold pieces at shops.
You paid 528602 gold pieces to Gozag.

Inventory:

Hand Weapons
 a - the +3 Elemental Staff (weapon) {ele, rElec rF+ rC+ AC+3}
   (You found it on level 3 of a ziggurat)

   AC+3:      It affects your AC (+3).
   rF+:       It protects you from fire.
   rC+:       It protects you from cold.
   rElec:     It insulates you from electricity.
 b - the +8 demon trident "Rift" {distort, reach+}
   (You found it on level 26 of a ziggurat)
Missiles
 R - 188 silver javelins (quivered)
Armour
 s - the crystal ball of Wucad Mu (worn) {*channel}
   (You acquired it on level 15 of a ziggurat)

   *Channel:  It often returns the magic spent to cast spells, but lowers their
   success rate.
   It always returns the magic spent on miscasts.
 V - the +5 hat of Surprise (worn) {Dex+2}
   (You acquired it on level 27 of a ziggurat)

   Dex+2:     It affects your dexterity (+2).
Jewellery
 f - the ring "Tesogg" {Wiz rN+ Str+2 Int+3}
   (You found it on level 15 of a ziggurat)

   [ring of wizardry]

   Wiz:       It improves your spell success rate.
   Str+2:     It affects your strength (+2).
   Int+3:     It affects your intelligence (+3).
   rN+:       It protects you from negative energy.
 k - the ring of Noon {rCorr Str-3 Int+2 SInv}
   (You found it on level 17 of a ziggurat)

   [ring of see invisible]

   Str-3:     It affects your strength (-3).
   Int+2:     It affects your intelligence (+2).
   SInv:      It lets you see invisible.
   rCorr:     It protects you from acid and corrosion.
 m - the ring of Qazlal, Crafting {rN+ EV+5}
   (You found it on level 17 of a ziggurat)

   [ring of evasion]

   EV+5:      It affects your evasion (+5).
   rN+:       It protects you from negative energy.
 n - the ring of Trepidation {Fire rPois rN+ Str-4 Slay+2}
   (You found it on level 19 of a ziggurat)

   [ring of fire]

   Fire:      It enhances your fire magic.
   Str-4:     It affects your strength (-4).
   Slay+2:    It affects your accuracy & damage with ranged weapons and melee
   (+2).
   rF+:       It protects you from fire.
   rC-:       It makes you vulnerable to cold.
   rPois:     It protects you from poison rN+: It protects you from negative
   energy.
 p - the ring of Heubri {Fly Int+6 Dex+3}
   (You found it on level 19 of a ziggurat)

   [ring of intelligence]

   Int+6:     It affects your intelligence (+6).
   Dex+3:     It affects your dexterity (+3).
   Fly:       It grants you flight.
 u - the amulet of Nomyam {rN+ Will+ Regen+ MP+9 Dex-2}
   (You found it on level 19 of a ziggurat)

   [amulet of regeneration]

   Dex-2:     It affects your dexterity (-2).
   rN+:       It protects you from negative energy.
   Will+:     It increases your willpower.
   MP+9:      It affects your magic capacity (+9).
   Regen+:    It increases your rate of health regeneration.
 w - the ring "Ilerphab" {rF+ Str+3}
   (You found it on level 20 of a ziggurat)

   [ring of protection from fire]

   Str+3:     It affects your strength (+3).
   rF+:       It protects you from fire.
 x - the amulet of the Empty Page {Spirit rPois rF- Str+4 Slay+6}
   (You found it on level 22 of a ziggurat)

   [amulet of guardian spirit]

   Spirit:    It causes incoming damage to be divided between your reserves of
   health and magic.
   Str+4:     It affects your strength (+4).
   Slay+6:    It affects your accuracy & damage with ranged weapons and melee
   (+6).
   rF-:       It makes you vulnerable to fire.
   rPois:     It protects you from poison
 y - the ring "Ydghiemp" {Int+3 Dex+2 Slay+3 SInv}
   (You found it on level 22 of a ziggurat)

   [ring of see invisible]

   Int+3:     It affects your intelligence (+3).
   Dex+2:     It affects your dexterity (+2).
   Slay+3:    It affects your accuracy & damage with ranged weapons and melee
   (+3).
   SInv:      It lets you see invisible.
 A - the amulet of Vitality (around mantle) {RegenMP++ Regen++}
   (You found it on level 4 of a ziggurat)

   [amulet of magic regeneration]

   RegenMP:   It increases your rate of magic regeneration.
   Regen++:   It increases your rate of health regeneration.
 B - the ring of the Tortoise (on tentacle) {AC+8}
   (You acquired it on level 2 of the Realm of Zot)

   [ring of protection]

   AC+8:      It affects your AC (+8).
 C - the ring of Shadows (on tentacle) {Umbra +Inv Stlth+}
   (You found it on level 10 of a ziggurat)

   [ring of stealth]

   Umbra:     It surrounds you with an aura of shadow, increasing your stealth
   and reducing the accuracy of all others within it.
   +Inv:      It lets you turn invisible.
   Stlth+:    It makes you more stealthy.
 D - the ring "Feytoej" (left tentacle) {+Blink rElec rPois rF+++}
   (You acquired it on level 27 of a ziggurat)

   [ring of poison resistance]

   rF+++:     It renders you almost immune to fire.
   rElec:     It insulates you from electricity.
   rPois:     It protects you from poison +Blink: It lets you blink.
 E - the ring "Nowumonwat" (on tentacle) {Fly rCorr Int+7 Dex-2 Stlth-}
   (You found it on level 23 of a ziggurat)

   [ring of flight]

   Int+7:     It affects your intelligence (+7).
   Dex-2:     It affects your dexterity (-2).
   Fly:       It grants you flight.
   rCorr:     It protects you from acid and corrosion.
   Stlth-:    It makes you less stealthy.
 F - the ring "Gunos" (on tentacle) {rElec rC- AC+4 Int+2 SInv}
   (You found it on level 22 of a ziggurat)

   [ring of protection]

   AC+4:      It affects your AC (+4).
   Int+2:     It affects your intelligence (+2).
   rC-:       It makes you vulnerable to cold.
   rElec:     It insulates you from electricity.
   SInv:      It lets you see invisible.
 G - the ring "Nerphatt" (on tentacle) {rElec AC+4 Str+2 Int+3 Dex+6}
   (You found it on level 11 of a ziggurat)

   [ring of protection]

   AC+4:      It affects your AC (+4).
   Str+2:     It affects your strength (+2).
   Int+3:     It affects your intelligence (+3).
   Dex+6:     It affects your dexterity (+6).
   rElec:     It insulates you from electricity.
 H - the ring of Pipriun (on tentacle) {Will+ Int+2 Dex+6 Stlth+}
   (You found it on level 16 of a ziggurat)

   [ring of dexterity]

   Int+2:     It affects your intelligence (+2).
   Dex+6:     It affects your dexterity (+6).
   Will+:     It increases your willpower.
   Stlth+:    It makes you more stealthy.
 I - the ring of Lexaw (right tentacle) {rC++ Dex+6 Stlth+}
   (You found it in a treasure trove)

   [ring of dexterity]

   Dex+6:     It affects your dexterity (+6).
   rC++:      It greatly protects you from cold.
   Stlth+:    It makes you more stealthy.
 J - the ring of the Mage {Wiz Archmagi}
   (You found it on level 20 of a ziggurat)

   [ring of wizardry]

   Wiz:       It improves your spell success rate.
   Archmagi:  It increases the power of your magical spells.
 L - the amulet "Onoxkug" {Spirit Fly rPois Dex+6}
   (You found it on level 22 of a ziggurat)

   [amulet of guardian spirit]

   Spirit:    It causes incoming damage to be divided between your reserves of
   health and magic.
   Dex+6:     It affects your dexterity (+6).
   rPois:     It protects you from poison Fly: It grants you flight.
 M - the ring of Vonoaf {rPois rC+ MP+9}
   (You found it on level 22 of a ziggurat)

   [ring of magical power]

   rC+:       It protects you from cold.
   rPois:     It protects you from poison MP+9: It affects your magic capacity
   (+9).
 P - the ring of Foolhardiness {rPois rF+ rCorr Str+2 Slay+3}
   (You found it on level 24 of a ziggurat)

   [ring of resist corrosion]

   Str+2:     It affects your strength (+2).
   Slay+3:    It affects your accuracy & damage with ranged weapons and melee
   (+3).
   rF+:       It protects you from fire.
   rPois:     It protects you from poison rCorr: It protects you from acid and
   corrosion.
 Q - the ring "Juzemiz" {rPois rF- Str+6 Int+3 Dex-4}
   (You found it on level 24 of a ziggurat)

   [ring of poison resistance]

   Str+6:     It affects your strength (+6).
   Int+3:     It affects your intelligence (+3).
   Dex-4:     It affects your dexterity (-4).
   rF-:       It makes you vulnerable to fire.
   rPois:     It protects you from poison
 T - the amulet of Zeapsuk {Faith rElec Will+ Slay+2}
   (You found it on level 24 of a ziggurat)

   [amulet of faith]

   Faith:     It allows you to gain divine favour quickly.
   Slay+2:    It affects your accuracy & damage with ranged weapons and melee
   (+2).
   rElec:     It insulates you from electricity.
   Will+:     It increases your willpower.
Talismans
 c - the death talisman of Ahoevem (active) {rCorr Str+2 Dex+7 Stlth-}
   (You found it on level 17 of a ziggurat)

   [talisman of death]

   Str+2:     It affects your strength (+2).
   Dex+7:     It affects your dexterity (+7).
   rCorr:     It protects you from acid and corrosion.
   Stlth-:    It makes you less stealthy.
 r - a granite talisman
 N - the storm talisman "Odotoizima" {Will+}
   (You found it on level 23 of a ziggurat)

   [storm talisman]

   Will+:     It increases your willpower.
Wands
 K - a wand of digging (343)
 O - a wand of acid (651)
Scrolls
 h - 119 scrolls of fog
 l - 50 scrolls of immolation
 o - 3 scrolls of butterflies
 q - 146 scrolls of teleportation
 S - 86 scrolls of blinking
Potions
 d - 18 potions of invisibility
 e - 15 potions of brilliance
 g - 63 potions of heal wounds
 i - 39 potions of cancellation
 j - 17 potions of lignification
 t - 49 potions of curing
 v - 67 potions of mutation
 z - 50 potions of magic
 U - 71 potions of haste


   Skills:
 O Level 27 Fighting
 O Level 27 Short Blades
 O Level 27 Long Blades
 O Level 27 Axes
 O Level 27 Maces & Flails
 O Level 27 Polearms
 O Level 27 Staves
 O Level 27 Ranged Weapons
 O Level 27 Throwing
 O Level 27 Dodging
 O Level 27 Stealth
 O Level 27 Shields
 O Level 27 Unarmed Combat
 O Level 27 Spellcasting
 O Level 27 Conjurations
 O Level 27 Hexes
 O Level 27 Summonings
 O Level 27 Necromancy
 O Level 27 Translocations
 O Level 27 Fire Magic
 O Level 27 Ice Magic
 O Level 27 Air Magic
 O Level 27 Earth Magic
 O Level 27 Alchemy
 O Level 27 Invocations
 O Level 27 Evocations
 O Level 27 Shapeshifting


You couldn't memorise any spells.
You knew the following spells:

 Your Spells              Type           Power      Damage    Failure   Level
c - Chain Lightning       Conj/Air       82%        3d110     3%          9
f - Fire Storm            Conj/Fire      82%        8d21      3%          9
h - Shatter               Erth           82%        3d60*     3%          9
n - Ignition              Fire           82%        3d21      1%          8
v - Polar Vortex          Ice            82%        12d11*    3%          9
A - Ozocubu's Armour      Ice            100%       N/A       1%          3
D - Discord               Hex            69%        N/A       1%          8
E - Death Channel         Necr           69%        N/A       1%          6
J - Disjunction           Tloc           69%        N/A       1%          8
M - Maxwell's Capacitive  Air            82%        ∞         1%          8
S - Swiftness             Air            100%       N/A       1%          3

Your spell library contained the following spells:

 Spells                   Type           Power      Damage    Failure   Level
 Apportation              Tloc           100%       N/A       1%          1
 Foxfire                  Conj/Fire      100%       2x1d9     1%          1
 Freeze                   Ice            100%       1d10      1%          1
 Kiss of Death            Conj/Necr      100%       2d13      1%          1
 Magic Dart               Conj           100%       1d8       1%          1
 Necrotise                Necr           100%       1d9       1%          1
 Sandblast                Erth           100%       2d20      1%          1
 Shock                    Conj/Air       100%       1d9       1%          1
 Slow                     Hex            100%       N/A       1%          1
 Sting                    Conj/Alch      100%       1d9       1%          1
 Summon Small Mammal      Summ           100%       N/A       1%          1
 Blink                    Tloc           100%       N/A       1%          2
 Call Imp                 Summ           100%       N/A       1%          2
 Cigotuvi's Dreadful Rot  Necr/Alch/Air  100%       N/A       1%          2
 Ensorcelled Hibernation  Hex/Ice        100%       N/A       1%          2
 Jinxbite                 Hex            100%       N/A       1%          2
 Lesser Beckoning         Tloc           100%       N/A       1%          2
 Mercury Vapours          Alch/Air       100%       N/A       1%          2
 Momentum Strike          Conj/Tloc      100%       3d10      1%          2
 Scorch                   Fire           100%       2d9       1%          2
 Searing Ray              Conj           100%       2d8       1%          2
 Static Discharge         Conj/Air       100%       3-8/arc   1%          2
 Sublimation of Blood     Necr           100%       N/A       1%          2
 Call Canine Familiar     Summ           100%       N/A       1%          3
 Confusing Touch          Hex            100%       N/A       1%          3
 Dazzling Flash           Conj/Hex       100%       N/A       1%          3
 Frozen Ramparts          Ice            100%       1d16      1%          3
 Fugue of the Fallen      Necr           100%       N/A       1%          3
 Gell's Gravitas          Tloc           100%       N/A       1%          3
 Hailstorm                Conj/Ice       100%       3d16      1%          3
 Inner Flame              Hex/Fire       100%       N/A       1%          3
 Mephitic Cloud           Conj/Alch/Air  100%       N/A       1%          3
 Passwall                 Erth           100%       N/A       1%          3
 Sigil of Binding         Hex            100%       N/A       1%          3
 Stone Arrow              Conj/Erth      100%       3d13      1%          3
 Summon Ice Beast         Ice/Summ       100%       N/A       1%          3
 Teleport Other           Tloc           100%       N/A       1%          3
 Tukima's Dance           Hex            100%       N/A       1%          3
 Vampiric Draining        Necr           100%       2d13      1%          3
 Volatile Blastmotes      Fire/Tloc      100%       2d18      1%          3
 Airstrike                Air            82%        2d(12-28) 1%          4
 Anguish                  Hex/Necr       69%        N/A       1%          4
 Brom's Barrelling Bould  Conj/Erth      100%       2d11      1%          4
 Cause Fear               Hex            69%        N/A       1%          4
 Dimensional Bullseye     Hex/Tloc       69%        N/A       1%          4
 Dispel Undead            Necr           100%       3d31      1%          4
 Flame Wave               Conj/Fire      100%       2d21      1%          4
 Fulminant Prism          Conj/Alch      69%        3d27      1%          4
 Ignite Poison            Fire/Alch      100%       N/A       1%          4
 Iskenderun's Mystic Bla  Conj/Tloc      100%       2d19      1%          4
 Leda's Liquefaction      Alch/Erth      82%        N/A       1%          4
 Manifold Assault         Tloc           100%       N/A       1%          4
 Martyr's Knell           Necr/Summ      100%       N/A       1%          4
 Olgreb's Toxic Radiance  Alch           100%       N/A       1%          4
 Passage of Golubria      Tloc           100%       N/A       1%          4
 Petrify                  Alch/Erth      100%       N/A       1%          4
 Sticky Flame             Fire/Alch      100%       2d15      1%          4
 Summon Blazeheart Golem  Fire/Summ      100%       N/A       1%          4
 Summon Lightning Spire   Summ/Air       100%       N/A       1%          4
 Vhi's Electric Charge    Tloc/Air       100%       N/A       1%          4
 Alistair's Intoxication  Alch           92%        N/A       1%          5
 Arcjolt                  Conj/Air       82%        1d92      1%          5
 Borgnjor's Vile Clutch   Necr/Erth      82%        N/A       1%          5
 Curse of Agony           Necr           100%       N/A       1%          5
 Fireball                 Conj/Fire      82%        3d30      1%          5
 Freezing Cloud           Conj/Ice/Air   96%        6-21      1%          5
 Irradiate                Conj/Alch      69%        3d34      1%          5
 Iskenderun's Battlesphe  Conj           100%       2d15      1%          5
 Lee's Rapid Deconstruct  Erth           82%        3d37*     1%          5
 Metabolic Englaciation   Hex/Ice        82%        N/A       1%          5
 Silence                  Hex/Air        82%        N/A       1%          5
 Summon Forest            Summ/Tloc      69%        N/A       1%          5
 Summon Mana Viper        Hex/Summ       100%       N/A       1%          5
 Yara's Violent Unravell  Hex/Alch       69%        3d26      1%          5
 Bombard                  Conj/Erth      82%        9d13      1%          6
 Conjure Ball Lightning   Conj/Air       82%        3x3d31    1%          6
 Dispersal                Tloc           69%        N/A       1%          6
 Eringya's Noxious Bog    Alch           69%        4d6       1%          6
 Plasma Beam              Fire/Air       96%        2x1d115   1%          6
 Sculpt Simulacrum        Ice/Alch       82%        N/A       1%          6
 Starburst                Conj/Fire      82%        6d21      1%          6
 Summon Cactus Giant      Summ           69%        N/A       1%          6
 Enfeeble                 Hex            69%        N/A       1%          7
 Haunt                    Necr/Summ      69%        N/A       1%          7
 Malign Gateway           Summ/Tloc      69%        N/A       1%          7
 Monstrous Menagerie      Summ           69%        N/A       1%          7
 Orb of Destruction       Conj           69%        9d16      1%          7
 Ozocubu's Refrigeration  Ice            82%        4d25      1%          7
 Spellforged Servitor     Conj/Summ      69%        N/A       1%          7
 Summon Hydra             Summ           69%        N/A       1%          7
 Borgnjor's Revivificati  Necr           69%        N/A       1%          8
 Infestation              Necr           69%        N/A       1%          8
 Lehudib's Crystal Spear  Conj/Erth      82%        10d18     1%          8
 Summon Horrible Things   Summ           69%        N/A       1%          8
 Death's Door             Necr           69%        N/A       3%          9
 Dragon's Call            Summ           69%        N/A       3%          9
 Animate Armour           Summ/Erth      Unusable   N/A       N/A         4
 Animate Dead             Necr           Unusable   N/A       N/A         4

Dungeon Overview and Level Annotations

Branches:
Dungeon (15/15)            Temple (1/1) D:6            Lair (5/5) D:10
  Swamp (4/4) Lair:2        Snake (4/4) Lair:2        Slime (5/5) Lair:5
    Orc (2/2) D:11            Elf (3/3) Orc:2        Vaults (5/5) D:13
  Crypt (3/3) Vaults:3       Tomb (3/3) Crypt:3      Depths (4/4) D:15
   Hell (visited)             Dis (7/7) Hell            Geh (7/7) Hell
    Coc (7/7) Hell            Tar (7/7) Hell            Zot (5/5) Depths:4

Altars:
Ashenzari
Cheibriados
Dithmenos
Elyvilon
Fedhas
Gozag
Hepliaklqana
Kikubaaqudgha
Makhleb
Nemelex Xobeh
Okawaru
Qazlal
Ru
Sif Muna
Trog
Uskayaw
Vehumet
Wu Jian
Xom
Yredelemnul
Zin
The Shining One
Jiyva
Lugonu

Shops:
D:6 (   D:10 !!*=(=!?!==!==*=[*   D:14 (   D:15 =   Orc:2 [=??   Snake:1 :
Snake:4 [*!?   Vaults:1 *   Vaults:2 =   Depths:1 =   Depths:2 *

Portals:
Hell: Depths:1 Depths:2 Depths:4
Abyss: Lair:5 Depths:3 Depths:4
Pandemonium: Orc:2 Depths:2

Annotations:
Swamp:3 Bai Suzhen
Slime:1 1 exclusion
Slime:2 1 exclusion
Tomb:1 2 exclusions
Tomb:2 1 exclusion
Zot:2 1 transporter
Zot:3 3 transporters


Innate Abilities, Weirdness & Mutations

You are an undying horror.
Your melee and unarmed attacks drain, slow and weaken victims.
You are immune to unholy pain and torment.
You cannot drink.
You are immune to poison.
You cannot wear most types of armour.
You are amphibious.
You can wear up to eight rings at the same time.
Your skin changes colour to match your surroundings (Stealth+).
Your rubbery body absorbs attacks. (AC +1, EV +1)
((You are camouflaged when in or above water. (Stealth+)))
You have tentacles for arms and can constrict up to eight enemies at once.
You possess an exceptional clarity of mind.
You are strong-willed. (Will+)


Message History

Unknown command.
Unknown command.
Unknown command.
Unknown command.
Unknown command.
Unknown command.
Unknown command.
Unknown command.
Unknown command.
Unknown command.
Unknown command.
Unknown command.
Unknown command.
Unknown command.
Unknown command.
Unknown command.
Unknown command.
Unknown command.
Unknown command.
Unknown command.
Unknown command.
Unknown command.
Unknown command.
Magic scrolls do not work when you're silenced!
Unknown command.
Magic scrolls do not work when you're silenced!
Unknown command.
The Brimstone Fiend is no longer distracted by gold.
The hellephant is no longer distracted by gold.
The war gargoyle is distracted by your dazzling golden aura.
Something hits your spectral sun demon.
The crystal echidna is distracted by your dazzling golden aura.
The searing wretch is distracted by your dazzling golden aura.
The Brimstone Fiend gestures at you.
The sphere of damnation explodes!
The damnation engulfs your spectral sun demon!!
Your spectral sun demon is destroyed!
The damnation engulfs you!!!
You die...
Your body crumbles into a pile of gold.

2p1nn$3$.Y$▓▓
23..11p$.9$.▓▓
Csnb2n$$$.$$$▓▓
2RCsrb.$$$Z$Z.▓▓
2Y222.n$$$$$$.$▓▓
n2n22.2$n$C2$$$.▓▓
nn32h2Rbh$$$$$Z$$▓▓
1YDEbh3.21$$.Z$$∩.▓
E912Y2n$.3n$$$$$z▓▓
.n2b2rn$2Zr$$$$$▓▓
.rnz.(z$°ZY1$$.▓▓
23R12Y$☼C§$$$▓▓
2222zC.§n○$2▓▓
2C.D.hz$$D.▓▓
C4z2.D2$$$▓▓
W.EE.E.$(▓▓
2z.W....▓▓


You could see a bone dragon, a hellephant (unsilenced, unaware), 2 searing
wretches, a tainted leviathan (unsilenced), a titan (ally target), 2 Brimstone
Fiends, a balrug (unsilenced, unaware), a reaper, a crystal echidna (unsilenced,
unaware), a sun demon, a war gargoyle (wandering, unsilenced), a friendly
spectral hell hog, 2 friendly spectral balrugs, a friendly spectral sun demon, a
friendly spectral Hell Sentinel and a friendly spectral Brimstone Fiend.

Vanquished Creatures
  Cerebov (Pan)
  The ghost of oldriver the Conqueror, a legendary DsEE of Gozag (Zig:18)
  Antaeus (Coc:7)
  Dissolution (Slime:4)
  the Royal Jelly (Slime:5)
  Asmodeus (Geh:7)
  The ghost of Suwusiqo the Wishgranter, a legendary DjCj of Jiyva (Zig:18)
  The ghost of Suwusiqo the Wishgranter, a legendary DjCj of Jiyva (Zig:18)
  Gloorx Vloq (Pan)
  The ghost of Tejiel the Englaciator, a legendary GrFi of Fedhas (Zig:18)
  The ghost of Tejiel the Englaciator, a legendary GrFi of Fedhas (Zig:18)
  The ghost of Tejiel the Englaciator, a legendary GrFi of Fedhas (Zig:18)
  The ghost of Tejiel the Englaciator, a legendary GrFi of Fedhas (Zig:18)
  The ghost of Tejiel the Englaciator, a legendary GrFi of Fedhas (Zig:18)
  Ereshkigal (Tar:7)
  The ghost of Bines the Petrodigitator, a legendary OpSh of Gozag (Zig:16)
  The ghost of Bines the Petrodigitator, a legendary OpSh of Gozag (Zig:26)
  The ghost of Bines the Petrodigitator, a legendary OpSh of Gozag (Zig:16)
  The ghost of Bines the Petrodigitator, a legendary OpSh of Gozag (Zig:16)
  The ghost of Bines the Petrodigitator, a legendary OpSh of Gozag (Zig:26)
  The ghost of Bines the Petrodigitator, a legendary OpSh of Gozag (Zig:18)
  The ghost of Bines the Petrodigitator, a legendary OpSh of Gozag (Zig:26)
  The ghost of Bines the Petrodigitator, a legendary OpSh of Gozag (Zig:16)
  The ghost of Bines the Petrodigitator, a legendary OpSh of Gozag (Zig:26)
  The ghost of Bines the Petrodigitator, a legendary OpSh of Gozag (Zig:26)
  The ghost of Bines the Petrodigitator, a legendary OpSh of Gozag (Zig:26)
  The ghost of Bines the Petrodigitator, a legendary OpSh of Gozag (Zig:18)
  The ghost of Tejiel the Englaciator, a legendary GrFi of Fedhas (Zig:26)
  The ghost of Tejiel the Englaciator, a legendary GrFi of Fedhas (Zig:26)
  The ghost of Tejiel the Englaciator, a legendary GrFi of Fedhas (Zig:26)
  The ghost of Tejiel the Englaciator, a legendary GrFi of Fedhas (Zig:26)
  The ghost of Tejiel the Englaciator, a legendary GrFi of Fedhas (Zig:3)
  The ghost of Tejiel the Englaciator, a legendary GrFi of Fedhas (Zig:26)
  The ghost of Tejiel the Englaciator, a legendary GrFi of Fedhas (Zig:16)
  The ghost of Ini Deriu the Infernalist, a legendary DECj of Vehumet (Zig:26)
  The ghost of Ini Deriu the Infernalist, a legendary DECj of Vehumet (Zig:2)
  The ghost of Ini Deriu the Infernalist, a legendary DECj of Vehumet (Zig:26)
  The ghost of Ini Deriu the Infernalist, a legendary DECj of Vehumet (Zig:16)
  The ghost of Ini Deriu the Infernalist, a legendary DECj of Vehumet (Zig:18)
  The ghost of Ini Deriu the Infernalist, a legendary DECj of Vehumet (Zig:18)
  The ghost of Ini Deriu the Infernalist, a legendary DECj of Vehumet (Zig:18)
  The ghost of Ini Deriu the Infernalist, a legendary DECj of Vehumet (Zig:16)
  The ghost of Ini Deriu the Infernalist, a legendary DECj of Vehumet (Zig:18)
  The ghost of Ini Deriu the Infernalist, a legendary DECj of Vehumet (Zig:18)
  61 seraphim
  The ghost of Beoskaaj the Sorcerer, a legendary DEFE of Vehumet (Zig:18)
  The ghost of Beoskaaj the Sorcerer, a legendary DEFE of Vehumet (Zig:18)
  The ghost of Beoskaaj the Sorcerer, a legendary DEFE of Vehumet (Zig:18)
  The ghost of Beoskaaj the Sorcerer, a legendary DEFE of Vehumet (Zig:26)
  The ghost of Beoskaaj the Sorcerer, a legendary DEFE of Vehumet (Zig:18)
  The ghost of Beoskaaj the Sorcerer, a legendary DEFE of Vehumet (Zig:18)
  The ghost of Pixogrep the Metallomancer, a legendary OpCj of Gozag (Zig:26)
  The ghost of Pixogrep the Metallomancer, a legendary OpCj of Gozag (Zig:18)
  The ghost of Pixogrep the Metallomancer, a legendary OpCj of Gozag (Zig:26)
  The ghost of Pixogrep the Metallomancer, a legendary OpCj of Gozag (Zig:18)
  The ghost of Pixogrep the Metallomancer, a legendary OpCj of Gozag (Zig:26)
  The ghost of Pixogrep the Metallomancer, a legendary OpCj of Gozag (Zig:26)
  The ghost of Pixogrep the Metallomancer, a legendary OpCj of Gozag (Zig:16)
  The ghost of Pixogrep the Metallomancer, a legendary OpCj of Gozag (Zig:26)
  The ghost of Pixogrep the Metallomancer, a legendary OpCj of Gozag (Zig:26)
  The ghost of Pixogrep the Metallomancer, a legendary OpCj of Gozag (Zig:18)
  The ghost of Pixogrep the Metallomancer, a legendary OpCj of Gozag (Zig:26)
  The ghost of Pixogrep the Metallomancer, a legendary OpCj of Gozag (Zig:18)
  The ghost of Suwusiqo the Wishgranter, a legendary DjCj of Jiyva (Zig:26)
  The ghost of Suwusiqo the Wishgranter, a legendary DjCj of Jiyva (Zig:26)
  The ghost of Suwusiqo the Wishgranter, a legendary DjCj of Jiyva (Zig:26)
  The ghost of Suwusiqo the Wishgranter, a legendary DjCj of Jiyva (Zig:16)
  Lom Lobon (Pan)
  the Serpent of Hell (Geh:7)
  Mnoleg (Pan)
  Dispater (Dis:7)
  The ghost of Ging the Conqueror, a legendary OgFi of Jiyva (Zig:26)
  The ghost of Ometuamn the Heavyweight Champion, a legendary OgSh of Ru (Zig:16)
  The ghost of Ging the Conqueror, a legendary OnFi of Jiyva (Zig:18)
  The ghost of Ging the Conqueror, a legendary OnFi of Jiyva (Zig:18)
  The ghost of Ging the Conqueror, a legendary OnFi of Jiyva (Zig:18)
  The ghost of Ometuamn the Heavyweight Champion, a legendary OnSh of Ru (Zig:18)
  The ghost of Ometuamn the Heavyweight Champion, a legendary OnSh of Ru (Zig:18)
  The ghost of Ometuamn the Heavyweight Champion, a legendary OnSh of Ru (Zig:18)
  The ghost of Ometuamn the Heavyweight Champion, a legendary OnSh of Ru (Zig:18)
  The ghost of Ometuamn the Heavyweight Champion, a legendary OgSh of Ru (Zig:26)
  The ghost of Ging the Conqueror, a legendary OgFi of Jiyva (Zig:26)
  The ghost of Ging the Conqueror, a legendary OnFi of Jiyva (Zig:2)
  The ghost of Ometuamn the Heavyweight Champion, a legendary OgSh of Ru (Zig:26)
  The ghost of Oxtuo the Archmage, a legendary DECj of Gozag (Zig:18)
  The ghost of Oxtuo the Archmage, a legendary DECj of Gozag (Zig:18)
  The ghost of Oxtuo the Archmage, a legendary DECj of Gozag (Zig:18)
  Frederick (Depths:4)
  110 orbs of fire
  The ghost of Oxtuo the Archmage, a legendary DECj of Gozag (Zig:16)
  The ghost of Oxtuo the Archmage, a legendary DECj of Gozag (Zig:26)
  The ghost of Oxtuo the Archmage, a legendary DECj of Gozag (Zig:26)
  The ghost of Oxtuo the Archmage, a legendary DECj of Gozag (Zig:26)
  385 dread liches
  427 ancient liches
  Mara (Vaults:3)
  The ghost of Nalaklye the Slayer, a legendary DjCA of Cheibriados (Zig:26)
  The ghost of Nalaklye the Slayer, a legendary DjCA of Cheibriados (Zig:18)
  The ghost of Nalaklye the Slayer, a legendary DjCA of Cheibriados (Zig:26)
  The ghost of Nalaklye the Slayer, a legendary DjCA of Cheibriados (Zig:16)
  The ghost of Nalaklye the Slayer, a legendary DjCA of Cheibriados (Zig:26)
  The ghost of Nalaklye the Slayer, a legendary DjCA of Cheibriados (Zig:18)
  The ghost of Nalaklye the Slayer, a legendary DjCA of Cheibriados (Zig:16)
  The ghost of Nalaklye the Slayer, a legendary DjCA of Cheibriados (Zig:18)
  Khufu (Crypt:3)
  The ghost of Quogoet the Shapeless Octopus, a legendary OpSh of Cheibriados (Zig:18)
  The ghost of Quogoet the Shapeless Octopus, a legendary OpSh of Cheibriados (Zig:26)
  The ghost of Quogoet the Shapeless Octopus, a legendary OpSh of Cheibriados (Zig:18)
  180 juggernauts
  The ghost of Zoedwah the Wrestler, a legendary HOMo of Beogh (Zig:26)
  The ghost of Zoedwah the Wrestler, a legendary HOMo of Beogh (Zig:26)
  The ghost of Zoedwah the Wrestler, a legendary HOMo of Beogh (Zig:16)
  The ghost of Zoedwah the Wrestler, a legendary HOMo of Beogh (Zig:26)
  The ghost of Zoedwah the Wrestler, a legendary HOMo of Beogh (Zig:26)
  The ghost of Zoedwah the Wrestler, a legendary HOMo of Beogh (Zig:26)
  The ghost of Zoedwah the Wrestler, a legendary HOMo of Beogh (Zig:26)
  The ghost of Omay the Minotaur Barricade, a master MiFi of Okawaru (Zig:26)
  The ghost of Omay the Minotaur Barricade, a master MiFi of Okawaru (Zig:26)
  The ghost of Omay the Minotaur Barricade, a master MiFi of Okawaru (Zig:26)
  The ghost of Omay the Minotaur Barricade, a master MiFi of Okawaru (Zig:8)
  The ghost of Omay the Minotaur Barricade, a master MiFi of Okawaru (Zig:26)
  The ghost of Omay the Minotaur Barricade, a master MiFi of Okawaru (Zig:18)
  The ghost of Omay the Minotaur Barricade, a master MiFi of Okawaru (Zig:18)
  The ghost of Omay the Minotaur Barricade, a master MiFi of Okawaru (Zig:16)
  The ghost of Omay the Minotaur Barricade, a master MiFi of Okawaru (Zig:26)
  The ghost of Omay the Minotaur Barricade, a master MiFi of Okawaru (Zig:26)
  The ghost of Omay the Minotaur Barricade, a master MiFi of Okawaru (Zig:16)
  The ghost of Omay the Minotaur Barricade, a master MiFi of Okawaru (Zig:26)
  The ghost of Omay the Minotaur Barricade, a master MiFi of Okawaru (Zig:26)
  The ghost of Ussulutyn the Demonic Barricade, a legendary DsFi of Qazlal (Zig:16)
  The ghost of Ussulutyn the Demonic Barricade, a legendary DsFi of Qazlal (Zig:26)
  The ghost of Ussulutyn the Demonic Barricade, a legendary DsFi of Qazlal (Zig:18)
  The ghost of Ussulutyn the Demonic Barricade, a legendary DsFi of Qazlal (Zig:2)
  The ghost of Ussulutyn the Demonic Barricade, a legendary DsFi of Qazlal (Zig:18)
  The ghost of Ussulutyn the Demonic Barricade, a legendary DsFi of Qazlal (Zig:16)
  The ghost of Ussulutyn the Demonic Barricade, a legendary DsFi of Qazlal (Zig:18)
  The ghost of Ussulutyn the Demonic Barricade, a legendary DsFi of Qazlal (Zig:26)
  Mennas (Pan)
  The ghost of Coyd the Hill Orc Mishap, a legendary HOMo of Qazlal (Zig:26)
  The ghost of Coyd the Hill Orc Mishap, a legendary HOMo of Qazlal (Zig:16)
  The ghost of Coyd the Hill Orc Mishap, a legendary HOMo of Qazlal (Zig:26)
  The ghost of Coyd the Hill Orc Mishap, a legendary HOMo of Qazlal (Zig:18)
  The ghost of Coyd the Hill Orc Mishap, a legendary HOMo of Qazlal (Zig:18)
  The ghost of Duta the Crack Shot, a legendary FoHu of Okawaru (Zig:18)
  The ghost of Duta the Crack Shot, a legendary FoHu of Okawaru (Zig:26)
  The ghost of Duta the Crack Shot, a legendary FoHu of Okawaru (Zig:18)
  The ghost of Duta the Crack Shot, a legendary FoHu of Okawaru (Zig:3)
  The ghost of Duta the Crack Shot, a legendary FoHu of Okawaru (Zig:26)
  The ghost of Duta the Crack Shot, a legendary FoHu of Okawaru (Zig:26)
  The ghost of Duta the Crack Shot, a legendary FoHu of Okawaru (Zig:16)
  The ghost of Duta the Crack Shot, a legendary FoHu of Okawaru (Zig:16)
  The ghost of Duta the Crack Shot, a legendary FoHu of Okawaru (Zig:18)
  The ghost of Duta the Crack Shot, a legendary FoHu of Okawaru (Zig:16)
  The ghost of Dommouf the Slayer, a veteran OgBe of Trog (Zot:3)
  The ghost of Sackuas the Slayer, a veteran OgBe of Trog (Zot:2)
  The ghost of Lagif the Conqueror, a legendary MiFi of Zin (Zig:18)
  The ghost of Lagif the Conqueror, a legendary MiFi of Zin (Zig:18)
  The ghost of Lagif the Conqueror, a legendary MiFi of Zin (Zig:18)
  The ghost of Lagif the Conqueror, a legendary MiFi of Zin (Zig:2)
  The ghost of Feuw the Executioner, a veteran MiBe of Trog (Zig:26)
  The ghost of Feuw the Executioner, a veteran MiBe of Trog (Zig:26)
  The ghost of Feuw the Executioner, a veteran MiBe of Trog (Zig:26)
  The ghost of Feuw the Executioner, a veteran MiBe of Trog (Zig:18)
  The ghost of Feuw the Executioner, a veteran MiBe of Trog (Zig:26)
  The ghost of Feuw the Executioner, a veteran MiBe of Trog (Zig:18)
  The ghost of Feuw the Executioner, a veteran MiBe of Trog (Zig:26)
  The ghost of Tiejaxt the Cloud Mage, a master TeAE of Lugonu (Zot:3)
  Sojobo (Vaults:4)
  Josephina (Depths:2)
  The ghost of Hoiham the Axe Maniac, a legendary MiFi of Okawaru (Zig:26)
  The ghost of Hoiham the Axe Maniac, a legendary MiFi of Okawaru (Zig:18)
  The ghost of Hoiham the Axe Maniac, a legendary MiFi of Okawaru (Zig:2)
  The ghost of Hoiham the Axe Maniac, a legendary MiFi of Okawaru (Zig:26)
  The ghost of Hoiham the Axe Maniac, a legendary MiFi of Okawaru (Zig:16)
  The ghost of Hoiham the Axe Maniac, a legendary MiFi of Okawaru (Zig:18)
  394 royal mummies
  Vv (Depths:4)
  The ghost of Ysol the Archmage, a legendary OpHW of Jiyva (Zig:26)
  The ghost of Ysol the Archmage, a legendary OpHW of Jiyva (Zig:26)
  The ghost of Ysol the Archmage, a legendary OpHW of Jiyva (Zig:18)
  The ghost of Ysol the Archmage, a legendary OpHW of Jiyva (Zig:26)
  The ghost of Ysol the Archmage, a legendary OpHW of Jiyva (Zig:18)
  The ghost of Canwutygu the Executioner, a veteran MiFi of Okawaru (Zig:26)
  The ghost of Canwutygu the Executioner, a veteran MiFi of Okawaru (Zig:18)
  The ghost of Canwutygu the Executioner, a veteran MiFi of Okawaru (Zig:26)
  The ghost of Canwutygu the Executioner, a veteran MiFi of Okawaru (Zig:16)
  The ghost of Canwutygu the Executioner, a veteran MiFi of Okawaru (Zig:2)
  The ghost of Canwutygu the Executioner, a veteran MiFi of Okawaru (Zig:16)
  Saint Roka (Vaults:3)
  287 shard shrikes
  Vashnia (Snake:4)
  210 Killer Klowns
  The ghost of Cuhyol the Skinwalker, a veteran MfSh of Jiyva (Zot:3)
  A caustic shrike (shapeshifter) (Zig:23)
  572 pandemonium lords
  391 caustic shrikes
  9 curse toes
  Geryon (Hell)
  A golden dragon (shapeshifter) (Zig:23)
  508 golden dragons
  44 profane servitors
  178 bone dragons
  139 Tzitzimimeh
  260 pearl dragons
  Nikola (Elf:1)
  88 electric golems
  Norris (Elf:3)
  The ghost of Emoisch the Slayer, an adept MiFi of Okawaru (Zot:3)
  211 Brimstone Fiends
  105 doom hounds
  833 starcursed masses
  477 hellephants
  167 iron giants
  2 walking crystal tomes
  431 tentacled monstrosities
  25 Orb Guardians
  2 spectral shard shrikes
  538 Ice Fiends
  A walking earthen tome (Zig:10)
  Grunn (Crypt:3)
  188 searing wretches
  7 walking frostbound tomes
  257 liches
  3 walking divine tomes
  409 Hell Sentinels
  204 deep elf blademasters
  96 tainted leviathans
  367 deep elf master archers
  12 quicksilver dragons (shapeshifter)
  An acid blob (shapeshifter) (Zig:15)
  179 tentacled starspawn
  444 titans
  4 death cobs
  158 quicksilver dragons
  687 acid blobs
  10 sphinxes (shapeshifter)
  247 ancient champions
  157 Executioners
  125 sphinxes
  5 eldritch tentacles
  109 tengu reavers
  4 shadow dragons (shapeshifter)
  148 shadow dragons
  25 thorn hunters
  393 revenants
  199 storm dragons
  3 storm dragons (shapeshifter)
  148 frost giants
  4 azure jellies (shapeshifter)
  396 draconian monks
  130 demonspawn warmongers
  Aizul (Snake:4)
  78 rockslimes
  Roxanne (Snake:2)
  Kirke (Swamp:3)
  245 fenstrider witches
  317 narguns
  162 azure jellies
  86 deep elf sorcerers
  545 draconian knights
  283 daevas
  78 fire giants
  15 frost giants (shapeshifter)
  493 nagarajas
  3 fire giants (shapeshifter)
  9 caustic shrike zombies
  193 quicksilver elementals
  7 emperor scorpions (shapeshifter)
  494 draconian scorchers
  3 spectral juggernauts
  185 protean progenitors
  22 fenstrider witches (shapeshifter)
  380 draconian shifters
  376 balrugs
  A ghost moth (shapeshifter) (Zig:15)
  8 shard shrike simulacra
  101 vault wardens
  211 iron dragons
  399 orc warlords
  145 cacodemons
  216 emperor scorpions
  138 angels
  3 spectral caustic shrikes
  538 ghost moths
  29 deep elf elementalists
  62 ghouls
  13 juggernaut zombies
  419 draconian stormcallers
  5 spriggan defenders
  14 stone giants (shapeshifter)
  195 reapers
  The ghost of ooooo the Covert, a journeyman OpCj of Gozag (D:12)
  135 quicksilver oozes
  278 demonspawn corrupters
  298 curse skulls
  73 ironbound preservers
  3 formless jellyfish (shapeshifter)
  147 demonspawn blood saints
  383 stone giants
  495 draconian annihilators
  48 formless jellyfish
  18 caustic shrike skeletons
  112 very ugly things
  136 apis
  181 black draconians
  2 broodmothers (shapeshifter)
  129 ophanim
  132 war gargoyles
  3 ironbound thunderhulks
  17 juggernaut skeletons
  226 deep elf demonologists
  78 eleionomae
  56 broodmothers
  198 green draconians
  115 lorocyprocas
  23 elemental wellsprings
  19 eleionomae (shapeshifter)
  Nessos (D:13)
  176 vampire knights
  210 deep elf annihilators
  118 putrid mouths
  184 purple draconians
  195 yellow draconians
  109 bennus
  149 demonspawn black suns
  A black draconian (shapeshifter) (Zig:23)
  282 wendigos
  5 minotaurs
  109 spark wasps
  A bunyip (shapeshifter) (Depths:2)
  163 red draconians
  A yellow draconian (shapeshifter) (Zig:15)
  9 dire elephants (shapeshifter)
  192 dire elephants
  2 spectral titans
  80 bunyips
  422 green deaths
  7 minotaurs (shapeshifter)
  185 white draconians
  2 spark wasps (shapeshifter) (Zig:23)
  99 ettins
  4 ettins (shapeshifter)
  230 iron golems
  127 deep elf death magi
  213 eidola
  223 merfolk javelineers
  352 mummy priests
  A fire dragon (shapeshifter) (Zig:23)
  44 crystal guardians
  299 entropy weavers
  215 blizzard demons
  67 fire dragons
  60 merfolk impalers
  3 spectral krakens
  427 shambling mangroves
  A spectral iron giant (Tar:3)
  50 jiangshi
  5 spectral spriggans
  An elf zombie (Tomb:2)
  A spectral golden dragon (Zig:18)
  2 quicksilver dragon zombies
  273 deep elf high priests
  38 vault guards
  238 hydras
  A spectral fenstrider witch (Tar:1)
  208 yaktaur captains
  An ice dragon (shapeshifter) (Zig:22)
  2 hydras (shapeshifter)
  230 ice dragons
  4 spectral sphinxes
  Harold (Lair:1)
  28 caustic shrike simulacra
  2 entropy weavers (shapeshifter)
  A peacekeeper (Vaults:4)
  146 spriggan air magi
  5 spectral tengu
  A demonspawn (Orc:2)
  6 ironbound frosthearts
  3 spectral shadow dragons
  55 great orbs of eyes
  87 hell beasts
  40 centaur warriors
  75 ghost crabs
  22 merfolk avatars
  15 rakshasas
  11 quicksilver dragon skeletons
  2 catoblepae (shapeshifter)
  18 juggernaut simulacra
  26 stokers
  29 spriggan skeletons
  227 catoblepae
  A fenstrider witch skeleton (Crypt:2)
  4 alligators (shapeshifter)
  30 jorogumos
  330 salamander tyrants
  92 anacondas
  A boulder beetle (shapeshifter) (Zig:16)
  A servant of whispers (Zig:16)
  36 ogre magi
  3 anacondas (shapeshifter)
  73 alligators
  70 boulder beetles
  23 two-headed ogres
  2 spectral draconians (Zot:2)
  7 death knights
  11 sphinx zombies
  13 alligator snapping turtles
  55 radroaches
  11 alligator snapping turtles (shapeshifter)
  10 sphinx skeletons
  9 two-headed ogres (shapeshifter)
  118 naga warriors
  415 dancing weapons
  3 satyrs (shapeshifter)
  19 deep troll earth magi
  321 merfolk aquamancers
  138 satyrs
  150 death scarabs
  47 death yaks
  7 death yaks (shapeshifter)
  78 hell hogs
  5 deep troll shamans
  182 vampire magi
  59 hell knights
  2 spectral dire elephants
  13 spriggan berserkers
  15 titan zombies
  14 occultists
  5 storm dragon zombies
  186 thrashing horrors
  125 demonic crawlers
  21 titan skeletons
  196 shock serpents
  4 spectral storm dragons
  137 crystal echidnas
  294 deep elf knights
  488 orc high priests
  294 naga sharpshooters
  9 shock serpents (shapeshifter)
  187 skysharks
  224 soul eaters
  Amaemon (Lair:1)
  Sonja (Lair:1)
  9 skysharks (shapeshifter)
  29 fire crabs
  110 pharaoh ants
  340 wretched stars
  9 glowing orange brains (shapeshifter)
  26 salamander mystics
  8 sea snakes (shapeshifter)
  12 iron trolls (shapeshifter)
  97 iron trolls
  160 sun demons
  6 spark wasp zombies
  40 skeletal warriors
  2 goliath frogs (shapeshifter)
  A spectral spark wasp (Depths:1)
  67 death drakes
  2 fire crabs (shapeshifter)
  67 sea snakes
  14 golden dragon zombies
  109 sixfirhies
  71 goliath frogs
  7 quicksilver dragon simulacra
  111 cherubim
  7 death drakes (shapeshifter)
  62 sun moths
  7 orb spiders (shapeshifter)
  88 shadow wraiths
  2 anaconda zombies
  370 large abominations
  3 swamp dragons (shapeshifter)
  Lodul (D:10)
  48 spatial maelstroms
  34 deep trolls
  4 deep trolls (shapeshifter)
  76 naga ritualists
  184 swamp dragons
  48 glowing orange brains
  143 phantasmal warriors
  5 anaconda skeletons
  91 shadow demons
  A spectral anaconda (Tar:4)
  20 orange crystal statues
  304 spriggan druids
  10 storm dragon skeletons
  2 kraken simulacra (Zig:23)
  15 lindwurms
  18 obsidian statues
  35 bog bodies
  291 deep elf archers
  50 orb spiders
  4 spectral iron dragons
  77 steelbarb worms
  140 orc knights
  20 tengu zombies
  14 arcanists
  119 flayed ghosts
  7 lindwurms (shapeshifter)
  18 spriggan simulacra
  Pikel (D:7)
  52 ironbound convokers
  14 golden dragon skeletons
  6 harpies (shapeshifter)
  460 deep elf zephyrmancers
  8 steelbarb worms (shapeshifter)
  468 deep elf pyromancers
  12 mana vipers (shapeshifter)
  28 harpies
  90 mana vipers
  12 shadow dragon zombies
  35 ugly things
  133 wolf spiders
  10 sphinx simulacra
  67 manticores
  233 orc sorcerers
  54 necromancers
  6 moths of wrath (shapeshifter)
  112 fauns
  4 frost giant zombies
  109 shining eyes
  12 shining eyes (shapeshifter)
  A spectral alligator snapping turtle (Tar:3)
  12 iron dragon zombies
  34 salamanders
  83 cyclopes
  A glowing shapeshifter (Zig:11)
  12 shadow dragon skeletons
  104 will-o-the-wisps
  15 tengu skeletons
  4 manticores (shapeshifter)
  2 stone giant zombies
  15 fauns (shapeshifter)
  305 moths of wrath
  5 wolf spiders (shapeshifter)
  5 fire giant zombies
  3 frost giant skeletons
  36 oklob plants
  A toenail golem (Zig:19)
  5 cyclopes (shapeshifter)
  29 worldbinders
  A spectral ettin (Tar:4)
  33 merfolk sirens
  A guardian serpent (shapeshifter) (Zig:23)
  431 black mambas
  432 water nymphs
  An elephant (shapeshifter) (Zig:5)
  211 kobold blastminers
  2 black mambas (shapeshifter)
  10 iron dragon skeletons
  24 rust devils
  233 smoke demons
  99 apocalypse crabs
  11 water nymphs (shapeshifter)
  18 titan simulacra
  2 fire giant skeletons
  4 molten gargoyles (Hell)
  9 torpor snails (shapeshifter)
  58 elephants
  63 vault sentinels
  16 ice statues
  7 eyes of devastation (shapeshifter)
  421 torpor snails
  24 gargoyles
  139 guardian serpents
  75 eyes of devastation
  186 naga magi
  4 unseen horrors (shapeshifter)
  12 spectral swamp worms (Tar:7)
  6 cane toads (shapeshifter)
  2 centaur skeletons
  104 orange demons
  2 sea snake zombies (Hell)
  14 storm dragon simulacra
  16 spriggan zombies
  46 efreet
  94 rime drakes
  5 unseen horrors
  6 naga skeletons
  3 spark wasp simulacra
  Jeremiah (D:9)
  164 cane toads
  A dire elephant skeleton (Pan)
  271 hellions
  3 yaktaurs (shapeshifter)
  3 tengu conjurers
  55 freezing wraiths
  2 rime drakes (shapeshifter)
  4 spectral glowing shapeshifters
  62 yaktaurs
  A black draconian skeleton (Crypt:2)
  4 komodo dragons (shapeshifter)
  4 iron giant simulacra
  An alligator snapping turtle skeleton (Pan)
  243 tormentors
  93 komodo dragons
  A spectral naga (Tar:3)
  159 ancient zymes
  63 ice devils
  A spectral harpy (Crypt:3)
  19 golden dragon simulacra
  29 bloated husks
  8 anaconda simulacra
  107 merfolk
  18 red devils
  4 hydra zombies (Hell)
  4 polar bears (shapeshifter)
  62 silent spectres
  642 guardian mummies
  42 polar bears
  3 meliai (shapeshifter)
  21 meliai
  91 wind drakes
  7 queen bees (shapeshifter)
  75 tarantellas
  14 merfolk (shapeshifter)
  85 hellwings
  2 harpy skeletons
  111 trolls
  13 shadow dragon simulacra
  3 raiju (shapeshifter)
  8 trolls (shapeshifter)
  A wind drake (shapeshifter) (Zig:24)
  671 hornets
  9 glass eyes (shapeshifter)
  2 tyrant leeches (shapeshifter)
  2 tarantellas (shapeshifter)
  Grinder (D:6)
  63 tyrant leeches
  69 blink frogs
  A hornet (shapeshifter) (Zig:13)
  3 hydra skeletons
  A draconian simulacrum (Zot:2)
  55 snapping turtles
  10 tengu simulacra
  118 glass eyes
  2 spectral guardian serpents (Crypt:1)
  10 snapping turtles (shapeshifter)
  A blink frog (shapeshifter) (Zig:21)
  148 raiju
  2 stone giant simulacra
  9 iron dragon simulacra
  A frost giant simulacrum (Zig:10)
  410 slime creatures
  26 dream sheep
  5 dream sheep (shapeshifter)
  277 laughing skulls
  A slime creature (shapeshifter) (Zig:15)
  3 culicivoras (shapeshifter)
  3 fire giant simulacra
  5 jumping spiders (shapeshifter)
  117 air elementals
  A centaur simulacrum (D:15)
  Sigmund (D:2)
  2 shapeshifters
  80 jumping spiders
  135 water elementals
  7 dire elephant simulacra
  13 wraiths
  4 vampires
  135 ynoxinuls
  3 spriggans (shapeshifter)
  A basilisk (shapeshifter) (Zig:18)
  4 ettin skeletons
  2 black mamba skeletons
  81 culicivoras
  4 fire bats (Lair:3)
  9 shadows
  2 naga simulacra
  4 hogs
  2 humans (shapeshifter)
  62 wyverns
  4 humans (D:13)
  276 ushabtiu
  42 fire elementals
  61 golden eyes
  4 hogs (shapeshifter)
  74 spriggans
  7 yaks (shapeshifter)
  An alligator snapping turtle simulacrum (Coc:3)
  136 yaks
  31 basilisks
  A steam dragon (shapeshifter) (Zig:15)
  68 steam dragons
  3 golden eyes (shapeshifter)
  A sea snake simulacrum (Hell)
  5 redbacks (shapeshifter)
  193 neqoxecs
  16 vampire mosquitoes
  107 redbacks
  120 chaos spawn
  Edmund (D:6)
  16 harpy simulacra
  2 human zombies
  A warg (shapeshifter) (Zig:24)
  135 wargs
  A spectral cane toad (Lair:2)
  14 swamp worms
  2 naga zombies
  11 swamp worms (shapeshifter)
  A hydra simulacrum (Coc:5)
  18 glowing shapeshifter zombies
  29 spatial vortices
  A water moccasin (shapeshifter) (Zig:21)
  A water nymph zombie (Crypt:2)
  19 hell hounds
  A spectral yak (Lair:2)
  169 nagas
  A demonspawn skeleton (Crypt:1)
  178 water moccasins
  Duvessa (D:6)
  58 acid dragons
  16 glowing shapeshifter skeletons
  597 orc warriors
  47 swamp drakes
  A hornet zombie (Crypt:1)
  A sky beast (shapeshifter) (Zig:13)
  261 ogres
  40 ice beasts
  An ice beast (shapeshifter) (Zig:18)
  A black bear (shapeshifter) (Zig:21)
  7 ettin simulacra
  4 boggarts
  2 sky beasts
  3 crocodiles (shapeshifter)
  26 wolves
  An ogre (shapeshifter) (Zig:4)
  18 centaurs
  2 lemures (D:7)
  10 bullfrogs
  77 earth elementals
  4 brain worms
  A gnoll sergeant (D:12)
  A cyclops zombie (Crypt:2)
  A wyvern zombie (Crypt:2)
  5 necrophages
  A spectral water moccasin (Lair:2)
  A scorpion (shapeshifter) (Zig:11)
  4 scorpions
  47 small abominations
  11 glowing shapeshifter simulacra
  9 wights
  Dowan (D:6)
  A killer bee (shapeshifter) (Zig:25)
  8 killer bees
  11 electric eels
  3 jellies
  A vampire bat (Lair:1)
  4 howler monkeys
  4 crimson imps
  6 quasits
  A bullfrog skeleton (Crypt:2)
  7 hounds
  101 orc priests
  3 iron imps
  4 iguanas
  Ijyb (D:3)
  2 gnoll boudas
  2 sleepcaps
  Natasha (thrice) (D:2)
  99 orc wizards
  62 hell rats
  8 lightning spires
  1055 mummies
  7 gnolls
  7 adders
  An adder (shapeshifter) (Zig:13)
  2 shadow imps
  3 white imps
  13 ufetubi
  An adder skeleton (Crypt:1)
  2 ribbon worms (D:2)
  83 orcs
  4 endoplasms
  7 giant cockroaches
  11 hobgoblins
  12 jackals
  5 kobolds
  3 quokkas
  3 training dummies (D:6)
  4 ball pythons
  11 bats
  An endoplasm zombie (Crypt:1)
  4 frilled lizards
  A giant cockroach zombie (Crypt:1)
  14 goblins
  A hobgoblin skeleton (Crypt:2)
  A hobgoblin zombie (Crypt:2)
  7 rats
  263 aspiring fleshes
  19 ball lightnings
  A butterfly (Zig:12)
  4 creeping infernos
  320 fire vortices
  2 lurking horrors
  3 spectral weapons
  70 starspawn tentacles
  3 tentacles (Zig:23)
52898 creatures vanquished.

Vanquished Creatures (collateral kills)
  10 seraphim
  The ghost of Bines the Petrodigitator, a legendary OpSh of Gozag (Zig:26)
  The ghost of Suwusiqo the Wishgranter, a legendary DjCj of Jiyva (Zig:26)
  16 dread liches
  22 ancient liches
  The ghost of Zoedwah the Wrestler, a legendary HOMo of Beogh (Zig:26)
  The ghost of Omay the Minotaur Barricade, a master MiFi of Okawaru (Zig:26)
  42 juggernauts
  7 royal mummies
  The ghost of Hoiham the Axe Maniac, a legendary MiFi of Okawaru (Zig:26)
  The ghost of Ysol the Archmage, a legendary OpHW of Jiyva (Zig:26)
  The ghost of Ysol the Archmage, a legendary OpHW of Jiyva (Zig:26)
  7 Killer Klowns
  29 shard shrikes
  A curse toe (Zig:12)
  102 caustic shrikes
  183 golden dragons
  2 profane servitors
  37 bone dragons
  9 pearl dragons
  11 doom hounds
  11 iron giants
  19 Tzitzimimeh
  12 electric golems
  72 hellephants
  213 tentacled monstrosities
  45 Brimstone Fiends
  39 Hell Sentinels
  2 liches (Zig:19)
  25 Ice Fiends
  22 tainted leviathans
  56 searing wretches
  2 sphinxes
  20 titans
  5 deep elf blademasters
  2 quicksilver dragons (shapeshifter)
  3 ancient champions (Zig:27)
  4 sphinxes (shapeshifter)
  A walking frostbound tome (Zig:17)
  6 deep elf master archers
  67 pandemonium lords
  3 quicksilver dragons
  56 acid blobs
  7 Executioners
  5 tentacled starspawn
  11 storm dragons
  2 thorn hunters (Zig:13)
  4 tengu reavers
  2 revenants
  11 shadow dragons
  25 nagarajas
  An azure jelly (shapeshifter) (Zig:11)
  11 draconian monks
  133 rockslimes
  7 demonspawn warmongers
  30 draconian knights
  7 narguns
  13 fenstrider witches
  A deep elf sorcerer (Zig:17)
  13 protean progenitors
  4 fire giants (shapeshifter)
  7 daevas
  12 ghost moths
  21 iron dragons
  7 frost giants
  3 vault wardens
  10 fire giants
  5 curse skulls
  A frost giant (shapeshifter) (Zig:11)
  2 spectral juggernauts
  5 quicksilver elementals
  47 draconian scorchers
  100 balrugs
  15 emperor scorpions
  18 draconian stormcallers
  2 angels (Zig:19)
  34 orc warlords
  A spectral caustic shrike (Zig:22)
  2 ironbound preservers
  3 broodmothers
  11 demonspawn corrupters
  28 draconian shifters
  9 reapers
  8 cacodemons
  14 stone giants
  10 draconian annihilators
  40 demonspawn blood saints
  6 formless jellyfish
  8 very ugly things
  3 war gargoyles
  8 quicksilver oozes
  10 putrid mouths
  A juggernaut skeleton (Zig:14)
  5 eleionomae
  4 apis
  A stone giant (shapeshifter) (Zig:22)
  2 eleionomae (shapeshifter)
  4 ophanim
  5 bennus
  6 green draconians
  2 spark wasps
  5 demonspawn black suns
  12 wendigos
  9 purple draconians
  14 lorocyprocas
  5 black draconians
  5 bunyips
  14 dire elephants
  2 deep elf demonologists
  A dire elephant (shapeshifter) (Zig:22)
  9 white draconians
  4 deep elf annihilators
  36 red draconians
  4 yellow draconians
  A deep elf death mage (Zig:26)
  9 blizzard demons
  2 eidola
  5 merfolk javelineers
  3 iron golems
  42 fire dragons
  22 green deaths
  An ettin (Zig:14)
  30 shambling mangroves
  A mummy priest (Zig:8)
  8 crystal guardians
  A spectral golden dragon (Zig:18)
  7 entropy weavers
  2 deep elf high priests
  5 yaktaur captains
  An ice dragon (Zig:23)
  A caustic shrike simulacrum (Zig:18)
  A merfolk avatar (Zig:13)
  A spriggan air mage (Zig:26)
  A rakshasa (Zig:27)
  A spectral sphinx (Zig:18)
  105 salamander tyrants
  2 great orbs of eyes
  A sphinx zombie (Zig:7)
  3 hell beasts
  A radroach (shapeshifter) (Zig:24)
  11 catoblepae
  6 ghost crabs
  2 jorogumos
  An ogre mage (Zig:23)
  4 radroaches
  10 alligators
  2 alligator snapping turtles
  An anaconda (Zig:27)
  4 boulder beetles
  7 hydras
  5 satyrs
  8 merfolk aquamancers
  A two-headed ogre (Zig:26)
  44 dancing weapons
  7 stokers
  A death yak (Zig:10)
  A death scarab (Zig:8)
  6 naga warriors
  9 orc high priests
  A spriggan berserker (Zig:13)
  A shock serpent (shapeshifter) (Zig:24)
  19 hell hogs
  5 demonic crawlers
  13 naga sharpshooters
  9 thrashing horrors
  9 hell knights
  9 shock serpents
  13 wretched stars
  20 spatial maelstroms
  8 soul eaters
  6 fire crabs
  10 skysharks
  A titan skeleton (Zig:8)
  An iron troll (shapeshifter) (Zig:24)
  A shadow wraith (Zig:18)
  3 deep elf knights
  3 sixfirhies
  4 pharaoh ants
  27 sun demons
  6 crystal echidnas
  29 iron trolls
  A sea snake (Zig:7)
  11 salamander mystics
  10 spriggan druids
  8 cherubim
  11 sun moths
  3 glowing orange brains
  2 goliath frogs
  13 swamp dragons
  3 orb spiders (Zig:20)
  2 shadow demons
  4 obsidian statues
  3 orange crystal statues
  2 harpies
  2 naga ritualists (Zig:27)
  13 large abominations
  10 steelbarb worms
  A shadow dragon zombie (Zig:26)
  2 necromancers (Zig:14)
  A deep troll (Zig:22)
  A bog body (Zig:22)
  A deep elf archer (Zig:14)
  2 phantasmal warriors
  2 deep elf pyromancers
  An ironbound convoker (Zig:21)
  An oklob plant (Zig:16)
  8 shining eyes
  An ugly thing (Abyss:1)
  4 wolf spiders
  A faun (shapeshifter) (Zig:6)
  2 fauns
  4 deep elf zephyrmancers
  3 orc sorcerers
  A shining eye (shapeshifter) (Zig:24)
  18 salamanders
  10 will-o-the-wisps
  5 rust devils
  3 manticores
  A vault sentinel (Zig:26)
  A meliai (shapeshifter) (Abyss:5)
  4 cyclopes
  6 moths of wrath
  2 kobold blastminers
  15 torpor snails
  3 elephants
  A manticore (shapeshifter) (Zig:24)
  24 apocalypse crabs
  2 naga magi
  4 water nymphs
  3 guardian serpents
  25 smoke demons
  8 black mambas
  3 eyes of devastation
  2 orange demons (Pan)
  A cane toad (Zig:25)
  3 komodo dragons
  A rime drake (shapeshifter) (Zig:22)
  32 hellions
  3 rime drakes
  7 efreet
  A freezing wraith (Zig:26)
  A spectral glowing shapeshifter (Zig:12)
  5 ice devils
  A yaktaur (Zig:26)
  A guardian mummy (Zig:11)
  3 ancient zymes (Zig:19)
  21 tormentors
  3 trolls
  3 silent spectres
  2 anaconda simulacra
  2 merfolk
  3 bloated husks
  12 red devils
  A polar bear (Zig:16)
  A meliai (Zig:8)
  6 tyrant leeches
  A merfolk (shapeshifter) (Zig:24)
  A hellwing (Zig:26)
  82 hornets
  2 snapping turtles (shapeshifter) (Zig:14)
  A wind drake (Zig:23)
  2 tarantellas
  A blink frog (shapeshifter) (Zig:22)
  9 glass eyes
  4 blink frogs
  2 glass eyes (shapeshifter)
  3 raiju
  6 jumping spiders
  2 snapping turtles
  3 spriggans
  An air elemental (Zig:9)
  23 slime creatures
  A dire elephant simulacrum (Coc:1)
  3 culicivoras
  2 wyverns (Zig:25)
  6 yaks
  A ynoxinul (Zig:27)
  94 fire elementals
  A golden eye (Pan)
  7 redbacks
  A vampire mosquito (Zig:18)
  3 neqoxecs
  13 chaos spawn
  2 harpy simulacra
  2 wargs (Zig:22)
  A naga (Zig:27)
  2 swamp worms (shapeshifter)
  3 water moccasins
  5 hell hounds
  2 swamp drakes
  An ice beast (Zig:26)
  11 orc warriors
  2 laughing skulls (Zig:23)
  5 ogres
  A centaur (Zig:26)
  43 earth elementals
  A small abomination (Abyss:1)
  3 orc priests
  14 starcursed masses
  An orc wizard (Zig:22)
  3 hell rats
  A mummy (Zig:8)
  18 aspiring fleshes
  A ball lightning (Slime:3)
  86 fire vortices
  2 spectral weapons
  8 starspawn tentacles
3522 creatures vanquished.

Vanquished Creatures (others)
  The ghost of Tejiel the Englaciator, a legendary GrFi of Fedhas (Zig:18)
  The ghost of Tejiel the Englaciator, a legendary GrFi of Fedhas (Zig:18)
  The ghost of Bines the Petrodigitator, a legendary OpSh of Gozag (Zig:26)
  The ghost of Bines the Petrodigitator, a legendary OpSh of Gozag (Zig:18)
  The ghost of Tejiel the Englaciator, a legendary GrFi of Fedhas (Zig:26)
  The ghost of Tejiel the Englaciator, a legendary GrFi of Fedhas (Zig:26)
  The ghost of Ini Deriu the Infernalist, a legendary DECj of Vehumet (Zig:18)
  The ghost of Ini Deriu the Infernalist, a legendary DECj of Vehumet (Zig:18)
  The ghost of Ini Deriu the Infernalist, a legendary DECj of Vehumet (Zig:18)
  The ghost of Beoskaaj the Sorcerer, a legendary DEFE of Vehumet (Zig:26)
  The ghost of Beoskaaj the Sorcerer, a legendary DEFE of Vehumet (Zig:18)
  The ghost of Beoskaaj the Sorcerer, a legendary DEFE of Vehumet (Zig:18)
  The ghost of Pixogrep the Metallomancer, a legendary OpCj of Gozag (Zig:18)
  The ghost of Pixogrep the Metallomancer, a legendary OpCj of Gozag (Zig:18)
  The ghost of Pixogrep the Metallomancer, a legendary OpCj of Gozag (Zig:18)
  The ghost of Pixogrep the Metallomancer, a legendary OpCj of Gozag (Zig:26)
  A dread lich (Zig:6)
  The ghost of Ometuamn the Heavyweight Champion, a legendary OnSh of Ru (Zig:18)
  The ghost of Ometuamn the Heavyweight Champion, a legendary OgSh of Ru (Zig:26)
  The ghost of Ometuamn the Heavyweight Champion, a legendary OnSh of Ru (Zig:18)
  The ghost of Ometuamn the Heavyweight Champion, a legendary OgSh of Ru (Zig:26)
  The ghost of Ging the Conqueror, a legendary OnFi of Jiyva (Zig:18)
  The ghost of Oxtuo the Archmage, a legendary DECj of Gozag (Zig:18)
  The ghost of Oxtuo the Archmage, a legendary DECj of Gozag (Zig:18)
  The ghost of Oxtuo the Archmage, a legendary DECj of Gozag (Zig:18)
  2 ancient liches (Zig:26)
  The ghost of Nalaklye the Slayer, a legendary DjCA of Cheibriados (Zig:18)
  The ghost of Nalaklye the Slayer, a legendary DjCA of Cheibriados (Zig:18)
  The ghost of Nalaklye the Slayer, a legendary DjCA of Cheibriados (Zig:26)
  The ghost of Nalaklye the Slayer, a legendary DjCA of Cheibriados (Zig:18)
  The ghost of Nalaklye the Slayer, a legendary DjCA of Cheibriados (Zig:18)
  The ghost of Quogoet the Shapeless Octopus, a legendary OpSh of Cheibriados (Zig:26)
  The ghost of Quogoet the Shapeless Octopus, a legendary OpSh of Cheibriados (Zig:18)
  The ghost of Omay the Minotaur Barricade, a master MiFi of Okawaru (Zig:18)
  The ghost of Omay the Minotaur Barricade, a master MiFi of Okawaru (Zig:18)
  The ghost of Ussulutyn the Demonic Barricade, a legendary DsFi of Qazlal (Zig:18)
  The ghost of Ussulutyn the Demonic Barricade, a legendary DsFi of Qazlal (Zig:26)
  The ghost of Ussulutyn the Demonic Barricade, a legendary DsFi of Qazlal (Zig:26)
  The ghost of Ussulutyn the Demonic Barricade, a legendary DsFi of Qazlal (Zig:26)
  The ghost of Ussulutyn the Demonic Barricade, a legendary DsFi of Qazlal (Zig:26)
  The ghost of Coyd the Hill Orc Mishap, a legendary HOMo of Qazlal (Zig:18)
  The ghost of Coyd the Hill Orc Mishap, a legendary HOMo of Qazlal (Zig:18)
  The ghost of Coyd the Hill Orc Mishap, a legendary HOMo of Qazlal (Zig:18)
  The ghost of Duta the Crack Shot, a legendary FoHu of Okawaru (Zig:26)
  The ghost of Jobey the Warrior, a master DjCK of Xom (Depths:4)
  The ghost of Lagif the Conqueror, a legendary MiFi of Zin (Zig:18)
  The ghost of Feuw the Executioner, a veteran MiBe of Trog (Zig:26)
  The ghost of Hoiham the Axe Maniac, a legendary MiFi of Okawaru (Zig:26)
  The ghost of Hoiham the Axe Maniac, a legendary MiFi of Okawaru (Zig:18)
  The ghost of Hoiham the Axe Maniac, a legendary MiFi of Okawaru (Zig:18)
  The ghost of Hoiham the Axe Maniac, a legendary MiFi of Okawaru (Zig:26)
  The ghost of Ysol the Archmage, a legendary OpHW of Jiyva (Zig:26)
  The ghost of Ysol the Archmage, a legendary OpHW of Jiyva (Zig:26)
  The ghost of Ysol the Archmage, a legendary OpHW of Jiyva (Zig:26)
  The ghost of Ysol the Archmage, a legendary OpHW of Jiyva (Zig:18)
  The ghost of Ysol the Archmage, a legendary OpHW of Jiyva (Zig:26)
  The ghost of Canwutygu the Executioner, a veteran MiFi of Okawaru (Zig:18)
  5 shard shrikes
  26 Killer Klowns
  13 curse toes
  8 caustic shrikes
  15 golden dragons
  2 profane servitors (Zig:22)
  8 bone dragons
  A pearl dragon (Zig:6)
  3 Tzitzimimeh
  9 doom hounds
  4 iron giants
  73 pandemonium lords
  9 hellephants
  A Hell Sentinel (Zig:26)
  An Ice Fiend (Zig:19)
  4 tainted leviathans (Zig:18)
  15 tentacled monstrosities
  A quicksilver dragon (shapeshifter) (Zig:11)
  2 deep elf master archers
  A quicksilver dragon (Zig:25)
  3 sphinxes (shapeshifter)
  40 searing wretches
  A titan (Zig:26)
  2 Executioners (Zig:26)
  7 eldritch tentacles
  A tentacled starspawn (Zig:10)
  3 nagarajas
  A rockslime (Zig:25)
  A thorn hunter (Zig:18)
  13 shadow dragons
  4 draconian monks
  3 fenstrider witches (shapeshifter)
  4 draconian knights
  7 demonspawn warmongers
  4 fire giants (shapeshifter)
  21 revenants
  5 iron dragons
  4 azure jellies (shapeshifter)
  A nargun (Zig:26)
  A tengu reaver (Zig:17)
  3 fenstrider witches
  A fire giant (Zig:24)
  A frost giant (shapeshifter) (Zig:15)
  30 draconian scorchers
  19 protean progenitors
  A frost giant (D:15)
  2 deep elf sorcerers (Zig:26)
  A quicksilver elemental (Zig:11)
  2 ghost moths
  3 balrugs
  2 cacodemons (Zig:27)
  20 curse skulls
  3 draconian annihilators
  4 draconian shifters
  6 demonspawn corrupters
  4 draconian stormcallers
  A broodmother (shapeshifter) (Zig:24)
  A war gargoyle (Zig:18)
  21 demonspawn blood saints
  4 broodmothers
  11 very ugly things
  7 reapers
  A stone giant (shapeshifter) (Zig:24)
  15 demonspawn black suns
  2 deep elf annihilators (Zig:26)
  A dire elephant (shapeshifter) (Zig:16)
  6 bunyips
  4 putrid mouths
  3 eleionomae (shapeshifter)
  3 eleionomae
  A purple draconian (Zig:13)
  3 red draconians
  2 yellow draconians (shapeshifter)
  A yellow draconian (Zig:13)
  2 white draconians
  3 blizzard demons
  6 green deaths
  7 fire dragons
  11 deep elf death magi
  33 eidola
  A merfolk javelineer (Zig:26)
  A fire dragon (shapeshifter) (Zig:22)
  A yaktaur captain (Zig:24)
  8 shambling mangroves
  7 hell beasts
  6 hydras
  A hydra (shapeshifter) (Zig:24)
  An ice dragon (Zig:21)
  15 salamander tyrants
  A spriggan air mage (Zig:26)
  5 juggernaut simulacra
  4 anacondas
  16 ghost crabs
  An ogre mage (Zig:20)
  A jorogumo (Zig:6)
  3 caustic shrike simulacra
  3 two-headed ogres (shapeshifter)
  2 radroaches (Zig:24)
  4 boulder beetles
  An alligator (shapeshifter) (Zig:22)
  A dancing weapon (Zig:14)
  3 alligators
  2 two-headed ogres (Zig:22)
  A satyr (shapeshifter) (Zig:24)
  8 hell hogs
  4 alligator snapping turtles (shapeshifter)
  2 shock serpents (shapeshifter) (Zig:15)
  A demonic crawler (Zig:14)
  A thrashing horror (Zig:17)
  8 hell knights
  10 sun demons
  A wretched star (Zig:22)
  4 soul eaters
  3 fire crabs
  A pharaoh ant (Zig:24)
  3 skysharks (shapeshifter)
  A fire crab (shapeshifter) (Zig:16)
  3 skysharks
  An iron troll (Zig:26)
  2 goliath frogs (Zig:13)
  2 shadow demons
  An iron troll (shapeshifter) (Zig:16)
  A quicksilver dragon simulacrum (Zig:19)
  2 sixfirhies
  6 swamp dragons
  2 large abominations
  3 deep trolls (shapeshifter)
  2 bog bodies
  2 orb spiders (shapeshifter)
  A spriggan druid (Zig:25)
  A glowing orange brain (shapeshifter) (Zig:24)
  A flayed ghost (Zig:15)
  2 sea snakes (shapeshifter)
  An orange crystal statue (Zig:22)
  3 sun moths (Zig:19)
  3 steelbarb worms (shapeshifter)
  A wolf spider (Zig:22)
  A necromancer (Zig:14)
  A sphinx simulacrum (Zig:26)
  2 cyclopes (shapeshifter)
  9 phantasmal warriors
  A faun (Zig:16)
  A mana viper (shapeshifter) (Zig:15)
  5 shining eyes (shapeshifter)
  2 salamanders
  An orc sorcerer (Zig:26)
  13 will-o-the-wisps
  A manticore (Zig:23)
  4 moths of wrath
  A moth of wrath (shapeshifter) (Zig:16)
  A rust devil (Zig:14)
  3 water nymphs
  3 eyes of devastation
  A torpor snail (Zig:24)
  3 water nymphs (shapeshifter)
  2 guardian serpents (Zig:23)
  A torpor snail (shapeshifter) (Zig:24)
  45 apocalypse crabs
  3 orange demons
  A black mamba (Zig:15)
  3 smoke demons
  2 titan simulacra
  A storm dragon simulacrum (Zig:22)
  2 eyes of devastation (shapeshifter)
  11 hellions
  3 efreet
  A yaktaur (shapeshifter) (Zig:15)
  A rime drake (Zig:5)
  3 golden dragon simulacra
  2 ice devils (Zig:27)
  4 ancient zymes
  A yaktaur (Zig:26)
  12 tormentors
  A hellwing (Zig:27)
  3 merfolk (shapeshifter)
  7 bloated husks
  4 red devils
  A queen bee (shapeshifter) (Zig:16)
  2 wind drakes
  A glass eye (shapeshifter) (Zig:22)
  4 tyrant leeches
  3 tengu simulacra
  A wind drake (shapeshifter) (Zig:16)
  22 hornets
  2 merfolk
  A dream sheep (shapeshifter) (Zig:23)
  A glass eye (Zig:14)
  A snapping turtle (Zig:11)
  A raiju (Zig:19)
  2 slime creatures (shapeshifter)
  4 iron dragon simulacra
  A spriggan (Zig:23)
  A jumping spider (shapeshifter) (Zig:24)
  3 air elementals
  A culicivora (Zig:24)
  5 ynoxinuls
  2 hogs (shapeshifter) (Zig:23)
  3 water elementals
  A human (Swamp:3)
  A golden eye (Zig:27)
  3 golden eyes (shapeshifter)
  2 steam dragons
  A neqoxec (Zig:19)
  2 redbacks (shapeshifter)
  2 redbacks
  A vampire mosquito (Zig:19)
  4 swamp worms (shapeshifter)
  22 chaos spawn
  An ettin simulacrum (Coc:3)
  A swamp drake (Swamp:3)
  A small abomination (Abyss:1)
  4 spriggan simulacra
  A kobold brigand (D:9)
  An earth elemental (Zig:21)
  2 glowing shapeshifter simulacra
  2 human simulacra (D:9)
  A mummy (Zig:26)
  4 kobolds (D:9)
  22 aspiring fleshes
  187 ball lightnings
  A butterfly (Depths:2)
  A creeping inferno (Geh:4)
  2055 fire vortices
  133 foxfires
  455 fulminant prisms
  4 spectral weapons (Vaults:5)
  92 starspawn tentacles
  5 tentacles (Zig:23)
4052 creatures vanquished.

Grand Total: 60472 creatures vanquished

Notes
Turn   | Place    | Note
-------+----------+-------------------------------------------
     0 | D:1      | ooooo the Octopode Conjurer began the quest for the Orb.
     0 | D:1      | Reached XP level 1. HP: 11/11 MP: 3/3
   367 | D:1      | Reached XP level 2. HP: 18/18 MP: 5/5
   370 | D:1      | Learned a level 2 spell: Searing Ray
   744 | D:1      | Reached XP level 3. HP: 17/22 MP: 3/6
  1489 | D:2      | Reached skill level 1 in Fighting
  1665 | D:2      | Found a glowing golden altar of the Shining One.
  1700 | D:2      | Noticed Sigmund
  1809 | D:2      | Reached skill level 1 in Translocations
  1809 | D:2      | Reached skill level 1 in Shapeshifting
  1809 | D:2      | Reached XP level 4. HP: 28/28 MP: 3/7
  2070 | D:2      | Noticed Natasha
  2076 | D:2      | Killed Natasha
  2077 | D:2      | Reached skill level 1 in Hexes
  2138 | D:2      | Noticed Natasha
  2149 | D:2      | Killed Natasha
  2173 | D:2      | Reached XP level 5. HP: 33/33 MP: 0/8
  2297 | D:2      | Noticed Natasha
  2453 | D:2      | Killed Natasha
  2962 | D:3      | Noticed Ijyb
  3430 | D:3      | Learned a level 4 spell: Fulminant Prism
  3451 | D:3      | Killed Ijyb
  3452 | D:3      | Reached XP level 6. HP: 10/39 MP: 6/9
  3702 | D:2      | Killed Sigmund
  3898 | D:3      | Found a basalt altar of Yredelemnul.
  4010 | D:3      | Found an ancient bone altar of Kikubaaqudgha.
  4156 | D:4      | Reached XP level 7. HP: 15/45 MP: 1/10
  4326 | D:4      | Found a snail-covered altar of Cheibriados.
  4671 | D:4      | Reached skill level 5 in Conjurations
  4843 | D:4      | Found a sparkling altar of Nemelex Xobeh.
  5303 | D:4      | Reached skill level 5 in Stealth
  5589 | D:4      | Identified the +6 chain mail of the New World {Int+6}
  5634 | D:5      | Entered Level 5 of the Dungeon
  5682 | D:5      | Reached XP level 8. HP: 52/52 MP: 1/11
  5811 | D:5      | Found a glowing golden altar of the Shining One.
  6617 | D:5      | Learned a level 4 spell: Iskenderun's Mystic Blast
  6673 | D:6      | Noticed Duvessa
  6869 | D:6      | Killed Duvessa
  7516 | D:6      | Noticed Dowan
  7528 | D:6      | Killed Dowan
  7529 | D:6      | Reached XP level 9. HP: 41/58 MP: 2/12
  7784 | D:6      | Found Usilos's Firing Range.
  7844 | D:6      | Noticed Edmund
  7852 | D:6      | Killed Edmund
  8105 | D:6      | Noticed Grinder
  8107 | D:6      | Found a staircase to the Ecumenical Temple.
  8111 | D:6      | Killed Grinder
  8115 | Temple   | Entered the Ecumenical Temple
  8132 | Temple   | Became a worshipper of Gozag Ym Sagoz the Greedy
  8175 | D:6      | You fall into a shaft and drop 2 floors!
  8372 | D:7      | Reached skill level 5 in Dodging
  9404 | D:6      | Found a staircase to the Ecumenical Temple.
  9585 | D:6      | Found Usilos's Firing Range.
  9987 | D:7      | Noticed Pikel
 10405 | D:7      | Killed Pikel
 10544 | D:7      | Reached skill level 5 in Fighting
 11026 | D:7      | Noticed a hornet
 11223 | D:7      | Reached XP level 10. HP: 65/66 MP: 5/13
 11830 | D:7      | Reached skill level 5 in Hexes
 11830 | D:7      | Reached skill level 5 in Translocations
 12629 | D:8      | Identified the scarf of the Lily {shadows, rPois Int+2
                  | Dex+2}
 13112 | D:8      | Found a shadowy altar of Dithmenos.
 13112 | D:8      | Found an ornate altar of the Wu Jian Council.
 13915 | D:8      | Reached skill level 5 in Shapeshifting
 15315 | D:9      | Noticed Jeremiah
 15338 | D:9      | Killed Jeremiah
 15339 | D:9      | Reached XP level 11. HP: 51/72 MP: 2/14
 15649 | D:9      | Found a broken altar of Ashenzari.
 15649 | D:9      | Noticed a two-headed ogre
 15658 | D:9      | Killed a two-headed ogre
 15692 | D:9      | Noticed a two-headed ogre
 15757 | D:9      | Killed a two-headed ogre
 15878 | D:9      | Learned a level 3 spell: Teleport Other
 15948 | D:9      | Noticed a two-headed ogre
 15960 | D:9      | Killed a two-headed ogre
 16289 | D:9      | Found a sacrificial altar of Ru.
 16448 | D:10     | Entered Level 10 of the Dungeon
 16448 | D:10     | Noticed Lodul
 17666 | D:10     | Found a staircase to the Lair.
 18354 | D:10     | Reached skill level 10 in Stealth
 18424 | D:10     | Found a bloodstained altar of Trog.
 18950 | D:10     | Found an iron altar of Okawaru.
 19366 | D:10     | Killed Lodul
 20175 | D:10     | Found a staircase to the Lair.
 20241 | D:10     | Found an iron altar of Okawaru.
 20439 | D:10     | Found a bloodstained altar of Trog.
 20661 | Lair:1   | Entered Level 1 of the Lair of Beasts
 20661 | Lair:1   | Noticed Harold
 20666 | Lair:1   | Noticed Sonja
 20668 | Lair:1   | Killed Harold
 20669 | Lair:1   | Reached XP level 12. HP: 81/81 MP: 15/15
 22024 | Lair:1   | Killed Sonja
 22552 | Lair:1   | Noticed Amaemon
 22562 | Lair:1   | Killed Amaemon
 24776 | Lair:2   | Found a staircase to the Snake Pit.
 25336 | Lair:2   | Identified the amulet "Uxtonuff" {Faith ^Fragile rCorr
                  | Str+3}
 26252 | Lair:2   | Noticed a ghost crab
 27099 | Lair:2   | Found a staircase to the Swamp.
 27100 | Lair:2   | Killed a ghost crab
 27223 | Lair:2   | Found a staircase to the Snake Pit.
 27810 | Lair:3   | Noticed a death yak
 27855 | Lair:3   | Noticed a death yak
 27857 | Lair:3   | Noticed a death yak
 28145 | Lair:3   | Noticed a death yak
 28168 | Lair:2   | Killed a death yak
 28467 | Lair:2   | Killed a death yak
 28468 | Lair:2   | Reached XP level 13. HP: 34/88 MP: 1/16
 29482 | Lair:3   | Found a glowing silver altar of Zin.
 29644 | Lair:3   | Reached skill level 10 in Shapeshifting
 29761 | Lair:3   | HP: 4/88 [lindwurm/blast of flame (18)]
 34952 | Lair:3   | Found a glowing silver altar of Zin.
 35721 | D:10     | Bought a granite talisman for 1080 gold pieces
 35731 | D:10     | Bought the amulet of the Four Winds {rN+ Will+++ Clar} for
                  | 1092 gold pieces
 35731 | D:10     | Found the amulet of the Four Winds {rN+ Will+++ Clar}
 35844 | Lair:4   | Reached XP level 14. HP: 39/94 MP: 4/17
 37114 | Lair:5   | Entered Level 5 of the Lair of Beasts
 37283 | Lair:5   | Found a viscous altar of Jiyva.
 37283 | Lair:5   | Found a staircase to the Slime Pits.
 38760 | Lair:5   | Reached skill level 15 in Shapeshifting
 39991 | Lair:5   | Found a corrupted altar of Lugonu.
 39991 | Lair:5   | Found a one-way gate to the infinite horrors of the Abyss.
 40243 | Lair:5   | Got Kikubaaqudgha's Enchiridion on the Undead
 40720 | D:10     | Bought the ring "Epyan" {rPois rF+++ Int+6 Dex-2} for 1267
                  | gold pieces
 40890 | D:10     | Reached skill level 1 in Earth Magic
 41305 | D:11     | Found a staircase to the Orcish Mines.
 41716 | D:11     | Reached XP level 15. HP: 99/99 MP: 18/18
 41925 | Orc:1    | Entered Level 1 of the Orcish Mines
 42508 | Orc:2    | Entered Level 2 of the Orcish Mines
 42813 | Orc:2    | Noticed an orc warlord
 42857 | Orc:2    | Reached skill level 5 in Earth Magic
 42867 | Orc:2    | Killed an orc warlord
 43503 | Orc:2    | Found a staircase to the Elven Halls.
 43553 | Orc:2    | Found Kyshross's Magic Scroll Shop.
 43554 | Orc:2    | Found Tomiz's Magic Scroll Boutique.
 43959 | Orc:2    | Bought 2 scrolls of identify for 56 gold pieces
 43961 | Orc:2    | Bought a scroll of poison for 64 gold pieces
 43961 | Orc:2    | Bought a scroll of identify for 32 gold pieces
 43966 | Orc:2    | Bought a scroll of immolation for 56 gold pieces
 43966 | Orc:2    | Bought a scroll of silence for 133 gold pieces
 43968 | Orc:2    | Bought a scroll of vulnerability for 64 gold pieces
 44104 | Orc:2    | HP: 5/128 [orc high priest/divine providence (13)]
 44636 | Orc:2    | Found Hyral's Jewellery Shoppe.
 44636 | Orc:2    | Found Usoqigh's Antique Armour Emporium.
 44637 | Orc:2    | Found a one-way gate leading to the halls of Pandemonium.
 44639 | Orc:2    | Bought a +6 ring of intelligence for 540 gold pieces
 44672 | Orc:2    | Bought a scroll of teleportation for 42 gold pieces
 44672 | Orc:2    | Bought a scroll of amnesia for 56 gold pieces
 44672 | Orc:2    | Bought a scroll of fear for 56 gold pieces
 46194 | D:12     | Reached skill level 10 in Earth Magic
 46298 | D:12     | Found a large runed translucent door.
 46565 | D:12     | Found a large runed translucent door.
 46566 | D:12     | Noticed ooooo's ghost (journeyman OpCj)
 46996 | D:12     | Killed ooooo's ghost
 47185 | D:12     | Identified the +4 short sword of the Charming Messenger
                  | {flame, rPois rF- Str+3}
 47943 | D:13     | Identified the +6 falchion of the Ship {spect, rElec rPois
                  | rN+++ Str-3}
 47964 | D:13     | Found a gate to the Vaults.
 48046 | D:13     | Noticed Nessos
 48055 | D:13     | Killed Nessos
 49143 | D:14     | Reached XP level 16. HP: 105/105 MP: 12/19
 49954 | D:13     | Learned a level 6 spell: Bombard
 50274 | D:14     | Found Kehyogye's Antique Weapon Shoppe.
 50328 | D:14     | Bought a warped rapier for 324 gold pieces
 50328 | D:14     | Identified the +1 rapier of Equilibrium {pain, rElec rCorr
                  | Stlth-} (You bought it in a shop on level 14 of the
                  | Dungeon)
 51129 | Swamp:1  | Entered Level 1 of the Swamp
 52314 | Swamp:1  | Reached skill level 10 in Conjurations
 52891 | D:15     | Entered Level 15 of the Dungeon
 53100 | D:15     | Reached skill level 1 in Ice Magic
 53100 | D:15     | Reached skill level 1 in Air Magic
 53928 | D:15     | Found a staircase to the Depths.
 54891 | D:15     | Learned a level 5 spell: Freezing Cloud
 56515 | Swamp:2  | Reached skill level 5 in Spellcasting
 56800 | Swamp:2  | Noticed a fenstrider witch
 57173 | Swamp:2  | Killed a fenstrider witch
 57480 | Swamp:3  | Noticed Bai Suzhen
 57840 | Swamp:3  | Noticed Kirke
 58091 | Swamp:3  | Killed Kirke
 58349 | Swamp:3  | Reached skill level 5 in Ice Magic
 58401 | Swamp:3  | Reached skill level 5 in Air Magic
 58427 | Swamp:3  | Reached XP level 17. HP: 109/109 MP: 24/26
 58801 | Swamp:3  | Noticed a tentacled monstrosity
 59049 | Swamp:3  | Learned a level 5 spell: Irradiate
 59057 | Swamp:3  | Killed a tentacled monstrosity
 59180 | Swamp:3  | Reached skill level 1 in Transmutations
 59715 | Swamp:4  | Entered Level 4 of the Swamp
 59740 | Swamp:4  | Noticed a tentacled monstrosity
 59750 | Swamp:4  | Killed a tentacled monstrosity
 62425 | Swamp:4  | Got a decaying rune of Zot
 63255 | Snake:1  | Entered Level 1 of the Snake Pit
 63465 | Snake:1  | Learned a level 4 spell: Passage of Golubria
 63813 | Snake:1  | Reached skill level 5 in Transmutations
 64320 | Snake:1  | Reached XP level 18. HP: 116/116 MP: 28/30
 64992 | Snake:1  | Found Fuakhlur's Book Emporium.
 65419 | Snake:2  | Noticed Roxanne
 65929 | D:10     | Bought a potion of heal wounds for 105 gold pieces
 65929 | D:10     | Bought a potion of lignification for 63 gold pieces
 65929 | D:10     | Bought a potion of heal wounds for 105 gold pieces
 65929 | D:10     | Bought a potion of haste for 210 gold pieces
 65929 | D:10     | Bought a potion of curing for 63 gold pieces
 65931 | D:10     | Bought a dazzling short sword for 208 gold pieces
 65931 | D:10     | Identified the +4 short sword "Hell-Harrower" {venom,
                  | rElec} (You bought it in a shop on level 10 of the Dungeon)
 65931 | D:10     | Bought a crude broad axe for 234 gold pieces
 65931 | D:10     | Identified the +2 broad axe of the Boiling Point {vamp,
                  | *Rage rF+ Dex+6} (You bought it in a shop on level 10 of
                  | the Dungeon)
 65937 | D:10     | Bought a potion of brilliance for 72 gold pieces
 65937 | D:10     | Bought a potion of invisibility for 144 gold pieces
 65951 | D:10     | Learned a level 5 spell: Lee's Rapid Deconstruction
 67656 | Snake:2  | Killed Roxanne
 68704 | Snake:3  | Found a radiant altar of Vehumet.
 69765 | Snake:3  | Identified the +10 rapier of the Foot {holy, rPois rF-
                  | Dex+2}
 70177 | Snake:4  | Entered Level 4 of the Snake Pit
 70230 | Snake:4  | Identified the serpent talisman "Cuthroynwu" {Int+4 Slay+3}
 70230 | Snake:4  | Noticed Aizul
 70236 | Snake:4  | Killed Aizul
 70471 | Snake:4  | Reached XP level 19. HP: 124/124 MP: 27/32
 70579 | Snake:4  | Found a shimmering altar of Xom.
 70974 | Snake:4  | Found Oschaymu's Magic Scroll Shoppe.
 70977 | Snake:4  | Found Icoojysa's Distillery.
 70977 | Snake:4  | Found Wyruit's General Store.
 70982 | Snake:4  | Found Bocuz's Armour Emporium.
 70991 | Snake:4  | Bought a scroll of amnesia for 44 gold pieces
 70997 | Snake:4  | Bought 2 potions of ambrosia for 256 gold pieces
 71003 | Snake:4  | Bought a scroll of acquirement for 728 gold pieces
 71003 | Snake:4  | Bought a scroll of acquirement for 728 gold pieces
 71003 | Snake:4  | Bought a scroll of revelation for 105 gold pieces
 71012 | Snake:4  | Upgraded the game from 0.31-a0-1204-ge2c1a860ed to
                  | 0.31-a0-1206-g41278d8d1d
 71012 | Snake:4  | Bought a scroll of fear for 56 gold pieces
 71017 | Snake:4  | Bought 2 potions of haste for 320 gold pieces
 71017 | Snake:4  | Bought a potion of magic for 128 gold pieces
 72076 | Snake:4  | Noticed Vashnia
 72083 | Snake:4  | Killed Vashnia
 72589 | Snake:4  | Got a serpentine rune of Zot
 73271 | D:10     | Acquired 804 gold pieces
 73275 | D:10     | Acquired 836 gold pieces
 73281 | D:10     | Bought the ring "Egiufaac" {AC+4 Int+3} for 936 gold pieces
 73440 | Elf:1    | Entered Level 1 of the Elven Halls
 73443 | Elf:1    | Reached skill level 10 in Dodging
 73580 | Elf:1    | Reached skill level 10 in Fighting
 73588 | Elf:1    | Noticed Nikola
 73598 | Elf:1    | Killed Nikola
 74536 | Elf:1    | Reached skill level 10 in Spellcasting
 75727 | Elf:2    | Paralysed by an air elemental for 1 turns
 76480 | Elf:2    | Reached XP level 20. HP: 129/133 MP: 20/34
 76645 | Elf:2    | Found a runed translucent gate.
 76645 | Elf:2    | Found a runed translucent gate.
 76647 | Elf:2    | Found a runed translucent gate.
 78025 | Elf:3    | Entered Level 3 of the Elven Halls
 78411 | Elf:3    | Found a shimmering blue altar of Sif Muna.
 78413 | Elf:3    | Noticed Norris
 78586 | Elf:3    | Killed Norris
 78852 | Elf:3    | Reached skill level 15 in Stealth
 80055 | Elf:3    | Identified the +8 plate armour "Hegol" {Str-3 Int+6 Dex+3
                  | SInv}
 80992 | Elf:3    | Found the +7 Spriggan's Knife {stab, EV+4 Stlth+}
 81592 | Elf:3    | Identified the +0 chain mail of the Tuna {rCorr}
 81730 | Elf:3    | Acquired a book of the Spheres
 82137 | Depths:1 | Entered Level 1 of the Depths
 83481 | Depths:1 | Found a gateway to Hell.
 83585 | Depths:1 | Reached XP level 21. HP: 142/142 MP: 33/36
 84553 | Depths:1 | Found a portal to a secret trove of treasure.
 86287 | Depths:2 | Found a white marble altar of Elyvilon.
 86644 | Depths:2 | Noticed a caustic shrike
 86645 | Depths:2 | Noticed a caustic shrike
 86649 | Depths:2 | Noticed a caustic shrike
 86650 | Depths:2 | Noticed a caustic shrike
 86654 | Depths:2 | Killed a caustic shrike
 86991 | Depths:2 | Found Iracsud's Island Escapes.
 86999 | Depths:2 | Bought a wand of digging (6) for 327 gold pieces
 87006 | Depths:2 | Identified the ring "Jaasan" {Ice Str+2}
 87006 | Depths:2 | Noticed Josephina
 87388 | Depths:2 | Killed Josephina
 87696 | Depths:2 | Noticed a caustic shrike
 87714 | Depths:2 | Killed a caustic shrike
 87745 | Depths:2 | Noticed a caustic shrike
 87796 | Depths:2 | Noticed a caustic shrike
 87805 | Depths:2 | Killed a caustic shrike
 87845 | Depths:2 | Killed a caustic shrike
 88035 | Depths:2 | Noticed a caustic shrike
 88048 | Depths:2 | Killed a caustic shrike
 88220 | Depths:2 | Noticed a caustic shrike
 88220 | Depths:2 | Noticed a caustic shrike
 88729 | Depths:2 | Killed a caustic shrike
 89066 | Depths:2 | Killed a caustic shrike
 89389 | Depths:2 | Killed a caustic shrike
 89634 | Depths:2 | Killed a caustic shrike
 89910 | Depths:2 | Reached XP level 22. HP: 108/150 MP: 12/38
 90453 | Depths:2 | Killed a caustic shrike
 90580 | Depths:2 | Glimpsed the power of Zot.
 91157 | Depths:2 | Identified the +2 chain mail of Birdsong {rPois rF- Stlth+}
 91712 | D:10     | Bought a potion of heal wounds for 75 gold pieces
 91856 | Vaults:1 | Entered Level 1 of the Vaults
 92789 | Vaults:1 | Found Xionwa's General Store.
 92795 | Vaults:1 | Bought 3 scrolls of blinking for 360 gold pieces
 92795 | Vaults:1 | Bought a scroll of revelation for 120 gold pieces
 92795 | Vaults:1 | Bought a potion of heal wounds for 80 gold pieces
 92795 | Vaults:1 | Bought a wand of paralysis (3) for 115 gold pieces
 92795 | Vaults:1 | Bought a scroll of amnesia for 64 gold pieces
 92795 | Vaults:1 | Bought a potion of brilliance for 64 gold pieces
 93777 | Vaults:2 | Reached skill level 1 in Fire Magic
 94993 | Vaults:2 | Found Gunidust's Jewellery Boutique.
 96216 | Vaults:3 | Noticed Mara
 96226 | Vaults:3 | Noticed ooooo's illusion
 96389 | Vaults:3 | Noticed ooooo's illusion
 96706 | Vaults:3 | Killed Mara
 96782 | Vaults:3 | Noticed Saint Roka
 96795 | Vaults:3 | Killed Saint Roka
 97911 | Vaults:3 | Reached XP level 23. HP: 158/158 MP: 6/39
 98134 | Vaults:3 | Found a staircase to the Crypt.
 99069 | Vaults:4 | Noticed Sojobo
 99079 | Vaults:4 | Killed Sojobo
100640 | Snake:1  | Bought Maxwell's Memoranda for 680 gold pieces
100964 | Vaults:4 | Learned a level 6 spell: Conjure Ball Lightning
100965 | Vaults:5 | Entered Level 5 of the Vaults
100965 | Vaults:5 | Noticed a dread lich
100966 | Vaults:5 | Noticed a golden dragon
100968 | Vaults:5 | Reached skill level 15 in Conjurations
100968 | Vaults:5 | Reached skill level 5 in Fire Magic
100979 | Vaults:4 | Learned a level 5 spell: Arcjolt
101060 | Vaults:5 | Noticed a dread lich
101470 | Vaults:4 | Killed a dread lich
101470 | Vaults:4 | Killed a golden dragon
101580 | Vaults:4 | Killed a dread lich
102425 | Vaults:5 | Noticed an ancient lich
102489 | Vaults:5 | Killed an ancient lich
102932 | Vaults:5 | Identified the +5 flail "Codiexteo" {freeze, rElec rPois
                  | Dex-2}
102934 | Vaults:5 | Reached XP level 24. HP: 167/167 MP: 32/40
102939 | Vaults:5 | Reached skill level 10 in Air Magic
103793 | Vaults:5 | Identified the ring "Ygar" {Fly rElec MP-9 Int+7 Dex+6}
104296 | Vaults:5 | Identified the +4 orcbow "Cijaingop" {freeze, rN+ Int+2
                  | Dex+4 Stlth+}
104300 | Vaults:5 | Identified the +4 great sword of Charity {pain, *Corrode
                  | rElec rN+ Str+7}
104984 | Vaults:5 | Identified the +3 halberd of Law {venom, *Rage rPois rN++
                  | Will+}
105022 | Vaults:5 | Got a silver rune of Zot
106962 | Crypt:1  | Entered Level 1 of the Crypt
109850 | Crypt:2  | Learned a level 7 spell: Orb of Destruction
111088 | Crypt:2  | Reached skill level 15 in Fighting
111143 | Crypt:3  | Entered Level 3 of the Crypt
111143 | Crypt:3  | Noticed Grunn
111152 | Crypt:2  | Reached skill level 15 in Dodging
111658 | Crypt:3  | Killed Grunn
111659 | Crypt:3  | Reached XP level 25. HP: 126/174 MP: 41/41
112677 | Crypt:3  | Found a basalt altar of Yredelemnul.
114167 | Crypt:3  | Identified the ring "Utoital" {rN+ Will+ Int-5 Stlth+}
114167 | Crypt:3  | Noticed Khufu
114806 | Crypt:3  | Killed Khufu
114884 | Crypt:3  | Found a staircase to the Tomb.
114937 | Crypt:3  | Identified the ring of Kedon {rN+ rCorr Str-2 Int+4 Stlth+}
116187 | D:10     | Bought the ring of Vacluzi {+Blink rElec MP+9 Str-2 Dex+6}
                  | for 790 gold pieces
116210 | D:10     | Bought a +6 ring of strength for 576 gold pieces
116210 | D:10     | Bought a ring of protection from fire for 400 gold pieces
116215 | D:10     | Bought an amulet of guardian spirit for 570 gold pieces
116347 | Orc:2    | Bought an amulet of the acrobat for 450 gold pieces
116666 | Depths:1 | You paid a toll of a +6 demon whip to enter a treasure
                  | trove
116667 | Trove    | Entered a treasure trove
116671 | Trove    | Identified the ring "Luicixky" {Will+ Str-3 Int+3 Dex+2}
116675 | Trove    | Identified the ring of Lexaw {rC++ Dex+6 Stlth+}
116678 | Trove    | Identified the ring "Lyraon" {+Blink Str+2 Dex+6}
116680 | Trove    | Identified the amulet of Xesifal {Reflect rC+ rN+ SH+5}
116688 | Trove    | Identified the ring of Lies {rElec AC+4 Slay+3 Stlth+}
116692 | Trove    | Identified the ring of the Philosopher {Fly Int+2}
116694 | Trove    | Identified the ring "Qiaxoal" {rF- rCorr Str+6 Slay+3}
116700 | Trove    | Identified the ring "Eptuasa" {MP+9 Str+6}
117868 | Depths:3 | You fall into a shaft and drop 1 floor!
117868 | Depths:4 | Entered Level 4 of the Depths
117868 | Depths:4 | Found a one-way gateway to a ziggurat.
118104 | Depths:4 | Noticed Vv
118114 | Depths:4 | Killed Vv
118413 | Depths:4 | Noticed Frederick
118423 | Depths:4 | Killed Frederick
119018 | Depths:4 | Found a runed translucent door.
119020 | Depths:4 | Noticed Jobey's ghost (master DjCK)
119378 | Depths:4 | Reached XP level 26. HP: 183/183 MP: 21/41
119833 | Depths:4 | Found a gate to the Realm of Zot.
119899 | Depths:4 | Killed Jobey's ghost
120318 | D:10     | Bought a potion of haste for 200 gold pieces
120318 | D:10     | Bought a potion of haste for 200 gold pieces
120318 | D:10     | Bought a potion of ambrosia for 160 gold pieces
120886 | Tomb:1   | Entered Level 1 of the Tomb of the Ancients
122297 | Tomb:1   | Noticed a royal mummy
122301 | Tomb:1   | Noticed a royal mummy
122308 | Tomb:1   | Killed a royal mummy
122404 | Tomb:1   | Killed a royal mummy
124281 | D:10     | Learned a level 8 spell: Maxwell's Capacitive Coupling
124629 | Zot:1    | Entered Level 1 of the Realm of Zot
124660 | Zot:1    | Reached skill level 15 in Air Magic
127021 | Zot:2    | Acquired the ring of the Tortoise {AC+8}
127021 | Zot:2    | Found the ring of the Tortoise {AC+8}
127058 | Zot:2    | Found a transporter.
127062 | Zot:2    | Noticed Sackuas's ghost (veteran OgBe)
127067 | Zot:2    | Noticed an ancient lich
127086 | Zot:2    | Noticed a dread lich
128366 | Zot:2    | Found a transporter.
128493 | Zot:3    | Found a runed translucent gate.
128494 | Zot:3    | Found a runed translucent gate.
128496 | Zot:3    | Found a runed translucent gate.
128497 | Zot:3    | Noticed Dommouf's ghost (veteran OgBe)
128500 | Zot:3    | Noticed Cuhyol's ghost (veteran MfSh)
128500 | Zot:3    | Noticed Tiejaxt's ghost (master TeAE)
128516 | Zot:3    | Noticed Emoisch's ghost (adept MiFi)
129644 | D:10     | Reached XP level 27. HP: 184/184 MP: 41/41
130157 | Zot:3    | Found a transporter.
130159 | Zot:3    | Found a transporter.
130161 | Zot:3    | Found a transporter.
130161 | Zot:3    | Found a transporter.
132912 | D:10     | Learned a level 9 spell: Chain Lightning
132939 | D:10     | Bought a talisman of death for 880 gold pieces
133078 | Slime:1  | Entered Level 1 of the Pits of Slime
136835 | Slime:3  | You fall into a shaft and drop 1 floor!
136836 | Slime:4  | Noticed Dissolution
136841 | Slime:4  | Killed Dissolution
139507 | Slime:5  | Entered Level 5 of the Pits of Slime
140524 | Slime:5  | Found a viscous altar of Jiyva.
140524 | Slime:5  | Noticed the Royal Jelly
141514 | Slime:5  | Killed the Royal Jelly
143022 | Slime:5  | Identified the ring "Jeisel" {rC+ Will+ Str+3}
143027 | Slime:5  | Got a slimy rune of Zot
143064 | Slime:5  | Got the Exposition on Ill-starred Rallying
143081 | Slime:5  | Identified the +1 pair of gloves of Duhul {+Blink Str-5
                  | Int+2}
143124 | Slime:5  | Identified the +1 helmet of the Lotus Blossom {rElec rC+
                  | Will+ Regen+}
143127 | Slime:5  | Identified the +1 short sword of the Glamorous God {freeze,
                  | rC+ Str+5}
143167 | Slime:5  | Found the brooch of Shielding {Spirit SH+8}
143167 | Slime:5  | Found the +11 plutonium sword {^Contam Stlth-}
143174 | Slime:5  | Identified the ring "Nuinej" {rN++ MP+9 Slay-3 Stlth+}
145227 | Hell     | Entered the Vestibule of Hell
145227 | Hell     | Noticed Geryon
147214 | Hell     | Found a gateway to the ashen valley of Gehenna.
147609 | Hell     | Killed Geryon
148068 | Hell     | Found a gateway to the decaying netherworld of Tartarus.
148459 | Hell     | Found a gateway to the freezing wastes of Cocytus.
148854 | Hell     | Found a gateway to the Iron City of Dis.
148986 | Dis:1    | Entered Level 1 of the Iron City of Dis
152038 | Zot:5    | Entered Level 5 of the Realm of Zot
152978 | Zot:5    | Noticed an ancient lich
152986 | Zot:5    | Killed an ancient lich
153485 | Zot:5    | Noticed an orb of fire
153497 | Zot:5    | Gained mutation: You have hidden genetic defects. [an orb
                  | of fire]
153498 | Zot:5    | Killed an orb of fire
153883 | D:10     | Lost mutation: You have hidden genetic defects. [potion of
                  | mutation]
153883 | D:10     | Gained mutation: You are robust. (+10% HP) [potion of
                  | mutation]
153883 | D:10     | Gained mutation: You are partially covered in iridescent
                  | scales. (AC +2) [potion of mutation]
154607 | Depths:1 | Glimpsed the power of Zot.
155696 | Orc:2    | Bought a scroll of amnesia for 64 gold pieces
155696 | Orc:2    | Bought a scroll of fear for 64 gold pieces
156341 | Zig:1    | Entered Level 1 of a ziggurat
156403 | Zig:2    | Entered Level 2 of a ziggurat
156457 | Zig:3    | Entered Level 3 of a ziggurat
156507 | Zig:4    | Entered Level 4 of a ziggurat
156712 | Zig:4    | Identified the +9 rapier of Laulus {spect, *Noise rF++
                  | rN++}
156729 | Zig:5    | Entered Level 5 of a ziggurat
156810 | Zig:6    | Entered Level 6 of a ziggurat
156817 | Zig:6    | Found the +8 pair of quick blades "Gyre" and "Gimble"
                  | {protect}
156878 | Zig:6    | Got the Anthology of Incineration and Allies
156889 | Zig:7    | Entered Level 7 of a ziggurat
156895 | Zig:7    | Found the +5 Storm Queen's Shield {shock, Fly rElec}
156997 | Zig:8    | Entered Level 8 of a ziggurat
157002 | Zig:8    | Noticed Omay's ghost (master MiFi)
157009 | Zig:8    | Killed Omay's ghost
157109 | Zig:9    | Entered Level 9 of a ziggurat
157116 | Zig:9    | Found the +7 lajatang of Order {silver, rMut}
157117 | Zig:9    | Noticed a dread lich
157117 | Zig:9    | Noticed an ancient lich
157117 | Zig:9    | Noticed an ancient lich
157117 | Zig:9    | Noticed a dread lich
157118 | Zig:9    | Noticed a dread lich
157123 | Zig:9    | Killed an ancient lich
157123 | Zig:9    | Killed a dread lich
157123 | Zig:9    | Killed a dread lich
157124 | Zig:9    | Killed an ancient lich
157273 | Zig:10   | Entered Level 10 of a ziggurat
157372 | Zig:10   | Identified the ring "Nemuuq" {Wiz rElec Dex+3 Slay-3}
157384 | Zig:10   | Identified the ring "Jehumpuk" {rCorr Str+4 Dex+4}
157417 | Zig:10   | Learned a level 9 spell: Fire Storm
157424 | Zig:11   | Entered Level 11 of a ziggurat
157532 | Zig:11   | Identified the amulet of the King {RegenMP +Blink rPois
                  | rCorr MP+9 Dex-2}
157546 | Zig:11   | Identified the staff of Instinct {rF+ Dex+5 Necro Fire}
157562 | Zig:11   | Identified the ring of Disaster {rF+ EV+5}
157571 | Zig:11   | Identified the +3 halberd of the Telling Tiger {freeze,
                  | rF++ rC-}
157626 | Zig:12   | Entered Level 12 of a ziggurat
157636 | Zig:12   | Noticed a dread lich
157642 | Zig:12   | Killed a dread lich
158066 | Zig:13   | Entered Level 13 of a ziggurat
158186 | Zig:13   | Identified the +0 leather armour of the Good {rN+}
158190 | Zig:13   | Identified the ring of Zin's Delight {rPois rF- Will+ Int+2
                  | SInv}
158195 | Zig:13   | Identified the +6 great sword "Beetlebane" {freeze, +Blink
                  | rN+ Str+3}
158331 | Zig:14   | Entered Level 14 of a ziggurat
158446 | Zig:14   | Identified the staff of the Toothy God {rF+ rC+ Str+3 Fire}
158458 | Zig:14   | Identified the +1 dire flail of Xom's Benevolence {speed,
                  | rElec rC- rN+++}
158467 | Zig:14   | Identified the amulet "Diedghuwk" {Faith rF- rN+++ Int-4
                  | Stlth+}
158480 | Zig:15   | Entered Level 15 of a ziggurat
158496 | Zig:15   | Reached skill level 15 in Fire Magic
158642 | Zig:15   | Identified the ring of the Harvest {rPois rN+ Will+ MP+9
                  | Dex+3}
158655 | Zig:15   | Identified the +5 plate armour of the Hidden Vale {Regen+}
158676 | Zig:15   | Identified the +2 scale mail of Git Reus {rN+}
158678 | Zig:15   | Identified the +2 leather armour of Fanaticism {rElec rF+}
158680 | Zig:16   | Entered Level 16 of a ziggurat
158863 | Zig:16   | Identified the ring of Pipriun {Will+ Int+2 Dex+6 Stlth+}
158867 | Zig:16   | Identified the -2 hat of the Crypt {rElec}
158869 | Zig:16   | Identified the +1 quarterstaff of Starshine {pain, Str+3
                  | Int+4}
158874 | Zig:16   | Identified the staff "Uma Ych" {rElec rN+ Conj Air}
158886 | Zig:16   | Identified the +3 dagger of Oozing Pus {heavy, *Corrode
                  | Dex+3 SInv}
158924 | Zig:17   | Entered Level 17 of a ziggurat
159125 | Zig:17   | Identified the amulet of Sunlight {Faith *Corrode rC+ rN++
                  | Int+2}
159130 | Zig:17   | Identified the +8 short sword "Azxobecs" {flame, rPois rF+}
159133 | Zig:17   | Identified the ring "Pesug" {rC+ Str+4 Stlth+}
159178 | Zig:17   | Acquired 1115 gold pieces
159203 | Zig:18   | Entered Level 18 of a ziggurat
159217 | Zig:18   | Reached skill level 15 in Spellcasting
159457 | Zig:18   | Identified the amulet "Ymix" {Acrobat Str+2 SInv}
159459 | Zig:18   | Identified the +3 hand axe of Beogh's Scorn {freeze, Str+2
                  | Dex+4}
159518 | Zig:18   | Learned a level 9 spell: Shatter
159519 | Zig:19   | Entered Level 19 of a ziggurat
159545 | Zig:19   | Reached skill level 15 in Earth Magic
159796 | Zig:19   | Identified the +11 great mace "Sotyel" {heavy, +Blink rElec
                  | rC+++ Stlth-}
159800 | Zig:19   | Identified the ring "Xiaqeuf" {rElec rPois rF- AC+4 Str+4}
159868 | Zig:19   | Identified the +2 dagger "Beuveanu" {flame, Stlth+}
159874 | Zig:20   | Entered Level 20 of a ziggurat
159970 | Zig:20   | Found the +11 Singing Sword {sonic wave}
160135 | Zig:21   | Entered Level 21 of a ziggurat
160363 | Zig:21   | Found the +8 Wrath of Trog {antimagic, *Rage Rampage}
160403 | Zig:21   | Identified the +3 glaive of Sloth {vamp, rPois MP+9 Stlth-}
160413 | Zig:21   | Identified the staff "Veb Neat" {rPois Dex+2 Conj}
160415 | Zig:21   | Identified the ring "Cofof" {*Corrode +Blink rElec rPois
                  | MP+9}
160419 | Zig:21   | Identified the +4 ring mail "Mitavem" {rElec Dex+2 SInv
                  | Stlth-}
160476 | Zig:22   | Entered Level 22 of a ziggurat
160488 | Zig:22   | Noticed an ancient lich
160492 | Zig:22   | Killed an ancient lich
160750 | Zig:22   | Identified the +3 long sword of Wu Jian's Reproof {flame,
                  | rF+ Str+3 Dex-5}
160757 | Zig:22   | Got the Folio of Frostbite
160762 | Zig:22   | Identified the ring of Orthodoxy {AC+4 Int+2}
160763 | Zig:22   | Identified the +2 mace "Coefyid" {flame, rElec Int-2 Dex+3}
160764 | Zig:22   | Identified the +8 battleaxe "Imiquc" {venom, rElec rC-
                  | Will- Str+5}
160765 | Zig:22   | Identified the +6 quarterstaff "Orb Guardian's Regret"
                  | {antimagic, *Slow rF+ rN+ Int+3}
160766 | Zig:22   | Identified the ring "Jeihy" {Int+2 Dex+6 Slay+4}
160786 | Zig:22   | Learned a level 7 spell: Ozocubu's Refrigeration
160791 | Zig:23   | Entered Level 23 of a ziggurat
160796 | Zig:23   | Noticed a royal mummy
160797 | Zig:23   | Noticed a royal mummy
160797 | Zig:23   | Noticed a royal mummy
160808 | Zig:23   | Noticed a royal mummy
160810 | Zig:23   | Noticed a royal mummy
160811 | Zig:23   | Noticed a royal mummy
160812 | Zig:23   | Noticed a royal mummy
160812 | Zig:23   | Noticed a royal mummy
160815 | Zig:23   | Killed a royal mummy
160815 | Zig:23   | Killed a royal mummy
160815 | Zig:23   | Killed a royal mummy
160816 | Zig:23   | Killed a royal mummy
160816 | Zig:23   | Killed a royal mummy
160817 | Zig:23   | Noticed a royal mummy
160818 | Zig:23   | Noticed a royal mummy
160819 | Zig:23   | Killed a royal mummy
160819 | Zig:23   | Killed a royal mummy
160819 | Zig:23   | Killed a royal mummy
160825 | Zig:23   | Killed a royal mummy
160826 | Zig:23   | Killed a royal mummy
161094 | Zig:23   | Got Beocih's Gnosis of Faust
161097 | Zig:23   | Identified the ring of Qudiwnia {Fly Str-3 Int+6 SInv}
161239 | Zig:23   | Got Even More Gnosis
161259 | Zig:23   | Identified the +1 executioner's axe "Newtbane" {heavy,
                  | ^Drain +Blink rElec rF-}
161260 | Zig:23   | Identified the ring "Nowumonwat" {Fly rCorr Int+7 Dex-2
                  | Stlth-}
161269 | Zig:23   | Identified the +0 scale mail "Modunnel" {Dex+6}
161270 | Zig:23   | Identified the +1 longbow "Ifrohynn" {drain, rElec Will+
                  | Str+3}
161345 | Zig:24   | Entered Level 24 of a ziggurat
161542 | Zig:24   | Identified the +6 sling "Bitas" {antimagic, rF+}
161553 | Zig:24   | Got Fiymuig's Teachings on Pestilence
161558 | Zig:24   | Identified the +7 war axe "Xibok" {venom, Str+3 Int+3}
161598 | Zig:24   | Identified the ring "Cuopnig" {Will+ rCorr}
161658 | Zig:25   | Entered Level 25 of a ziggurat
161667 | Zig:25   | Noticed a dread lich
161670 | Zig:25   | Killed a dread lich
162038 | Zig:25   | Found the +4 robe of Folly {Brill Will-∞ Int+8}
162045 | Zig:25   | Identified the +10 great sword of Mutilation {pain, Str+6
                  | Int+3}
162185 | Zig:25   | Identified the staff "Vethrodi" {^Drain Int+3 Stlth+ Hexes
                  | Earth}
162187 | Zig:25   | Identified the +2 trident "Tormentor" {freeze, rCorr Dex+2}
162190 | Zig:25   | Identified the ring "Nekexzeots" {rN+ Will+ SInv}
162205 | Zig:25   | Identified the staff "Huaxyant" {rPois Int+3 Dex-5 Necro
                  | Poison}
162300 | Zig:26   | Entered Level 26 of a ziggurat
162307 | Zig:26   | Noticed a royal mummy
162309 | Zig:26   | Noticed a royal mummy
162310 | Zig:26   | Noticed a royal mummy
162311 | Zig:26   | Noticed a royal mummy
162313 | Zig:26   | Noticed a royal mummy
162315 | Zig:26   | Noticed a royal mummy
162316 | Zig:26   | Noticed a royal mummy
162316 | Zig:26   | Noticed a royal mummy
162317 | Zig:26   | Noticed a royal mummy
162322 | Zig:26   | Noticed a royal mummy
162323 | Zig:26   | Killed a royal mummy
162323 | Zig:26   | Killed a royal mummy
162323 | Zig:26   | Killed a royal mummy
162323 | Zig:26   | Killed a royal mummy
162323 | Zig:26   | Noticed a royal mummy
162323 | Zig:26   | Noticed a royal mummy
162324 | Zig:26   | Reached skill level 15 in Ice Magic
162324 | Zig:26   | Killed a royal mummy
162324 | Zig:26   | Killed a royal mummy
162324 | Zig:26   | Killed a royal mummy
162325 | Zig:26   | Killed a royal mummy
162325 | Zig:26   | Killed a royal mummy
162329 | Zig:26   | Noticed a royal mummy
162330 | Zig:26   | Killed a royal mummy
162331 | Zig:26   | Killed a royal mummy
162333 | Zig:26   | Killed a royal mummy
162333 | Zig:26   | Noticed a royal mummy
162335 | Zig:26   | Killed a royal mummy
162344 | Zig:26   | Killed a royal mummy
162622 | Zig:26   | Identified the staff "Killer Klown's Curse" {rC+ Str+2
                  | Stlth+ Ice}
162632 | Zig:26   | Identified the +7 war axe "Otaipn" {flame, Will+ Stlth+}
162634 | Zig:26   | Identified the +9 morningstar "Beetleslayer" {venom, Int+3
                  | Stlth+}
162948 | Zig:26   | Learned a level 9 spell: Polar Vortex
163040 | Zig:27   | Entered Level 27 of a ziggurat
163327 | Zig:27   | Identified the +1 buckler "Qeuchoat" {Rampage Str+3}
163328 | Zig:27   | Identified the +6 great mace of the Shifting Stork {venom,
                  | rC+}
163330 | Zig:27   | Identified the ring of the Moon {*Corrode Will+ EV+5 Int+2
                  | Dex+8}
163355 | Zig:27   | Identified the +3 leather armour of Dawn {rCorr Dex+2}
163365 | Zig:27   | Acquired the +5 hat of Surprise {Dex+2}
163756 | D:10     | Bought a scroll of blinking for 150 gold pieces
165946 | Lair:5   | Voluntarily entered the Abyss.
166006 | Abyss:1  | Found a corrupted altar of Lugonu.
166447 | Lair:5   | Escaped the Abyss
166591 | Lair:5   | Voluntarily entered the Abyss.
166632 | Abyss:1  | Found a corrupted altar of Lugonu.
166704 | Abyss:1  | Noticed an ancient lich
166708 | Abyss:1  | Killed an ancient lich
166859 | Lair:5   | Escaped the Abyss
167563 | Tomb:1   | Noticed a royal mummy
167566 | Tomb:1   | Noticed a royal mummy
167573 | Tomb:1   | Killed a royal mummy
167577 | Tomb:1   | Killed a royal mummy
167580 | Tomb:1   | Noticed a royal mummy
167580 | Tomb:1   | Noticed a royal mummy
167581 | Tomb:1   | Noticed a royal mummy
168064 | Tomb:1   | Killed a royal mummy
168066 | Tomb:1   | Killed a royal mummy
168420 | Tomb:1   | Noticed a royal mummy
168424 | Tomb:1   | Killed a royal mummy
168425 | Tomb:1   | Killed a royal mummy
168660 | Tomb:1   | Noticed a royal mummy
168664 | Tomb:1   | Killed a royal mummy
168806 | Tomb:1   | Noticed a royal mummy
168808 | Tomb:1   | Noticed a royal mummy
168810 | Tomb:1   | Killed a royal mummy
168836 | Tomb:1   | Killed a royal mummy
169356 | Tomb:1   | Noticed a royal mummy
169360 | Tomb:1   | Killed a royal mummy
169578 | Tomb:1   | Noticed a royal mummy
169578 | Tomb:1   | Noticed a royal mummy
169583 | Tomb:1   | Killed a royal mummy
169583 | Tomb:1   | Killed a royal mummy
169584 | Tomb:1   | Reached skill level 10 in Translocations
169726 | Tomb:1   | Noticed a royal mummy
169731 | Tomb:1   | Killed a royal mummy
169765 | Tomb:1   | Noticed a royal mummy
169775 | Tomb:1   | Killed a royal mummy
169919 | Tomb:1   | Noticed a royal mummy
169922 | Tomb:1   | Killed a royal mummy
171110 | Tomb:2   | Noticed a royal mummy
171116 | Tomb:2   | Killed a royal mummy
171116 | Tomb:2   | Noticed a royal mummy
171492 | Tomb:2   | Killed a royal mummy
171493 | Tomb:2   | Noticed a royal mummy
171670 | Tomb:2   | Killed a royal mummy
171671 | Tomb:2   | Noticed a royal mummy
171854 | Tomb:2   | Killed a royal mummy
172631 | Tomb:3   | Entered Level 3 of the Tomb of the Ancients
172652 | Tomb:3   | Noticed a royal mummy
172652 | Tomb:3   | Noticed a royal mummy
172655 | Tomb:3   | Killed a royal mummy
172656 | Tomb:3   | Killed a royal mummy
172656 | Tomb:3   | Noticed a royal mummy
172658 | Tomb:3   | Killed a royal mummy
172662 | Tomb:3   | Noticed a royal mummy
172668 | Tomb:3   | Killed a royal mummy
172673 | Tomb:3   | Noticed a royal mummy
172673 | Tomb:3   | Noticed a royal mummy
172675 | Tomb:3   | Noticed a royal mummy
172679 | Tomb:3   | Noticed a royal mummy
172680 | Tomb:3   | Killed a royal mummy
172680 | Tomb:3   | Killed a royal mummy
172680 | Tomb:3   | Killed a royal mummy
172682 | Tomb:3   | Killed a royal mummy
172682 | Tomb:3   | Noticed a royal mummy
172692 | Tomb:3   | Killed a royal mummy
173429 | Tomb:3   | Identified the +10 trident of the Wraith {heavy, +Blink}
173568 | Tomb:3   | Got a golden rune of Zot
173675 | Tomb:3   | Identified the +3 battleaxe "Guciumeu" {flame, rC+ rCorr
                  | Stlth+}
173683 | Tomb:3   | Identified the +0 great sword "Biamesh" {venom, rElec
                  | Dex+3}
173686 | Tomb:3   | Identified the +5 spear of Cocytus {flame, *Noise rPois rN+
                  | Int+3 Dex+3}
173720 | Tomb:3   | Identified the +3 short sword of Virtue {flame, SInv
                  | Stlth+}
173721 | Tomb:3   | Identified the +6 glaive "Fuzxathri" {vamp, Int+5}
173724 | Tomb:3   | Identified the ring "Nowkes" {rPois rC+ rN+ Str+3}
173726 | Tomb:3   | Identified the ring "Boedud" {Fly rCorr}
174616 | Zot:2    | Killed a dread lich
174617 | Zot:2    | Killed an ancient lich
174618 | Zot:2    | Killed Sackuas's ghost
174884 | Zot:3    | Killed Tiejaxt's ghost
175196 | Zot:3    | Killed Emoisch's ghost
175201 | Zot:3    | Killed Cuhyol's ghost
175213 | Zot:3    | Killed Dommouf's ghost
175555 | Zot:5    | Noticed a dread lich
175561 | Zot:5    | Killed a dread lich
176569 | Zot:5    | Noticed an orb of fire
176576 | Zot:5    | Noticed an orb of fire
176585 | Zot:5    | Killed an orb of fire
176585 | Zot:5    | Killed an orb of fire
177094 | Zot:5    | Noticed a dread lich
177097 | Zot:5    | Killed a dread lich
179547 | Lair:5   | Voluntarily entered the Abyss.
179558 | Abyss:1  | Found a corrupted altar of Lugonu.
179681 | Lair:5   | Escaped the Abyss
179822 | Lair:5   | Voluntarily entered the Abyss.
180030 | Lair:5   | Escaped the Abyss
180187 | Lair:5   | Voluntarily entered the Abyss.
180635 | Lair:5   | Escaped the Abyss
180890 | Lair:5   | Voluntarily entered the Abyss.
181268 | Abyss:2  | Found a corrupted altar of Lugonu.
181412 | Lair:5   | Escaped the Abyss
183191 | Lair:5   | Voluntarily entered the Abyss.
183500 | Lair:5   | Escaped the Abyss
183962 | Zig:1    | Entered Level 1 of a ziggurat
183963 | Zig:1    | Noticed Inwymniv the pandemonium lord
183968 | Zig:1    | Killed Inwymniv the pandemonium lord
184014 | Zig:2    | Entered Level 2 of a ziggurat
184051 | Zig:3    | Entered Level 3 of a ziggurat
184056 | Zig:3    | Reached skill level 1 in Evocations
184133 | Zig:4    | Entered Level 4 of a ziggurat
184134 | Zig:4    | Found the amulet of Vitality {RegenMP++ Regen++}
184137 | Zig:4    | Noticed a royal mummy
184144 | Zig:4    | Killed a royal mummy
184522 | Zig:5    | Entered Level 5 of a ziggurat
184526 | Zig:5    | Noticed an ancient lich
184527 | Zig:5    | Noticed an ancient lich
184531 | Zig:5    | Killed an ancient lich
184531 | Zig:5    | Killed an ancient lich
184629 | Zig:6    | Entered Level 6 of a ziggurat
184694 | Zig:6    | Got Toneyhafi's Volume of Combustive Virulence
184733 | Zig:7    | Entered Level 7 of a ziggurat
184797 | Zig:7    | Identified the +3 chain mail of Negligence {-Cast rC+ Will+
                  | Regen+}
184804 | Zig:7    | Identified the +5 triple crossbow of Vethaef {flame, rN+
                  | Str+5 Int-4}
184807 | Zig:7    | Identified the +6 orcbow "Transmigrator" {drain, ^Fragile
                  | rF+ rC+ Str+3}
184842 | Zig:7    | Acquired the ring of Generosity {Will++ Int+6}
184847 | Zig:8    | Entered Level 8 of a ziggurat
184854 | Zig:8    | Noticed Melulyf the pandemonium lord
184859 | Zig:8    | Killed Melulyf the pandemonium lord
185032 | Zig:8    | Identified the +4 great sword of Vaadimusu {speed, Will+
                  | Str+3}
185036 | Zig:8    | Identified the staff of the Ageing Philosopher {Int+5
                  | Earth}
185075 | Zig:9    | Entered Level 9 of a ziggurat
185080 | Zig:9    | Noticed a royal mummy
185081 | Zig:9    | Noticed a royal mummy
185083 | Zig:9    | Noticed a royal mummy
185085 | Zig:9    | Killed a royal mummy
185086 | Zig:9    | Killed a royal mummy
185087 | Zig:9    | Killed a royal mummy
185280 | Zig:9    | Identified the ring of Abstinence {^Drain +Blink rPois
                  | Will- MP+9}
185328 | Zig:9    | Learned a level 8 spell: Disjunction
185329 | Zig:10   | Entered Level 10 of a ziggurat
185336 | Zig:10   | Found the amulet of the Air {Inacc Air Fly rElec RMsl}
185466 | Zig:10   | Identified the +2 sling of the Uplifting Gods {speed,
                  | Dex+2}
185467 | Zig:10   | Identified the staff "Qacilaec" {Str+3 Int+5 Conj}
185471 | Zig:10   | Identified the +7 dagger "Ciulem" {elec, rC+ Dex+3}
185494 | Zig:11   | Entered Level 11 of a ziggurat
185502 | Zig:11   | Found the +7 sceptre of Torment {pain, torment}
185610 | Zig:11   | Identified the ring "Etedd" {rElec rPois rCorr MP-9 Int+3
                  | SInv}
185613 | Zig:11   | Identified the +0 war axe "Foorelie" {flame, rF+ Str+2
                  | Int-2 Dex+4}
185670 | Zig:12   | Entered Level 12 of a ziggurat
185673 | Zig:12   | Noticed a royal mummy
185682 | Zig:12   | Noticed a royal mummy
185691 | Zig:12   | Killed a royal mummy
185692 | Zig:12   | Noticed a royal mummy
185695 | Zig:12   | Killed a royal mummy
185706 | Zig:12   | Killed a royal mummy
185709 | Zig:12   | Found the +12 glaive of Prune {freeze, Prune}
185879 | Zig:12   | Identified the ring "Tapseubloi" {AC+4 Dex+4}
185889 | Zig:12   | Identified the +8 halberd "Riygilib" {heavy, MP+9 Str+5}
185999 | Zig:13   | Entered Level 13 of a ziggurat
186003 | Zig:13   | Noticed a royal mummy
186003 | Zig:13   | Noticed a royal mummy
186012 | Zig:13   | Killed a royal mummy
186012 | Zig:13   | Noticed a royal mummy
186013 | Zig:13   | Noticed a royal mummy
186017 | Zig:13   | Killed a royal mummy
186019 | Zig:13   | Killed a royal mummy
186019 | Zig:13   | Killed a royal mummy
186269 | Zig:13   | Identified the ring "Gacavvib" {Fly rC+ rN+ Str+2}
186304 | Zig:14   | Entered Level 14 of a ziggurat
186482 | Zig:14   | Reached skill level 15 in Translocations
186489 | Zig:15   | Entered Level 15 of a ziggurat
186694 | Zig:15   | Identified the ring of Saskot {rF+ rCorr MP+9}
186803 | Zig:16   | Entered Level 16 of a ziggurat
186814 | Zig:16   | Reached skill level 10 in Evocations
187008 | Zig:16   | Identified the +5 hand axe of Kufuick {pain, rElec Str+3}
187029 | Zig:16   | Identified the ring of the Slimy Banana {Fire rElec rN++}
187041 | Zig:16   | Identified the ring "Vyemawil" {Ice Will+ Dex+5}
187235 | Zig:17   | Entered Level 17 of a ziggurat
187251 | Zig:17   | Found the +6 arbalest "Damnation" {damnation}
187369 | Zig:17   | Identified the ring of Kischeni {rPois Str+6}
187371 | Zig:17   | Identified the +8 orcbow of Beikaowa {flame, Int+5}
187392 | Zig:17   | Identified the +0 hand axe of the Aged Emperors {distort,
                  | rElec rF+++ Str+4 Int-3}
187506 | Zig:18   | Entered Level 18 of a ziggurat
187515 | Zig:18   | Noticed an ancient lich
187517 | Zig:18   | Noticed an ancient lich
187517 | Zig:18   | Noticed a dread lich
187518 | Zig:18   | Noticed a dread lich
187519 | Zig:18   | Killed an ancient lich
187519 | Zig:18   | Killed a dread lich
187519 | Zig:18   | Killed an ancient lich
187521 | Zig:18   | Killed a dread lich
187687 | Zig:18   | Identified the +6 broad axe of the Nexus {holy, Str+4}
187742 | Zig:18   | Identified the +1 war axe of the Pit {freeze, rElec rPois
                  | rCorr Dex-2}
187746 | Zig:19   | Entered Level 19 of a ziggurat
187752 | Zig:19   | Noticed a juggernaut
187752 | Zig:19   | Noticed a juggernaut
187758 | Zig:19   | Noticed a juggernaut
187759 | Zig:19   | Killed a juggernaut
187762 | Zig:19   | Killed a juggernaut
187780 | Zig:19   | Killed a juggernaut
187963 | Zig:19   | Identified the ring of Lecuemm {*Slow rF+++ MP+9 Str+5}
187987 | Zig:19   | Identified the ring of Miurar {rF+ rN+ Will+}
187990 | Zig:19   | Identified the +3 buckler "Qoof" {+Inv rC+ Str+3 Int+4}
188112 | Zig:20   | Entered Level 20 of a ziggurat
188127 | Zig:20   | Found the ring of the Mage {Wiz Archmagi}
188129 | Zig:20   | Reached skill level 27 in Stealth
188334 | Zig:20   | Identified the +5 sling "Loliocoq" {elec, +Blink rF- rCorr
                  | Int-3}
188341 | Zig:20   | Identified the amulet "Xeateem" {RegenMP rC+ Slay+2}
188345 | Zig:20   | Identified the staff of Adverse Possession {rN+ Dex+3 Summ
                  | Necro Poison}
188365 | Zig:20   | Identified the +6 scimitar of the Vestibule of Hell
                  | {freeze, rElec rF++}
188372 | Zig:20   | Identified the staff of Ugganlao {Fly rC+ Ice}
188379 | Zig:20   | Identified the staff of Hiostock {Dex-2 Conj Summ Fire Ice}
188430 | Zig:20   | Acquired 638 gold pieces
188440 | Zig:21   | Entered Level 21 of a ziggurat
188449 | Zig:21   | Noticed a juggernaut
188456 | Zig:21   | Killed a juggernaut
188458 | Zig:21   | Found the +1 cloak of Starlight {*Dazzle EV+4 Stlth--}
188609 | Zig:21   | Found the +8 autumn katana {manifold assault}
188630 | Zig:21   | Identified the +1 mace "Isen" {venom, Str+3}
188811 | Zig:22   | Entered Level 22 of a ziggurat
189040 | Zig:22   | Identified the ring of Summer {rCorr SInv}
189052 | Zig:22   | Reached skill level 10 in Hexes
189055 | Zig:22   | Identified the ring of Makhleb's Scorn {Fire rPois}
189070 | Zig:22   | Identified the +8 scimitar "Neopsazo" {freeze, rF- rC+
                  | Dex+8}
189112 | Zig:23   | Entered Level 23 of a ziggurat
189121 | Zig:23   | Noticed an orb of fire
189121 | Zig:23   | Noticed an orb of fire
189121 | Zig:23   | Noticed an orb of fire
189121 | Zig:23   | Noticed an orb of fire
189133 | Zig:23   | Noticed an orb of fire
189140 | Zig:23   | Noticed an orb of fire
189149 | Zig:23   | Noticed an orb of fire
189150 | Zig:23   | Killed an orb of fire
189154 | Zig:23   | Killed an orb of fire
189155 | Zig:23   | Killed an orb of fire
189155 | Zig:23   | Killed an orb of fire
189157 | Zig:23   | Killed an orb of fire
189160 | Zig:23   | Noticed an orb of fire
189162 | Zig:23   | Noticed an orb of fire
189166 | Zig:23   | Killed an orb of fire
189168 | Zig:23   | Noticed an orb of fire
189171 | Zig:23   | Killed an orb of fire
189171 | Zig:23   | Noticed an orb of fire
189174 | Zig:23   | Killed an orb of fire
189174 | Zig:23   | Killed an orb of fire
189178 | Zig:23   | Killed an orb of fire
189178 | Zig:23   | Killed an orb of fire
189460 | Zig:23   | Identified the +8 spear of Rolof {freeze, Dex+2}
189464 | Zig:23   | Identified the amulet "Qimailer" {RegenMP rC+ Int+3 Stlth+}
189474 | Zig:23   | Identified the ring "Bewaj" {Wiz Str-2 Slay+5}
189476 | Zig:23   | Identified the +4 battleaxe of Contradiction {freeze, rPois
                  | rF+ rC- Stlth+}
189568 | Zig:24   | Entered Level 24 of a ziggurat
189583 | Zig:24   | Reached skill level 15 in Evocations
189588 | Zig:24   | Found the +9 sword of Power {lifebolt}
189780 | Zig:24   | Identified the +1 long sword of Bireapur {elec, rC+}
189792 | Zig:24   | Identified the amulet "Ihypem" {Reflect rPois rF- Int+4
                  | SH+5}
189799 | Zig:24   | Identified the +6 dagger "Impslayer" {protect, rElec rPois
                  | Stlth-}
189803 | Zig:24   | Identified the staff of the Chewing Spider {rF+ rN+ Necro}
189933 | Zig:25   | Entered Level 25 of a ziggurat
189949 | Zig:25   | Reached skill level 1 in Throwing
189953 | Zig:25   | Noticed a seraph
189980 | Zig:25   | Killed a seraph
190525 | Zig:25   | Identified the +11 rapier of Gehenna {venom, ^Contam Int+6}
190532 | Zig:25   | Identified the staff of Kismet {rPois rCorr Hexes Poison}
190554 | Zig:25   | Identified the +6 orcbow of Crusades {elec, Dex+5}
190738 | Zig:26   | Entered Level 26 of a ziggurat
190749 | Zig:26   | Noticed an ancient lich
190755 | Zig:26   | Killed an ancient lich
190769 | Zig:26   | Noticed an ancient lich
190788 | Zig:26   | Paralysed by accursed screaming for 2 turns
190792 | Zig:26   | Killed an ancient lich
190814 | Zig:26   | Paralysed by accursed screaming for 1 turns
191265 | Zig:26   | Identified the +6 executioner's axe of Voupag {venom, rN+
                  | Stlth+}
191284 | Zig:26   | Identified the +8 flail of the Shallot {spect, rElec}
191290 | Zig:26   | Identified the ring of Eqoaczipen {Fire Int+2}
191335 | Zig:26   | Learned a level 8 spell: Discord
191336 | Zig:27   | Entered Level 27 of a ziggurat
191384 | Zig:27   | Noticed Qohiugh the pandemonium lord
191388 | Zig:27   | Killed Qohiugh the pandemonium lord
191397 | Zig:27   | Reached skill level 5 in Throwing
191740 | Zig:27   | Identified the +3 shortbow "Xioppewk" {flame, rCorr}
191742 | Zig:27   | Identified the ring of Samehyil {Ice Dex+4}
191878 | Zig:27   | Identified the +4 shortbow "String" {drain, Str+3}
191881 | Zig:27   | Identified the ring "Buur" {^Drain Fly rF+ rC+ rCorr}
191900 | Zig:27   | Identified the ring of Ru's Castigation {rC+ rCorr}
191902 | Zig:27   | Identified the +10 halberd "Asunek Notih" {flame, rElec
                  | Str+2}
191919 | Zig:27   | Identified the +5 triple sword "Pendulum" {antimagic, rElec
                  | rN+ rCorr}
191940 | Zig:27   | Identified the +2 spear of Youthful Indiscretion {freeze,
                  | Int+4}
191954 | Zig:27   | Identified the +2 falchion "Hoiqelidd" {venom, rF+ Int+5}
192422 | Dis:7    | Entered Level 7 of the Iron City of Dis
193233 | Dis:7    | Noticed a juggernaut
193243 | Dis:7    | Killed a juggernaut
194743 | Dis:7    | Got Sif Muna's Compilation of Anemomancy and Blasting
194745 | Dis:7    | Identified the +0 scimitar "Kaniu" {drain, Int+3}
194997 | Dis:7    | Noticed a juggernaut
195000 | Dis:7    | Killed a juggernaut
195270 | Dis:7    | Noticed Dispater
195273 | Dis:7    | Killed Dispater
195301 | Dis:7    | Got an iron rune of Zot
195306 | Dis:7    | Found the ring of the Octopus King {rN+ HP+2 AC+2 EV+2
                  | SH+2}
195897 | Dis:7    | Noticed a juggernaut
195906 | Dis:7    | Killed a juggernaut
196369 | Zig:1    | Entered Level 1 of a ziggurat
196507 | Zig:2    | Entered Level 2 of a ziggurat
196591 | Zig:2    | Identified the ring of Igughan {rF+ Dex+5 Slay+4}
196595 | Zig:3    | Entered Level 3 of a ziggurat
196648 | Zig:3    | Identified the +1 ring mail "Hen Suco" {Harm rCorr}
196650 | Zig:3    | Identified the +1 sling of Blood-Lust {drain, ^Contam rF+++
                  | rN+++ Str+2}
196670 | Zig:4    | Entered Level 4 of a ziggurat
196736 | Zig:5    | Entered Level 5 of a ziggurat
196870 | Zig:6    | Entered Level 6 of a ziggurat
196940 | Zig:6    | Identified the +1 shortbow of Imoubr Gecu {elec, rF++ Str+3
                  | Int-3 SInv}
196994 | Zig:7    | Entered Level 7 of a ziggurat
197125 | Zig:7    | Identified the +5 sling of Grandeur {heavy, Fly rPois rC-
                  | MP+9}
197130 | Zig:7    | Identified the orb "Xain" {guile, Str+3}
197143 | Zig:8    | Entered Level 8 of a ziggurat
197148 | Zig:8    | Noticed an ancient lich
197148 | Zig:8    | Noticed a dread lich
197150 | Zig:8    | Noticed an ancient lich
197150 | Zig:8    | Noticed a dread lich
197151 | Zig:8    | Noticed an ancient lich
197151 | Zig:8    | Killed a dread lich
197152 | Zig:8    | Killed an ancient lich
197152 | Zig:8    | Killed a dread lich
197152 | Zig:8    | Killed an ancient lich
197153 | Zig:8    | Killed an ancient lich
197259 | Zig:8    | Identified the ring "Vecez" {Dex+6 Stlth+}
197263 | Zig:8    | Identified the +0 helmet of the Poles {rPois Will+}
197269 | Zig:9    | Entered Level 9 of a ziggurat
197280 | Zig:9    | Reached skill level 1 in Necromancy
197449 | Zig:9    | Identified the +5 falchion of the Orcish Mines {heavy,
                  | rElec Dex+3}
197453 | Zig:9    | Identified the +0 halberd of Conformity {elec, rElec rF+
                  | Str+2}
197470 | Zig:9    | Identified the staff "Toepos" {rF- Hexes Necro Earth}
197482 | Zig:10   | Entered Level 10 of a ziggurat
197488 | Zig:10   | Found the +5 Force Lance {heavy, knockback}
197591 | Zig:10   | Found the ring of Shadows {Umbra +Inv Stlth+}
197606 | Zig:10   | Identified the +5 rapier "Nash" {freeze, rElec rPois Int-3}
197628 | Zig:10   | Identified the +2 dire flail "Mazynwuu" {drain, rPois rF+
                  | Int+3}
197664 | Zig:11   | Entered Level 11 of a ziggurat
197675 | Zig:11   | Identified the +1 tower shield of the Dropbear {rN++ Will+}
197678 | Zig:11   | Identified the +2 tower shield "Sepoisch" {Harm Dex+3}
197817 | Zig:11   | Identified the +3 halberd of Non Obstante Veredicto {venom,
                  | Fly rF+ Will+ rCorr}
197871 | Zig:12   | Entered Level 12 of a ziggurat
197880 | Zig:12   | Reached skill level 15 in Hexes
197883 | Zig:12   | Found the +15 Maxwell's patent armour {-Cast -Tele rElec
                  | Will+ rCorr}
198050 | Zig:12   | Identified the +11 arbalest of the Lurker {flame, rPois
                  | Str+2 Dex+4 Stlth-}
198058 | Zig:12   | Identified the +5 short sword "Giantbane" {holy, ^Drain rC+
                  | Dex+4}
198097 | Zig:13   | Entered Level 13 of a ziggurat
198111 | Zig:13   | Reached skill level 5 in Necromancy
198252 | Zig:13   | Identified the +8 morningstar "Resa" {pain, Will+ SInv}
198296 | Zig:14   | Entered Level 14 of a ziggurat
198306 | Zig:14   | Reached skill level 10 in Throwing
198309 | Zig:14   | Noticed Utuisk the pandemonium lord
198314 | Zig:14   | Killed Utuisk the pandemonium lord
198456 | Zig:14   | Found the +18 shield of the Gong {Loud rN+ Will+ rCorr
                  | EV-5}
198470 | Zig:14   | Identified the staff of Sibuoham {rC+++ MP-9 Dex-3 SInv
                  | Earth}
198471 | Zig:14   | Identified the amulet of the Original Sin {rC- Will+++
                  | Regen+ Dex-5 SInv}
198489 | Zig:14   | Identified the ring "Juipewi" {rElec rPois Str+3}
198539 | Zig:15   | Entered Level 15 of a ziggurat
198557 | Zig:15   | Paralysed by accursed screaming for 2 turns
198812 | Zig:15   | Identified the ring of Mistrust {Str+2 Dex+3 Slay+4}
198822 | Zig:15   | Identified the +6 shortbow of Inexecai {flame, rElec Str+8
                  | Int+2 Stlth-}
198825 | Zig:15   | Identified the ring "Loreigett" {+Blink rN+ Will- Str+4
                  | Int+6}
198932 | Zig:16   | Entered Level 16 of a ziggurat
198941 | Zig:16   | Noticed Qyhuop the pandemonium lord
198948 | Zig:16   | Killed Qyhuop the pandemonium lord
199159 | Zig:16   | Identified the +4 quarterstaff of Might {heavy, *Slow rElec
                  | rC+ Will+}
199176 | Zig:16   | Identified the +2 short sword of Greatest Utility {holy,
                  | rC+ MP+9 Dex+3}
199177 | Zig:16   | Identified the staff of Baploix {rF+ rCorr Fire}
199183 | Zig:17   | Entered Level 17 of a ziggurat
199198 | Zig:17   | Found the +7 great mace "Firestarter" {flame, immolate,
                  | rFlCloud rF++}
199298 | Zig:17   | Found the +7 hand cannon "Mule" {flame, backblast, rF+}
199338 | Zig:17   | Identified the amulet "Utux" {Spirit Harm Will+ Dex+4}
199353 | Zig:17   | Identified the +6 scimitar of Destiny {venom, Int+3}
199369 | Zig:17   | Identified the +0 ring mail of the Sky {Harm rElec Str+8
                  | Int-2}
199415 | Zig:17   | Upgraded the game from 0.31-a0-1206-g41278d8d1d to
                  | 0.31-a0-1227-g0136665373
199419 | Zig:18   | Entered Level 18 of a ziggurat
199592 | Zig:18   | Identified the amulet "Tomusy" {Reflect rF- Dex+8 SH+5
                  | SInv}
199594 | Zig:18   | Identified the +2 short sword of Eternal Vigilance {flame,
                  | rPois Str+4 Int-5 Stlth+}
199595 | Zig:18   | Identified the +8 broad axe of the Warrior {venom, rF+
                  | Will+ Int+3 Dex+3}
199602 | Zig:18   | Identified the ring "Damn" {Fly rC+ Will+ Int-2 SInv}
199604 | Zig:18   | Identified the ring "Pitzapno" {Will+ Str+5 Stlth+}
199667 | Zig:19   | Entered Level 19 of a ziggurat
199778 | Zig:19   | Identified the amulet of Wyfemapp {rPois rN++ Regen+}
199796 | Zig:19   | Learned a level 6 spell: Death Channel
199799 | Zig:19   | Identified the +8 sling of Royalism {freeze, rElec MP-9
                  | Str+4}
199800 | Zig:19   | Identified the ring "Aqoxyih" {AC+4 Str+6 Int+2}
199909 | Zig:19   | Identified the amulet "Hataokhu" {Spirit rF+}
199947 | Zig:20   | Entered Level 20 of a ziggurat
199962 | Zig:20   | Reached skill level 10 in Necromancy
200167 | Zig:20   | Identified the amulet of Harmony {Reflect Dex+3 SH+5}
200168 | Zig:20   | Identified the +7 spear "Ysku" {drain, Int+8}
200178 | Zig:20   | Identified the +4 shortbow "Stringbean" {flame, rElec rN+
                  | Str-3 Int+7}
200182 | Zig:20   | Identified the +1 dire flail of the Fae God {drain, rF+ rN+
                  | SInv}
200202 | Zig:20   | Identified the +2 ring mail of Defiance {*Corrode rF++
                  | Int+3 SInv}
200216 | Zig:21   | Entered Level 21 of a ziggurat
200236 | Zig:21   | Found the +5 Lochaber axe {reach-cleave, Poleaxe ^Drain}
200244 | Zig:21   | Identified the +2 ring mail of Ravioli {*Corrode rC+ Will+
                  | Str+2}
200378 | Zig:21   | Identified the +7 sling "Leviticus" {flame, Will+ Int+3}
200402 | Zig:21   | Identified the staff "Vasucebe" {^Contam rElec rPois rN+
                  | Poison}
200583 | Zig:22   | Entered Level 22 of a ziggurat
200846 | Zig:22   | Identified the +8 falchion "Unaetzic" {pain, *Noise Fly
                  | Str+6}
200859 | Zig:22   | Identified the +8 arbalest of Xeuggaug {heavy, MP+9 Int+3}
200861 | Zig:22   | Identified the ring of Besuploh {rF+++ Int-2 Dex+6 Slay-6
                  | Stlth+}
201171 | Zig:23   | Entered Level 23 of a ziggurat
201230 | Zig:23   | Found the +10 morningstar "Eos" {elec, Halo rElec}
201305 | Zig:23   | Identified the +4 war axe of Ignis's Delight {drain, rElec
                  | Will++}
201450 | Zig:23   | Identified the staff of Axioz {rElec rN+ Necro Air}
201454 | Zig:23   | Identified the +7 scale mail of Day {Rampage Int-3 Dex+6}
201460 | Zig:24   | Entered Level 24 of a ziggurat
201466 | Zig:24   | Noticed Lieh the pandemonium lord
201466 | Zig:24   | Noticed Viackom the pandemonium lord
201476 | Zig:24   | Noticed Xeci the pandemonium lord
201478 | Zig:24   | Noticed Kecen the pandemonium lord
201482 | Zig:24   | Killed Xeci the pandemonium lord
201482 | Zig:24   | Noticed Pumpavvon the pandemonium lord
201483 | Zig:24   | Noticed Iqiofail the pandemonium lord
201483 | Zig:24   | Killed Kecen the pandemonium lord
201484 | Zig:24   | Noticed Naufreut the pandemonium lord
201485 | Zig:24   | Noticed Jyedamoj the pandemonium lord
201486 | Zig:24   | Killed Naufreut the pandemonium lord
201488 | Zig:24   | Killed Iqiofail the pandemonium lord
201489 | Zig:24   | Noticed Cebojuapt the pandemonium lord
201489 | Zig:24   | Noticed Perhex the pandemonium lord
201492 | Zig:24   | Noticed Huosu the pandemonium lord
201494 | Zig:24   | Noticed Xogezihy the pandemonium lord
201495 | Zig:24   | Noticed Gydaucoi the pandemonium lord
201498 | Zig:24   | Killed Jyedamoj the pandemonium lord
201499 | Zig:24   | Noticed Jonna the pandemonium lord
201499 | Zig:24   | Noticed Carch the pandemonium lord
201501 | Zig:24   | Killed Huosu the pandemonium lord
201501 | Zig:24   | Noticed Muplerof the pandemonium lord
201502 | Zig:24   | Noticed Bopaop the pandemonium lord
201503 | Zig:24   | Noticed Qigebylo the pandemonium lord
201503 | Zig:24   | Noticed Wuipn the pandemonium lord
201503 | Zig:24   | Noticed Nunweq the pandemonium lord
201503 | Zig:24   | Killed Xogezihy the pandemonium lord
201504 | Zig:24   | Reached skill level 27 in Fire Magic
201504 | Zig:24   | Noticed Piniruar the pandemonium lord
201504 | Zig:24   | Killed Perhex the pandemonium lord
201505 | Zig:24   | Noticed Bebaloc the pandemonium lord
201506 | Zig:24   | Killed Viackom the pandemonium lord
201506 | Zig:24   | Killed Gydaucoi the pandemonium lord
201506 | Zig:24   | Killed Pumpavvon the pandemonium lord
201507 | Zig:24   | Killed Piniruar the pandemonium lord
201507 | Zig:24   | Killed Muplerof the pandemonium lord
201507 | Zig:24   | Killed Nunweq the pandemonium lord
201507 | Zig:24   | Killed Jonna the pandemonium lord
201508 | Zig:24   | Killed Wuipn the pandemonium lord
201509 | Zig:24   | Noticed Ilaff the pandemonium lord
201509 | Zig:24   | Noticed Ilu Liog the pandemonium lord
201510 | Zig:24   | Noticed Ysazyn the pandemonium lord
201510 | Zig:24   | Noticed Gupluci the pandemonium lord
201514 | Zig:24   | Killed Carch the pandemonium lord
201514 | Zig:24   | Killed Cebojuapt the pandemonium lord
201519 | Zig:24   | Killed Ilu Liog the pandemonium lord
201519 | Zig:24   | Killed Ilaff the pandemonium lord
201520 | Zig:24   | Killed Gupluci the pandemonium lord
201522 | Zig:24   | Killed Qigebylo the pandemonium lord
201523 | Zig:24   | Reached skill level 15 in Necromancy
201524 | Zig:24   | Killed Bopaop the pandemonium lord
201532 | Zig:24   | Killed Lieh the pandemonium lord
201538 | Zig:24   | Killed Ysazyn the pandemonium lord
201548 | Zig:24   | Killed Bebaloc the pandemonium lord
201553 | Zig:24   | Found the +8 lance "Wyrmbane" {slay drac, rPois rF+ rC+
                  | AC+3}
201769 | Zig:24   | Identified the ring of the Duchess {rN+++ Str-5 Int+6 Dex-5
                  | Stlth+}
201774 | Zig:24   | Identified the +6 shortbow of Pride {antimagic, *Corrode
                  | rF+ Int-2 Dex+9}
201778 | Zig:24   | Identified the +3 rapier of Ibbepn {flame, rF++ rN+ Str-2
                  | Int+4}
201782 | Zig:24   | Identified the staff of Ublul {rElec rC+ MP+9 Str+2 Air}
201855 | Zig:24   | Identified the beast talisman of Youthful Indiscretion
                  | {rN+}
201859 | Zig:24   | Identified the +0 leather armour "Quoprish" {+Inv}
201864 | Zig:24   | Identified the +2 triple crossbow of Laceration {antimagic,
                  | Dex+3}
201955 | Zig:25   | Entered Level 25 of a ziggurat
201978 | Zig:25   | Noticed a dread lich
201983 | Zig:25   | Killed a dread lich
202316 | Zig:25   | Identified the ring "Xuxt" {rElec rPois Slay+2 Stlth+}
202317 | Zig:25   | Identified the staff of Instinct {*Corrode rF+ Will+ Int+6
                  | Fire}
202334 | Zig:25   | Identified the +5 spear "Gram" {protect, rPois}
202336 | Zig:25   | Identified the amulet "Mowegung" {Spirit +Blink Fly rCorr}
202353 | Zig:25   | Identified the staff "Umoise" {*Slow +Blink rPois Str+3
                  | Earth Poison}
202373 | Zig:26   | Entered Level 26 of a ziggurat
202383 | Zig:26   | Noticed Ometuamn's ghost (legendary OgSh)
202383 | Zig:26   | Noticed Duta's ghost (legendary FoHu)
202383 | Zig:26   | Noticed Ysol's ghost (legendary OpHW)
202385 | Zig:26   | Noticed Ometuamn's ghost (legendary OgSh)
202386 | Zig:26   | Noticed Omay's ghost (master MiFi)
202386 | Zig:26   | Noticed Nalaklye's ghost (legendary DjCA)
202387 | Zig:26   | Noticed Feuw's ghost (veteran MiBe)
202388 | Zig:26   | Noticed Bines's ghost (legendary OpSh)
202388 | Zig:26   | Noticed Ging's ghost (legendary OgFi)
202388 | Zig:26   | Noticed Ini Deriu's ghost (legendary DECj)
202388 | Zig:26   | Noticed Tejiel's ghost (legendary GrFi)
202389 | Zig:26   | Noticed Zoedwah's ghost (legendary HOMo)
202389 | Zig:26   | Noticed Ysol's ghost (legendary OpHW)
202389 | Zig:26   | Noticed Hoiham's ghost (legendary MiFi)
202389 | Zig:26   | Noticed Ussulutyn's ghost (legendary DsFi)
202389 | Zig:26   | Noticed Duta's ghost (legendary FoHu)
202389 | Zig:26   | Noticed Bines's ghost (legendary OpSh)
202394 | Zig:26   | Killed Zoedwah's ghost
202394 | Zig:26   | Killed Ysol's ghost
202395 | Zig:26   | Killed Ometuamn's ghost
202397 | Zig:26   | Killed Duta's ghost
202397 | Zig:26   | Killed Tejiel's ghost
202397 | Zig:26   | Noticed Hoiham's ghost (legendary MiFi)
202398 | Zig:26   | Killed Duta's ghost
202398 | Zig:26   | Killed Nalaklye's ghost
202398 | Zig:26   | Killed Hoiham's ghost
202398 | Zig:26   | Noticed Duta's ghost (legendary FoHu)
202398 | Zig:26   | Noticed Pixogrep's ghost (legendary OpCj)
202398 | Zig:26   | Noticed Ysol's ghost (legendary OpHW)
202399 | Zig:26   | Killed Omay's ghost
202399 | Zig:26   | Killed Feuw's ghost
202399 | Zig:26   | Killed Ging's ghost
202399 | Zig:26   | Killed Ussulutyn's ghost
202400 | Zig:26   | Killed Ini Deriu's ghost
202400 | Zig:26   | Killed Ysol's ghost
202400 | Zig:26   | Noticed Bines's ghost (legendary OpSh)
202401 | Zig:26   | Killed Ometuamn's ghost
202401 | Zig:26   | Killed Hoiham's ghost
202401 | Zig:26   | Noticed Oxtuo's ghost (legendary DECj)
202401 | Zig:26   | Noticed Bines's ghost (legendary OpSh)
202403 | Zig:26   | Killed Duta's ghost
202403 | Zig:26   | Killed Bines's ghost
202403 | Zig:26   | Killed Pixogrep's ghost
202404 | Zig:26   | Noticed Ussulutyn's ghost (legendary DsFi)
202405 | Zig:26   | Killed Ysol's ghost
202405 | Zig:26   | Killed Oxtuo's ghost
202407 | Zig:26   | Noticed Omay's ghost (master MiFi)
202407 | Zig:26   | Noticed Zoedwah's ghost (legendary HOMo)
202409 | Zig:26   | Noticed Omay's ghost (master MiFi)
202409 | Zig:26   | Noticed Ysol's ghost (legendary OpHW)
202409 | Zig:26   | Noticed Quogoet's ghost (legendary OpSh)
202410 | Zig:26   | Noticed Ussulutyn's ghost (legendary DsFi)
202416 | Zig:26   | Killed Bines's ghost
202418 | Zig:26   | Killed Ussulutyn's ghost
202420 | Zig:26   | Killed Ysol's ghost
202423 | Zig:26   | Killed Zoedwah's ghost
202425 | Zig:26   | Killed Ussulutyn's ghost
202425 | Zig:26   | Killed Quogoet's ghost
202428 | Zig:26   | Killed Omay's ghost
202433 | Zig:26   | Killed Bines's ghost
202438 | Zig:26   | Killed Omay's ghost
202444 | Zig:26   | Killed Bines's ghost
203050 | Zig:26   | Identified the +5 scimitar "Xuffu" {venom, ^Contam rF+ rC+}
203054 | Zig:26   | Identified the ring "Atonni Vadghu" {rElec Dex+6}
203064 | Zig:26   | Identified the amulet of Korhao {Reflect rElec SH+5}
203066 | Zig:26   | Identified the +1 flail of Dishonesty {holy, rF+ Dex+3}
203071 | Zig:26   | Identified the +1 hat "Arhus" {rC- Dex+4 SInv Stlth+}
203080 | Zig:26   | Identified the ring of Yfivouff {rElec rF+ Str+6 Int-2
                  | Dex+3}
203098 | Zig:26   | Identified the +3 glaive "Widowmaker" {antimagic, Fly
                  | Dex+5}
203103 | Zig:27   | Entered Level 27 of a ziggurat
203335 | Zig:27   | Identified the +1 great sword "Juimeq" {heavy, *Slow Str+9}
204002 | Coc:1    | Entered Level 1 of Cocytus
204309 | D:10     | Learned a level 8 spell: Ignition
205344 | Coc:6    | Reached skill level 15 in Throwing
205705 | Coc:7    | Entered Level 7 of Cocytus
205732 | Coc:7    | Reached skill level 27 in Air Magic
205823 | Coc:7    | Paralysed by a wendigo for 1 turns
206211 | Coc:7    | Reached skill level 27 in Earth Magic
206667 | Coc:7    | Identified the +1 buckler of Disaster {Will+}
206668 | Coc:7    | Identified the ring of the Harvest {+Blink Str+5 Int-5
                  | Dex+6}
206673 | Coc:7    | Identified the ring "Zirghunn" {*Corrode rPois rF+ Will+}
206676 | Coc:7    | Identified the amulet of Sukal {Spirit Harm rN++ Will-}
206948 | Coc:7    | Noticed Antaeus
206971 | Coc:7    | Killed Antaeus
207045 | Coc:7    | Got an icy rune of Zot
207471 | Geh:1    | Entered Level 1 of Gehenna
208752 | Geh:7    | Entered Level 7 of Gehenna
209158 | Geh:7    | Noticed the Serpent of Hell
209168 | Geh:7    | Killed the Serpent of Hell
209814 | Geh:7    | Found the +13 sceptre of Asmodeus
209814 | Geh:7    | Noticed Asmodeus
209824 | Geh:7    | Killed Asmodeus
209967 | Geh:7    | Identified the +1 rapier of the People {flame, Fly rPois
                  | rC+ Str+3}
210013 | Geh:7    | Got an obsidian rune of Zot
210538 | Tar:1    | Entered Level 1 of Tartarus
212202 | Tar:4    | Reached skill level 27 in Ice Magic
213303 | Zig:1    | Entered Level 1 of a ziggurat
213303 | Zig:1    | Noticed Vunkakoz the pandemonium lord
213305 | Zig:1    | Killed Vunkakoz the pandemonium lord
213369 | Zig:2    | Entered Level 2 of a ziggurat
213369 | Zig:2    | Noticed an ancient lich
213372 | Zig:2    | Killed an ancient lich
213428 | Zig:2    | Identified the ring "Plog" {rF+ rC- rN+ rCorr Int+2}
213441 | Zig:3    | Entered Level 3 of a ziggurat
213443 | Zig:3    | Found the ring of the Octopus King
213500 | Zig:3    | Identified a ring of the Octopus King {rC+ HP+2 AC+2 EV+2
                  | SH+2}
213516 | Zig:4    | Entered Level 4 of a ziggurat
213518 | Zig:4    | Noticed an ancient lich
213518 | Zig:4    | Noticed a dread lich
213519 | Zig:4    | Noticed an ancient lich
213522 | Zig:4    | Killed an ancient lich
213522 | Zig:4    | Killed a dread lich
213523 | Zig:4    | Killed an ancient lich
213606 | Zig:5    | Entered Level 5 of a ziggurat
213609 | Zig:5    | Noticed a dread lich
213611 | Zig:5    | Noticed an ancient lich
213614 | Zig:5    | Killed a dread lich
213614 | Zig:5    | Killed an ancient lich
213704 | Zig:5    | Identified the +1 long sword of the Exiled Curses {heavy,
                  | Str+3 Int+2 Dex-4 SInv}
213731 | Zig:6    | Entered Level 6 of a ziggurat
213734 | Zig:6    | Noticed Maatanu the pandemonium lord
213735 | Zig:6    | Noticed Nezicvics the pandemonium lord
213736 | Zig:6    | Gained mutation: You are weak. (Str -2) [a cacodemon]
213736 | Zig:6    | Noticed Teocorat the pandemonium lord
213738 | Zig:6    | Killed Nezicvics the pandemonium lord
213738 | Zig:6    | Noticed Zirrit the pandemonium lord
213741 | Zig:6    | Killed Zirrit the pandemonium lord
213745 | Zig:6    | Killed Maatanu the pandemonium lord
213748 | Zig:6    | Killed Teocorat the pandemonium lord
213869 | Zig:6    | Identified the staff of the Nurturing Gods {rPois Will-
                  | SInv Conj Tmut}
213896 | Zig:7    | Entered Level 7 of a ziggurat
213907 | Zig:7    | Reached skill level 27 in Conjurations
214061 | Zig:8    | Entered Level 8 of a ziggurat
214064 | Zig:8    | Noticed a royal mummy
214069 | Zig:8    | Noticed a royal mummy
214071 | Zig:8    | Killed a royal mummy
214072 | Zig:8    | Killed a royal mummy
214305 | Zig:9    | Entered Level 9 of a ziggurat
214314 | Zig:9    | Found the +2 Maxwell's thermic engine {flame, freeze, rev}
214411 | Zig:9    | Identified the amulet of Vosailiad {Regen+ Str+4}
214413 | Zig:9    | Identified the +3 war axe of Xiph {flame, rF- rC+ Int+4}
214483 | Zig:10   | Entered Level 10 of a ziggurat
214595 | Zig:10   | Identified the +1 scimitar of Nuuremp {drain, Will++}
214609 | Zig:10   | Identified the +6 flail of Usurping Peril {antimagic, rC+
                  | rN+}
214631 | Zig:10   | Identified the +9 spear of Dienuyn {flame, ^Fragile rPois
                  | rF+ Dex+5}
214674 | Zig:11   | Entered Level 11 of a ziggurat
214689 | Zig:11   | Found the +7 great mace "Undeadhunter" {deathbane, rN+}
214812 | Zig:11   | Identified the +10 shortbow of Evolution {elec, rCorr
                  | Int+3}
214813 | Zig:11   | Identified the amulet "Ystrupni" {Acrobat Rampage rC++
                  | Regen+ rCorr}
214825 | Zig:11   | Identified the ring "Nerphatt" {rElec AC+4 Str+2 Int+3
                  | Dex+6}
214833 | Zig:11   | Identified the +5 trident "Vugih" {venom, rF+++ rCorr Str+4
                  | Stlth-}
214845 | Zig:11   | Identified the +4 short sword of the Holding Vulture
                  | {freeze, rC- rN+ Str-3 Int+7}
214935 | Zig:12   | Entered Level 12 of a ziggurat
214941 | Zig:12   | Noticed a royal mummy
214943 | Zig:12   | Noticed a royal mummy
214945 | Zig:12   | Noticed a royal mummy
214945 | Zig:12   | Noticed a royal mummy
214946 | Zig:12   | Noticed a royal mummy
214947 | Zig:12   | Noticed a royal mummy
214948 | Zig:12   | Noticed a royal mummy
214949 | Zig:12   | Killed a royal mummy
214949 | Zig:12   | Killed a royal mummy
214949 | Zig:12   | Killed a royal mummy
214949 | Zig:12   | Killed a royal mummy
214949 | Zig:12   | Noticed a royal mummy
214950 | Zig:12   | Killed a royal mummy
214952 | Zig:12   | Killed a royal mummy
214953 | Zig:12   | Killed a royal mummy
214953 | Zig:12   | Killed a royal mummy
215174 | Zig:13   | Entered Level 13 of a ziggurat
215426 | Zig:13   | Identified the +3 mace "Oxtux" {drain, rF+ rN++}
215446 | Zig:14   | Entered Level 14 of a ziggurat
215465 | Zig:14   | Noticed Gahal the pandemonium lord
215467 | Zig:14   | Killed Gahal the pandemonium lord
215777 | Zig:14   | Identified the +6 spear "Exan" {drain, rPois Dex+4 Stlth+}
215795 | Zig:14   | Identified the +7 quarterstaff of Corpus Delicti {freeze,
                  | *Slow Str+3 Int+4 Dex+3}
216012 | Zig:15   | Entered Level 15 of a ziggurat
216320 | Zig:15   | Found the +3 Mad Mage's Maulers {Infuse+∞ VampMP -Cast}
216362 | Zig:16   | Entered Level 16 of a ziggurat
216374 | Zig:16   | Noticed an ancient lich
216375 | Zig:16   | Noticed an ancient lich
216375 | Zig:16   | Noticed an ancient lich
216375 | Zig:16   | Noticed a dread lich
216375 | Zig:16   | Noticed an ancient lich
216375 | Zig:16   | Noticed a dread lich
216375 | Zig:16   | Noticed a dread lich
216376 | Zig:16   | Killed a dread lich
216376 | Zig:16   | Noticed a dread lich
216377 | Zig:16   | Killed an ancient lich
216377 | Zig:16   | Noticed an ancient lich
216378 | Zig:16   | Noticed a dread lich
216378 | Zig:16   | Killed an ancient lich
216378 | Zig:16   | Killed an ancient lich
216378 | Zig:16   | Killed a dread lich
216378 | Zig:16   | Killed an ancient lich
216378 | Zig:16   | Killed a dread lich
216379 | Zig:16   | Noticed an ancient lich
216379 | Zig:16   | Noticed a dread lich
216380 | Zig:16   | Found the +13 scythe of Curses {drain, curses, ^Drain}
216381 | Zig:16   | Killed a dread lich
216381 | Zig:16   | Killed a dread lich
216381 | Zig:16   | Killed an ancient lich
216382 | Zig:16   | Killed a dread lich
216382 | Zig:16   | Killed an ancient lich
216524 | Zig:16   | Identified the ring of Haclaw {*Slow Dex+5 Slay+4}
216534 | Zig:16   | Identified the +7 morningstar "Kusijejo" {spect, *Rage
                  | +Blink rC+ rCorr}
216538 | Zig:16   | Identified the +4 scale mail "Mefaid" {rElec Str+3}
216543 | Zig:16   | Identified the +7 dire flail of Anxiety {elec, Will++}
216597 | Zig:17   | Entered Level 17 of a ziggurat
216616 | Zig:17   | Reached skill level 27 in Spellcasting
216622 | Zig:17   | Reached skill level 27 in Shapeshifting
216681 | Zig:17   | Identified the ring "Jukkoo" {rElec rF+}
216683 | Zig:17   | Identified the +1 pair of gloves of the Four Lovers {rPois}
216685 | Zig:17   | Identified the +9 long sword of the Realm of Zot {freeze,
                  | rElec Int+3}
216711 | Zig:17   | Identified the staff "Urchi" {rPois Dex-5 Conj Tmut Fire}
216722 | Zig:17   | Identified the ring "Icwar" {^Contam rC+ EV+5 Str+3 Int+8}
216889 | Zig:18   | Entered Level 18 of a ziggurat
216892 | Zig:18   | Noticed a dread lich
216910 | Zig:18   | Reached skill level 27 in Hexes
216927 | Zig:18   | Killed a dread lich
216928 | Zig:18   | Reached skill level 27 in Fighting
217054 | Zig:18   | Identified the +0 ring mail of Aciofe {rPois}
217096 | Zig:18   | Identified the +1 plate armour of Philately {rF+ rN+ Int+3}
217139 | Zig:18   | Identified the +0 plate armour of Seemicil {rPois rC- rN+
                  | Will++}
217211 | Zig:19   | Entered Level 19 of a ziggurat
217222 | Zig:19   | Noticed an ancient lich
217223 | Zig:19   | Noticed a dread lich
217223 | Zig:19   | Noticed a dread lich
217224 | Zig:19   | Noticed an ancient lich
217225 | Zig:19   | Noticed an ancient lich
217226 | Zig:19   | Killed an ancient lich
217226 | Zig:19   | Killed an ancient lich
217226 | Zig:19   | Killed a dread lich
217226 | Zig:19   | Killed an ancient lich
217227 | Zig:19   | Noticed a dread lich
217227 | Zig:19   | Noticed a dread lich
217228 | Zig:19   | Noticed a dread lich
217228 | Zig:19   | Noticed a dread lich
217229 | Zig:19   | Noticed an ancient lich
217230 | Zig:19   | Noticed an ancient lich
217230 | Zig:19   | Noticed a dread lich
217231 | Zig:19   | Killed a dread lich
217231 | Zig:19   | Killed an ancient lich
217232 | Zig:19   | Killed a dread lich
217232 | Zig:19   | Killed a dread lich
217232 | Zig:19   | Killed a dread lich
217232 | Zig:19   | Killed a dread lich
217232 | Zig:19   | Killed an ancient lich
217232 | Zig:19   | Killed a dread lich
217232 | Zig:19   | Noticed a dread lich
217240 | Zig:19   | Found the +3 giant club "Skullcrusher" {speed, Str+7}
217245 | Zig:19   | Killed a dread lich
217489 | Zig:20   | Entered Level 20 of a ziggurat
217786 | Zig:20   | Identified the amulet of Qiuskeec {Reflect Dex+3 SH+5}
217850 | Zig:20   | Identified the +2 chain mail of Reroluv {Fly rN++ rCorr
                  | Stlth-}
217858 | Zig:20   | Identified the +4 long sword "Fishuocu" {speed, rElec rF+
                  | Str+2}
218020 | Zig:21   | Entered Level 21 of a ziggurat
218036 | Zig:21   | Reached skill level 27 in Translocations
218054 | Zig:21   | Found the +3 robe of Clouds {*Thunder rCloud rElec}
218099 | Zig:21   | Found the +8 mithril axe "Arga" {speed, Will+}
218172 | Zig:21   | Identified the amulet "Ragedoi Baur" {RegenMP rC+ Regen+
                  | MP+9 Slay+2}
218178 | Zig:21   | Identified the +4 short sword of Prudence {vamp, rC++
                  | Will+}
218179 | Zig:21   | Identified the +3 short sword of Destruction {freeze, rC++}
218182 | Zig:21   | Identified the +17 gold dragon scales "Pejung" {rPois rF+
                  | rC+ Will++ Dex-2}
218496 | Zig:22   | Entered Level 22 of a ziggurat
218525 | Zig:22   | Reached skill level 27 in Dodging
218530 | Zig:22   | Reached skill level 27 in Evocations
218693 | Zig:22   | Identified the +6 scale mail of the Unbroken {rF+}
218727 | Zig:22   | Identified the +6 quarterstaff of the Pyrrhic Victory
                  | {venom, MP+9}
218758 | Zig:22   | Identified the amulet "Hiyrul" {RegenMP Int+2}
218835 | Zig:23   | Entered Level 23 of a ziggurat
218864 | Zig:23   | Found the -2 hat of the Alchemist {rElec rPois rF+ rC+ rN+
                  | Will+ rMut rCorr}
218866 | Zig:23   | Reached skill level 10 in Shields
218866 | Zig:23   | Found the +8 whip "Snakebite" {venom, curare, rPois}
219238 | Zig:24   | Entered Level 24 of a ziggurat
219503 | Zig:24   | Identified the +8 dire flail of the Original Sin {freeze,
                  | rN+ Will+ Stlth-}
219601 | Zig:24   | Reached skill level 27 in Necromancy
219625 | Zig:25   | Entered Level 25 of a ziggurat
219651 | Zig:25   | Reached skill level 15 in Shields
219884 | Zig:25   | Identified the amulet "Mellot" {Spirit rElec rPois}
219895 | Zig:25   | Identified the +1 trident of the Harvest {speed, rC+}
219896 | Zig:25   | Identified the +10 sling "Ceboimige" {speed, ^Drain rC+
                  | Will+ Dex+3}
219899 | Zig:25   | Identified the amulet "Vitaegh" {Faith Rampage rF+ Int+3}
219901 | Zig:25   | Identified the +0 quick blade "Xeneecy" {elec, ^Drain rPois
                  | Str+3 Dex+4}
219908 | Zig:25   | Identified the +6 war axe of Disaster {venom, *Rage rElec
                  | rC+++ rCorr}
219923 | Zig:25   | Reached skill level 10 in Summonings
220185 | Zig:26   | Entered Level 26 of a ziggurat
220221 | Zig:26   | Found the dreamshard necklace {Acrobat *Dream}
220465 | Zig:26   | Identified the +4 arbalest of Impermanence {heavy, Int+4}
220497 | Zig:26   | Identified the ring of Ybitoz {Fire Str+7 Int-5 Dex+3
                  | Slay-2}
220503 | Zig:26   | Identified the +3 falchion of Demand {flame, rF+++ Will+++
                  | Str-4 Int-4}
220514 | Zig:26   | Identified the +0 robe of Ruuratomiu {*Corrode rF++ rC+
                  | Stlth+}
220552 | Zig:26   | Identified the +11 short sword of the Hurtling Gods {flame,
                  | Int+4 Dex+4}
220673 | Zig:27   | Entered Level 27 of a ziggurat
220876 | Zig:27   | Reached skill level 15 in Summonings
220895 | Zig:27   | Reached skill level 27 in Throwing
221328 | Zig:27   | Found the +27 heavy crossbow "Sniper" {heavy, Acc+∞ SInv}
221331 | Zig:27   | Identified the staff "Vassoshunk" {Conj Necro}
221335 | Zig:27   | Identified the +4 battleaxe of Piyjucych {flame, Fly Str+2}
221355 | Zig:27   | Identified the amulet of the Morning {RegenMP Dex+2}
221369 | Zig:27   | Identified the +1 shortbow of Exquisite Death {antimagic,
                  | Will- Str+4 Int+5}
221370 | Zig:27   | Identified the ring "Xikenyas" {rPois AC+4}
221426 | D:10     | Acquired 663 gold pieces
221430 | D:10     | Acquired 689 gold pieces
221434 | D:10     | Acquired 1227 gold pieces
221438 | D:10     | Acquired 800 gold pieces
222222 | D:10     | Learned a level 5 spell: Summon Forest
222227 | Zig:1    | Entered Level 1 of a ziggurat
222279 | Zig:2    | Entered Level 2 of a ziggurat
222327 | Zig:3    | Entered Level 3 of a ziggurat
222330 | Zig:3    | Found the +3 Elemental Staff {ele, rElec rF+ rC+ AC+3}
222400 | Zig:4    | Entered Level 4 of a ziggurat
222460 | Zig:4    | Identified the ring "Fivvump" {Fire rPois rN+++ Str-5
                  | Slay-6}
222475 | Zig:5    | Entered Level 5 of a ziggurat
222533 | Zig:5    | Identified the +2 short sword "Muigho" {pain, *Rage rF++
                  | Int+7}
222576 | Zig:6    | Entered Level 6 of a ziggurat
222673 | Zig:6    | Identified the +7 broad axe of Dullness {elec, rPois}
222699 | Zig:6    | Identified the +6 battleaxe of Valuable Assets {holy, rF+
                  | rC+}
222709 | Zig:7    | Entered Level 7 of a ziggurat
222831 | Zig:7    | Identified the +1 hand axe "Goblinslayer" {spect, rC+ rN+
                  | Str-4 Dex+3 SInv}
222883 | Zig:8    | Entered Level 8 of a ziggurat
223053 | Zig:9    | Entered Level 9 of a ziggurat
223058 | Zig:9    | Noticed a royal mummy
223058 | Zig:9    | Noticed a royal mummy
223068 | Zig:9    | Killed a royal mummy
223068 | Zig:9    | Killed a royal mummy
223071 | Zig:9    | Noticed a royal mummy
223074 | Zig:9    | Killed a royal mummy
223079 | Zig:9    | Noticed a royal mummy
223083 | Zig:9    | Killed a royal mummy
223178 | Zig:9    | Found the +0 mask of the Dragon {Will+ Slay+3 SInv}
223308 | Zig:9    | Identified the ring "Plog" {rPois Dex+4}
223318 | Zig:10   | Entered Level 10 of a ziggurat
223331 | Zig:10   | Found the +3 pair of seven-league boots {Rampage+∞}
223585 | Zig:10   | Identified the ring of Ometausy {^Drain rPois Int+4 Dex+6}
223599 | Zig:11   | Entered Level 11 of a ziggurat
223829 | Zig:11   | Found the +6 lightning scales {swift, rElec}
223832 | Zig:11   | Found the ring of the Hare {EV+10}
223866 | Zig:11   | Identified the +4 dagger of Yleadum {holy, rC++ Int+4}
223948 | Zig:11   | Identified the -1 pair of boots of Sorcery {Dex+3}
223953 | Zig:11   | Identified the +19 crystal plate armour of Stoicism {Will+
                  | Regen+ MP+9}
223956 | Zig:12   | Entered Level 12 of a ziggurat
224137 | Zig:12   | Identified the +0 quarterstaff of Cuur Zes {flame, rElec
                  | Will+ MP+9 Str-5}
224146 | Zig:12   | Identified the staff of Cocytus {rElec rPois Int-3 Tmut
                  | Earth Poison}
224155 | Zig:12   | Identified the ring "Poawilog" {rN+ Int+2 SInv}
224161 | Zig:12   | Identified the +5 chain mail of the Disturbing Stories
                  | {Rampage +Blink}
224177 | Zig:13   | Entered Level 13 of a ziggurat
224196 | Zig:13   | Found the +8 frozen axe "Frostbite" {freeze, freezing
                  | cloud, *Noise Fly rC+}
224357 | Zig:13   | Identified the +1 orcbow "Tap Pass" {freeze, ^Fragile rPois
                  | rF+}
224359 | Zig:13   | Identified the staff "Eso Faru" {Fly Conj}
224364 | Zig:13   | Identified the ring "Pemacvux" {Ice Fly Int+2}
224370 | Zig:13   | Identified the +4 hand axe "Gicrueq" {drain, rF++ Int+2}
224372 | Zig:13   | Identified the staff of Cowardice {Dex+2 Conj}
224373 | Zig:13   | Identified the +0 falchion of Growth {distort, rElec Str+4}
224374 | Zig:13   | Identified the +9 falchion of Foaly {vamp, Int+3 Dex+6
                  | SInv}
224513 | Zig:14   | Entered Level 14 of a ziggurat
224532 | Zig:14   | Found the +7 mace of Variability {chaos, chaos arc}
224713 | Zig:14   | Identified the +9 plate armour of Wekh {^Drain rPois SInv
                  | Stlth+}
224715 | Zig:14   | Identified the +8 scale mail "Rufuk" {Will+}
224833 | Zig:15   | Entered Level 15 of a ziggurat
224985 | Zig:15   | Identified the ring "Efamuac" {rPois rC+ AC+4 Int+3 Dex+3}
224992 | Zig:15   | Identified the ring of Fuihit {rCorr MP+9}
224996 | Zig:15   | Identified the ring "Nisel" {rF+ rCorr Stlth+}
225154 | Zig:16   | Entered Level 16 of a ziggurat
225165 | Zig:16   | Noticed Zoedwah's ghost (legendary HOMo)
225165 | Zig:16   | Noticed Ini Deriu's ghost (legendary DECj)
225165 | Zig:16   | Noticed Coyd's ghost (legendary HOMo)
225166 | Zig:16   | Noticed Oxtuo's ghost (legendary DECj)
225166 | Zig:16   | Noticed Pixogrep's ghost (legendary OpCj)
225167 | Zig:16   | Noticed Bines's ghost (legendary OpSh)
225168 | Zig:16   | Noticed Duta's ghost (legendary FoHu)
225168 | Zig:16   | Noticed Omay's ghost (master MiFi)
225168 | Zig:16   | Noticed Nalaklye's ghost (legendary DjCA)
225170 | Zig:16   | Reached skill level 27 in Shields
225171 | Zig:16   | Noticed Bines's ghost (legendary OpSh)
225171 | Zig:16   | Noticed Ometuamn's ghost (legendary OgSh)
225171 | Zig:16   | Noticed Bines's ghost (legendary OpSh)
225171 | Zig:16   | Noticed Ini Deriu's ghost (legendary DECj)
225174 | Zig:16   | Noticed Nalaklye's ghost (legendary DjCA)
225174 | Zig:16   | Noticed Suwusiqo's ghost (legendary DjCj)
225174 | Zig:16   | Noticed Hoiham's ghost (legendary MiFi)
225174 | Zig:16   | Noticed Duta's ghost (legendary FoHu)
225174 | Zig:16   | Noticed Tejiel's ghost (legendary GrFi)
225175 | Zig:16   | Noticed Duta's ghost (legendary FoHu)
225176 | Zig:16   | Killed Ini Deriu's ghost
225177 | Zig:16   | Noticed Canwutygu's ghost (veteran MiFi)
225177 | Zig:16   | Noticed Canwutygu's ghost (veteran MiFi)
225177 | Zig:16   | Noticed Ussulutyn's ghost (legendary DsFi)
225177 | Zig:16   | Noticed Ussulutyn's ghost (legendary DsFi)
225177 | Zig:16   | Killed Hoiham's ghost
225177 | Zig:16   | Killed Tejiel's ghost
225177 | Zig:16   | Noticed Bines's ghost (legendary OpSh)
225178 | Zig:16   | Noticed Omay's ghost (master MiFi)
225179 | Zig:16   | Killed Zoedwah's ghost
225179 | Zig:16   | Killed Pixogrep's ghost
225179 | Zig:16   | Killed Coyd's ghost
225179 | Zig:16   | Killed Duta's ghost
225179 | Zig:16   | Killed Oxtuo's ghost
225179 | Zig:16   | Killed Bines's ghost
225180 | Zig:16   | Killed Bines's ghost
225180 | Zig:16   | Killed Nalaklye's ghost
225180 | Zig:16   | Killed Ini Deriu's ghost
225180 | Zig:16   | Killed Duta's ghost
225181 | Zig:16   | Killed Bines's ghost
225181 | Zig:16   | Killed Duta's ghost
225181 | Zig:16   | Killed Omay's ghost
225181 | Zig:16   | Killed Ometuamn's ghost
225181 | Zig:16   | Killed Nalaklye's ghost
225205 | Zig:16   | Killed Ussulutyn's ghost
225205 | Zig:16   | Killed Suwusiqo's ghost
225206 | Zig:16   | Killed Canwutygu's ghost
225206 | Zig:16   | Killed Canwutygu's ghost
225206 | Zig:16   | Killed Ussulutyn's ghost
225211 | Zig:16   | Killed Bines's ghost
225219 | Zig:16   | Killed Omay's ghost
225222 | Zig:16   | Found the +6 Majin-Bo {spellvamp, MP+6 Int+6}
225224 | Zig:16   | Found the +5 demon whip "Spellbinder" {antimagic, disrupt,
                  | Will+}
225433 | Zig:16   | Identified the +11 sling "Pyquen" {heavy, ^Fragile rPois
                  | rC+ Str+6}
225440 | Zig:16   | Identified the staff of Flawed Execution {^Fragile rC+
                  | Will+ Str+3 Int+3 Ice}
225450 | Zig:16   | Identified the ring "Jiaf" {+Blink Fly}
225529 | Zig:16   | Acquired 316 gold pieces
225544 | Zig:17   | Entered Level 17 of a ziggurat
225550 | Zig:17   | Noticed a royal mummy
225550 | Zig:17   | Noticed a royal mummy
225552 | Zig:17   | Noticed a royal mummy
225554 | Zig:17   | Noticed a royal mummy
225554 | Zig:17   | Noticed a royal mummy
225557 | Zig:17   | Reached skill level 27 in Summonings
225557 | Zig:17   | Reached skill level 1 in Staves
225557 | Zig:17   | Reached skill level 1 in Ranged Weapons
225557 | Zig:17   | Reached skill level 1 in Unarmed Combat
225557 | Zig:17   | Killed a royal mummy
225559 | Zig:17   | Noticed a royal mummy
225561 | Zig:17   | Killed a royal mummy
225561 | Zig:17   | Killed a royal mummy
225561 | Zig:17   | Noticed a royal mummy
225561 | Zig:17   | Noticed a royal mummy
225562 | Zig:17   | Killed a royal mummy
225562 | Zig:17   | Noticed a royal mummy
225562 | Zig:17   | Noticed a royal mummy
225563 | Zig:17   | Noticed a royal mummy
225563 | Zig:17   | Noticed a royal mummy
225564 | Zig:17   | Killed a royal mummy
225564 | Zig:17   | Killed a royal mummy
225564 | Zig:17   | Killed a royal mummy
225564 | Zig:17   | Killed a royal mummy
225564 | Zig:17   | Killed a royal mummy
225565 | Zig:17   | Killed a royal mummy
225565 | Zig:17   | Killed a royal mummy
225565 | Zig:17   | Killed a royal mummy
225567 | Zig:17   | Noticed a royal mummy
225568 | Zig:17   | Noticed a royal mummy
225568 | Zig:17   | Noticed a royal mummy
225571 | Zig:17   | Killed a royal mummy
225571 | Zig:17   | Killed a royal mummy
225571 | Zig:17   | Noticed a royal mummy
225571 | Zig:17   | Noticed a royal mummy
225576 | Zig:17   | Killed a royal mummy
225576 | Zig:17   | Killed a royal mummy
225576 | Zig:17   | Killed a royal mummy
225779 | Zig:17   | Identified the +7 great sword "Gaobliux" {protect, *Slow
                  | Int+4}
225781 | Zig:17   | Identified the +5 flail of Inquiry {flame, *Slow rElec
                  | rCorr Dex+2}
225782 | Zig:17   | Identified the ring "Iteorace" {+Blink rN+ Will+ Int-2
                  | SInv}
225933 | Zig:17   | Identified the amulet of the Jackalope {Faith rF- rC++}
226014 | Zig:18   | Entered Level 18 of a ziggurat
226029 | Zig:18   | Reached skill level 10 in Staves
226029 | Zig:18   | Reached skill level 10 in Ranged Weapons
226029 | Zig:18   | Reached skill level 10 in Unarmed Combat
226446 | Zig:18   | Identified the staff "Kopleg" {^Drain rF+++ rN+ Necro}
226472 | Zig:18   | Identified the +4 orcbow "Ronwur" {heavy, ^Fragile rPois
                  | Str+2 Dex+3}
226500 | Zig:18   | Identified the +3 tower shield "Goywogisi" {Rampage}
226545 | Zig:18   | Identified the +3 scale mail of Cauc {rPois rCorr Dex-5}
226551 | Zig:19   | Entered Level 19 of a ziggurat
226578 | Zig:19   | Reached skill level 15 in Staves
226582 | Zig:19   | Reached skill level 15 in Ranged Weapons
226586 | Zig:19   | Noticed Walule the pandemonium lord
226587 | Zig:19   | Killed Walule the pandemonium lord
226589 | Zig:19   | Found the +4 skin of Zhor {*Englaciate rC+++ SInv}
226590 | Zig:19   | Found the +7 captain's cutlass {speed, disarm}
226592 | Zig:19   | Reached skill level 15 in Unarmed Combat
226810 | Zig:19   | Identified the +3 demon blade of Vufiry {heavy, Int+3
                  | Dex+6}
226864 | Zig:19   | Identified the staff of Victory {^Drain rC+ rN+ Will- Int+6
                  | Necro}
227036 | Zig:20   | Entered Level 20 of a ziggurat
227060 | Zig:20   | Found the +16 obsidian axe {drain, demonic, Mesm ^Drain Fly
                  | SInv}
227281 | Zig:20   | Identified the +12 falchion of Gravity {vamp, *Noise rElec
                  | Str+7}
227286 | Zig:20   | Identified the ring of Zifus {Will+ rCorr Str-3 Int+8
                  | Dex+3}
227288 | Zig:20   | Upgraded the game from 0.31-a0-1227-g0136665373 to
                  | 0.31-a0-1237-gabc64e778c
227337 | Zig:20   | Identified the +4 quarterstaff of Gasyfiy {protect, Dex+3}
227465 | Zig:21   | Entered Level 21 of a ziggurat
227492 | Zig:21   | Found the +10 Black Knight's barding {ponderous, rPois rN+}
227493 | Zig:21   | Found the +4 consecrated labrys {holy, Valiant ^Fragile Fly
                  | SInv}
227700 | Zig:21   | Identified the +2 quarterstaff of Disharmony {flame, Str+2
                  | Dex+2}
227701 | Zig:21   | Identified the +5 whip "Cacempot" {antimagic, rElec rF+}
227945 | Zig:21   | Identified the +7 plate armour "Tiwni" {+Inv rElec Dex+6}
227959 | Zig:22   | Entered Level 22 of a ziggurat
227993 | Zig:22   | Killed an ancient lich
228438 | Zig:22   | Found the +3 pair of mountain boots {steadfast, rC+}
228468 | Zig:22   | Identified the ring "Gunos" {rElec rC- AC+4 Int+2 SInv}
228473 | Zig:22   | Identified the amulet of Coapt {RegenMP rElec rPois SInv}
228512 | Zig:22   | Identified the +3 leather armour of Servitude {Will+}
228525 | Zig:23   | Entered Level 23 of a ziggurat
228790 | Zig:23   | Identified the +7 rapier "Loeteo" {drain, rElec Str-4
                  | Dex+4}
228802 | Zig:23   | Identified the +9 dagger of Crusades {heavy, rC+}
228819 | Zig:23   | Identified the staff "Vukkos" {*Slow rPois rC+ rN+ Dex+2
                  | Stlth+ Poison}
228858 | Zig:23   | Acquired 609 gold pieces
228862 | Zig:23   | Identified the staff of Nolo Contendere {^Fragile rElec
                  | Will+ Str+5 Dex+3 Air}
229045 | Zig:24   | Entered Level 24 of a ziggurat
229398 | Zig:24   | Identified the +0 battleaxe "Kaurri" {holy, Str+2}
229542 | Zig:24   | Identified the +0 plate armour of Negation {Regen+ Slay+3
                  | Stlth+}
229586 | Zig:24   | Identified the +1 broad axe of Action {drain, Fly rC+
                  | Int+3}
229602 | Zig:24   | Identified the +0 chain mail "Yfegoj" {rElec rC+ Int-4
                  | SInv}
229619 | Zig:24   | Identified the staff of the Slime-mould {rElec rF+ Conj
                  | Summ}
229637 | Zig:24   | Identified the +1 ring mail of the Teaching Gods {-Cast
                  | rPois Str+2}
229642 | Zig:24   | Identified the +4 flail "Spider's Undoing" {holy, rPois rF+
                  | SInv}
229644 | Zig:24   | Identified the +3 hand cannon of the Equinox {penet, rN+++
                  | Str-4 Int+3 Dex+3}
229728 | Zig:25   | Entered Level 25 of a ziggurat
229765 | Zig:25   | Reached skill level 27 in Ranged Weapons
229768 | Zig:25   | Reached skill level 1 in Short Blades
229768 | Zig:25   | Reached skill level 1 in Axes
229768 | Zig:25   | Reached skill level 1 in Polearms
229769 | Zig:25   | Found the +7 Throatcutter {drain, coup de grace}
229770 | Zig:25   | Reached skill level 1 in Maces & Flails
229999 | Zig:25   | Identified the +1 bardiche "Yqoerhi" {elec, rElec rF++
                  | Int-2 Dex+3}
230026 | Zig:25   | Identified the ring of Wenaxept {rPois rC+ Will+ Int-4
                  | Dex+4}
230030 | Zig:25   | Reached skill level 5 in Short Blades
230030 | Zig:25   | Reached skill level 5 in Axes
230030 | Zig:25   | Reached skill level 5 in Polearms
230304 | Zig:26   | Entered Level 26 of a ziggurat
230316 | Zig:26   | Noticed a royal mummy
230318 | Zig:26   | Noticed a royal mummy
230318 | Zig:26   | Noticed a royal mummy
230321 | Zig:26   | Noticed a royal mummy
230324 | Zig:26   | Killed a royal mummy
230324 | Zig:26   | Killed a royal mummy
230325 | Zig:26   | Noticed a royal mummy
230326 | Zig:26   | Killed a royal mummy
230326 | Zig:26   | Killed a royal mummy
230327 | Zig:26   | Noticed a royal mummy
230327 | Zig:26   | Noticed a royal mummy
230327 | Zig:26   | Noticed a royal mummy
230327 | Zig:26   | Noticed a royal mummy
230327 | Zig:26   | Noticed a royal mummy
230327 | Zig:26   | Noticed a royal mummy
230327 | Zig:26   | Noticed a royal mummy
230328 | Zig:26   | Noticed a royal mummy
230328 | Zig:26   | Noticed a royal mummy
230329 | Zig:26   | Noticed a royal mummy
230330 | Zig:26   | Killed a royal mummy
230330 | Zig:26   | Killed a royal mummy
230330 | Zig:26   | Killed a royal mummy
230331 | Zig:26   | Killed a royal mummy
230331 | Zig:26   | Killed a royal mummy
230331 | Zig:26   | Killed a royal mummy
230331 | Zig:26   | Killed a royal mummy
230331 | Zig:26   | Killed a royal mummy
230331 | Zig:26   | Killed a royal mummy
230332 | Zig:26   | Reached skill level 5 in Maces & Flails
230332 | Zig:26   | Noticed a royal mummy
230332 | Zig:26   | Noticed a royal mummy
230332 | Zig:26   | Noticed a royal mummy
230333 | Zig:26   | Noticed a royal mummy
230334 | Zig:26   | Noticed a royal mummy
230334 | Zig:26   | Noticed a royal mummy
230334 | Zig:26   | Noticed a royal mummy
230336 | Zig:26   | Killed a royal mummy
230336 | Zig:26   | Killed a royal mummy
230336 | Zig:26   | Killed a royal mummy
230336 | Zig:26   | Killed a royal mummy
230336 | Zig:26   | Killed a royal mummy
230338 | Zig:26   | Killed a royal mummy
230338 | Zig:26   | Killed a royal mummy
230338 | Zig:26   | Noticed a royal mummy
230339 | Zig:26   | Noticed a royal mummy
230339 | Zig:26   | Noticed a royal mummy
230339 | Zig:26   | Killed a royal mummy
230339 | Zig:26   | Killed a royal mummy
230339 | Zig:26   | Noticed a royal mummy
230340 | Zig:26   | Killed a royal mummy
230340 | Zig:26   | Killed a royal mummy
230340 | Zig:26   | Killed a royal mummy
230341 | Zig:26   | Reached skill level 10 in Short Blades
230341 | Zig:26   | Reached skill level 27 in Staves
230341 | Zig:26   | Noticed a royal mummy
230341 | Zig:26   | Noticed a royal mummy
230342 | Zig:26   | Killed a royal mummy
230343 | Zig:26   | Reached skill level 10 in Axes
230343 | Zig:26   | Reached skill level 10 in Polearms
230343 | Zig:26   | Noticed a royal mummy
230344 | Zig:26   | Killed a royal mummy
230344 | Zig:26   | Noticed a royal mummy
230347 | Zig:26   | Noticed a royal mummy
230348 | Zig:26   | Killed a royal mummy
230348 | Zig:26   | Noticed a royal mummy
230348 | Zig:26   | Noticed a royal mummy
230349 | Zig:26   | Noticed a royal mummy
230350 | Zig:26   | Noticed a royal mummy
230351 | Zig:26   | Killed a royal mummy
230351 | Zig:26   | Killed a royal mummy
230351 | Zig:26   | Killed a royal mummy
230351 | Zig:26   | Killed a royal mummy
230351 | Zig:26   | Killed a royal mummy
230351 | Zig:26   | Killed a royal mummy
230351 | Zig:26   | Killed a royal mummy
230354 | Zig:26   | Killed a royal mummy
230355 | Zig:26   | Found the +10 zealot's sword {holy, Zealotry, *Rage rN+
                  | EV+3}
230793 | Zig:26   | Identified the staff of the Other Side {Summ Earth}
230799 | Zig:26   | Identified the +6 long sword "Qagyn" {speed, Str+4 Int+3
                  | Dex-3}
230808 | Zig:26   | Identified the staff "Oshre" {rC+ rN+ Necro}
230813 | Zig:26   | Identified the +10 double sword "Adghechisk" {spect, Int+3}
230996 | Zig:27   | Entered Level 27 of a ziggurat
231019 | Zig:27   | Reached skill level 1 in Long Blades
231033 | Zig:27   | Reached skill level 10 in Maces & Flails
231033 | Zig:27   | Reached skill level 5 in Alchemy
231036 | Zig:27   | Reached skill level 5 in Invocations
231057 | Zig:27   | Reached skill level 5 in Long Blades
231171 | Zig:27   | Identified the +7 mace of the Harvest {flame, rPois rF+ rN+
                  | Str+3}
231172 | Zig:27   | Identified the +4 great sword "Pirom" {elec, *Rage ^Fragile
                  | rElec rPois Will+++}
231174 | Zig:27   | Identified the ring of Grace {rC+ Str+3}
231200 | Zig:27   | Identified the +8 scimitar "Piyg" {antimagic, rElec SInv}
231618 | D:10     | Learned a level 3 spell: Ozocubu's Armour
231622 | D:10     | Learned a level 3 spell: Swiftness
232283 | Hell     | Reached skill level 10 in Transmutations
233476 | Tar:7    | Entered Level 7 of Tartarus
233476 | Tar:7    | Lost strength.
233511 | Tar:7    | Reached skill level 15 in Short Blades
235283 | Tar:7    | Reached skill level 15 in Polearms
235562 | Tar:7    | Noticed Ereshkigal
235566 | Tar:7    | Killed Ereshkigal
235593 | Tar:7    | Found the +3 pair of gauntlets of War {Slay+5}
235595 | Tar:7    | Identified the +0 chain mail "Udefis" {Will+ Int+2 Dex+3}
235597 | Tar:7    | Identified the +0 morningstar "Leyleew" {holy, ^Contam rF+
                  | rN++ Will+}
235600 | Tar:7    | Got a bone rune of Zot
235602 | Tar:7    | Identified the +7 trident "Vicral" {holy, rCorr Int+6}
236068 | Tar:7    | Found the +9 sword of Zonguldrok {reap}
236070 | Tar:7    | Identified the +7 dagger of Light {flame, rF+ Str-2 Dex+5}
236075 | Tar:7    | Identified the +8 arbalest "Jiderih" {drain, rF+ rC+ rN+}
237603 | D:10     | Lost mutation: You are partially covered in iridescent
                  | scales. (AC +2) [potion of mutation]
237603 | D:10     | Lost mutation: You are robust. (+10% HP) [potion of
                  | mutation]
237603 | D:10     | Gained mutation: You are strong-willed. (Will+) [potion of
                  | mutation]
237603 | D:10     | Lost mutation: You are weak. (Str -2) [potion of mutation]
237603 | D:10     | Gained mutation: You possess an exceptional clarity of
                  | mind. [potion of mutation]
237678 | D:10     | Bought a potion of haste for 210 gold pieces
237680 | Zig:1    | Entered Level 1 of a ziggurat
237714 | Zig:2    | Entered Level 2 of a ziggurat
237759 | Zig:3    | Entered Level 3 of a ziggurat
237806 | Zig:4    | Entered Level 4 of a ziggurat
237810 | Zig:4    | Noticed an ancient lich
237813 | Zig:4    | Killed an ancient lich
237881 | Zig:5    | Entered Level 5 of a ziggurat
237882 | Zig:5    | Noticed a juggernaut
237884 | Zig:5    | Noticed a juggernaut
237885 | Zig:5    | Killed a juggernaut
237886 | Zig:5    | Killed a juggernaut
237888 | Zig:5    | Noticed a juggernaut
237889 | Zig:5    | Noticed a juggernaut
237893 | Zig:5    | Killed a juggernaut
237894 | Zig:5    | Killed a juggernaut
237896 | Zig:5    | Reached skill level 10 in Alchemy
238008 | Zig:6    | Entered Level 6 of a ziggurat
238145 | Zig:6    | Identified the +1 buckler of Veteuv {rPois}
238162 | Zig:7    | Entered Level 7 of a ziggurat
238168 | Zig:7    | Reached skill level 15 in Axes
238173 | Zig:7    | Found the +9 scales of the Dragon King {rPois rF+ rC+
                  | Will+}
238229 | Zig:7    | Identified the amulet "Jutene Pyeh" {Faith Int+3}
238302 | Zig:8    | Entered Level 8 of a ziggurat
238305 | Zig:8    | Noticed a royal mummy
238305 | Zig:8    | Noticed a royal mummy
238305 | Zig:8    | Noticed a royal mummy
238306 | Zig:8    | Noticed a royal mummy
238307 | Zig:8    | Noticed a royal mummy
238309 | Zig:8    | Killed a royal mummy
238309 | Zig:8    | Killed a royal mummy
238309 | Zig:8    | Killed a royal mummy
238310 | Zig:8    | Killed a royal mummy
238310 | Zig:8    | Killed a royal mummy
238311 | Zig:8    | Reached skill level 10 in Invocations
238313 | Zig:8    | Noticed a royal mummy
238314 | Zig:8    | Noticed a royal mummy
238315 | Zig:8    | Noticed a royal mummy
238318 | Zig:8    | Killed a royal mummy
238320 | Zig:8    | Killed a royal mummy
238320 | Zig:8    | Noticed a royal mummy
238322 | Zig:8    | Killed a royal mummy
238324 | Zig:8    | Killed a royal mummy
238383 | Zig:8    | Found the +2 cloak of the Thief {*Fog Slay-2 SInv Stlth+}
238449 | Zig:8    | Identified the +3 glaive of the Jolly Brambles {heavy,
                  | *Slow rElec Int+8 Dex-3}
238462 | Zig:8    | Identified the staff "Beetle's Demise" {Fly Int+5 Earth}
238464 | Zig:8    | Identified the +4 dagger "Katyrodu" {freeze, rElec}
238498 | Zig:9    | Entered Level 9 of a ziggurat
238655 | Zig:10   | Entered Level 10 of a ziggurat
238667 | Zig:10   | Reached skill level 10 in Long Blades
238667 | Zig:10   | Paralysed by a wendigo for 1 turns
238735 | Zig:10   | Identified the +6 scale mail of Ennui {rElec rF+ Will+
                  | SInv}
238747 | Zig:10   | Identified the staff "Uxkeubb" {*Slow rC+ rN+ Necro Tloc
                  | Ice}
238749 | Zig:10   | Identified the +7 short sword of Descent {freeze, rF+
                  | Str+4}
238750 | Zig:10   | Identified the +2 spear of Acamueggi {elec, Str+3}
238754 | Zig:10   | Identified the staff of Might {rC+ rN+ Str+4 Necro}
238890 | Zig:11   | Entered Level 11 of a ziggurat
238918 | Zig:11   | Reached skill level 15 in Transmutations
238939 | Zig:11   | Identified the +5 tower shield of Activism {Rampage rN+++
                  | rCorr Stlth-}
239064 | Zig:11   | Identified the +2 long sword "Pidghobis" {protect, *Corrode
                  | rN++ SInv}
239065 | Zig:11   | Identified the staff of the End {rC+ Str+3 Ice}
239069 | Zig:11   | Identified the ring of Spite {Wiz rC+}
239076 | Zig:11   | Identified the ring "Saneh" {Will+ Int+9 Dex+2 Slay-2
                  | Stlth-}
239089 | Zig:11   | Identified the +4 spear "Xuvetiha" {holy, rC++ rCorr Int-2
                  | Stlth+}
239119 | Zig:12   | Entered Level 12 of a ziggurat
239303 | Zig:12   | Found the +7 staff of the Meek {protect, meekguard}
239332 | Zig:12   | Identified the +8 shortbow of Irritation {antimagic, Int+5}
239333 | Zig:12   | Identified the amulet "Neomego" {rElec rF- Regen+ Str+2
                  | Dex+5}
239371 | Zig:12   | Identified the +3 plate armour "Sir Zasm" {-Tele rC- rN+++}
239380 | Zig:12   | Identified the +5 chain mail of the Many Curses {rElec
                  | rPois Int+2 Dex-4}
239381 | Zig:12   | Identified the +0 pair of gloves of the Northern Lights
                  | {rC- Str+7}
239382 | Zig:12   | Identified the +3 steam dragon scales "Wubreimo" {-Cast
                  | Rampage rPois Str+6}
239395 | Zig:13   | Entered Level 13 of a ziggurat
239490 | Zig:13   | Identified the +9 spear "Xuesonab" {freeze, Int+6}
239500 | Zig:13   | Identified the +7 mace "Naveorro" {drain, rCorr}
239640 | Zig:14   | Entered Level 14 of a ziggurat
239712 | Zig:14   | Reached skill level 15 in Maces & Flails
239949 | Zig:14   | Acquired 672 gold pieces
239958 | Zig:15   | Entered Level 15 of a ziggurat
239970 | Zig:15   | Noticed a dread lich
239970 | Zig:15   | Noticed a dread lich
239970 | Zig:15   | Noticed a dread lich
239970 | Zig:15   | Noticed an ancient lich
239972 | Zig:15   | Killed a dread lich
239973 | Zig:15   | Noticed a dread lich
239973 | Zig:15   | Noticed a dread lich
239974 | Zig:15   | Killed an ancient lich
239974 | Zig:15   | Killed a dread lich
239974 | Zig:15   | Killed a dread lich
239975 | Zig:15   | Killed a dread lich
239975 | Zig:15   | Killed a dread lich
239975 | Zig:15   | Noticed an ancient lich
239976 | Zig:15   | Reached skill level 15 in Alchemy
239976 | Zig:15   | Noticed an ancient lich
239976 | Zig:15   | Noticed a dread lich
239976 | Zig:15   | Noticed a dread lich
239976 | Zig:15   | Noticed an ancient lich
239977 | Zig:15   | Noticed a dread lich
239977 | Zig:15   | Noticed an ancient lich
239978 | Zig:15   | Noticed a dread lich
239978 | Zig:15   | Noticed a dread lich
239979 | Zig:15   | Noticed an ancient lich
239979 | Zig:15   | Killed a dread lich
239980 | Zig:15   | Reached skill level 27 in Unarmed Combat
239980 | Zig:15   | Killed an ancient lich
239980 | Zig:15   | Killed an ancient lich
239980 | Zig:15   | Killed an ancient lich
239980 | Zig:15   | Killed a dread lich
239980 | Zig:15   | Killed a dread lich
239980 | Zig:15   | Killed an ancient lich
239980 | Zig:15   | Killed a dread lich
239980 | Zig:15   | Killed a dread lich
239980 | Zig:15   | Killed an ancient lich
240049 | Zig:15   | Identified the staff of Besimp {^Drain rF+++ rC+ rCorr Ice
                  | Earth}
240058 | Zig:15   | Identified the amulet "Jirosoac" {RegenMP Rampage rCorr
                  | Stlth+}
240061 | Zig:15   | Identified the ring "Table" {rElec rCorr MP-9 Int+6}
240065 | Zig:15   | Identified the +1 double sword of Peril {holy, rN+}
240073 | Zig:15   | Identified the +9 spear of the Bruised Quests {venom, rF++
                  | Int-4 Stlth+}
240156 | Zig:15   | Identified the +2 glaive "Jem Ynus" {freeze, rPois Int-4
                  | Stlth+}
240207 | Zig:16   | Entered Level 16 of a ziggurat
240233 | Zig:16   | Reached skill level 15 in Invocations
240369 | Zig:16   | Identified the +10 trident of Zaana {freeze, Stlth+}
240437 | Zig:16   | Identified the amulet of Ymovug {Reflect Dex+3 SH+5}
240459 | Zig:16   | Identified the +7 bardiche "Voitt" {vamp, *Corrode ^Fragile
                  | rElec Will+++ Dex+3}
240468 | Zig:16   | Identified the +1 ring mail of Dithmenos's Supremacy
                  | {Rampage Str-4 Int+3 Dex+3}
240470 | Zig:16   | Identified the +2 mace of Recklessness {drain, rPois rF+
                  | rCorr}
240534 | Zig:17   | Entered Level 17 of a ziggurat
240645 | Zig:17   | Found the +8 longbow "Zephyr" {speed, Dex+3 SInv}
240674 | Zig:17   | Identified the +10 falchion of Sloth {freeze, rC+}
240681 | Zig:17   | Identified the +4 morningstar of Kismet {freeze, Dex+3}
240915 | Zig:18   | Entered Level 18 of a ziggurat
240944 | Zig:18   | Reached skill level 15 in Long Blades
241196 | Zig:18   | Identified the +4 sling "Gexoiwka" {heavy, Will+ rCorr}
241200 | Zig:18   | Identified the amulet "Atylic" {Faith +Blink Dex+5}
241338 | Zig:19   | Entered Level 19 of a ziggurat
241343 | Zig:19   | Noticed a juggernaut
241346 | Zig:19   | Noticed a juggernaut
241349 | Zig:19   | Noticed a juggernaut
241350 | Zig:19   | Noticed a juggernaut
241350 | Zig:19   | Noticed a juggernaut
241350 | Zig:19   | Noticed a juggernaut
241351 | Zig:19   | Noticed a juggernaut
241354 | Zig:19   | Killed a juggernaut
241354 | Zig:19   | Killed a juggernaut
241354 | Zig:19   | Killed a juggernaut
241354 | Zig:19   | Killed a juggernaut
241354 | Zig:19   | Killed a juggernaut
241355 | Zig:19   | Noticed a juggernaut
241356 | Zig:19   | Killed a juggernaut
241359 | Zig:19   | Killed a juggernaut
241359 | Zig:19   | Noticed a juggernaut
241367 | Zig:19   | Killed a juggernaut
241372 | Zig:19   | Killed a juggernaut
241449 | Zig:19   | Identified the ring of Music {Ice rPois Will+}
241843 | Zig:20   | Entered Level 20 of a ziggurat
241870 | Zig:20   | Found the +5 robe of Night {Dark Will+ SInv}
242093 | Zig:20   | Identified the +2 arbalest "Daikhlu" {speed, rN+ Int+3}
242135 | Zig:20   | Identified the +3 spear of World's End {freeze, rF+ rCorr
                  | Str+2 Stlth+}
242142 | Zig:20   | Identified the ring of Immorality {rN+ Will+ rCorr Stlth-}
242150 | Zig:20   | Identified the +2 war axe "Yshem" {vamp, rF+ Str+2}
242228 | Zig:21   | Entered Level 21 of a ziggurat
242321 | Zig:21   | Identified the +0 buckler of Evaettar {rN+ Str+3 Int+3
                  | Slay+4}
242322 | Zig:21   | Identified the +3 war axe "Qauxt" {flame, Fly Will- rCorr}
242342 | Zig:21   | Identified the +1 rapier "Uluzxoh" {freeze, Int+4 Dex-5
                  | Stlth+}
242350 | Zig:21   | Identified the +2 war axe of the Shining Light {venom,
                  | Dex+4}
242687 | Zig:22   | Entered Level 22 of a ziggurat
242701 | Zig:22   | Noticed a juggernaut
242706 | Zig:22   | Noticed a juggernaut
242707 | Zig:22   | Noticed a juggernaut
242708 | Zig:22   | Noticed a juggernaut
242708 | Zig:22   | Noticed a juggernaut
242709 | Zig:22   | Noticed a juggernaut
242709 | Zig:22   | Noticed a juggernaut
242710 | Zig:22   | Killed a juggernaut
242710 | Zig:22   | Killed a juggernaut
242710 | Zig:22   | Noticed a juggernaut
242711 | Zig:22   | Noticed a juggernaut
242711 | Zig:22   | Killed a juggernaut
242714 | Zig:22   | Noticed a juggernaut
242715 | Zig:22   | Killed a juggernaut
242715 | Zig:22   | Killed a juggernaut
242715 | Zig:22   | Killed a juggernaut
242715 | Zig:22   | Killed a juggernaut
242717 | Zig:22   | Noticed a juggernaut
242717 | Zig:22   | Noticed a juggernaut
242718 | Zig:22   | Killed a juggernaut
242718 | Zig:22   | Killed a juggernaut
242720 | Zig:22   | Killed a juggernaut
242721 | Zig:22   | Killed a juggernaut
242722 | Zig:22   | Killed a juggernaut
243022 | Zig:22   | Identified the +0 sling "Caype" {antimagic, *Corrode rC++
                  | Str+2}
243055 | Zig:22   | Identified the +0 troll leather armour "Tunoqur" {^Drain
                  | Regen+ Str+8 Dex+6 Stlth-}
243088 | Zig:22   | Identified the staff of the Onslaught {*Corrode rElec rC+
                  | Str+3 Ice}
243095 | Zig:22   | Identified the +1 scimitar of Prudence {heavy, rF++ Will-
                  | Int+4}
243271 | Zig:23   | Entered Level 23 of a ziggurat
243372 | Zig:23   | Identified the +1 quarterstaff of Dim Light {elec, rN+}
243378 | Zig:23   | Identified the +3 hand axe of the Present {protect, rElec
                  | rC+}
243396 | Zig:23   | Identified the +0 chain mail of the Curupira {^Drain rPois
                  | rN++ SInv}
243717 | Zig:24   | Entered Level 24 of a ziggurat
244121 | Zig:24   | Identified the +7 long sword of Accord {flame, Will+}
244137 | Zig:24   | Identified the +2 robe of Indomitability {Rampage}
244140 | Zig:24   | Identified the staff of the Other Side {rC+ Dex+3 Ice}
244252 | Zig:25   | Entered Level 25 of a ziggurat
244379 | Zig:25   | Identified the +8 mace of Awnak {holy, Int+5}
244433 | Zig:25   | Identified the +4 great mace "Utohasipn" {holy, rElec rN+++
                  | Str-5 Dex-4}
244817 | Zig:26   | Entered Level 26 of a ziggurat
245244 | Zig:26   | Found the +8 orange crystal plate armour {Archmagi, Int+3
                  | Clar}
245245 | Zig:26   | Identified the amulet of Cufeots {RegenMP rC- Dex+4}
245248 | Zig:26   | Identified the +11 sling "Eklir" {freeze, rF+++ rN+ Int-3
                  | SInv}
245255 | Zig:26   | Identified the +3 dagger of Action {elec, Str+4 Dex-3}
245422 | Zig:26   | Identified the +1 robe of Terror {Harm Stlth+ Archmagi}
245434 | Zig:27   | Entered Level 27 of a ziggurat
245521 | Zig:27   | Identified the staff of Destiny {*Corrode rPois rF+ Conj
                  | Hexes}
245526 | Zig:27   | Identified the amulet of Creativity {rF+ rC- Regen+ Stlth+}
245537 | Zig:27   | Identified the staff of Dust {rElec Earth}
245553 | Zig:27   | Identified the +10 scimitar "Baacuojo" {freeze, Will+
                  | Stlth+}
245555 | Zig:27   | Identified the amulet "Joleuqirghu" {^Contam Regen+ Slay+3
                  | SInv}
245566 | Zig:27   | Identified the +9 short sword of Defiance {holy, Dex+3}
245870 | Zig:27   | Identified the ring "Alus" {Fire Will++ Dex-5}
245872 | Zig:27   | Identified the +5 robe of Moral Flaws {rPois}
246192 | Lair:5   | Voluntarily entered the Abyss.
246480 | Abyss:2  | Noticed an ancient lich
246483 | Abyss:2  | Killed an ancient lich
246808 | Abyss:2  | Found a corrupted altar of Lugonu.
246877 | Abyss:2  | Found a corrupted altar of Lugonu.
246893 | Abyss:2  | Found a corrupted altar of Lugonu.
247055 | Abyss:2  | Found a corrupted altar of Lugonu.
247069 | Abyss:2  | Found a corrupted altar of Lugonu.
247069 | Abyss:2  | Found a corrupted altar of Lugonu.
247090 | Abyss:2  | Found a corrupted altar of Lugonu.
247100 | Abyss:2  | Found a corrupted altar of Lugonu.
247100 | Abyss:2  | Found a corrupted altar of Lugonu.
247140 | Abyss:2  | Noticed a dread lich
247142 | Abyss:2  | Killed a dread lich
247190 | Abyss:2  | Found a corrupted altar of Lugonu.
247194 | Abyss:2  | Found a corrupted altar of Lugonu.
247194 | Abyss:2  | Found a corrupted altar of Lugonu.
247387 | Abyss:4  | Got an abyssal rune of Zot
247403 | Lair:5   | Escaped the Abyss
247444 | Lair:5   | Voluntarily entered the Abyss.
247444 | Abyss:4  | Found a corrupted altar of Lugonu.
247608 | Lair:5   | Escaped the Abyss
247909 | Pan      | Entered Pandemonium
248128 | Pan      | Noticed Efuaj the pandemonium lord
248133 | Pan      | Killed Efuaj the pandemonium lord
248932 | Pan      | Noticed Zoeleiff the pandemonium lord
248942 | Pan      | Killed Zoeleiff the pandemonium lord
250102 | Pan      | Entered the realm of Lom Lobon.
251512 | Pan      | Noticed Lom Lobon
251523 | Pan      | Killed Lom Lobon
251530 | Pan      | Got a magical rune of Zot
251843 | Pan      | Entered the realm of Mnoleg.
251997 | Pan      | Reached skill level 27 in Short Blades
252662 | Pan      | Noticed Mnoleg
252666 | Pan      | Killed Mnoleg
252667 | Pan      | Reached skill level 27 in Axes
253077 | Pan      | Got a glowing rune of Zot
253102 | Pan      | Identified the +0 helmet of the Vaults {rF+ MP+9}
254273 | Pan      | Noticed Iboras the pandemonium lord
254277 | Pan      | Killed Iboras the pandemonium lord
255101 | Pan      | Noticed Yxzichu the pandemonium lord
255105 | Pan      | Killed Yxzichu the pandemonium lord
256281 | Pan      | Noticed Pocabb the pandemonium lord
256294 | Pan      | Killed Pocabb the pandemonium lord
256542 | Pan      | Identified the ring of Truth {rF+ rN+++ Will- Int+3 Stlth+}
257087 | Pan      | Entered the realm of Cerebov.
257153 | Pan      | Reached skill level 27 in Alchemy
257620 | Pan      | Identified the +4 scimitar of Disembowelment {pain, Stlth+}
257786 | Pan      | Identified the +5 glaive of Vengeance {freeze, rF++ rC-
                  | Int+4}
257859 | Pan      | Identified the staff "Arcanum" {rPois rF+ Stlth+ Fire
                  | Earth}
257876 | Pan      | Identified the +4 short sword of ooooo's Certain Death
                  | {speed, rC- rN+++ Will- Dex+7}
258002 | Pan      | Identified the amulet "Iclafar" {Faith MP-9 Str+4}
258100 | Pan      | Found the +6 sword of Cerebov {flame}
258100 | Pan      | Noticed Cerebov
258123 | Pan      | Killed Cerebov
258141 | Pan      | Got a fiery rune of Zot
258150 | Pan      | Identified the +5 spear "Ygayxzosk" {heavy, rN++ Will-
                  | Dex+5}
258151 | Pan      | Identified the staff of Unpleasantness {rPois Will- Conj
                  | Ice Poison}
258347 | Pan      | Reached skill level 27 in Invocations
258471 | Pan      | Noticed Soryt the pandemonium lord
258476 | Pan      | Killed Soryt the pandemonium lord
258761 | Pan      | Found an exit through the horrors of the Abyss.
258973 | Pan      | Identified the ring of Labad {rN+ Str+6}
259316 | Orc:2    | Escaped Pandemonium
259586 | Pan      | Entered the realm of Gloorx Vloq.
259586 | Pan      | Entered Pandemonium
259586 | Pan      | Found an exit through the horrors of the Abyss.
261236 | Pan      | Noticed Gloorx Vloq
261253 | Pan      | Killed Gloorx Vloq
261339 | Pan      | Got a dark rune of Zot
261629 | Pan      | Noticed Biqudyc the pandemonium lord
261644 | Pan      | Killed Biqudyc the pandemonium lord
261645 | Pan      | Reached skill level 27 in Polearms
261759 | Pan      | Found an exit through the horrors of the Abyss.
262277 | Pan      | Noticed Penyel the pandemonium lord
262285 | Pan      | Killed Penyel the pandemonium lord
262408 | Pan      | Noticed Mennas
262428 | Pan      | Killed Mennas
262635 | Pan      | Found an exit through the horrors of the Abyss.
262735 | Pan      | Got a demonic rune of Zot
263420 | Pan      | Noticed Maag the pandemonium lord
263424 | Pan      | Killed Maag the pandemonium lord
263430 | Pan      | Found an exit through the horrors of the Abyss.
264569 | Pan      | Reached skill level 27 in Transmutations
264601 | Pan      | Found an exit through the horrors of the Abyss.
264728 | Pan      | Found a runed translucent door.
264985 | Pan      | Noticed Juelauf the pandemonium lord
264991 | Pan      | Killed Juelauf the pandemonium lord
264994 | Pan      | Reached skill level 27 in Maces & Flails
265297 | Pan      | Took an exit into the Abyss.
265297 | Abyss:4  | Escaped into the Abyss
265340 | Orc:2    | Escaped the Abyss
265533 | Zig:1    | Entered Level 1 of a ziggurat
265576 | Zig:2    | Entered Level 2 of a ziggurat
265629 | Zig:3    | Entered Level 3 of a ziggurat
265630 | Zig:3    | Noticed an ancient lich
265632 | Zig:3    | Noticed an ancient lich
265633 | Zig:3    | Killed an ancient lich
265634 | Zig:3    | Reached skill level 27 in Long Blades
265634 | Zig:3    | Killed an ancient lich
265698 | Zig:4    | Entered Level 4 of a ziggurat
265698 | Zig:4    | Noticed an ancient lich
265698 | Zig:4    | Noticed a dread lich
265699 | Zig:4    | Noticed a dread lich
265700 | Zig:4    | Killed an ancient lich
265701 | Zig:4    | Noticed a dread lich
265701 | Zig:4    | Killed a dread lich
265701 | Zig:4    | Killed a dread lich
265702 | Zig:4    | Noticed a dread lich
265705 | Zig:4    | Killed a dread lich
265760 | Zig:4    | Identified the +5 lajatang "Muxtuidd" {freeze, Str+5}
265764 | Zig:4    | Identified the +5 barding "Pabiboyxye" {rN++ Stlth+}
265802 | Zig:5    | Entered Level 5 of a ziggurat
265911 | Zig:6    | Entered Level 6 of a ziggurat
265914 | Zig:6    | Noticed Jeavas the pandemonium lord
265914 | Zig:6    | Noticed Eblu the pandemonium lord
265914 | Zig:6    | Noticed Niuwabits the pandemonium lord
265915 | Zig:6    | Noticed Zixig the pandemonium lord
265916 | Zig:6    | Noticed Supteguu the pandemonium lord
265916 | Zig:6    | Noticed Putogeck the pandemonium lord
265918 | Zig:6    | Killed Eblu the pandemonium lord
265920 | Zig:6    | Noticed Paodihen the pandemonium lord
265925 | Zig:6    | Noticed Fabbemoc the pandemonium lord
265929 | Zig:6    | Killed Jeavas the pandemonium lord
265934 | Zig:6    | Killed Paodihen the pandemonium lord
265935 | Zig:6    | Killed Niuwabits the pandemonium lord
265936 | Zig:6    | Killed Putogeck the pandemonium lord
265944 | Zig:6    | Killed Zixig the pandemonium lord
265945 | Zig:6    | Killed Fabbemoc the pandemonium lord
265946 | Zig:6    | Killed Supteguu the pandemonium lord
266023 | Zig:6    | Identified the ring of Iwimu {rElec Will+ Int+4}
266071 | Zig:7    | Entered Level 7 of a ziggurat
266071 | Zig:7    | Noticed a juggernaut
266071 | Zig:7    | Noticed a juggernaut
266073 | Zig:7    | Killed a juggernaut
266079 | Zig:7    | Killed a juggernaut
266080 | Zig:7    | Found the amulet of Elemental Vulnerability {rPois rF--
                  | rC-- AC+8}
266124 | Zig:7    | Identified the +0 great mace of Wrongful Imprisonment
                  | {flame, rPois rF+ rN+}
266275 | Zig:8    | Entered Level 8 of a ziggurat
266432 | Zig:9    | Entered Level 9 of a ziggurat
266480 | Zig:9    | Identified the ring of the Princess {AC+4 Int+3}
266707 | Zig:10   | Entered Level 10 of a ziggurat
266906 | Zig:10   | Identified the +4 pair of gloves of Hide-and-Seek {Slay+2}
266951 | Zig:11   | Entered Level 11 of a ziggurat
266951 | Zig:11   | Noticed a royal mummy
266951 | Zig:11   | Noticed a royal mummy
266951 | Zig:11   | Noticed a royal mummy
266951 | Zig:11   | Noticed a royal mummy
266951 | Zig:11   | Noticed a royal mummy
266953 | Zig:11   | Killed a royal mummy
266954 | Zig:11   | Killed a royal mummy
266955 | Zig:11   | Killed a royal mummy
266955 | Zig:11   | Killed a royal mummy
266955 | Zig:11   | Killed a royal mummy
266955 | Zig:11   | Noticed a royal mummy
266956 | Zig:11   | Noticed a royal mummy
266957 | Zig:11   | Noticed a royal mummy
266957 | Zig:11   | Noticed a royal mummy
266957 | Zig:11   | Noticed a royal mummy
266960 | Zig:11   | Noticed a royal mummy
266960 | Zig:11   | Killed a royal mummy
266960 | Zig:11   | Killed a royal mummy
266961 | Zig:11   | Killed a royal mummy
266961 | Zig:11   | Killed a royal mummy
266961 | Zig:11   | Noticed a royal mummy
266961 | Zig:11   | Killed a royal mummy
266962 | Zig:11   | Noticed a royal mummy
266962 | Zig:11   | Killed a royal mummy
266963 | Zig:11   | Noticed a royal mummy
266963 | Zig:11   | Noticed a royal mummy
266964 | Zig:11   | Killed a royal mummy
266965 | Zig:11   | Noticed a royal mummy
266967 | Zig:11   | Killed a royal mummy
266968 | Zig:11   | Killed a royal mummy
266971 | Zig:11   | Killed a royal mummy
266971 | Zig:11   | Killed a royal mummy
267206 | Zig:11   | Identified the staff of the Ghostly God {^Drain rElec rPois
                  | rCorr Int-3 Dex+4 Conj}
267209 | Zig:11   | Identified the staff "Ihynesmowk" {rC+ Hexes Ice}
267212 | Zig:11   | Identified the +3 broad axe of Calculation {spect, rElec
                  | Int+4}
267238 | Zig:12   | Entered Level 12 of a ziggurat
267362 | Zig:12   | Identified the +6 spear of Woggyn {spect, Str-5 Int+3 SInv}
267364 | Zig:12   | Identified the +3 ring mail of the Pink Corner {rF++ Str+5}
267385 | Zig:12   | Identified the +10 trident of Faxei {flame, rElec rN+}
267396 | Zig:12   | Identified the amulet "Utejuw" {Faith Harm Regen+ Int-4}
267407 | Zig:12   | Identified the ring of Fadgheuhe {Fly rCorr Dex+4}
267468 | Zig:13   | Entered Level 13 of a ziggurat
267565 | Zig:13   | Identified the +6 hand axe "Laff" {flame, rF+ Str+4 Int-2}
267566 | Zig:13   | Identified the staff "Kuigrout" {rC+ Will+ Conj}
267601 | Zig:13   | Identified the ring of the Failed Coup {Wiz rElec Str+2}
267702 | Zig:14   | Entered Level 14 of a ziggurat
267720 | Zig:14   | Found the +1 robe of Vines {NoPotionHeal Regen++++}
267928 | Zig:14   | Identified the +7 halberd "Xievug" {freeze, rF+ rC- Str+3}
267930 | Zig:14   | Identified the +1 great mace of Exquisite Torment {venom,
                  | ^Contam rC+ rN+ Dex-2 SInv}
267934 | Zig:14   | Identified the +10 plate armour "Lyphodghu" {Int+2 SInv}
267965 | Zig:15   | Entered Level 15 of a ziggurat
268033 | Zig:15   | Identified the +8 great mace "Mifeorpharoe" {venom, rPois
                  | rCorr Str-4 Dex+5}
268265 | Zig:16   | Entered Level 16 of a ziggurat
268482 | Zig:16   | Identified the staff of Oshrerr {rN+ Str+2 Hexes Necro}
268494 | Zig:16   | Identified the +1 flail of Extinguishment {flame, Int+4}
268522 | Zig:16   | Identified the ring of Ybbibusy {Wiz rPois rN+ Stlth+}
268531 | Zig:16   | Identified the +0 robe of Weirdness {Str+3}
268545 | Zig:16   | Identified the ring of Ru's Whim {*Corrode rPois EV+5
                  | Dex+4}
268593 | Zig:17   | Entered Level 17 of a ziggurat
268628 | Zig:17   | Found the +9 staff of Olgreb {rPois∞}
268734 | Zig:17   | Identified the ring "Buxuluah" {Will+ Str+2 SInv Stlth-}
268865 | Zig:17   | Identified the +8 demon blade of Hinu {flame, rC+ MP-9
                  | Int+5}
268872 | Zig:17   | Identified the staff "Murammon" {^Contam rC+ Will+++ Str+4
                  | Ice}
268969 | Zig:17   | Identified the +2 scale mail of the Bruised Princes {MP-9
                  | Str+7 Int+4}
268973 | Zig:17   | Identified the +5 falchion "Unku" {antimagic, rCorr}
268985 | Zig:17   | Identified the +3 leather armour "Put-Me-On" {rElec rPois
                  | Str+2 Int-5}
268991 | Zig:18   | Entered Level 18 of a ziggurat
269261 | Zig:18   | Identified the +12 orcbow of Qihory {drain, ^Fragile rElec
                  | rC+ Str+3}
269283 | Zig:18   | Identified the +8 glaive of Ymothath {freeze, rElec rPois
                  | rF- Will++}
269340 | Zig:19   | Entered Level 19 of a ziggurat
269358 | Zig:19   | Found the necklace of Bloodlust {Fury *Rage Will++ Int-3
                  | Slay+6}
269359 | Zig:19   | Found the +8 Vampire's Tooth {megavamp}
269430 | Zig:19   | Identified the +9 great sword "Plojy" {heavy, *Noise rPois
                  | Dex+5}
269441 | Zig:19   | Identified the +0 helmet of Action {Harm rElec Int+3 Dex+3
                  | Slay+3}
269760 | Zig:20   | Entered Level 20 of a ziggurat
269773 | Zig:20   | Found the +3 greatsling "Punk" {acid, rCorr}
269775 | Zig:20   | Found the ring of the Octopus King
270005 | Zig:20   | Identified the amulet of Sanel {rC+ Regen+}
270017 | Zig:20   | Identified the ring "Idadi" {rF++ rN+ Str+6 Int-2}
270019 | Zig:20   | Identified the +7 war axe of the Pits of Slime {spect, rN+}
270025 | Zig:20   | Identified the +1 scale mail of the Fife {Str+2 Int+3}
270045 | Zig:20   | Identified the +1 arbalest of Evil {freeze, ^Contam rPois
                  | rC+++ Int+2}
270051 | Zig:20   | Identified the amulet of Vuce {Regen+ Str+3}
270057 | Zig:20   | Identified the ring of Gluttony {*Slow rC+ Will+++ Int-2
                  | Slay+4 Stlth+}
270059 | Zig:20   | Identified the +1 halberd "Ruadeb" {freeze, rCorr Str+2
                  | Dex-2}
270063 | Zig:20   | Identified the +6 long sword of Triumph {flame, rC+ rN+
                  | SInv Stlth+}
270067 | Zig:20   | Identified the +2 robe of Lethargy {Int+2}
270085 | Zig:20   | Identified a ring of the Octopus King {HP+2 AC+2 EV+2 SH+2
                  | SInv}
270158 | Zig:21   | Entered Level 21 of a ziggurat
270176 | Zig:21   | Found the +8 trishula "Condemnation" {holy, anguish, *Noise
                  | Fly rN+}
270212 | Zig:21   | Identified the +1 pair of gloves of the Moon {Dex+3}
270214 | Zig:21   | Identified the +8 whip of the Scroll {elec, Str+3}
270218 | Zig:21   | Identified the ring "Rireycusch" {rN+ Str+7 Dex+6}
270236 | Zig:21   | Identified the +4 hand cannon "Venkoddu" {flame, rCorr
                  | Int+2 Dex+5}
270247 | Zig:21   | Identified the +0 ring mail "Tithrassi" {rF+ rC+ Regen+
                  | Str-5}
270255 | Zig:21   | Identified the +2 chain mail "Rutho" {rF+ Dex+3}
270259 | Zig:21   | Identified the +7 scimitar "Revi Dukk" {flame, rF+ Int+2}
270264 | Zig:21   | Identified the +0 pair of boots of Hebbu {rPois rN++ Int+3
                  | Dex-3}
270268 | Zig:21   | Identified the ring of Ruqoj {Will- MP+9 Str+6 Int+8
                  | Slay+2}
270677 | Zig:22   | Entered Level 22 of a ziggurat
270685 | Zig:22   | Noticed an ancient lich
270687 | Zig:22   | Killed an ancient lich
271011 | Zig:22   | Identified the staff "Tema Dukk" {rElec Conj Hexes Tmut
                  | Air}
271024 | Zig:22   | Identified the +3 broad axe "Worm's Wrath" {vamp, rElec
                  | rCorr}
271026 | Zig:22   | Identified the amulet "Neicw" {Reflect Int+2 Dex+2 SH+5}
271033 | Zig:22   | Identified the staff of Makhleb's Generosity {*Corrode
                  | Str+7 Necro Earth}
271036 | Zig:22   | Identified the +2 hand axe "Laomi" {flame, rF+ Will+}
271064 | Zig:23   | Entered Level 23 of a ziggurat
271093 | Zig:23   | Found the macabre finger necklace {Finger+ rN+}
271094 | Zig:23   | Found the ring of the Octopus King
271121 | Zig:23   | Identified the +2 troll leather armour "Fuzev" {Regen+
                  | Int+5}
271123 | Zig:23   | Identified the death talisman of the Harp {rF+}
271127 | Zig:23   | Identified the ring of Ewefoywi {Ice rN++}
271133 | Zig:23   | Identified the +1 troll leather armour of Sin {rN+ Will++
                  | Regen+}
271135 | Zig:23   | Identified a ring of the Octopus King {rF+ HP+2 AC+2 EV+2
                  | SH+2}
271296 | Zig:23   | Identified the maw talisman of Anarchy {rPois Will+ MP-9
                  | Int+6}
271299 | Zig:23   | Identified the +10 great sword of Scorn {heavy, ^Contam
                  | ^Fragile rPois MP+9}
271310 | Zig:23   | Identified the +2 war axe of Vossij {antimagic, rC+}
271333 | Zig:23   | Identified the +6 war axe "Zaywoets" {speed, Int+3}
271334 | Zig:23   | Identified the +5 glaive of Yredelemnul's Scorn {antimagic,
                  | rN+ Dex+4}
271335 | Zig:23   | Identified the +1 spear of Disorder {holy, rElec rCorr
                  | Str-3}
271507 | Zig:24   | Entered Level 24 of a ziggurat
271527 | Zig:24   | Found the +4 robe of Augmentation {Str+4 Int+4 Dex+4}
272041 | Zig:24   | Identified the +9 sling of Dithmenos, Enfolding {speed,
                  | Int+5}
272070 | Zig:24   | Identified the ring of the Oligarchy {Will+ Dex+3 Slay+3}
272072 | Zig:24   | Identified the staff of Change {Conj Tloc}
272135 | Zig:25   | Entered Level 25 of a ziggurat
272154 | Zig:25   | Found the +8 storm bow {elec, penet}
272250 | Zig:25   | Identified the +6 broad axe "Foonosuj" {speed, ^Drain rPois
                  | MP+9 SInv}
272270 | Zig:25   | Identified the ring "Unty" {Fire Str+3}
272401 | Zig:25   | Identified the +0 plate armour of Zuitzuim {Str+5}
272407 | Zig:25   | Identified the +0 shortbow of Certain Death {speed,
                  | *Corrode rC++ Str+3 Int+3}
272427 | Zig:25   | Identified the +1 leather armour "Wejixkuo" {Harm Dex+3}
272439 | Zig:25   | Identified the +0 spear of the Two Names {elec, *Rage rPois
                  | rN+}
272441 | Zig:25   | Identified the amulet "Iniquez" {Acrobat Str+4}
272448 | Zig:25   | Identified the +5 lajatang of the Aged Spirits {chaos,
                  | Int+2}
272695 | Zig:25   | Acquired 1010 gold pieces
272747 | Zig:26   | Entered Level 26 of a ziggurat
272754 | Zig:26   | Noticed Suwusiqo's ghost (legendary DjCj)
272754 | Zig:26   | Noticed Canwutygu's ghost (veteran MiFi)
272754 | Zig:26   | Noticed Duta's ghost (legendary FoHu)
272754 | Zig:26   | Noticed Tejiel's ghost (legendary GrFi)
272755 | Zig:26   | Noticed Tejiel's ghost (legendary GrFi)
272755 | Zig:26   | Noticed Feuw's ghost (veteran MiBe)
272755 | Zig:26   | Noticed Pixogrep's ghost (legendary OpCj)
272755 | Zig:26   | Noticed Ysol's ghost (legendary OpHW)
272756 | Zig:26   | Noticed Beoskaaj's ghost (legendary DEFE)
272756 | Zig:26   | Noticed Feuw's ghost (veteran MiBe)
272757 | Zig:26   | Noticed Ometuamn's ghost (legendary OgSh)
272758 | Zig:26   | Noticed Omay's ghost (master MiFi)
272759 | Zig:26   | Killed Tejiel's ghost
272759 | Zig:26   | Noticed Bines's ghost (legendary OpSh)
272759 | Zig:26   | Noticed Zoedwah's ghost (legendary HOMo)
272759 | Zig:26   | Killed Ysol's ghost
272760 | Zig:26   | Noticed Omay's ghost (master MiFi)
272760 | Zig:26   | Noticed Zoedwah's ghost (legendary HOMo)
272760 | Zig:26   | Noticed Quogoet's ghost (legendary OpSh)
272760 | Zig:26   | Noticed Pixogrep's ghost (legendary OpCj)
272760 | Zig:26   | Noticed Nalaklye's ghost (legendary DjCA)
272760 | Zig:26   | Noticed Ometuamn's ghost (legendary OgSh)
272761 | Zig:26   | Noticed Feuw's ghost (veteran MiBe)
272761 | Zig:26   | Noticed Beoskaaj's ghost (legendary DEFE)
272761 | Zig:26   | Noticed Omay's ghost (master MiFi)
272761 | Zig:26   | Noticed Tejiel's ghost (legendary GrFi)
272763 | Zig:26   | Noticed Canwutygu's ghost (veteran MiFi)
272765 | Zig:26   | Noticed Suwusiqo's ghost (legendary DjCj)
272765 | Zig:26   | Noticed Bines's ghost (legendary OpSh)
272765 | Zig:26   | Noticed Zoedwah's ghost (legendary HOMo)
272767 | Zig:26   | Noticed Feuw's ghost (veteran MiBe)
272767 | Zig:26   | Noticed Bines's ghost (legendary OpSh)
272767 | Zig:26   | Noticed Ysol's ghost (legendary OpHW)
272768 | Zig:26   | Noticed Ussulutyn's ghost (legendary DsFi)
272768 | Zig:26   | Noticed Ussulutyn's ghost (legendary DsFi)
272769 | Zig:26   | Noticed Tejiel's ghost (legendary GrFi)
272771 | Zig:26   | Killed Ysol's ghost
272771 | Zig:26   | Noticed Ging's ghost (legendary OgFi)
272773 | Zig:26   | Killed Hoiham's ghost
272773 | Zig:26   | Killed Hoiham's ghost
272773 | Zig:26   | Killed Tejiel's ghost
272773 | Zig:26   | Killed Beoskaaj's ghost
272776 | Zig:26   | Killed Ysol's ghost
272776 | Zig:26   | Killed Tejiel's ghost
272776 | Zig:26   | Killed Ussulutyn's ghost
272776 | Zig:26   | Killed Pixogrep's ghost
272776 | Zig:26   | Killed Ysol's ghost
272780 | Zig:26   | Noticed Nalaklye's ghost (legendary DjCA)
272781 | Zig:26   | Noticed Ysol's ghost (legendary OpHW)
272782 | Zig:26   | Noticed Tejiel's ghost (legendary GrFi)
272786 | Zig:26   | Killed Quogoet's ghost
272786 | Zig:26   | Killed Tejiel's ghost
272786 | Zig:26   | Killed Feuw's ghost
272786 | Zig:26   | Killed Duta's ghost
272786 | Zig:26   | Killed Bines's ghost
272786 | Zig:26   | Noticed Feuw's ghost (veteran MiBe)
272786 | Zig:26   | Noticed Suwusiqo's ghost (legendary DjCj)
272788 | Zig:26   | Noticed Nalaklye's ghost (legendary DjCA)
272789 | Zig:26   | Noticed Zoedwah's ghost (legendary HOMo)
272789 | Zig:26   | Killed Bines's ghost
272789 | Zig:26   | Killed Beoskaaj's ghost
272789 | Zig:26   | Killed Nalaklye's ghost
272790 | Zig:26   | Noticed Ussulutyn's ghost (legendary DsFi)
272792 | Zig:26   | Noticed Coyd's ghost (legendary HOMo)
272792 | Zig:26   | Noticed Oxtuo's ghost (legendary DECj)
272792 | Zig:26   | Noticed Pixogrep's ghost (legendary OpCj)
272794 | Zig:26   | Noticed Pixogrep's ghost (legendary OpCj)
272794 | Zig:26   | Noticed Omay's ghost (master MiFi)
272795 | Zig:26   | Noticed Hoiham's ghost (legendary MiFi)
272796 | Zig:26   | Noticed Pixogrep's ghost (legendary OpCj)
272798 | Zig:26   | Noticed Coyd's ghost (legendary HOMo)
272798 | Zig:26   | Noticed Pixogrep's ghost (legendary OpCj)
272800 | Zig:26   | Noticed Bines's ghost (legendary OpSh)
272800 | Zig:26   | Killed Ysol's ghost
272802 | Zig:26   | Killed Pixogrep's ghost
272804 | Zig:26   | Killed Pixogrep's ghost
272804 | Zig:26   | Noticed Zoedwah's ghost (legendary HOMo)
272804 | Zig:26   | Noticed Suwusiqo's ghost (legendary DjCj)
272804 | Zig:26   | Noticed Omay's ghost (master MiFi)
272805 | Zig:26   | Killed Bines's ghost
272805 | Zig:26   | Killed Canwutygu's ghost
272805 | Zig:26   | Noticed Omay's ghost (master MiFi)
272805 | Zig:26   | Noticed Ini Deriu's ghost (legendary DECj)
272808 | Zig:26   | Killed Ussulutyn's ghost
272809 | Zig:26   | Killed Nalaklye's ghost
272809 | Zig:26   | Killed Pixogrep's ghost
272811 | Zig:26   | Killed Tejiel's ghost
272811 | Zig:26   | Killed Pixogrep's ghost
272811 | Zig:26   | Noticed Oxtuo's ghost (legendary DECj)
272812 | Zig:26   | Killed Ometuamn's ghost
272813 | Zig:26   | Killed Hoiham's ghost
272814 | Zig:26   | Killed Coyd's ghost
272814 | Zig:26   | Killed Pixogrep's ghost
272816 | Zig:26   | Killed Feuw's ghost
272816 | Zig:26   | Killed Ussulutyn's ghost
272816 | Zig:26   | Killed Ometuamn's ghost
272816 | Zig:26   | Killed Oxtuo's ghost
272816 | Zig:26   | Killed Oxtuo's ghost
272816 | Zig:26   | Killed Zoedwah's ghost
272822 | Zig:26   | Killed Zoedwah's ghost
272823 | Zig:26   | Killed Ini Deriu's ghost
272823 | Zig:26   | Killed Suwusiqo's ghost
272824 | Zig:26   | Killed Omay's ghost
272825 | Zig:26   | Killed Pixogrep's ghost
272826 | Zig:26   | Killed Nalaklye's ghost
272844 | Zig:26   | Killed Feuw's ghost
272846 | Zig:26   | Killed Suwusiqo's ghost
272847 | Zig:26   | Killed Canwutygu's ghost
272852 | Zig:26   | Killed Tejiel's ghost
272852 | Zig:26   | Killed Coyd's ghost
272853 | Zig:26   | Killed Bines's ghost
272854 | Zig:26   | Killed Zoedwah's ghost
272854 | Zig:26   | Killed Omay's ghost
272858 | Zig:26   | Killed Feuw's ghost
272858 | Zig:26   | Killed Zoedwah's ghost
272858 | Zig:26   | Killed Zoedwah's ghost
272858 | Zig:26   | Killed Feuw's ghost
272858 | Zig:26   | Killed Omay's ghost
272859 | Zig:26   | Killed Omay's ghost
272859 | Zig:26   | Killed Suwusiqo's ghost
272864 | Zig:26   | Killed Ging's ghost
272870 | Zig:26   | Killed Omay's ghost
272879 | Zig:26   | Killed Omay's ghost
272882 | Zig:26   | Killed Suwusiqo's ghost
272908 | Zig:26   | Found the +8 demon trident "Rift" {distort, reach+}
272909 | Zig:26   | Found the +2 hood of the Assassin {Detect Stab+ Stlth++}
273031 | Zig:26   | Identified the +9 mace of Famine {protect, rPois Stlth+}
273060 | Zig:26   | Identified the +6 lajatang of Bodily Harmony {freeze,
                  | Dex+3}
273073 | Zig:26   | Identified the ring of Vuomas {rElec rF+++ rCorr Int+3
                  | Dex+3}
273275 | Zig:27   | Entered Level 27 of a ziggurat
273349 | Zig:27   | Identified the +3 mace of Locus Delicti {vamp, rC+}
273374 | Zig:27   | Identified the amulet "Dosichimi" {RegenMP Str+2}
273397 | Zig:27   | Identified the staff of the Badger {rPois Summ Earth}
273405 | Zig:27   | Identified the amulet of Temptation {Regen+ Dex+3}
273414 | Zig:27   | Identified the +4 kite shield "Tamaniupn" {^Contam rF+
                  | Dex+4}
273624 | Zig:27   | Identified the +5 quarterstaff of the Heart {freeze, rF++
                  | Str+3 Int-2}
273960 | Abyss:5  | Cast into level 5 of the Abyss (unwielding a weapon of
                  | distortion)
274044 | D:10     | Escaped the Abyss
274083 | Zig:1    | Entered Level 1 of a ziggurat
274120 | Zig:2    | Entered Level 2 of a ziggurat
274180 | Zig:3    | Entered Level 3 of a ziggurat
274181 | Zig:3    | Noticed Tejiel's ghost (legendary GrFi)
274183 | Zig:3    | Noticed Duta's ghost (legendary FoHu)
274187 | Zig:3    | Killed Tejiel's ghost
274191 | Zig:3    | Killed Duta's ghost
274380 | Zig:4    | Entered Level 4 of a ziggurat
274380 | Zig:4    | Noticed an ancient lich
274380 | Zig:4    | Noticed a dread lich
274380 | Zig:4    | Noticed an ancient lich
274380 | Zig:4    | Noticed a dread lich
274381 | Zig:4    | Noticed a dread lich
274384 | Zig:4    | Killed an ancient lich
274384 | Zig:4    | Killed a dread lich
274384 | Zig:4    | Killed an ancient lich
274384 | Zig:4    | Killed a dread lich
274384 | Zig:4    | Noticed a dread lich
274385 | Zig:4    | Killed a dread lich
274388 | Zig:4    | Killed a dread lich
274471 | Zig:5    | Entered Level 5 of a ziggurat
274572 | Zig:6    | Entered Level 6 of a ziggurat
274702 | Zig:6    | Identified the +1 rapier of Nyergho {chaos, rF- rN+ Str+2
                  | Int+3}
274703 | Zig:6    | Identified the +5 mace "Ipnil" {freeze, rElec Str+3 Dex-4}
274704 | Zig:6    | Identified the +3 long sword of the Nine Nightmares {pain,
                  | Str+3 Int+4}
274706 | Zig:6    | Identified the staff "Plog" {rElec Str+3 Int-5 Conj}
274707 | Zig:6    | Identified the ring of the Enemy {*Slow Int+3 Dex+6}
274737 | Zig:7    | Entered Level 7 of a ziggurat
274744 | Zig:7    | Found the +8 demon blade "Leech" {evervamp, Harm ^Drain
                  | rN+}
274886 | Zig:8    | Entered Level 8 of a ziggurat
275031 | Zig:8    | Identified the amulet of Raykem {Acrobat rElec rC+ Int+5}
275045 | Zig:8    | Identified the ring of Yckee {Wiz Str+5 Dex+4}
275082 | Zig:9    | Entered Level 9 of a ziggurat
275082 | Zig:9    | Noticed a royal mummy
275082 | Zig:9    | Noticed a royal mummy
275082 | Zig:9    | Noticed a royal mummy
275082 | Zig:9    | Noticed a royal mummy
275083 | Zig:9    | Killed a royal mummy
275083 | Zig:9    | Killed a royal mummy
275084 | Zig:9    | Killed a royal mummy
275084 | Zig:9    | Killed a royal mummy
275085 | Zig:9    | Noticed a royal mummy
275087 | Zig:9    | Noticed a royal mummy
275090 | Zig:9    | Killed a royal mummy
275092 | Zig:9    | Killed a royal mummy
275129 | Zig:9    | Identified the ring "Uthaimal" {rPois Str+3 Int+6}
275135 | Zig:9    | Identified the +3 bardiche of the Ancients {freeze, rElec
                  | rPois Dex+3}
275138 | Zig:9    | Identified the amulet of Symmetry {Faith Harm Str-2 Dex+3}
275148 | Zig:9    | Identified the staff of Gotada {rElec rPois rN+ Stlth- Summ
                  | Poison}
275169 | Zig:9    | Identified the +1 great sword "Ityru" {freeze, Int+4}
275353 | Zig:10   | Entered Level 10 of a ziggurat
275545 | Zig:10   | Identified the +8 flail of False Accusations {flame, Will+
                  | Dex+6}
275557 | Zig:10   | Identified the +1 scimitar "Qulybb" {venom, *Rage rC+ Int+6
                  | Dex+2}
275564 | Zig:10   | Identified the +0 pair of gloves of Responsibility {rC-
                  | Str+2 Int+3}
275571 | Zig:11   | Entered Level 11 of a ziggurat
275580 | Zig:11   | Noticed a dread lich
275590 | Zig:11   | Killed a dread lich
275763 | Zig:11   | Identified the +4 shortbow of Cyapt {heavy, MP+9 Str+5
                  | Int+3 Stlth+}
275767 | Zig:11   | Identified the +9 rapier of Zotyte {drain, Str+4}
275776 | Zig:11   | Identified the +5 glaive "Suushag" {pain, *Corrode rElec
                  | rC+ Int+4}
275785 | Zig:12   | Entered Level 12 of a ziggurat
275790 | Zig:12   | Found the +3 crown of Dyrovepreva {rElec Int+2 SInv}
275952 | Zig:12   | Identified the +3 scale mail "Qekaug" {*Corrode rPois Int-2
                  | Stlth+}
275964 | Zig:12   | Identified the ring "Eklirypt" {Wiz Will+ rCorr Dex+2}
276003 | Zig:12   | Identified the +2 hand axe of Uphehuip {vamp, rC- Will++
                  | Str+3 Stlth+}
276005 | Zig:12   | Identified the dragon-blood talisman of Ilaci {rF+ rC+++
                  | Str+3 Int-4}
276010 | Zig:12   | Identified the +2 mace of Anxiety {flame, Int+2}
276018 | Zig:12   | Identified the +0 halberd of Infection {speed, rPois Str+3
                  | Int-5}
276038 | Zig:12   | Identified the staff of the Philosopher {rPois Str+3
                  | Poison}
276072 | Zig:13   | Entered Level 13 of a ziggurat
276080 | Zig:13   | Found the +8 arc blade {discharge, rElec}
276160 | Zig:13   | Identified the +1 dagger of Wunaephao {freeze, *Noise rN+
                  | Int+3}
276182 | Zig:13   | Identified the +1 hand axe "Qots" {venom, rF+}
276192 | Zig:13   | Identified the +7 bardiche "Ufolaeno" {freeze, rElec Will+
                  | SInv}
276198 | Zig:13   | Identified the +5 scimitar of Ycrivakk {chaos, rPois rCorr}
276207 | Zig:13   | Identified the +2 scale mail of the New World {Regen+
                  | Stlth+}
276213 | Zig:13   | Identified the death talisman "Eginwonu" {rF- Dex+3 Slay+4
                  | Stlth+}
276364 | Zig:14   | Entered Level 14 of a ziggurat
276364 | Zig:14   | Noticed a juggernaut
276364 | Zig:14   | Noticed a juggernaut
276364 | Zig:14   | Noticed a juggernaut
276364 | Zig:14   | Noticed a juggernaut
276365 | Zig:14   | Killed a juggernaut
276365 | Zig:14   | Killed a juggernaut
276365 | Zig:14   | Killed a juggernaut
276367 | Zig:14   | Killed a juggernaut
276373 | Zig:14   | Noticed a juggernaut
276374 | Zig:14   | Noticed a juggernaut
276377 | Zig:14   | Killed a juggernaut
276380 | Zig:14   | Killed a juggernaut
276784 | Zig:14   | Identified the +0 chain mail of the Mertaur {rF+ MP+9}
276820 | Zig:15   | Entered Level 15 of a ziggurat
276823 | Zig:15   | Noticed Sioz the pandemonium lord
276824 | Zig:15   | Noticed Moluk the pandemonium lord
276824 | Zig:15   | Noticed Firowkaa the pandemonium lord
276824 | Zig:15   | Noticed Archidy the pandemonium lord
276825 | Zig:15   | Noticed Tiola the pandemonium lord
276825 | Zig:15   | Noticed Fyot the pandemonium lord
276825 | Zig:15   | Noticed Rocliul the pandemonium lord
276826 | Zig:15   | Killed Firowkaa the pandemonium lord
276826 | Zig:15   | Killed Tiola the pandemonium lord
276826 | Zig:15   | Killed Archidy the pandemonium lord
276826 | Zig:15   | Killed Sioz the pandemonium lord
276826 | Zig:15   | Noticed Mairuox the pandemonium lord
276827 | Zig:15   | Killed Fyot the pandemonium lord
276827 | Zig:15   | Noticed Macuehor the pandemonium lord
276827 | Zig:15   | Noticed Saloc the pandemonium lord
276828 | Zig:15   | Noticed Rungeppehu the pandemonium lord
276831 | Zig:15   | Noticed Weepy the pandemonium lord
276831 | Zig:15   | Noticed Zuock the pandemonium lord
276834 | Zig:15   | Noticed Fuublaf the pandemonium lord
276834 | Zig:15   | Noticed Qutittac the pandemonium lord
276835 | Zig:15   | Noticed Gugry the pandemonium lord
276835 | Zig:15   | Killed Saloc the pandemonium lord
276836 | Zig:15   | Noticed Cadghauca the pandemonium lord
276837 | Zig:15   | Killed Mairuox the pandemonium lord
276838 | Zig:15   | Killed Cadghauca the pandemonium lord
276838 | Zig:15   | Killed Bogiptotu the pandemonium lord
276838 | Zig:15   | Killed Weepy the pandemonium lord
276838 | Zig:15   | Killed Gugry the pandemonium lord
276839 | Zig:15   | Killed Moluk the pandemonium lord
276840 | Zig:15   | Noticed Haidaz the pandemonium lord
276840 | Zig:15   | Noticed Loshikes the pandemonium lord
276840 | Zig:15   | Killed Zuock the pandemonium lord
276844 | Zig:15   | Killed Fuublaf the pandemonium lord
276844 | Zig:15   | Killed Macuehor the pandemonium lord
276845 | Zig:15   | Noticed Xadipr Letz the pandemonium lord
276846 | Zig:15   | Noticed Oceokh the pandemonium lord
276846 | Zig:15   | Noticed Watsepso the pandemonium lord
276846 | Zig:15   | Killed Qutittac the pandemonium lord
276846 | Zig:15   | Killed Rungeppehu the pandemonium lord
276848 | Zig:15   | Killed Watsepso the pandemonium lord
276848 | Zig:15   | Noticed Reuqol the pandemonium lord
276849 | Zig:15   | Killed Erchal the pandemonium lord
276850 | Zig:15   | Noticed Atihij the pandemonium lord
276850 | Zig:15   | Noticed Dukagazu the pandemonium lord
276850 | Zig:15   | Noticed Egueleeb the pandemonium lord
276851 | Zig:15   | Noticed Sauwed the pandemonium lord
276851 | Zig:15   | Killed Haidaz the pandemonium lord
276852 | Zig:15   | Noticed Entenimu the pandemonium lord
276852 | Zig:15   | Killed Reuqol the pandemonium lord
276853 | Zig:15   | Noticed Pagen the pandemonium lord
276853 | Zig:15   | Noticed Juruos the pandemonium lord
276854 | Zig:15   | Killed Xadipr Letz the pandemonium lord
276854 | Zig:15   | Killed Entenimu the pandemonium lord
276854 | Zig:15   | Killed Loshikes the pandemonium lord
276855 | Zig:15   | Killed Sauwed the pandemonium lord
276855 | Zig:15   | Killed Rocliul the pandemonium lord
276855 | Zig:15   | Killed Egueleeb the pandemonium lord
276859 | Zig:15   | Killed Oceokh the pandemonium lord
276860 | Zig:15   | Noticed Qiytturch the pandemonium lord
276865 | Zig:15   | Killed Juruos the pandemonium lord
276866 | Zig:15   | Killed Dukagazu the pandemonium lord
276866 | Zig:15   | Killed Pagen the pandemonium lord
276869 | Zig:15   | Noticed Siupn the pandemonium lord
276870 | Zig:15   | Noticed Lipeum the pandemonium lord
276875 | Zig:15   | Killed Qiytturch the pandemonium lord
276880 | Zig:15   | Killed Lipeum the pandemonium lord
276885 | Zig:15   | Killed Atihij the pandemonium lord
276891 | Zig:15   | Killed Siupn the pandemonium lord
277088 | Zig:15   | Identified the ring "Ubrylluted" {rF+ rN+ Will+ Dex-4}
277092 | Zig:15   | Identified the +7 morningstar "Kauharr" {heavy, rF++ Int+5
                  | Stlth+}
277098 | Zig:15   | Identified the +6 whip of Callousness {flame, *Noise rN++}
277099 | Zig:15   | Identified the +4 falchion of a sewer {vamp, Str+3}
277102 | Zig:15   | Identified the +1 war axe "Newtbane" {antimagic, Will-
                  | Int+3 Stlth+}
277142 | Zig:15   | Acquired 872 gold pieces
277143 | Zig:15   | Acquired 546 gold pieces
277144 | Zig:15   | Acquired the crystal ball of Wucad Mu {*channel}
277144 | Zig:15   | Found the crystal ball of Wucad Mu {*channel}
277191 | Zig:16   | Entered Level 16 of a ziggurat
277490 | Zig:16   | Identified the +4 long sword "Daixec" {holy, rF+ rN+ Dex+3
                  | Stlth+}
277491 | Zig:16   | Identified the +1 dagger "Sacimuph" {drain, Str+2 Int+4}
277493 | Zig:16   | Identified the +0 chain mail of Beoxoe {Harm Int-5 SInv
                  | Stlth+}
277504 | Zig:17   | Entered Level 17 of a ziggurat
277518 | Zig:17   | Found the +6 shillelagh "Devastator" {shatter}
277570 | Zig:17   | Identified the +5 chain mail of Good Intentions {+Inv rF++}
277576 | Zig:17   | Identified the +3 rapier of Strategic Superiority {venom,
                  | MP+9}
277578 | Zig:17   | Identified the +0 sling of the Sun {speed, rPois rCorr
                  | Str+6 Dex-5}
277590 | Zig:17   | Identified the staff of Floral Action {Will+ Dex-2 Conj
                  | Earth}
277592 | Zig:17   | Identified the +5 rapier "Giantbane" {freeze, Int+3 Dex+2}
277594 | Zig:17   | Identified the amulet "Kejuegra" {Regen+ Dex+4}
277826 | Zig:18   | Entered Level 18 of a ziggurat
277836 | Zig:18   | Noticed a dread lich
277837 | Zig:18   | Noticed an ancient lich
277895 | Zig:18   | Killed a dread lich
277895 | Zig:18   | Killed an ancient lich
278149 | Zig:18   | Identified the ring of Undoing {rElec AC+4 Dex+2}
278156 | Zig:18   | Identified the ring "Roasm" {rF+ Str+2 Dex+2}
278161 | Zig:18   | Identified the +1 leather armour of Follow the Leader
                  | {^Contam Harm rPois Int+5}
278192 | Zig:19   | Entered Level 19 of a ziggurat
278219 | Zig:19   | Found the +4 Cigotuvi's embrace {Corpsefed rMiasma ^Drain
                  | rN+}
278258 | Zig:19   | Identified the ring "Gyiz" {Will+ MP+9}
278266 | Zig:19   | Identified the +12 long sword of Rowidu {pain, rN++ Int+3
                  | Stlth-}
278279 | Zig:19   | Identified the +6 plate armour "Unoepyuc" {rElec Will+
                  | Int-2}
278294 | Zig:19   | Identified the +8 dagger of the Doomed Warrior {flame, rC+
                  | Str-5 Int+2 Dex+7}
278300 | Zig:19   | Identified the +6 flail "Icviomp" {venom, Int+3}
278302 | Zig:19   | Identified the +7 plate armour "Orauzosavu" {Regen+ Int-4
                  | Dex+3 Stlth+}
278680 | Zig:20   | Entered Level 20 of a ziggurat
279002 | Zig:20   | Identified the +6 chain mail of Baldness {rCorr}
279045 | Zig:20   | Identified the +8 morningstar of Fortitude {flame, rF-
                  | Str+2 Dex+3}
279148 | Zig:21   | Entered Level 21 of a ziggurat
279210 | Zig:21   | Found the +0 pair of fencer's gloves {Riposte Dex+3}
279230 | Zig:21   | Identified the +11 great sword of Amortisation {heavy, rC+
                  | Str+3}
279300 | Zig:21   | Identified the ring "Monirol" {rC+++ rN+++ rCorr MP+9}
279302 | Zig:21   | Identified the +4 ring mail of Lust {Will+ Str+3 Dex+3
                  | Stlth-}
279642 | Zig:22   | Entered Level 22 of a ziggurat
279642 | Zig:22   | Noticed a juggernaut
279642 | Zig:22   | Noticed a juggernaut
279643 | Zig:22   | Noticed a juggernaut
279643 | Zig:22   | Noticed a juggernaut
279644 | Zig:22   | Noticed a juggernaut
279645 | Zig:22   | Noticed a juggernaut
279646 | Zig:22   | Killed a juggernaut
279646 | Zig:22   | Killed a juggernaut
279646 | Zig:22   | Killed a juggernaut
279646 | Zig:22   | Killed a juggernaut
279646 | Zig:22   | Killed a juggernaut
279647 | Zig:22   | Noticed a juggernaut
279648 | Zig:22   | Noticed a juggernaut
279648 | Zig:22   | Noticed a juggernaut
279648 | Zig:22   | Noticed a juggernaut
279649 | Zig:22   | Noticed a juggernaut
279649 | Zig:22   | Noticed a juggernaut
279649 | Zig:22   | Noticed a juggernaut
279652 | Zig:22   | Noticed a juggernaut
279653 | Zig:22   | Noticed a juggernaut
279653 | Zig:22   | Killed a juggernaut
279653 | Zig:22   | Killed a juggernaut
279653 | Zig:22   | Killed a juggernaut
279653 | Zig:22   | Killed a juggernaut
279653 | Zig:22   | Killed a juggernaut
279655 | Zig:22   | Noticed a juggernaut
279657 | Zig:22   | Noticed a juggernaut
279657 | Zig:22   | Killed a juggernaut
279658 | Zig:22   | Noticed a juggernaut
279658 | Zig:22   | Killed a juggernaut
279659 | Zig:22   | Killed a juggernaut
279659 | Zig:22   | Killed a juggernaut
279659 | Zig:22   | Killed a juggernaut
279659 | Zig:22   | Killed a juggernaut
279659 | Zig:22   | Killed a juggernaut
279682 | Zig:22   | Killed a juggernaut
280124 | Zig:22   | Identified the +5 bardiche "Loplajia" {heavy, *Corrode rF+
                  | rN+ Str+3}
280195 | Zig:22   | Identified the ring of Sauvufuxt {rN+ EV+5 Dex+5}
280209 | Zig:22   | Identified the +1 robe "Zablath" {rElec rPois}
280213 | Zig:22   | Identified the +2 sling "Zarecrea" {drain, rElec rPois
                  | Str+5 Dex-5}
280253 | Zig:22   | Identified the +1 chain mail of Paiji {rC+ rCorr Dex+6}
280264 | Zig:22   | Identified the amulet of the Thieving Gods {Faith *Corrode
                  | rF+ rC+ Regen+}
280325 | Zig:23   | Entered Level 23 of a ziggurat
280342 | Zig:23   | Noticed Kudap the pandemonium lord
280351 | Zig:23   | Killed Kudap the pandemonium lord
280469 | Zig:23   | Identified the staff "Catufel" {Fly rN+ Will+ Summ Necro}
280497 | Zig:23   | Identified the +1 robe of the Farrier {Harm rC+}
280512 | Zig:23   | Identified the ring "Gugeinas" {rElec rPois rN+ EV+5 Int-2}
280518 | Zig:23   | Identified the +0 demon trident of Laiceunt {freeze, SInv}
280829 | Zig:23   | Identified the +11 triple crossbow "Hikuasiph" {heavy,
                  | rPois Will+ Str+3 Int+3}
280860 | Zig:24   | Entered Level 24 of a ziggurat
280881 | Zig:24   | Found the +2 shield of Resistance {rF++ rC++ Will++}
281228 | Zig:24   | Identified the +9 bardiche of Mayhem {vamp, rN+}
281237 | Zig:24   | Identified the +5 dagger "Demonbane" {flame, rCorr}
281300 | Zig:24   | Identified the +3 tower shield of Naagaw {-Cast rCorr Str+4
                  | SInv}
281322 | Zig:24   | Identified the +7 great mace of Qiowuop {elec, Dex+3}
281328 | Zig:24   | Identified the ring of Eliuv {rPois SInv}
281345 | Zig:24   | Identified the +0 ring mail "Xijaod" {rPois MP+9}
281353 | Zig:24   | Identified the +3 bardiche of Asesuemo {flame, rPois Str+2}
281362 | Zig:24   | Identified the amulet of Huodd {Reflect ^Fragile rElec
                  | rPois Int+5 SH+5}
281367 | Zig:24   | Identified the staff of the Hills {rC+ Str+3 Int-3 Dex+6
                  | Summ Ice}
281388 | Zig:24   | Identified the +8 great mace "Qecosymi" {venom, Will+}
281399 | Zig:24   | Identified the +7 glaive of Yphioth {speed, rN+ Int+2}
281401 | Zig:24   | Identified the +10 long sword "X" {antimagic, Will+ Int+3
                  | Dex-4}
281418 | Zig:25   | Entered Level 25 of a ziggurat
281536 | Zig:25   | Identified the +5 quarterstaff "Dopros" {heavy, rF+ rCorr}
281538 | Zig:25   | Identified the death talisman "Uvog Biso" {Int-3 Dex+5}
281548 | Zig:25   | Identified the +0 dagger of Innocence {heavy, rF+}
281559 | Zig:25   | Identified the ring "Fikigodd" {EV+5 Dex+3}
281569 | Zig:25   | Identified the +0 scale mail of Compression {Harm Slay+3}
281575 | Zig:25   | Identified the +6 longbow "Zinnos" {elec, rF++ rC- SInv
                  | Stlth+}
281578 | Zig:25   | Identified the +0 triple sword of Welfare {heavy, ^Contam
                  | rCorr Str+8}
281607 | Zig:25   | Identified the +1 quarterstaff of the Everdark {protect,
                  | *Corrode rElec Will+}
281609 | Zig:25   | Identified the ring "Ziapet" {rElec rC+ Will+ Dex+2 Slay+4}
281617 | Zig:25   | Identified the +5 hand axe of the Neverending Moons {heavy,
                  | *Noise rC++ rN+++}
281623 | Zig:25   | Identified the ring "Vosch" {Ice rElec Int+2 Dex+2}
281625 | Zig:25   | Identified the staff "Gyullyf" {rElec rPois rF+ Dex+2 Fire}
281970 | Zig:26   | Entered Level 26 of a ziggurat
282019 | Zig:26   | Noticed Ijidaub the pandemonium lord
282041 | Zig:26   | Killed Ijidaub the pandemonium lord
282398 | Zig:26   | Identified the +3 sling "Dyogaid" {heavy, Will+ Str+3
                  | Int-2}
282399 | Zig:26   | Identified the ring "Feemasow" {rN+ MP+9 Slay+3}
282411 | Zig:26   | Identified the amulet "Hilyuw" {Faith Will- Str+2 Dex+6}
282421 | Zig:26   | Acquired 487 gold pieces
282425 | Zig:26   | Identified the +9 falchion of the Bashing Big Fish {elec,
                  | Fly rF+ Dex+3}
282509 | Zig:27   | Entered Level 27 of a ziggurat
282589 | Zig:27   | Identified the staff "Goblinslayer" {rF+ rC- Dex+4 Fire
                  | Poison}
282593 | Zig:27   | Identified the +5 double sword of Painted Punishment
                  | {protect, ^Contam rCorr Dex+3}
282616 | Zig:27   | Identified the amulet "Ihei" {Acrobat -Cast rElec Str+7
                  | Stlth+}
282620 | Zig:27   | Identified the ring of the Malding Gods {Fly rPois rN+
                  | Dex+6 Stlth-}
282635 | Zig:27   | Identified the staff of the Battered Brambles {rF+ rCorr
                  | Fire Earth}
282653 | Zig:27   | Acquired 554 gold pieces
282657 | Zig:27   | Acquired the ring "Feytoej" {+Blink rElec rPois rF+++}
282662 | Zig:27   | Identified the ring "Xygy" {rF+ rCorr MP+9 Str+3 SInv}
282665 | Zig:27   | Identified the +3 demon whip "Xocil" {vamp, *Slow rC+ Int+3
                  | Dex+3}
282674 | Zig:27   | Identified the +9 quarterstaff of Hubris {holy, Int+2}
282693 | Zig:27   | Identified the staff "Qidek" {rC+ Str+4 Ice}
283057 | Zig:27   | Identified the +1 leather armour "Kecariry" {rF+}
283166 | Zig:1    | Entered Level 1 of a ziggurat
283166 | Zig:1    | Noticed an ancient lich
283166 | Zig:1    | Noticed a dread lich
283168 | Zig:1    | Killed a dread lich
283168 | Zig:1    | Killed an ancient lich
283202 | Zig:2    | Entered Level 2 of a ziggurat
283262 | Zig:3    | Entered Level 3 of a ziggurat
283312 | Zig:3    | Identified the orb "Leme" {*channel, rN+ Will+ Int-5}
283366 | Zig:4    | Entered Level 4 of a ziggurat
283366 | Zig:4    | Noticed Nuluyn the pandemonium lord
283366 | Zig:4    | Noticed Juink the pandemonium lord
283368 | Zig:4    | Noticed Jovonka the pandemonium lord
283369 | Zig:4    | Killed Juink the pandemonium lord
283369 | Zig:4    | Noticed Ynwy the pandemonium lord
283369 | Zig:4    | Noticed Ubyss the pandemonium lord
283370 | Zig:4    | Killed Jovonka the pandemonium lord
283373 | Zig:4    | Killed Ubyss the pandemonium lord
283373 | Zig:4    | Killed Nuluyn the pandemonium lord
283378 | Zig:4    | Killed Ynwy the pandemonium lord
283379 | Zig:4    | Noticed Upteimu the pandemonium lord
283379 | Zig:4    | Noticed Oginim the pandemonium lord
283380 | Zig:4    | Killed Upteimu the pandemonium lord
283385 | Zig:4    | Killed Oginim the pandemonium lord
283441 | Zig:4    | Identified the +9 arbalest "Qidoak" {heavy, Fly rPois MP-9
                  | Str+3}
283444 | Zig:4    | Identified the ring of the Final Chapter {MP+9 Str+3 Int+6}
283446 | Zig:4    | Identified the +8 sling of a Million Ships {drain, Dex+2
                  | SInv Stlth+}
283472 | Zig:5    | Entered Level 5 of a ziggurat
283525 | Zig:5    | Identified the +7 spear "Spider's Doom" {spect, rPois
                  | Int+3}
283527 | Zig:5    | Identified the +4 scale mail "Isisell" {rPois}
283531 | Zig:5    | Identified the +3 sling "Wuxtooh" {freeze, Stlth+}
283585 | Zig:6    | Entered Level 6 of a ziggurat
283672 | Zig:6    | Identified the +0 ring mail "Forget-Me-Not" {rC+ rN+}
283686 | Zig:6    | Identified the amulet of Seanan {Reflect rF+ Str+2 SH+5}
283707 | Zig:7    | Entered Level 7 of a ziggurat
283791 | Zig:7    | Identified the +5 mace of Twilight {heavy, rCorr}
283793 | Zig:7    | Identified the +5 shortbow of Quonoocewn {flame, *Corrode
                  | rPois rC+}
283794 | Zig:7    | Identified the ring of Hoadij {Fly rF+++ rN+ Int-4}
283816 | Zig:7    | Identified the +3 pair of gloves of Halludas {rN+++ Int+3
                  | Dex-4 Stlth+}
283938 | Zig:7    | Identified the ring of Lucidity {Ice Str+4}
283946 | Zig:7    | Upgraded the game from 0.31-a0-1237-gabc64e778c to
                  | 0.31-a0-1267-gfedaa18580
283950 | Zig:8    | Entered Level 8 of a ziggurat
283959 | Zig:8    | Paralysed by accursed screaming for 2 turns
284146 | Zig:8    | Identified the +2 dagger "Disa" {pain, Str+3 Int+4}
284169 | Zig:9    | Entered Level 9 of a ziggurat
284180 | Zig:9    | Noticed Tavoib the pandemonium lord
284185 | Zig:9    | Killed Tavoib the pandemonium lord
284305 | Zig:9    | Identified the +5 falchion of Defenestration {heavy, *Noise
                  | rC++ Will+ Dex+4}
284423 | Zig:9    | Identified the +2 hand axe of Inquiry {drain, rC+ rN++}
284435 | Zig:10   | Entered Level 10 of a ziggurat
284447 | Zig:10   | Paralysed by an air elemental for 1 turns
284624 | Zig:10   | Identified the +10 demon blade of Nihexkuc {pain, MP+9
                  | SInv}
284634 | Zig:10   | Identified the +5 swamp dragon scales of Ollox {rPois
                  | Dex+4}
284655 | Zig:10   | Identified the +9 bardiche of Crystal {freeze, *Noise rCorr
                  | Str+4}
284673 | Zig:10   | Identified the +10 short sword of the Eleven Knives {flame,
                  | rF++}
284755 | Zig:11   | Entered Level 11 of a ziggurat
284808 | Zig:11   | Identified the +10 great sword "Jyam" {flame, rElec rF-
                  | Stlth+}
284825 | Zig:11   | Identified the +7 flail of the Badger {flame, *Rage Str+3
                  | SInv Stlth+}
284831 | Zig:11   | Identified the +8 shortbow of Diodui {antimagic, Stlth+}
284833 | Zig:11   | Identified the +5 morningstar "Sopam" {flame, Fly rC+}
285095 | Zig:12   | Entered Level 12 of a ziggurat
285110 | Zig:12   | Found the +2 pair of slick slippers {slick, slippery, EV+4}
285338 | Zig:12   | Identified the +2 leather armour "Idijien" {Fly rC+}
285385 | Zig:12   | Identified the amulet of the Okapi {rF- Regen+ Int+5 SInv}
285453 | Zig:13   | Entered Level 13 of a ziggurat
285545 | Zig:13   | Identified the +1 ring mail of Aghef {Dex+4}
285569 | Zig:13   | Identified the +2 helmet of the Game of Life {rC+ rN+ Str+3
                  | Dex+2}
285595 | Zig:13   | Identified the +5 plate armour of the Game of Kings {rPois
                  | rN+}
285802 | Zig:13   | Upgraded the game from 0.31-a0-1267-gfedaa18580 to
                  | 0.31-a0-1278-g11c5b68f87
285807 | Zig:14   | Entered Level 14 of a ziggurat
285821 | Zig:14   | Found the +2 hat of the Bear Spirit {Spirit, Bear, *Rage
                  | Will++}
286067 | Zig:14   | Identified the +2 mace "Kuweuq" {elec, rElec rF- rN+ Int+2}
286070 | Zig:14   | Identified the staff of Siputs {Str+3 Int+3 Dex+2 Earth}
286157 | Zig:14   | Identified the +1 leather armour "Pelimp" {rC+ Dex+5}
286161 | Zig:14   | Identified the +7 short sword of Lusting Extermination
                  | {elec, Str+6}
286224 | Zig:15   | Entered Level 15 of a ziggurat
286233 | Zig:15   | Noticed Valipta the pandemonium lord
286233 | Zig:15   | Noticed Qadghoihy the pandemonium lord
286233 | Zig:15   | Noticed Paanasiorgh the pandemonium lord
286235 | Zig:15   | Noticed Koexap Ubal the pandemonium lord
286236 | Zig:15   | Noticed Keebbo the pandemonium lord
286236 | Zig:15   | Noticed Wymne Megua the pandemonium lord
286236 | Zig:15   | Noticed Poozuthe the pandemonium lord
286236 | Zig:15   | Noticed Hauxta the pandemonium lord
286236 | Zig:15   | Noticed Qeurafy the pandemonium lord
286236 | Zig:15   | Noticed Erogh the pandemonium lord
286236 | Zig:15   | Noticed Fumuinuo the pandemonium lord
286236 | Zig:15   | Noticed Uqoequbia the pandemonium lord
286238 | Zig:15   | Noticed Ajoewn the pandemonium lord
286239 | Zig:15   | Noticed Lapnem the pandemonium lord
286239 | Zig:15   | Noticed Xearuirch the pandemonium lord
286240 | Zig:15   | Killed Lapnem the pandemonium lord
286240 | Zig:15   | Killed Fumuinuo the pandemonium lord
286241 | Zig:15   | Noticed Cafuf the pandemonium lord
286241 | Zig:15   | Noticed Zoped the pandemonium lord
286241 | Zig:15   | Noticed Baim Ycosm the pandemonium lord
286241 | Zig:15   | Noticed Umesumpy the pandemonium lord
286241 | Zig:15   | Noticed Eheqaim the pandemonium lord
286241 | Zig:15   | Noticed Ykhuilor the pandemonium lord
286242 | Zig:15   | Noticed Netigavub the pandemonium lord
286242 | Zig:15   | Killed Qadghoihy the pandemonium lord
286242 | Zig:15   | Killed Eheqaim the pandemonium lord
286242 | Zig:15   | Killed Keebbo the pandemonium lord
286242 | Zig:15   | Killed Ajoewn the pandemonium lord
286242 | Zig:15   | Killed Cafuf the pandemonium lord
286243 | Zig:15   | Noticed Erabiy the pandemonium lord
286244 | Zig:15   | Noticed Zakkuloy the pandemonium lord
286244 | Zig:15   | Noticed Emyl Boe the pandemonium lord
286244 | Zig:15   | Killed Koexap Ubal the pandemonium lord
286244 | Zig:15   | Killed Erogh the pandemonium lord
286245 | Zig:15   | Noticed Puvilul the pandemonium lord
286245 | Zig:15   | Killed Zoped the pandemonium lord
286245 | Zig:15   | Killed Netigavub the pandemonium lord
286245 | Zig:15   | Killed Puvilul the pandemonium lord
286245 | Zig:15   | Killed Baim Ycosm the pandemonium lord
286245 | Zig:15   | Killed Zeagih the pandemonium lord
286245 | Zig:15   | Killed Hauxta the pandemonium lord
286246 | Zig:15   | Noticed Xunis the pandemonium lord
286246 | Zig:15   | Killed Emyl Boe the pandemonium lord
286247 | Zig:15   | Noticed Tigoikats the pandemonium lord
286247 | Zig:15   | Noticed Emidim the pandemonium lord
286247 | Zig:15   | Noticed Vudul the pandemonium lord
286247 | Zig:15   | Noticed Witioz the pandemonium lord
286248 | Zig:15   | Killed Umesumpy the pandemonium lord
286248 | Zig:15   | Killed Valipta the pandemonium lord
286248 | Zig:15   | Killed Qeurafy the pandemonium lord
286251 | Zig:15   | Noticed Cawnili the pandemonium lord
286251 | Zig:15   | Noticed Qaulud the pandemonium lord
286253 | Zig:15   | Noticed Hoosto Lizi the pandemonium lord
286254 | Zig:15   | Killed Erabiy the pandemonium lord
286254 | Zig:15   | Killed Wymne Megua the pandemonium lord
286254 | Zig:15   | Killed Uqoequbia the pandemonium lord
286255 | Zig:15   | Killed Hoosto Lizi the pandemonium lord
286255 | Zig:15   | Killed Paanasiorgh the pandemonium lord
286255 | Zig:15   | Killed Emidim the pandemonium lord
286256 | Zig:15   | Noticed Gosonuuw the pandemonium lord
286256 | Zig:15   | Killed Xunis the pandemonium lord
286257 | Zig:15   | Killed Gosonuuw the pandemonium lord
286257 | Zig:15   | Killed Vudul the pandemonium lord
286257 | Zig:15   | Killed Ykhuilor the pandemonium lord
286258 | Zig:15   | Killed Tigoikats the pandemonium lord
286258 | Zig:15   | Killed Zakkuloy the pandemonium lord
286258 | Zig:15   | Killed Qaulud the pandemonium lord
286260 | Zig:15   | Killed Cawnili the pandemonium lord
286278 | Zig:15   | Killed Xearuirch the pandemonium lord
286281 | Zig:15   | Killed Witioz the pandemonium lord
286283 | Zig:15   | Killed Poozuthe the pandemonium lord
286346 | Zig:15   | Identified the +6 bardiche "Togomid" {drain, Str+3}
286387 | Zig:15   | Identified the ring "Qymur" {rC+ rN++}
286389 | Zig:15   | Identified the ring of Ibaufoy {rN+ Str+3 SInv}
286391 | Zig:15   | Identified the ring "Toickuh" {rCorr Int+3}
286397 | Zig:15   | Identified the +9 bardiche "Cuicvaci" {heavy, Str+3}
286602 | Zig:16   | Entered Level 16 of a ziggurat
287068 | Zig:16   | Identified the +10 flail of the Swamp {freeze, rPois}
287071 | Zig:16   | Identified the +10 broad axe of Floral Honour {vamp, Str+2
                  | Dex-2 Stlth+}
287078 | Zig:16   | Identified the ring "Emaryush" {rF+++ rN+ AC+4 Int+3
                  | Stlth-}
287082 | Zig:16   | Identified the +2 rapier of the Everdark {venom, rElec
                  | Will+ Dex+3}
287144 | Zig:17   | Entered Level 17 of a ziggurat
287164 | Zig:17   | Noticed an ancient lich
287165 | Zig:17   | Noticed an ancient lich
287232 | Zig:17   | Killed an ancient lich
287283 | Zig:17   | Killed an ancient lich
287453 | Zig:17   | Identified the +4 hand axe of Distraction {freeze, *Rage
                  | rElec Dex+2}
287457 | Zig:17   | Identified the +1 crystal plate armour of Morality {+Blink
                  | rF+ Str+3}
287458 | Zig:17   | Identified the +5 battleaxe of Renit {pain, rN+ rCorr}
287463 | Zig:17   | Identified the +2 troll leather armour of Ciol Ney {Will+
                  | Regen+ MP-9 Int+5}
287464 | Zig:17   | Identified the +1 hand axe "Jukhla" {heavy, MP+9}
287606 | Zig:18   | Entered Level 18 of a ziggurat
287620 | Zig:18   | Noticed an orb of fire
287620 | Zig:18   | Noticed an orb of fire
287621 | Zig:18   | Noticed an orb of fire
287621 | Zig:18   | Noticed an orb of fire
287623 | Zig:18   | Noticed an orb of fire
287623 | Zig:18   | Noticed an orb of fire
287623 | Zig:18   | Noticed an orb of fire
287623 | Zig:18   | Noticed an orb of fire
287625 | Zig:18   | Noticed an orb of fire
287627 | Zig:18   | Noticed an orb of fire
287627 | Zig:18   | Noticed an orb of fire
287629 | Zig:18   | Noticed an orb of fire
287631 | Zig:18   | Killed an orb of fire
287631 | Zig:18   | Noticed an orb of fire
287633 | Zig:18   | Killed an orb of fire
287633 | Zig:18   | Noticed an orb of fire
287634 | Zig:18   | Noticed an orb of fire
287635 | Zig:18   | Noticed an orb of fire
287637 | Zig:18   | Killed an orb of fire
287637 | Zig:18   | Killed an orb of fire
287637 | Zig:18   | Killed an orb of fire
287637 | Zig:18   | Killed an orb of fire
287637 | Zig:18   | Noticed an orb of fire
287638 | Zig:18   | Killed an orb of fire
287638 | Zig:18   | Noticed an orb of fire
287639 | Zig:18   | Noticed an orb of fire
287639 | Zig:18   | Noticed an orb of fire
287639 | Zig:18   | Noticed an orb of fire
287641 | Zig:18   | Noticed an orb of fire
287641 | Zig:18   | Killed an orb of fire
287641 | Zig:18   | Killed an orb of fire
287642 | Zig:18   | Killed an orb of fire
287642 | Zig:18   | Killed an orb of fire
287642 | Zig:18   | Noticed an orb of fire
287643 | Zig:18   | Killed an orb of fire
287643 | Zig:18   | Killed an orb of fire
287643 | Zig:18   | Noticed an orb of fire
287644 | Zig:18   | Noticed an orb of fire
287645 | Zig:18   | Killed an orb of fire
287645 | Zig:18   | Noticed an orb of fire
287646 | Zig:18   | Killed an orb of fire
287646 | Zig:18   | Killed an orb of fire
287647 | Zig:18   | Killed an orb of fire
287647 | Zig:18   | Killed an orb of fire
287647 | Zig:18   | Killed an orb of fire
287647 | Zig:18   | Noticed an orb of fire
287647 | Zig:18   | Noticed an orb of fire
287648 | Zig:18   | Killed an orb of fire
287649 | Zig:18   | Killed an orb of fire
287649 | Zig:18   | Killed an orb of fire
287649 | Zig:18   | Noticed an orb of fire
287651 | Zig:18   | Killed an orb of fire
287651 | Zig:18   | Killed an orb of fire
287652 | Zig:18   | Noticed an orb of fire
287653 | Zig:18   | Killed an orb of fire
287654 | Zig:18   | Killed an orb of fire
287654 | Zig:18   | Killed an orb of fire
287654 | Zig:18   | Noticed an orb of fire
287654 | Zig:18   | Noticed an orb of fire
287655 | Zig:18   | Killed an orb of fire
287655 | Zig:18   | Noticed an orb of fire
287656 | Zig:18   | Noticed an orb of fire
287656 | Zig:18   | Noticed an orb of fire
287656 | Zig:18   | Noticed an orb of fire
287656 | Zig:18   | Noticed an orb of fire
287658 | Zig:18   | Killed an orb of fire
287659 | Zig:18   | Killed an orb of fire
287659 | Zig:18   | Killed an orb of fire
287659 | Zig:18   | Killed an orb of fire
287660 | Zig:18   | Killed an orb of fire
287660 | Zig:18   | Killed an orb of fire
287663 | Zig:18   | Killed an orb of fire
287663 | Zig:18   | Killed an orb of fire
287673 | Zig:18   | Killed an orb of fire
287889 | Zig:18   | Identified the staff of Duty {rC+++ rN+ Necro}
287891 | Zig:18   | Identified the ring of Qeopnuptu {Fire +Blink rPois rCorr
                  | Str+3}
287963 | Zig:19   | Entered Level 19 of a ziggurat
287972 | Zig:19   | Noticed a dread lich
287973 | Zig:19   | Noticed an ancient lich
287973 | Zig:19   | Noticed a dread lich
287975 | Zig:19   | Noticed an ancient lich
287975 | Zig:19   | Noticed an ancient lich
287975 | Zig:19   | Noticed a dread lich
287977 | Zig:19   | Killed a dread lich
287977 | Zig:19   | Killed an ancient lich
287978 | Zig:19   | Noticed an ancient lich
287978 | Zig:19   | Noticed an ancient lich
287978 | Zig:19   | Noticed a dread lich
287979 | Zig:19   | Noticed a dread lich
287980 | Zig:19   | Noticed an ancient lich
287981 | Zig:19   | Noticed an ancient lich
287981 | Zig:19   | Noticed a dread lich
287981 | Zig:19   | Noticed a dread lich
287981 | Zig:19   | Noticed an ancient lich
287982 | Zig:19   | Killed an ancient lich
287982 | Zig:19   | Killed a dread lich
287982 | Zig:19   | Killed a dread lich
287982 | Zig:19   | Killed an ancient lich
287982 | Zig:19   | Killed a dread lich
287983 | Zig:19   | Killed an ancient lich
287983 | Zig:19   | Killed an ancient lich
287983 | Zig:19   | Killed a dread lich
287983 | Zig:19   | Killed an ancient lich
287983 | Zig:19   | Killed an ancient lich
287983 | Zig:19   | Killed a dread lich
287983 | Zig:19   | Killed a dread lich
287983 | Zig:19   | Noticed an ancient lich
287983 | Zig:19   | Noticed an ancient lich
287984 | Zig:19   | Noticed an ancient lich
287985 | Zig:19   | Noticed an ancient lich
287985 | Zig:19   | Noticed an ancient lich
287985 | Zig:19   | Noticed an ancient lich
287986 | Zig:19   | Noticed a dread lich
287986 | Zig:19   | Noticed a dread lich
287986 | Zig:19   | Noticed a dread lich
287987 | Zig:19   | Noticed a dread lich
287987 | Zig:19   | Noticed an ancient lich
287987 | Zig:19   | Noticed a dread lich
287987 | Zig:19   | Noticed an ancient lich
287988 | Zig:19   | Noticed an ancient lich
287988 | Zig:19   | Noticed a dread lich
287989 | Zig:19   | Killed a dread lich
287989 | Zig:19   | Killed an ancient lich
287989 | Zig:19   | Killed a dread lich
287989 | Zig:19   | Killed a dread lich
287989 | Zig:19   | Noticed an ancient lich
287990 | Zig:19   | Killed an ancient lich
287990 | Zig:19   | Killed an ancient lich
287990 | Zig:19   | Killed an ancient lich
287990 | Zig:19   | Killed a dread lich
287990 | Zig:19   | Killed an ancient lich
287990 | Zig:19   | Killed an ancient lich
287990 | Zig:19   | Killed a dread lich
287990 | Zig:19   | Killed an ancient lich
287990 | Zig:19   | Killed an ancient lich
287990 | Zig:19   | Killed an ancient lich
287990 | Zig:19   | Killed a dread lich
287994 | Zig:19   | Killed an ancient lich
287995 | Zig:19   | Killed an ancient lich
288144 | Zig:19   | Identified the +5 lajatang of Niceol {flame, rF- rN+ Int+2}
288157 | Zig:19   | Identified the +4 bardiche "Viulisal" {freeze, Dex+3
                  | Stlth+}
288430 | Zig:20   | Entered Level 20 of a ziggurat
288784 | Zig:20   | Identified the +11 whip of Abeopiorr {drain, rElec rF+
                  | Str+5 Dex-3}
288833 | Zig:20   | Identified the +3 broad axe "Ene Loxa" {venom, ^Drain rCorr
                  | Str+5 Stlth+}
288844 | Zig:20   | Identified the ring of Peace {Ice Str+4}
288848 | Zig:20   | Identified the +5 dagger of Evil {vamp, Will+}
288851 | Zig:20   | Identified the +1 war axe of the Illusory Visions {heavy,
                  | ^Drain rPois Dex+5}
288855 | Zig:20   | Identified the ring "Boecsini" {Ice rN+ Int+4 Dex-5}
288966 | Zig:21   | Entered Level 21 of a ziggurat
288978 | Zig:21   | Noticed an orb of fire
288979 | Zig:21   | Noticed an orb of fire
288980 | Zig:21   | Noticed an orb of fire
288980 | Zig:21   | Noticed an orb of fire
288981 | Zig:21   | Noticed an orb of fire
288983 | Zig:21   | Noticed an orb of fire
288985 | Zig:21   | Killed an orb of fire
288985 | Zig:21   | Noticed an orb of fire
288985 | Zig:21   | Noticed an orb of fire
288986 | Zig:21   | Killed an orb of fire
288986 | Zig:21   | Killed an orb of fire
288986 | Zig:21   | Killed an orb of fire
288986 | Zig:21   | Noticed an orb of fire
288987 | Zig:21   | Noticed an orb of fire
288987 | Zig:21   | Noticed an orb of fire
288987 | Zig:21   | Noticed an orb of fire
288987 | Zig:21   | Noticed an orb of fire
288989 | Zig:21   | Noticed an orb of fire
288989 | Zig:21   | Noticed an orb of fire
288991 | Zig:21   | Noticed an orb of fire
288992 | Zig:21   | Noticed an orb of fire
288993 | Zig:21   | Noticed an orb of fire
288994 | Zig:21   | Noticed an orb of fire
288994 | Zig:21   | Noticed an orb of fire
289005 | Zig:21   | Killed an orb of fire
289005 | Zig:21   | Killed an orb of fire
289006 | Zig:21   | Killed an orb of fire
289006 | Zig:21   | Killed an orb of fire
289006 | Zig:21   | Noticed an orb of fire
289006 | Zig:21   | Noticed an orb of fire
289007 | Zig:21   | Killed an orb of fire
289007 | Zig:21   | Noticed an orb of fire
289008 | Zig:21   | Noticed an orb of fire
289009 | Zig:21   | Killed an orb of fire
289009 | Zig:21   | Killed an orb of fire
289009 | Zig:21   | Killed an orb of fire
289009 | Zig:21   | Noticed an orb of fire
289009 | Zig:21   | Noticed an orb of fire
289009 | Zig:21   | Noticed an orb of fire
289010 | Zig:21   | Killed an orb of fire
289010 | Zig:21   | Killed an orb of fire
289012 | Zig:21   | Killed an orb of fire
289013 | Zig:21   | Killed an orb of fire
289013 | Zig:21   | Killed an orb of fire
289013 | Zig:21   | Killed an orb of fire
289015 | Zig:21   | Killed an orb of fire
289015 | Zig:21   | Killed an orb of fire
289015 | Zig:21   | Killed an orb of fire
289015 | Zig:21   | Killed an orb of fire
289015 | Zig:21   | Killed an orb of fire
289015 | Zig:21   | Noticed an orb of fire
289015 | Zig:21   | Noticed an orb of fire
289015 | Zig:21   | Noticed an orb of fire
289017 | Zig:21   | Noticed an orb of fire
289019 | Zig:21   | Noticed an orb of fire
289019 | Zig:21   | Noticed an orb of fire
289021 | Zig:21   | Noticed an orb of fire
289023 | Zig:21   | Killed an orb of fire
289023 | Zig:21   | Killed an orb of fire
289024 | Zig:21   | Killed an orb of fire
289024 | Zig:21   | Noticed an orb of fire
289025 | Zig:21   | Killed an orb of fire
289025 | Zig:21   | Killed an orb of fire
289025 | Zig:21   | Killed an orb of fire
289025 | Zig:21   | Killed an orb of fire
289026 | Zig:21   | Killed an orb of fire
289026 | Zig:21   | Noticed an orb of fire
289026 | Zig:21   | Noticed an orb of fire
289027 | Zig:21   | Killed an orb of fire
289027 | Zig:21   | Killed an orb of fire
289027 | Zig:21   | Killed an orb of fire
289029 | Zig:21   | Noticed an orb of fire
289029 | Zig:21   | Noticed an orb of fire
289031 | Zig:21   | Killed an orb of fire
289033 | Zig:21   | Noticed an orb of fire
289033 | Zig:21   | Noticed an orb of fire
289035 | Zig:21   | Noticed an orb of fire
289035 | Zig:21   | Killed an orb of fire
289035 | Zig:21   | Noticed an orb of fire
289036 | Zig:21   | Killed an orb of fire
289036 | Zig:21   | Killed an orb of fire
289038 | Zig:21   | Killed an orb of fire
289039 | Zig:21   | Killed an orb of fire
289039 | Zig:21   | Killed an orb of fire
289041 | Zig:21   | Killed an orb of fire
289041 | Zig:21   | Killed an orb of fire
289042 | Zig:21   | Noticed an orb of fire
289044 | Zig:21   | Noticed an orb of fire
289050 | Zig:21   | Killed an orb of fire
289052 | Zig:21   | Noticed an orb of fire
289053 | Zig:21   | Killed an orb of fire
289056 | Zig:21   | Killed an orb of fire
289362 | Zig:21   | Identified the ring "Amao" {Fire rElec Int+3}
289365 | Zig:21   | Identified the +5 scimitar of the Brain {holy, rC+ Str+2
                  | SInv}
289379 | Zig:21   | Identified the +0 bardiche "Futecs" {heavy, *Noise rPois
                  | Str+3}
289388 | Zig:21   | Identified the ring "Wupp" {rC+ Slay+3}
289403 | Zig:21   | Identified the +0 leather armour of Ytaur {rPois rF+ Int+3}
289406 | Zig:21   | Identified the +4 ring mail of Forking Paths {Int+2}
289407 | Zig:21   | Identified the +9 flail of Muad {freeze, Dex+2}
289449 | Zig:22   | Entered Level 22 of a ziggurat
289986 | Zig:22   | Identified the staff "Xuetuff" {rPois Int+4 Dex+5 Poison}
290032 | Zig:22   | Identified the staff "Foamo" {rPois rC++ rCorr Stlth- Conj}
290036 | Zig:22   | Identified the amulet "Afuidgh" {rPois rF+ Regen+ rCorr}
290038 | Zig:22   | Identified the staff of Starshine {rC+ Will+ Ice}
290050 | Zig:22   | Identified the +6 arbalest "Ubeacuez" {penet, ^Contam
                  | ^Fragile Int+8 Dex+5}
290052 | Zig:22   | Identified the ring "Cudeneaq" {rPois rC++ rN+}
290064 | Zig:22   | Identified the +2 leather armour of the Stone Wall {rC+}
290069 | Zig:22   | Identified the +3 great mace "Qaor" {freeze, rC++ Int-3}
290160 | Zig:23   | Entered Level 23 of a ziggurat
290173 | Zig:23   | Noticed a dread lich
290174 | Zig:23   | Noticed an ancient lich
290174 | Zig:23   | Noticed an ancient lich
290175 | Zig:23   | Noticed a dread lich
290175 | Zig:23   | Noticed an ancient lich
290177 | Zig:23   | Noticed a dread lich
290177 | Zig:23   | Noticed a dread lich
290178 | Zig:23   | Noticed a dread lich
290178 | Zig:23   | Noticed a dread lich
290178 | Zig:23   | Noticed a dread lich
290179 | Zig:23   | Noticed an ancient lich
290179 | Zig:23   | Noticed an ancient lich
290180 | Zig:23   | Noticed a dread lich
290180 | Zig:23   | Killed a dread lich
290180 | Zig:23   | Killed an ancient lich
290180 | Zig:23   | Killed a dread lich
290180 | Zig:23   | Killed an ancient lich
290180 | Zig:23   | Killed a dread lich
290180 | Zig:23   | Killed a dread lich
290180 | Zig:23   | Killed an ancient lich
290180 | Zig:23   | Killed a dread lich
290180 | Zig:23   | Killed a dread lich
290180 | Zig:23   | Killed a dread lich
290181 | Zig:23   | Noticed a dread lich
290181 | Zig:23   | Noticed an ancient lich
290181 | Zig:23   | Noticed an ancient lich
290181 | Zig:23   | Noticed an ancient lich
290181 | Zig:23   | Noticed a dread lich
290182 | Zig:23   | Noticed a dread lich
290183 | Zig:23   | Noticed an ancient lich
290183 | Zig:23   | Noticed a dread lich
290183 | Zig:23   | Noticed an ancient lich
290184 | Zig:23   | Noticed a dread lich
290184 | Zig:23   | Noticed an ancient lich
290185 | Zig:23   | Killed a dread lich
290185 | Zig:23   | Killed an ancient lich
290185 | Zig:23   | Killed a dread lich
290186 | Zig:23   | Noticed an ancient lich
290186 | Zig:23   | Killed a dread lich
290186 | Zig:23   | Killed an ancient lich
290186 | Zig:23   | Killed an ancient lich
290186 | Zig:23   | Killed an ancient lich
290186 | Zig:23   | Killed an ancient lich
290186 | Zig:23   | Killed a dread lich
290186 | Zig:23   | Killed an ancient lich
290186 | Zig:23   | Killed a dread lich
290186 | Zig:23   | Killed a dread lich
290186 | Zig:23   | Killed an ancient lich
290186 | Zig:23   | Killed an ancient lich
290186 | Zig:23   | Noticed an ancient lich
290186 | Zig:23   | Noticed a dread lich
290189 | Zig:23   | Noticed an ancient lich
290189 | Zig:23   | Noticed a dread lich
290190 | Zig:23   | Noticed a dread lich
290190 | Zig:23   | Noticed a dread lich
290191 | Zig:23   | Killed an ancient lich
290192 | Zig:23   | Killed a dread lich
290192 | Zig:23   | Killed an ancient lich
290193 | Zig:23   | Killed a dread lich
290193 | Zig:23   | Killed an ancient lich
290193 | Zig:23   | Killed a dread lich
290193 | Zig:23   | Killed a dread lich
290200 | Zig:23   | Noticed an ancient lich
290207 | Zig:23   | Killed an ancient lich
290370 | Zig:23   | Identified the staff "Hydra's Demise" {rElec Hexes Summ
                  | Tmut Earth}
290381 | Zig:23   | Identified the amulet "Cetwot" {Regen+ Str+5}
290389 | Zig:23   | Identified the ring of Somapimn {Fire *Slow rElec rN+
                  | Dex+2}
290404 | Zig:23   | Identified the ring "Ughibb" {rC+ AC+4 Str+7 Int-4 Dex+3}
290407 | Zig:23   | Identified the staff "Coimaz" {rElec rN+ Str-2 Air Poison}
290410 | Zig:23   | Identified the +3 broad axe "Qeckumy" {flame, Fly Str+2}
290421 | Zig:23   | Identified the +5 ring mail of the Storm King {rElec rPois
                  | Int+4}
290435 | Zig:23   | Identified the +8 spear of Indomitability {antimagic, *Rage
                  | rElec rPois Dex-5}
290728 | Zig:24   | Entered Level 24 of a ziggurat
290741 | Zig:24   | Noticed Vesoes the pandemonium lord
290742 | Zig:24   | Noticed Gecrufur the pandemonium lord
290745 | Zig:24   | Noticed Hiokhey the pandemonium lord
290745 | Zig:24   | Noticed Gigoor the pandemonium lord
290746 | Zig:24   | Noticed Zeadu the pandemonium lord
290746 | Zig:24   | Noticed Gokaru the pandemonium lord
290747 | Zig:24   | Noticed Yludiacs the pandemonium lord
290748 | Zig:24   | Noticed Baiwnat the pandemonium lord
290748 | Zig:24   | Noticed Xiacuir the pandemonium lord
290748 | Zig:24   | Noticed Pacefy Gotso the pandemonium lord
290749 | Zig:24   | Noticed Jagoz the pandemonium lord
290750 | Zig:24   | Noticed Eschiseno the pandemonium lord
290751 | Zig:24   | Noticed Duamyrgh the pandemonium lord
290751 | Zig:24   | Killed Jagoz the pandemonium lord
290751 | Zig:24   | Killed Duamyrgh the pandemonium lord
290752 | Zig:24   | Noticed Cex Bolu the pandemonium lord
290753 | Zig:24   | Killed Pacefy Gotso the pandemonium lord
290753 | Zig:24   | Killed Yludiacs the pandemonium lord
290753 | Zig:24   | Noticed Ceblo the pandemonium lord
290754 | Zig:24   | Killed Zeadu the pandemonium lord
290754 | Zig:24   | Killed Vesoes the pandemonium lord
290754 | Zig:24   | Noticed Capar the pandemonium lord
290755 | Zig:24   | Killed Eschiseno the pandemonium lord
290755 | Zig:24   | Killed Gokaru the pandemonium lord
290755 | Zig:24   | Killed Baiwnat the pandemonium lord
290755 | Zig:24   | Killed Gigoor the pandemonium lord
290755 | Zig:24   | Killed Xiacuir the pandemonium lord
290755 | Zig:24   | Killed Gecrufur the pandemonium lord
290755 | Zig:24   | Killed Hiokhey the pandemonium lord
290755 | Zig:24   | Noticed Zidyoman the pandemonium lord
290755 | Zig:24   | Noticed Ijatiesa the pandemonium lord
290756 | Zig:24   | Noticed Ixuu the pandemonium lord
290757 | Zig:24   | Noticed Puavetea the pandemonium lord
290759 | Zig:24   | Noticed Lomuiz the pandemonium lord
290759 | Zig:24   | Noticed Ibiv the pandemonium lord
290759 | Zig:24   | Noticed Ankuixt the pandemonium lord
290759 | Zig:24   | Noticed Bimoducu the pandemonium lord
290760 | Zig:24   | Noticed Kaqaesi the pandemonium lord
290760 | Zig:24   | Noticed Ycuozewn the pandemonium lord
290760 | Zig:24   | Noticed Iqaum the pandemonium lord
290760 | Zig:24   | Noticed Rous the pandemonium lord
290760 | Zig:24   | Noticed Usuynn the pandemonium lord
290760 | Zig:24   | Noticed Zuefui the pandemonium lord
290761 | Zig:24   | Noticed Egomuren the pandemonium lord
290761 | Zig:24   | Killed Cex Bolu the pandemonium lord
290761 | Zig:24   | Killed Usuynn the pandemonium lord
290761 | Zig:24   | Killed Iqaum the pandemonium lord
290762 | Zig:24   | Killed Zidyoman the pandemonium lord
290762 | Zig:24   | Killed Egomuren the pandemonium lord
290762 | Zig:24   | Killed Ibiv the pandemonium lord
290762 | Zig:24   | Noticed Vezaleso the pandemonium lord
290763 | Zig:24   | Killed Bimoducu the pandemonium lord
290766 | Zig:24   | Noticed Guxap the pandemonium lord
290767 | Zig:24   | Noticed Ura Ofox the pandemonium lord
290768 | Zig:24   | Killed Capar the pandemonium lord
290769 | Zig:24   | Noticed Acutoagg the pandemonium lord
290769 | Zig:24   | Noticed Cyuxytar the pandemonium lord
290769 | Zig:24   | Killed Ixuu the pandemonium lord
290769 | Zig:24   | Killed Ankuixt the pandemonium lord
290770 | Zig:24   | Noticed Xairyozi the pandemonium lord
290770 | Zig:24   | Killed Lanir the pandemonium lord
290770 | Zig:24   | Noticed Dugyuh the pandemonium lord
290770 | Zig:24   | Noticed Cicwiu the pandemonium lord
290773 | Zig:24   | Killed Ycuozewn the pandemonium lord
290773 | Zig:24   | Noticed Wiq Hupn the pandemonium lord
290773 | Zig:24   | Killed Voesevad the pandemonium lord
290776 | Zig:24   | Killed Ijatiesa the pandemonium lord
290776 | Zig:24   | Noticed Nahoovukh the pandemonium lord
290777 | Zig:24   | Noticed Hagoux the pandemonium lord
290785 | Zig:24   | Killed Kaqaesi the pandemonium lord
290786 | Zig:24   | Killed Vezaleso the pandemonium lord
290790 | Zig:24   | Noticed Kucu the pandemonium lord
290791 | Zig:24   | Noticed Wohiwudd the pandemonium lord
290793 | Zig:24   | Noticed Kierel the pandemonium lord
290794 | Zig:24   | Noticed Gumnir the pandemonium lord
290795 | Zig:24   | Noticed Zoatopad the pandemonium lord
290795 | Zig:24   | Noticed Xaynimiela the pandemonium lord
290795 | Zig:24   | Noticed Ymirimah the pandemonium lord
290795 | Zig:24   | Noticed Puderr the pandemonium lord
290795 | Zig:24   | Killed Xaynimiela the pandemonium lord
290795 | Zig:24   | Killed Ceblo the pandemonium lord
290796 | Zig:24   | Killed Rous the pandemonium lord
290796 | Zig:24   | Killed Lomuiz the pandemonium lord
290796 | Zig:24   | Killed Acutoagg the pandemonium lord
290796 | Zig:24   | Killed Kierel the pandemonium lord
290796 | Zig:24   | Killed Roownuwiyd the pandemonium lord
290796 | Zig:24   | Killed Xairyozi the pandemonium lord
290796 | Zig:24   | Killed Nahoovukh the pandemonium lord
290796 | Zig:24   | Killed Cyuxytar the pandemonium lord
290797 | Zig:24   | Killed Gumnir the pandemonium lord
290797 | Zig:24   | Killed Wiq Hupn the pandemonium lord
290797 | Zig:24   | Killed Guxap the pandemonium lord
290797 | Zig:24   | Noticed Aguan the pandemonium lord
290797 | Zig:24   | Noticed Puficov the pandemonium lord
290798 | Zig:24   | Killed Zoatopad the pandemonium lord
290800 | Zig:24   | Noticed Jozesuseum the pandemonium lord
290805 | Zig:24   | Killed Puficov the pandemonium lord
290807 | Zig:24   | Noticed Wimikitz the pandemonium lord
290810 | Zig:24   | Noticed Lar Quecush the pandemonium lord
290810 | Zig:24   | Noticed Ytaegatz the pandemonium lord
290810 | Zig:24   | Noticed Fanutz the pandemonium lord
290811 | Zig:24   | Killed Hagoux the pandemonium lord
290811 | Zig:24   | Killed Puderr the pandemonium lord
290811 | Zig:24   | Killed Wimikitz the pandemonium lord
290811 | Zig:24   | Killed Ymirimah the pandemonium lord
290811 | Zig:24   | Killed Dugyuh the pandemonium lord
290811 | Zig:24   | Noticed Zeys the pandemonium lord
290812 | Zig:24   | Noticed Otomuafu the pandemonium lord
290814 | Zig:24   | Killed Zeys the pandemonium lord
290814 | Zig:24   | Killed Zuefui the pandemonium lord
290814 | Zig:24   | Killed Lar Quecush the pandemonium lord
290815 | Zig:24   | Killed Otomuafu the pandemonium lord
290815 | Zig:24   | Noticed Plog the pandemonium lord
290816 | Zig:24   | Killed Kucu the pandemonium lord
290816 | Zig:24   | Killed Cicwiu the pandemonium lord
290816 | Zig:24   | Noticed Bibb the pandemonium lord
290816 | Zig:24   | Noticed Duurutes the pandemonium lord
290816 | Zig:24   | Noticed Logyejisch the pandemonium lord
290816 | Zig:24   | Noticed Ocwoch the pandemonium lord
290817 | Zig:24   | Noticed Dimulemu the pandemonium lord
290819 | Zig:24   | Noticed Nafez the pandemonium lord
290820 | Zig:24   | Killed Ura Ofox the pandemonium lord
290820 | Zig:24   | Killed Bibb the pandemonium lord
290820 | Zig:24   | Killed Wohiwudd the pandemonium lord
290822 | Zig:24   | Noticed Ablifioh the pandemonium lord
290824 | Zig:24   | Noticed Durevvoh the pandemonium lord
290824 | Zig:24   | Noticed Nuzaudiu the pandemonium lord
290824 | Zig:24   | Noticed Teoheir the pandemonium lord
290825 | Zig:24   | Killed Duurutes the pandemonium lord
290825 | Zig:24   | Killed Idyphink the pandemonium lord
290826 | Zig:24   | Killed Nuzaudiu the pandemonium lord
290826 | Zig:24   | Killed Puavetea the pandemonium lord
290826 | Zig:24   | Killed Jozesuseum the pandemonium lord
290826 | Zig:24   | Killed Teoheir the pandemonium lord
290827 | Zig:24   | Killed Ablifioh the pandemonium lord
290828 | Zig:24   | Killed Aguan the pandemonium lord
290828 | Zig:24   | Killed Dimulemu the pandemonium lord
290828 | Zig:24   | Killed Fanutz the pandemonium lord
290829 | Zig:24   | Killed Nafez the pandemonium lord
290830 | Zig:24   | Noticed Yleco the pandemonium lord
290830 | Zig:24   | Killed Ytaegatz the pandemonium lord
290833 | Zig:24   | Noticed Qasukugeo the pandemonium lord
290836 | Zig:24   | Noticed Vaweodie the pandemonium lord
290836 | Zig:24   | Noticed Qopnaiti the pandemonium lord
290838 | Zig:24   | Noticed Pyss the pandemonium lord
290838 | Zig:24   | Noticed Oggyruz the pandemonium lord
290839 | Zig:24   | Noticed Royt the pandemonium lord
290841 | Zig:24   | Killed Durevvoh the pandemonium lord
290841 | Zig:24   | Killed Plog the pandemonium lord
290842 | Zig:24   | Killed Oggyruz the pandemonium lord
290842 | Zig:24   | Killed Qasukugeo the pandemonium lord
290844 | Zig:24   | Noticed Caci the pandemonium lord
290844 | Zig:24   | Noticed Jaqononn the pandemonium lord
290845 | Zig:24   | Noticed Feqoen the pandemonium lord
290845 | Zig:24   | Noticed Daaqast the pandemonium lord
290846 | Zig:24   | Killed Jaqononn the pandemonium lord
290846 | Zig:24   | Killed Feqoen the pandemonium lord
290846 | Zig:24   | Noticed Qirhamimu the pandemonium lord
290849 | Zig:24   | Killed Yleco the pandemonium lord
290849 | Zig:24   | Killed Vaweodie the pandemonium lord
290849 | Zig:24   | Killed Ocwoch the pandemonium lord
290849 | Zig:24   | Killed Caci the pandemonium lord
290853 | Zig:24   | Killed Pyss the pandemonium lord
290853 | Zig:24   | Killed Royt the pandemonium lord
290854 | Zig:24   | Noticed Sorugoklo the pandemonium lord
290856 | Zig:24   | Killed Qirhamimu the pandemonium lord
290856 | Zig:24   | Killed Daaqast the pandemonium lord
290858 | Zig:24   | Killed Qopnaiti the pandemonium lord
290870 | Zig:24   | Killed Sorugoklo the pandemonium lord
290870 | Zig:24   | Killed Logyejisch the pandemonium lord
290871 | Zig:24   | Noticed Vaon Buv the pandemonium lord
290873 | Zig:24   | Noticed Wuorgh the pandemonium lord
290874 | Zig:24   | Noticed Ippop the pandemonium lord
290876 | Zig:24   | Killed Vaon Buv the pandemonium lord
290877 | Zig:24   | Noticed Kuihaqy the pandemonium lord
290877 | Zig:24   | Noticed Dutaq the pandemonium lord
290878 | Zig:24   | Killed Dutaq the pandemonium lord
290879 | Zig:24   | Killed Wuorgh the pandemonium lord
290879 | Zig:24   | Killed Kuihaqy the pandemonium lord
290880 | Zig:24   | Killed Ippop the pandemonium lord
290883 | Zig:24   | Noticed Lozxav the pandemonium lord
290883 | Zig:24   | Killed Lozxav the pandemonium lord
291267 | Zig:24   | Identified the ring of Orphytroa {Wiz rElec Stlth+}
291275 | Zig:24   | Identified the amulet "Tivaf" {*Slow Regen+ rCorr Str+2
                  | Dex+4}
291277 | Zig:24   | Identified the death talisman of the Marlin {rF+++ Will+
                  | Str-4 Dex+2}
291278 | Zig:24   | Identified the ring of Oxoed {Wiz rCorr}
291284 | Zig:24   | Identified the staff of Prescription {rN+ rCorr Dex+3
                  | Necro}
291285 | Zig:24   | Identified the amulet "Esaac Ynuo" {Harm rC++ Regen+ Dex-2
                  | SInv}
291301 | Zig:24   | Identified the amulet "Edduv" {Faith Rampage rC- rN+++
                  | Str-2}
291303 | Zig:24   | Identified the +8 battleaxe of the Distant Future {flame,
                  | rF+ rN+ Dex+6}
291307 | Zig:24   | Identified the staff of the Priest {rElec rC+ Will+ Str-3
                  | Ice}
291309 | Zig:24   | Identified the amulet of Edan {Reflect rElec SH+5}
291449 | Zig:25   | Entered Level 25 of a ziggurat
291626 | Zig:25   | Identified the +1 falchion of Qer Jouqau {drain, rElec
                  | Str+4 Dex+2 Stlth+}
291627 | Zig:25   | Identified the ring of Wuciludo {rC++ Int+3 SInv}
291635 | Zig:25   | Identified the staff "Pecaisank" {rPois rF+ rC+ Will+ Summ
                  | Ice}
291651 | Zig:25   | Identified the +9 falchion of Indignation {vamp, rC+}
291658 | Zig:25   | Identified the staff of Massacring {rElec Str+2 Air}
291670 | Zig:25   | Identified the +0 robe "Gumuar" {rN+ Str-4 Dex+5 Archmagi}
291674 | Zig:25   | Identified the staff of Wenwo {Will+ Earth}
291680 | Zig:25   | Identified the ring "Gigeff" {Str+6 Int+6}
291729 | Zig:25   | Identified the +8 dagger "Butoy" {speed, *Noise rPois Str+5
                  | Stlth+}
291749 | Zig:25   | Identified the ring "Goethoo" {rPois rC+ Str+5 Int+3}
291781 | Zig:25   | Identified the +5 whip "Emugeino" {heavy, rElec Str+2
                  | Dex+4}
292189 | Zig:26   | Entered Level 26 of a ziggurat
292206 | Zig:26   | Noticed an ancient lich
292209 | Zig:26   | Noticed a dread lich
292210 | Zig:26   | Noticed an ancient lich
292211 | Zig:26   | Noticed an ancient lich
292213 | Zig:26   | Noticed a dread lich
292214 | Zig:26   | Noticed an ancient lich
292214 | Zig:26   | Noticed an ancient lich
292214 | Zig:26   | Noticed a dread lich
292215 | Zig:26   | Noticed an ancient lich
292215 | Zig:26   | Noticed an ancient lich
292215 | Zig:26   | Noticed an ancient lich
292215 | Zig:26   | Noticed an ancient lich
292216 | Zig:26   | Noticed an ancient lich
292216 | Zig:26   | Noticed an ancient lich
292216 | Zig:26   | Noticed an ancient lich
292216 | Zig:26   | Noticed a dread lich
292216 | Zig:26   | Noticed a dread lich
292216 | Zig:26   | Noticed a dread lich
292217 | Zig:26   | Noticed an ancient lich
292217 | Zig:26   | Noticed a dread lich
292217 | Zig:26   | Noticed an ancient lich
292217 | Zig:26   | Noticed an ancient lich
292217 | Zig:26   | Noticed an ancient lich
292217 | Zig:26   | Noticed a dread lich
292217 | Zig:26   | Noticed an ancient lich
292217 | Zig:26   | Noticed an ancient lich
292218 | Zig:26   | Noticed an ancient lich
292218 | Zig:26   | Noticed a dread lich
292218 | Zig:26   | Noticed a dread lich
292219 | Zig:26   | Noticed a dread lich
292219 | Zig:26   | Noticed an ancient lich
292219 | Zig:26   | Noticed a dread lich
292219 | Zig:26   | Killed an ancient lich
292219 | Zig:26   | Killed an ancient lich
292219 | Zig:26   | Killed a dread lich
292219 | Zig:26   | Killed an ancient lich
292219 | Zig:26   | Killed an ancient lich
292219 | Zig:26   | Noticed a dread lich
292219 | Zig:26   | Killed a dread lich
292220 | Zig:26   | Noticed an ancient lich
292220 | Zig:26   | Noticed an ancient lich
292221 | Zig:26   | Noticed an ancient lich
292221 | Zig:26   | Noticed a dread lich
292221 | Zig:26   | Noticed an ancient lich
292222 | Zig:26   | Killed an ancient lich
292222 | Zig:26   | Killed an ancient lich
292222 | Zig:26   | Killed an ancient lich
292222 | Zig:26   | Killed a dread lich
292222 | Zig:26   | Killed an ancient lich
292222 | Zig:26   | Killed an ancient lich
292222 | Zig:26   | Killed a dread lich
292222 | Zig:26   | Killed an ancient lich
292222 | Zig:26   | Killed an ancient lich
292222 | Zig:26   | Killed a dread lich
292222 | Zig:26   | Killed a dread lich
292222 | Zig:26   | Killed an ancient lich
292222 | Zig:26   | Killed an ancient lich
292222 | Zig:26   | Killed an ancient lich
292222 | Zig:26   | Killed a dread lich
292222 | Zig:26   | Killed a dread lich
292222 | Zig:26   | Killed a dread lich
292222 | Zig:26   | Killed an ancient lich
292222 | Zig:26   | Killed an ancient lich
292222 | Zig:26   | Killed an ancient lich
292222 | Zig:26   | Killed an ancient lich
292222 | Zig:26   | Killed a dread lich
292222 | Zig:26   | Killed an ancient lich
292222 | Zig:26   | Killed a dread lich
292222 | Zig:26   | Killed a dread lich
292222 | Zig:26   | Noticed a dread lich
292223 | Zig:26   | Noticed an ancient lich
292224 | Zig:26   | Killed an ancient lich
292225 | Zig:26   | Killed a dread lich
292226 | Zig:26   | Killed a dread lich
292227 | Zig:26   | Noticed an ancient lich
292227 | Zig:26   | Killed an ancient lich
292227 | Zig:26   | Killed an ancient lich
292227 | Zig:26   | Killed an ancient lich
292228 | Zig:26   | Killed an ancient lich
292228 | Zig:26   | Killed an ancient lich
292228 | Zig:26   | Killed a dread lich
292232 | Zig:26   | Killed an ancient lich
292473 | Zig:26   | Identified the +0 great sword of the Wasp {distort, rElec
                  | rPois MP+9}
292475 | Zig:26   | Identified the ring "Henisay" {Ice *Corrode rPois rN+
                  | Will+}
292505 | Zig:26   | Identified the +0 robe of the Arcane {rF- Int+2 Archmagi}
292507 | Zig:26   | Identified the +3 arbalest "Vyniyq" {penet, rPois rN+
                  | Int+2}
292582 | Zig:26   | Identified the +7 hand axe of Teujat {pain, Int+4}
292600 | Zig:26   | Identified the +3 battleaxe "Meimaam" {protect, rC++ rCorr
                  | Str-5 Stlth+}
292765 | Zig:27   | Entered Level 27 of a ziggurat
292820 | Zig:27   | Noticed Ocheacuh the pandemonium lord
292826 | Zig:27   | Killed Ocheacuh the pandemonium lord
292850 | Zig:27   | Found the ring of the Octopus King
293032 | Zig:27   | Identified the ring "Maxyig" {Will+ Int-5 Dex+3}
293034 | Zig:27   | Identified the ring "Pedo" {rPois rF+ Str-2 Int+2 Dex+3}
293036 | Zig:27   | Identified the +6 war axe of Popular Demand {freeze, rPois
                  | Int+3 Dex+5}
293058 | Zig:27   | Identified the +5 sling "Ugeamy" {drain, Int+4}
293070 | Zig:27   | Identified the +0 long sword of the Candelabrum {heavy,
                  | ^Contam rN+ Will++}
293271 | Zig:27   | Identified a ring of the Octopus King {Wiz HP+2 AC+2 EV+2
                  | SH+2}
293518 | D:10     | Bought the ring "Sihes" {rC+ Int+4 SInv} for 490 gold
                  | pieces
293605 | D:10     | Acquired 462 gold pieces
293606 | D:10     | Acquired 739 gold pieces
293607 | D:10     | Acquired the +3 hat of Pondering {ponderous, Will+ MP+10
                  | Int+5}
293607 | D:10     | Found the +3 hat of Pondering {ponderous, Will+ MP+10
                  | Int+5}
293638 | Zig:1    | Entered Level 1 of a ziggurat
293681 | Zig:2    | Entered Level 2 of a ziggurat
293757 | Zig:3    | Entered Level 3 of a ziggurat
293757 | Zig:3    | Noticed a royal mummy
293757 | Zig:3    | Noticed a royal mummy
293757 | Zig:3    | Noticed a royal mummy
293758 | Zig:3    | Killed a royal mummy
293759 | Zig:3    | Killed a royal mummy
293759 | Zig:3    | Killed a royal mummy
293805 | Zig:3    | Identified the +0 ring mail of Sif Muna's Regard {SInv}
293894 | Zig:4    | Entered Level 4 of a ziggurat
293961 | Zig:4    | Identified the +7 shortbow of the Telling Gods {elec, rPois
                  | rN+++ Int-4 Stlth+}
293995 | Zig:5    | Entered Level 5 of a ziggurat
294044 | Zig:5    | Identified the +5 long sword "Pihah" {venom, Will++ Str-2
                  | Int+6}
294105 | Zig:6    | Entered Level 6 of a ziggurat
294200 | Zig:6    | Identified the amulet "Hegoqe Tagis" {RegenMP Int+3 Dex+3}
294208 | Zig:6    | Identified the ring of Mibb {rPois MP+9 Int+4 Slay+3}
294232 | Zig:6    | Identified the +0 robe of Vesisk {-Cast rF++}
294236 | Zig:6    | Identified the +5 long sword of Neblo {heavy, rN+}
294275 | Zig:7    | Entered Level 7 of a ziggurat
294284 | Zig:7    | Found the +3 salamander hide armour {Flames, rFlCloud rF++
                  | rC--}
294285 | Zig:7    | Found the +10 tower shield of Ignorance {rN+ Int-4}
294330 | Zig:7    | Identified the staff "Aniwoocze" {rN+ Int+2 Conj}
294365 | Zig:7    | Identified the ring of Zycoli {rPois rCorr Str-4 Int+2}
294390 | Zig:7    | Identified the +1 triple crossbow "Thing" {speed, rC+ Str-3
                  | Dex+5}
294505 | Zig:8    | Entered Level 8 of a ziggurat
294704 | Zig:8    | Identified the +0 robe of Dawn {*Slow rElec Int+2 SInv
                  | Archmagi}
294734 | Zig:9    | Entered Level 9 of a ziggurat
294920 | Zig:9    | Identified the +2 quarterstaff of Impatience {antimagic,
                  | rC++ Will++ Str+3}
294924 | Zig:9    | Identified the +5 ring mail of the Onion {^Contam Regen+
                  | rCorr SInv}
294925 | Zig:9    | Identified the amulet of Iledec {Spirit Rampage rN+ Str+5
                  | Dex+3}
294929 | Zig:9    | Identified the ring "Mapeac" {rC+ Int+6}
294986 | Zig:10   | Entered Level 10 of a ziggurat
294989 | Zig:10   | Noticed an ancient lich
294989 | Zig:10   | Noticed a dread lich
294990 | Zig:10   | Noticed an ancient lich
294990 | Zig:10   | Noticed an ancient lich
294990 | Zig:10   | Noticed an ancient lich
294990 | Zig:10   | Noticed a dread lich
294990 | Zig:10   | Noticed an ancient lich
294991 | Zig:10   | Noticed an ancient lich
294991 | Zig:10   | Noticed an ancient lich
294991 | Zig:10   | Noticed a dread lich
294992 | Zig:10   | Noticed a dread lich
294992 | Zig:10   | Noticed a dread lich
294992 | Zig:10   | Noticed a dread lich
294992 | Zig:10   | Noticed a dread lich
294992 | Zig:10   | Noticed a dread lich
294992 | Zig:10   | Noticed a dread lich
294993 | Zig:10   | Noticed a dread lich
294993 | Zig:10   | Noticed a dread lich
294994 | Zig:10   | Killed an ancient lich
294994 | Zig:10   | Killed an ancient lich
294994 | Zig:10   | Killed a dread lich
294994 | Zig:10   | Killed a dread lich
294994 | Zig:10   | Killed a dread lich
294994 | Zig:10   | Killed a dread lich
294994 | Zig:10   | Killed a dread lich
294995 | Zig:10   | Killed an ancient lich
294995 | Zig:10   | Killed an ancient lich
294995 | Zig:10   | Killed an ancient lich
294995 | Zig:10   | Killed a dread lich
294995 | Zig:10   | Killed a dread lich
294995 | Zig:10   | Killed an ancient lich
294995 | Zig:10   | Killed an ancient lich
294995 | Zig:10   | Killed a dread lich
294995 | Zig:10   | Killed a dread lich
294995 | Zig:10   | Killed a dread lich
294996 | Zig:10   | Noticed an ancient lich
294996 | Zig:10   | Noticed an ancient lich
294996 | Zig:10   | Noticed an ancient lich
294996 | Zig:10   | Noticed an ancient lich
295000 | Zig:10   | Killed a dread lich
295000 | Zig:10   | Killed an ancient lich
295001 | Zig:10   | Killed an ancient lich
295001 | Zig:10   | Killed an ancient lich
295001 | Zig:10   | Killed an ancient lich
295048 | Zig:10   | Identified the +8 flail "Embalmer" {heavy, ^Drain rC++
                  | rN++}
295217 | Zig:11   | Entered Level 11 of a ziggurat
295226 | Zig:11   | Noticed an ancient lich
295231 | Zig:11   | Killed an ancient lich
295350 | Zig:11   | Identified the +3 quarterstaff of Toneqe {venom, rC+ Int+3
                  | SInv}
295357 | Zig:11   | Identified the +0 arbalest "Atuemul" {speed, ^Fragile rCorr
                  | Str-3 Int+9}
295358 | Zig:11   | Identified the +11 bardiche "Cidic" {drain, rCorr}
295367 | Zig:11   | Identified the +9 glaive "Zatonn" {holy, Str+2}
295372 | Zig:11   | Identified the ring of the Ego {Wiz rElec rC+ Int+4 Dex+3}
295512 | Zig:12   | Entered Level 12 of a ziggurat
295517 | Zig:12   | Noticed a dread lich
295518 | Zig:12   | Noticed a dread lich
295518 | Zig:12   | Noticed an ancient lich
295518 | Zig:12   | Noticed a dread lich
295518 | Zig:12   | Noticed an ancient lich
295518 | Zig:12   | Noticed an ancient lich
295518 | Zig:12   | Noticed an ancient lich
295518 | Zig:12   | Noticed a dread lich
295519 | Zig:12   | Noticed a dread lich
295519 | Zig:12   | Noticed a dread lich
295519 | Zig:12   | Noticed an ancient lich
295520 | Zig:12   | Noticed an ancient lich
295520 | Zig:12   | Noticed a dread lich
295521 | Zig:12   | Noticed a dread lich
295521 | Zig:12   | Killed a dread lich
295521 | Zig:12   | Killed a dread lich
295521 | Zig:12   | Killed a dread lich
295522 | Zig:12   | Killed a dread lich
295522 | Zig:12   | Killed a dread lich
295522 | Zig:12   | Killed a dread lich
295522 | Zig:12   | Killed an ancient lich
295522 | Zig:12   | Killed an ancient lich
295522 | Zig:12   | Killed an ancient lich
295522 | Zig:12   | Killed an ancient lich
295522 | Zig:12   | Killed an ancient lich
295522 | Zig:12   | Killed an ancient lich
295522 | Zig:12   | Killed a dread lich
295522 | Zig:12   | Killed a dread lich
295522 | Zig:12   | Noticed a dread lich
295524 | Zig:12   | Noticed an ancient lich
295524 | Zig:12   | Noticed an ancient lich
295524 | Zig:12   | Noticed a dread lich
295524 | Zig:12   | Noticed a dread lich
295525 | Zig:12   | Noticed an ancient lich
295528 | Zig:12   | Killed a dread lich
295528 | Zig:12   | Killed an ancient lich
295528 | Zig:12   | Killed an ancient lich
295528 | Zig:12   | Killed a dread lich
295529 | Zig:12   | Killed an ancient lich
295529 | Zig:12   | Killed a dread lich
295701 | Zig:12   | Identified the staff of Starshine {rElec Int+6 Dex-2 Conj}
295720 | Zig:12   | Identified the +7 gold dragon scales "Cecvacw" {rPois rF+
                  | rC+ Will+}
295745 | Zig:12   | Identified the +4 short sword "Ostrin" {antimagic, Dex+3}
295802 | Zig:13   | Entered Level 13 of a ziggurat
295817 | Zig:13   | Noticed Jopeha the pandemonium lord
295829 | Zig:13   | Killed Jopeha the pandemonium lord
295898 | Zig:13   | Identified the +3 great mace of Greed {heavy, rN+}
295920 | Zig:13   | Identified the +1 morningstar of Hiarr {freeze, ^Drain
                  | Will+++ Str-2 SInv}
295943 | Zig:13   | Identified the +9 bardiche of Vueqirua {heavy, rC+ Str+2}
295952 | Zig:13   | Identified the +2 hand axe of the New World {freeze, Str+2}
296195 | Zig:14   | Entered Level 14 of a ziggurat
296199 | Zig:14   | Noticed Awnacy the pandemonium lord
296200 | Zig:14   | Noticed Weficihe the pandemonium lord
296201 | Zig:14   | Noticed Watzar the pandemonium lord
296201 | Zig:14   | Noticed Peul the pandemonium lord
296202 | Zig:14   | Noticed Wios the pandemonium lord
296202 | Zig:14   | Noticed Hytaggin the pandemonium lord
296204 | Zig:14   | Noticed Taoho the pandemonium lord
296204 | Zig:14   | Noticed Rautyo Yfint the pandemonium lord
296204 | Zig:14   | Noticed Tojops the pandemonium lord
296204 | Zig:14   | Noticed Weklye Luci the pandemonium lord
296204 | Zig:14   | Noticed Ciela the pandemonium lord
296204 | Zig:14   | Noticed Fiuwonee the pandemonium lord
296205 | Zig:14   | Noticed Dafuim the pandemonium lord
296205 | Zig:14   | Noticed Vomorgh Umola the pandemonium lord
296205 | Zig:14   | Noticed Ori Kis the pandemonium lord
296205 | Zig:14   | Noticed Edauzae the pandemonium lord
296206 | Zig:14   | Noticed Upotif the pandemonium lord
296206 | Zig:14   | Killed Edauzae the pandemonium lord
296206 | Zig:14   | Killed Peul the pandemonium lord
296206 | Zig:14   | Killed Tojops the pandemonium lord
296206 | Zig:14   | Killed Wios the pandemonium lord
296206 | Zig:14   | Killed Ciela the pandemonium lord
296206 | Zig:14   | Killed Hytaggin the pandemonium lord
296206 | Zig:14   | Noticed Wontoh the pandemonium lord
296207 | Zig:14   | Noticed Hicuatsea the pandemonium lord
296207 | Zig:14   | Noticed Micaf the pandemonium lord
296207 | Zig:14   | Noticed Gucygelo the pandemonium lord
296208 | Zig:14   | Killed Awnacy the pandemonium lord
296208 | Zig:14   | Killed Micaf the pandemonium lord
296209 | Zig:14   | Noticed Itwe the pandemonium lord
296209 | Zig:14   | Noticed Hentep the pandemonium lord
296209 | Zig:14   | Noticed Plog the pandemonium lord
296209 | Zig:14   | Noticed Zamou the pandemonium lord
296210 | Zig:14   | Noticed Omofoist the pandemonium lord
296210 | Zig:14   | Noticed Veintiegh the pandemonium lord
296210 | Zig:14   | Noticed Lamik the pandemonium lord
296211 | Zig:14   | Killed Wontoh the pandemonium lord
296213 | Zig:14   | Noticed Secoasa the pandemonium lord
296213 | Zig:14   | Noticed Qupnalig the pandemonium lord
296213 | Zig:14   | Noticed Laezep the pandemonium lord
296213 | Zig:14   | Noticed Cescheux the pandemonium lord
296213 | Zig:14   | Noticed Unnalyal the pandemonium lord
296213 | Zig:14   | Noticed Yboxocef the pandemonium lord
296213 | Zig:14   | Killed Weficihe the pandemonium lord
296215 | Zig:14   | Killed Gucygelo the pandemonium lord
296215 | Zig:14   | Killed Plog the pandemonium lord
296215 | Zig:14   | Killed Taoho the pandemonium lord
296215 | Zig:14   | Noticed Hosut the pandemonium lord
296217 | Zig:14   | Killed Secoasa the pandemonium lord
296217 | Zig:14   | Killed Upotif the pandemonium lord
296222 | Zig:14   | Noticed Onoigirch the pandemonium lord
296223 | Zig:14   | Killed Ori Kis the pandemonium lord
296224 | Zig:14   | Noticed Toenouff the pandemonium lord
296224 | Zig:14   | Noticed Cyotesaa the pandemonium lord
296224 | Zig:14   | Killed Hicuatsea the pandemonium lord
296224 | Zig:14   | Killed Lamik the pandemonium lord
296224 | Zig:14   | Noticed Topo the pandemonium lord
296225 | Zig:14   | Killed Yboxocef the pandemonium lord
296225 | Zig:14   | Noticed Cez Utath the pandemonium lord
296225 | Zig:14   | Killed Veintiegh the pandemonium lord
296226 | Zig:14   | Killed Rautyo Yfint the pandemonium lord
296227 | Zig:14   | Killed Zamou the pandemonium lord
296229 | Zig:14   | Noticed Rarphoran the pandemonium lord
296229 | Zig:14   | Noticed Merots the pandemonium lord
296229 | Zig:14   | Noticed Feuxue Dydesk the pandemonium lord
296229 | Zig:14   | Noticed Xelisato the pandemonium lord
296229 | Zig:14   | Noticed Veucimmuec the pandemonium lord
296230 | Zig:14   | Noticed Pucump the pandemonium lord
296230 | Zig:14   | Killed Cez Utath the pandemonium lord
296230 | Zig:14   | Killed Unnalyal the pandemonium lord
296230 | Zig:14   | Killed Cyotesaa the pandemonium lord
296230 | Zig:14   | Killed Watzar the pandemonium lord
296230 | Zig:14   | Killed Toenouff the pandemonium lord
296230 | Zig:14   | Killed Feuxue Dydesk the pandemonium lord
296231 | Zig:14   | Killed Pucump the pandemonium lord
296235 | Zig:14   | Noticed Wanamy the pandemonium lord
296235 | Zig:14   | Killed Rarphoran the pandemonium lord
296236 | Zig:14   | Killed Itwe the pandemonium lord
296239 | Zig:14   | Killed Merots the pandemonium lord
296239 | Zig:14   | Killed Hosut the pandemonium lord
296239 | Zig:14   | Killed Hentep the pandemonium lord
296239 | Zig:14   | Noticed Boabine the pandemonium lord
296240 | Zig:14   | Killed Dafuim the pandemonium lord
296241 | Zig:14   | Noticed Manael the pandemonium lord
296244 | Zig:14   | Killed Veucimmuec the pandemonium lord
296245 | Zig:14   | Noticed Yluymogg the pandemonium lord
296246 | Zig:14   | Killed Manael the pandemonium lord
296247 | Zig:14   | Killed Wanamy the pandemonium lord
296248 | Zig:14   | Noticed Tethit the pandemonium lord
296250 | Zig:14   | Killed Qupnalig the pandemonium lord
296251 | Zig:14   | Killed Laezep the pandemonium lord
296252 | Zig:14   | Killed Yluymogg the pandemonium lord
296253 | Zig:14   | Killed Vomorgh Umola the pandemonium lord
296255 | Zig:14   | Killed Tethit the pandemonium lord
296256 | Zig:14   | Killed Cescheux the pandemonium lord
296258 | Zig:14   | Killed Xelisato the pandemonium lord
296259 | Zig:14   | Killed Fiuwonee the pandemonium lord
296259 | Zig:14   | Killed Weklye Luci the pandemonium lord
296264 | Zig:14   | Killed Boabine the pandemonium lord
296270 | Zig:14   | Killed Topo the pandemonium lord
296272 | Zig:14   | Killed Onoigirch the pandemonium lord
296277 | Zig:14   | Killed Omofoist the pandemonium lord
296498 | Zig:14   | Identified the ring "Goiblyemp" {rN+ MP+9 Str+2 Slay+2}
296599 | Zig:14   | Identified the +3 leather armour of Valiance {*Slow rPois
                  | Slay+3}
296601 | Zig:14   | Identified the +1 robe of Complete Protection {Harm}
296608 | Zig:15   | Entered Level 15 of a ziggurat
296617 | Zig:15   | Noticed an ancient lich
296617 | Zig:15   | Noticed a dread lich
296618 | Zig:15   | Noticed a dread lich
296618 | Zig:15   | Noticed an ancient lich
296619 | Zig:15   | Noticed a dread lich
296619 | Zig:15   | Noticed a dread lich
296619 | Zig:15   | Noticed a dread lich
296619 | Zig:15   | Noticed an ancient lich
296619 | Zig:15   | Noticed an ancient lich
296620 | Zig:15   | Noticed a dread lich
296620 | Zig:15   | Noticed an ancient lich
296620 | Zig:15   | Noticed a dread lich
296620 | Zig:15   | Noticed a dread lich
296620 | Zig:15   | Noticed an ancient lich
296620 | Zig:15   | Noticed an ancient lich
296621 | Zig:15   | Noticed an ancient lich
296621 | Zig:15   | Noticed a dread lich
296622 | Zig:15   | Noticed an ancient lich
296622 | Zig:15   | Killed a dread lich
296622 | Zig:15   | Killed a dread lich
296622 | Zig:15   | Killed an ancient lich
296622 | Zig:15   | Killed an ancient lich
296622 | Zig:15   | Killed a dread lich
296622 | Zig:15   | Killed a dread lich
296622 | Zig:15   | Killed a dread lich
296622 | Zig:15   | Killed an ancient lich
296622 | Zig:15   | Killed an ancient lich
296623 | Zig:15   | Noticed an ancient lich
296623 | Zig:15   | Noticed a dread lich
296623 | Zig:15   | Noticed a dread lich
296623 | Zig:15   | Noticed an ancient lich
296623 | Zig:15   | Noticed a dread lich
296623 | Zig:15   | Noticed a dread lich
296624 | Zig:15   | Killed a dread lich
296624 | Zig:15   | Killed an ancient lich
296624 | Zig:15   | Killed an ancient lich
296624 | Zig:15   | Killed a dread lich
296624 | Zig:15   | Killed a dread lich
296624 | Zig:15   | Killed an ancient lich
296624 | Zig:15   | Killed an ancient lich
296624 | Zig:15   | Killed a dread lich
296624 | Zig:15   | Killed an ancient lich
296624 | Zig:15   | Killed a dread lich
296624 | Zig:15   | Killed an ancient lich
296624 | Zig:15   | Killed a dread lich
296624 | Zig:15   | Killed a dread lich
296624 | Zig:15   | Noticed an ancient lich
296624 | Zig:15   | Noticed a dread lich
296624 | Zig:15   | Noticed a dread lich
296625 | Zig:15   | Noticed an ancient lich
296625 | Zig:15   | Noticed an ancient lich
296626 | Zig:15   | Noticed an ancient lich
296628 | Zig:15   | Killed a dread lich
296628 | Zig:15   | Killed an ancient lich
296628 | Zig:15   | Killed a dread lich
296628 | Zig:15   | Killed an ancient lich
296628 | Zig:15   | Killed an ancient lich
296629 | Zig:15   | Killed a dread lich
296629 | Zig:15   | Killed an ancient lich
296629 | Zig:15   | Killed an ancient lich
296650 | Zig:15   | Identified the amulet of Duothiecka {Acrobat Will+ Str+3
                  | Int+3 Stlth-}
296679 | Zig:15   | Identified the +9 hand axe of Qizihemn {protect, ^Contam
                  | rPois rN+++ Str-3}
296682 | Zig:15   | Identified the ring "Exkodduogu" {Fly Dex+3 Slay+3}
296690 | Zig:15   | Identified the +5 steam dragon scales "Itessuf" {Will+
                  | Dex+3}
296707 | Zig:15   | Identified the staff of Kosidghisa {MP+9 Earth}
296734 | Zig:15   | Identified the amulet of Satios {Faith Harm rPois Str-2
                  | Int+5}
296744 | Zig:15   | Identified the +8 orcbow of Cocytus {flame, rC+ rCorr
                  | Str+3}
296791 | Zig:15   | Identified the +0 chain mail of Indecent Exposure {rF+}
296797 | Zig:15   | Identified the staff "Ryokoat" {^Fragile rElec Dex+3 SInv
                  | Tloc Air}
296977 | Zig:16   | Entered Level 16 of a ziggurat
297211 | Zig:16   | Identified the +1 chain mail of the Shouting Gods {rPois}
297267 | Zig:16   | Identified the +4 ring mail of Rotation {Str+4}
297295 | Zig:16   | Identified the +0 scimitar "Zainorhi" {holy, rF++ Stlth+}
297341 | Zig:16   | Identified the +12 plate armour of Vlad {*Corrode rC-
                  | Regen+ Stlth+}
297404 | Zig:17   | Entered Level 17 of a ziggurat
297407 | Zig:17   | Noticed a royal mummy
297408 | Zig:17   | Noticed a royal mummy
297408 | Zig:17   | Noticed a royal mummy
297409 | Zig:17   | Noticed a royal mummy
297409 | Zig:17   | Noticed a royal mummy
297409 | Zig:17   | Noticed a royal mummy
297409 | Zig:17   | Noticed a royal mummy
297411 | Zig:17   | Noticed a royal mummy
297411 | Zig:17   | Noticed a royal mummy
297412 | Zig:17   | Killed a royal mummy
297412 | Zig:17   | Killed a royal mummy
297412 | Zig:17   | Killed a royal mummy
297412 | Zig:17   | Killed a royal mummy
297412 | Zig:17   | Killed a royal mummy
297412 | Zig:17   | Killed a royal mummy
297413 | Zig:17   | Noticed a royal mummy
297413 | Zig:17   | Noticed a royal mummy
297413 | Zig:17   | Noticed a royal mummy
297413 | Zig:17   | Noticed a royal mummy
297415 | Zig:17   | Noticed a royal mummy
297416 | Zig:17   | Noticed a royal mummy
297416 | Zig:17   | Noticed a royal mummy
297416 | Zig:17   | Noticed a royal mummy
297417 | Zig:17   | Noticed a royal mummy
297417 | Zig:17   | Noticed a royal mummy
297417 | Zig:17   | Noticed a royal mummy
297418 | Zig:17   | Noticed a royal mummy
297418 | Zig:17   | Noticed a royal mummy
297418 | Zig:17   | Noticed a royal mummy
297419 | Zig:17   | Killed a royal mummy
297419 | Zig:17   | Killed a royal mummy
297419 | Zig:17   | Killed a royal mummy
297419 | Zig:17   | Killed a royal mummy
297419 | Zig:17   | Killed a royal mummy
297419 | Zig:17   | Killed a royal mummy
297419 | Zig:17   | Killed a royal mummy
297419 | Zig:17   | Killed a royal mummy
297419 | Zig:17   | Killed a royal mummy
297419 | Zig:17   | Noticed a royal mummy
297420 | Zig:17   | Killed a royal mummy
297420 | Zig:17   | Killed a royal mummy
297420 | Zig:17   | Killed a royal mummy
297420 | Zig:17   | Killed a royal mummy
297420 | Zig:17   | Killed a royal mummy
297420 | Zig:17   | Noticed a royal mummy
297420 | Zig:17   | Noticed a royal mummy
297420 | Zig:17   | Noticed a royal mummy
297420 | Zig:17   | Noticed a royal mummy
297421 | Zig:17   | Noticed a royal mummy
297421 | Zig:17   | Noticed a royal mummy
297421 | Zig:17   | Noticed a royal mummy
297421 | Zig:17   | Noticed a royal mummy
297421 | Zig:17   | Noticed a royal mummy
297422 | Zig:17   | Noticed a royal mummy
297422 | Zig:17   | Noticed a royal mummy
297422 | Zig:17   | Noticed a royal mummy
297423 | Zig:17   | Noticed a royal mummy
297423 | Zig:17   | Noticed a royal mummy
297423 | Zig:17   | Noticed a royal mummy
297424 | Zig:17   | Killed a royal mummy
297424 | Zig:17   | Killed a royal mummy
297424 | Zig:17   | Killed a royal mummy
297424 | Zig:17   | Killed a royal mummy
297424 | Zig:17   | Killed a royal mummy
297424 | Zig:17   | Killed a royal mummy
297424 | Zig:17   | Killed a royal mummy
297424 | Zig:17   | Killed a royal mummy
297424 | Zig:17   | Killed a royal mummy
297424 | Zig:17   | Noticed a royal mummy
297425 | Zig:17   | Noticed a royal mummy
297426 | Zig:17   | Killed a royal mummy
297426 | Zig:17   | Noticed a royal mummy
297426 | Zig:17   | Noticed a royal mummy
297427 | Zig:17   | Killed a royal mummy
297427 | Zig:17   | Killed a royal mummy
297427 | Zig:17   | Killed a royal mummy
297427 | Zig:17   | Killed a royal mummy
297427 | Zig:17   | Killed a royal mummy
297427 | Zig:17   | Killed a royal mummy
297427 | Zig:17   | Killed a royal mummy
297427 | Zig:17   | Killed a royal mummy
297427 | Zig:17   | Killed a royal mummy
297427 | Zig:17   | Killed a royal mummy
297428 | Zig:17   | Killed a royal mummy
297428 | Zig:17   | Killed a royal mummy
297429 | Zig:17   | Noticed a royal mummy
297430 | Zig:17   | Noticed a royal mummy
297431 | Zig:17   | Noticed a royal mummy
297434 | Zig:17   | Killed a royal mummy
297434 | Zig:17   | Killed a royal mummy
297435 | Zig:17   | Killed a royal mummy
297437 | Zig:17   | Killed a royal mummy
297474 | Zig:17   | Found the +5 woodcutter's axe
298007 | Zig:18   | Entered Level 18 of a ziggurat
298014 | Zig:18   | Noticed a dread lich
298016 | Zig:18   | Noticed an ancient lich
298016 | Zig:18   | Noticed an ancient lich
298017 | Zig:18   | Noticed a dread lich
298018 | Zig:18   | Noticed an ancient lich
298018 | Zig:18   | Noticed an ancient lich
298021 | Zig:18   | Killed a dread lich
298021 | Zig:18   | Killed an ancient lich
298021 | Zig:18   | Killed an ancient lich
298021 | Zig:18   | Killed an ancient lich
298021 | Zig:18   | Noticed a dread lich
298021 | Zig:18   | Noticed a dread lich
298022 | Zig:18   | Noticed a dread lich
298023 | Zig:18   | Noticed a dread lich
298023 | Zig:18   | Noticed a dread lich
298023 | Zig:18   | Noticed a dread lich
298023 | Zig:18   | Noticed an ancient lich
298023 | Zig:18   | Noticed a dread lich
298023 | Zig:18   | Noticed a dread lich
298023 | Zig:18   | Noticed a dread lich
298023 | Zig:18   | Noticed an ancient lich
298024 | Zig:18   | Noticed an ancient lich
298024 | Zig:18   | Noticed a dread lich
298024 | Zig:18   | Noticed a dread lich
298024 | Zig:18   | Noticed an ancient lich
298025 | Zig:18   | Noticed a dread lich
298025 | Zig:18   | Noticed an ancient lich
298025 | Zig:18   | Noticed a dread lich
298025 | Zig:18   | Noticed an ancient lich
298025 | Zig:18   | Noticed a dread lich
298025 | Zig:18   | Noticed a dread lich
298025 | Zig:18   | Noticed an ancient lich
298025 | Zig:18   | Noticed an ancient lich
298025 | Zig:18   | Noticed a dread lich
298025 | Zig:18   | Noticed a dread lich
298026 | Zig:18   | Noticed a dread lich
298026 | Zig:18   | Killed a dread lich
298026 | Zig:18   | Killed an ancient lich
298026 | Zig:18   | Killed a dread lich
298026 | Zig:18   | Killed a dread lich
298026 | Zig:18   | Killed a dread lich
298026 | Zig:18   | Killed an ancient lich
298026 | Zig:18   | Killed an ancient lich
298026 | Zig:18   | Killed a dread lich
298027 | Zig:18   | Killed a dread lich
298027 | Zig:18   | Killed a dread lich
298027 | Zig:18   | Killed a dread lich
298027 | Zig:18   | Killed a dread lich
298027 | Zig:18   | Killed a dread lich
298027 | Zig:18   | Killed a dread lich
298027 | Zig:18   | Killed an ancient lich
298027 | Zig:18   | Killed an ancient lich
298027 | Zig:18   | Killed an ancient lich
298027 | Zig:18   | Killed a dread lich
298027 | Zig:18   | Killed an ancient lich
298027 | Zig:18   | Killed a dread lich
298027 | Zig:18   | Killed a dread lich
298027 | Zig:18   | Killed an ancient lich
298027 | Zig:18   | Killed a dread lich
298027 | Zig:18   | Killed a dread lich
298027 | Zig:18   | Killed a dread lich
298027 | Zig:18   | Killed a dread lich
298027 | Zig:18   | Noticed a dread lich
298027 | Zig:18   | Noticed a dread lich
298027 | Zig:18   | Noticed an ancient lich
298027 | Zig:18   | Noticed a dread lich
298028 | Zig:18   | Noticed a dread lich
298028 | Zig:18   | Noticed a dread lich
298028 | Zig:18   | Noticed an ancient lich
298029 | Zig:18   | Noticed a dread lich
298029 | Zig:18   | Noticed a dread lich
298029 | Zig:18   | Noticed a dread lich
298029 | Zig:18   | Noticed an ancient lich
298029 | Zig:18   | Noticed a dread lich
298030 | Zig:18   | Noticed a dread lich
298030 | Zig:18   | Noticed an ancient lich
298030 | Zig:18   | Found the sphere of Battle
298030 | Zig:18   | Killed a dread lich
298032 | Zig:18   | Killed a dread lich
298032 | Zig:18   | Killed an ancient lich
298032 | Zig:18   | Killed a dread lich
298032 | Zig:18   | Killed an ancient lich
298032 | Zig:18   | Killed a dread lich
298032 | Zig:18   | Killed a dread lich
298033 | Zig:18   | Killed a dread lich
298033 | Zig:18   | Killed an ancient lich
298033 | Zig:18   | Killed an ancient lich
298033 | Zig:18   | Killed a dread lich
298033 | Zig:18   | Killed a dread lich
298033 | Zig:18   | Killed a dread lich
298033 | Zig:18   | Killed a dread lich
298033 | Zig:18   | Killed a dread lich
298033 | Zig:18   | Killed an ancient lich
298034 | Zig:18   | Killed a dread lich
298036 | Zig:18   | Noticed an ancient lich
298042 | Zig:18   | Killed an ancient lich
298202 | Zig:18   | Identified the +0 quarterstaff of Domination {vamp, rC+}
298204 | Zig:18   | Identified the +9 plate armour "Adoesa" {Str+3 Dex+2
                  | Slay-3}
298228 | Zig:18   | Identified the ring of Usihuribb {rElec rPois}
298230 | Zig:18   | Identified the +1 bardiche of the Scorching Gods {heavy,
                  | SInv}
298308 | Zig:18   | Identified the +4 cloak of Tottuw {rF+}
298446 | Zig:19   | Entered Level 19 of a ziggurat
299083 | Zig:20   | Entered Level 20 of a ziggurat
299094 | Zig:20   | Noticed a dread lich
299094 | Zig:20   | Noticed a dread lich
299094 | Zig:20   | Noticed an ancient lich
299095 | Zig:20   | Noticed an ancient lich
299095 | Zig:20   | Noticed an ancient lich
299096 | Zig:20   | Noticed an ancient lich
299097 | Zig:20   | Noticed an ancient lich
299102 | Zig:20   | Killed a dread lich
299102 | Zig:20   | Killed an ancient lich
299102 | Zig:20   | Killed a dread lich
299102 | Zig:20   | Killed an ancient lich
299102 | Zig:20   | Killed an ancient lich
299102 | Zig:20   | Killed an ancient lich
299102 | Zig:20   | Noticed a dread lich
299108 | Zig:20   | Noticed an ancient lich
299110 | Zig:20   | Noticed an ancient lich
299111 | Zig:20   | Noticed a dread lich
299111 | Zig:20   | Noticed an ancient lich
299111 | Zig:20   | Noticed a dread lich
299113 | Zig:20   | Noticed an ancient lich
299114 | Zig:20   | Noticed a dread lich
299114 | Zig:20   | Noticed an ancient lich
299114 | Zig:20   | Noticed an ancient lich
299115 | Zig:20   | Noticed a dread lich
299115 | Zig:20   | Noticed an ancient lich
299115 | Zig:20   | Noticed a dread lich
299115 | Zig:20   | Noticed a dread lich
299116 | Zig:20   | Noticed a dread lich
299116 | Zig:20   | Noticed a dread lich
299117 | Zig:20   | Noticed an ancient lich
299117 | Zig:20   | Killed a dread lich
299117 | Zig:20   | Killed an ancient lich
299117 | Zig:20   | Killed a dread lich
299117 | Zig:20   | Killed an ancient lich
299117 | Zig:20   | Killed a dread lich
299117 | Zig:20   | Killed an ancient lich
299117 | Zig:20   | Killed an ancient lich
299117 | Zig:20   | Killed an ancient lich
299117 | Zig:20   | Killed a dread lich
299117 | Zig:20   | Killed a dread lich
299117 | Zig:20   | Killed a dread lich
299117 | Zig:20   | Noticed a dread lich
299118 | Zig:20   | Noticed an ancient lich
299118 | Zig:20   | Killed a dread lich
299119 | Zig:20   | Noticed an ancient lich
299119 | Zig:20   | Noticed an ancient lich
299119 | Zig:20   | Found the +3 warlock's mirror {omnireflect}
299119 | Zig:20   | Noticed an ancient lich
299119 | Zig:20   | Killed an ancient lich
299120 | Zig:20   | Noticed a dread lich
299120 | Zig:20   | Noticed a dread lich
299122 | Zig:20   | Killed a dread lich
299122 | Zig:20   | Killed an ancient lich
299123 | Zig:20   | Killed an ancient lich
299123 | Zig:20   | Killed an ancient lich
299123 | Zig:20   | Killed an ancient lich
299123 | Zig:20   | Killed a dread lich
299123 | Zig:20   | Killed a dread lich
299123 | Zig:20   | Killed an ancient lich
299124 | Zig:20   | Noticed a dread lich
299125 | Zig:20   | Noticed an ancient lich
299125 | Zig:20   | Killed an ancient lich
299127 | Zig:20   | Killed an ancient lich
299127 | Zig:20   | Killed an ancient lich
299128 | Zig:20   | Killed a dread lich
299128 | Zig:20   | Killed a dread lich
299129 | Zig:20   | Killed a dread lich
299266 | Zig:20   | Identified the +10 halberd "Kusehycu" {elec, +Blink}
299277 | Zig:20   | Identified the +4 ring mail of Resonance {Harm MP+9 Int-2
                  | Slay+2}
299454 | Zig:20   | Identified the staff of the Kidney {rElec rPois Str+3 Int+2
                  | Air}
299456 | Zig:20   | Identified the +3 demon trident of the Open Hand {flame,
                  | Dex+7}
299526 | Zig:20   | Identified the +2 robe of Yredelemnul {+Inv rCorr MP-9
                  | Dex+8}
299530 | Zig:20   | Identified the +1 spear "Ciukhly" {chaos, rPois rC++ Will+
                  | Int-3}
299533 | Zig:20   | Identified the amulet "Sanlum" {Reflect rN++ Str+3 SH+5}
299545 | Zig:20   | Identified the +4 bardiche "Pyvum" {antimagic, Dex+2}
299555 | Zig:20   | Identified the +7 orcbow "Vuvit" {flame, rPois SInv}
299556 | Zig:20   | Identified the +6 spear "Kiboh" {freeze, Will++ Stlth+}
299614 | Zig:20   | Identified the +1 plate armour of Uwnyzaq {Int+3}
299622 | Zig:21   | Entered Level 21 of a ziggurat
299716 | Zig:21   | Identified the ring "Jetol" {rElec rF+ Slay+3 SInv Stlth+}
299727 | Zig:21   | Identified the +8 dagger of Ufeuffee {flame, Int+4}
299731 | Zig:21   | Identified the +8 trident of Wu Jian's Inspiration {vamp,
                  | rPois Str+5 Int-5}
299735 | Zig:21   | Identified the +0 leather armour "Qotwutwoes" {Harm
                  | *Corrode rN+++ Dex-2}
299750 | Zig:21   | Identified the +5 mace "Ciesoi" {flame, Str+3}
299753 | Zig:21   | Identified the +1 war axe "Lapyicav" {flame, rN++ Stlth+}
299771 | Zig:21   | Identified the +5 sling of Twilight {antimagic, Dex+3}
299772 | Zig:21   | Identified the ring "Hungoc" {Ice rN+ Str-5 Int+3}
299778 | Zig:21   | Identified the ring of Ijorghewu {Str+2 Slay+4}
299814 | Zig:21   | Identified the +7 glaive "Lintemeo" {venom, Int+3}
300262 | Zig:22   | Entered Level 22 of a ziggurat
300272 | Zig:22   | Noticed Zyroc the pandemonium lord
300273 | Zig:22   | Noticed Ysofuatu the pandemonium lord
300274 | Zig:22   | Noticed Gosch the pandemonium lord
300275 | Zig:22   | Noticed Gocsater the pandemonium lord
300276 | Zig:22   | Noticed Fumpulluo the pandemonium lord
300276 | Zig:22   | Noticed Pegroon the pandemonium lord
300277 | Zig:22   | Noticed Wuebazuc the pandemonium lord
300277 | Zig:22   | Noticed Igasmout the pandemonium lord
300277 | Zig:22   | Noticed Tocerish the pandemonium lord
300278 | Zig:22   | Noticed Xyemimm the pandemonium lord
300278 | Zig:22   | Noticed Jolurr the pandemonium lord
300278 | Zig:22   | Noticed Jotawe Unuw the pandemonium lord
300278 | Zig:22   | Noticed Cuppud the pandemonium lord
300278 | Zig:22   | Noticed Iveng the pandemonium lord
300279 | Zig:22   | Noticed Ykoyl the pandemonium lord
300279 | Zig:22   | Noticed Inkile the pandemonium lord
300279 | Zig:22   | Noticed Enkob the pandemonium lord
300279 | Zig:22   | Noticed Imipowke the pandemonium lord
300279 | Zig:22   | Noticed Azicanif the pandemonium lord
300279 | Zig:22   | Noticed Vuiturim the pandemonium lord
300279 | Zig:22   | Noticed Kinguklo the pandemonium lord
300279 | Zig:22   | Noticed Meaqin the pandemonium lord
300279 | Zig:22   | Noticed Kunwih the pandemonium lord
300280 | Zig:22   | Noticed Reejipleng the pandemonium lord
300280 | Zig:22   | Killed Xyemimm the pandemonium lord
300280 | Zig:22   | Killed Iveng the pandemonium lord
300280 | Zig:22   | Noticed Ecagoilo the pandemonium lord
300281 | Zig:22   | Noticed Kaogysiy the pandemonium lord
300281 | Zig:22   | Noticed Mimawaosm the pandemonium lord
300281 | Zig:22   | Killed Hoss the pandemonium lord
300281 | Zig:22   | Killed Azicanif the pandemonium lord
300281 | Zig:22   | Killed Jolurr the pandemonium lord
300282 | Zig:22   | Noticed Ahoirph the pandemonium lord
300282 | Zig:22   | Noticed Joxitwig the pandemonium lord
300282 | Zig:22   | Noticed Awepho the pandemonium lord
300282 | Zig:22   | Noticed Nafo the pandemonium lord
300283 | Zig:22   | Noticed Fareiqy the pandemonium lord
300283 | Zig:22   | Noticed Pueho the pandemonium lord
300284 | Zig:22   | Killed Pijuel the pandemonium lord
300288 | Zig:22   | Noticed Hokumpa the pandemonium lord
300288 | Zig:22   | Killed Wuebazuc the pandemonium lord
300288 | Zig:22   | Killed Tocerish the pandemonium lord
300288 | Zig:22   | Killed Ysofuatu the pandemonium lord
300288 | Zig:22   | Killed Reejipleng the pandemonium lord
300288 | Zig:22   | Killed Iklic the pandemonium lord
300288 | Zig:22   | Killed Wumis the pandemonium lord
300291 | Zig:22   | Noticed Wuryng the pandemonium lord
300293 | Zig:22   | Noticed Rirureqo the pandemonium lord
300293 | Zig:22   | Killed Kunwih the pandemonium lord
300293 | Zig:22   | Killed Meaqin the pandemonium lord
300293 | Zig:22   | Killed Wuryng the pandemonium lord
300293 | Zig:22   | Killed Pueho the pandemonium lord
300293 | Zig:22   | Killed Gosch the pandemonium lord
300293 | Zig:22   | Noticed Higudibb the pandemonium lord
300294 | Zig:22   | Noticed Gyteuclaso the pandemonium lord
300295 | Zig:22   | Noticed Qeacoum the pandemonium lord
300295 | Zig:22   | Noticed Woere the pandemonium lord
300295 | Zig:22   | Killed Inkile the pandemonium lord
300296 | Zig:22   | Killed Ecagoilo the pandemonium lord
300296 | Zig:22   | Killed Gyteuclaso the pandemonium lord
300296 | Zig:22   | Killed Woere the pandemonium lord
300296 | Zig:22   | Killed Qeacoum the pandemonium lord
300297 | Zig:22   | Noticed Wyev the pandemonium lord
300298 | Zig:22   | Killed Kinguklo the pandemonium lord
300298 | Zig:22   | Killed Fumpulluo the pandemonium lord
300298 | Zig:22   | Killed Pegroon the pandemonium lord
300298 | Zig:22   | Noticed Bemushra the pandemonium lord
300298 | Zig:22   | Noticed Wyoffetium the pandemonium lord
300298 | Zig:22   | Noticed Zoexzoag the pandemonium lord
300299 | Zig:22   | Killed Lumpeduora the pandemonium lord
300299 | Zig:22   | Noticed Utaif the pandemonium lord
300300 | Zig:22   | Noticed Xiekaoru the pandemonium lord
300300 | Zig:22   | Noticed Argheh the pandemonium lord
300301 | Zig:22   | Killed Hokumpa the pandemonium lord
300301 | Zig:22   | Killed Rirureqo the pandemonium lord
300301 | Zig:22   | Noticed Puafeg Jay the pandemonium lord
300302 | Zig:22   | Killed Zyroc the pandemonium lord
300302 | Zig:22   | Killed Puafeg Jay the pandemonium lord
300302 | Zig:22   | Killed Tesol the pandemonium lord
300302 | Zig:22   | Killed Vuiturim the pandemonium lord
300303 | Zig:22   | Killed Enkob the pandemonium lord
300303 | Zig:22   | Noticed Veillieno the pandemonium lord
300303 | Zig:22   | Noticed Yhealuq the pandemonium lord
300303 | Zig:22   | Noticed Iqolym the pandemonium lord
300303 | Zig:22   | Noticed Tepsuum the pandemonium lord
300303 | Zig:22   | Noticed Ingot the pandemonium lord
300303 | Zig:22   | Noticed Cyedang the pandemonium lord
300304 | Zig:22   | Noticed Didolea the pandemonium lord
300304 | Zig:22   | Killed Utaif the pandemonium lord
300304 | Zig:22   | Noticed Liorchela the pandemonium lord
300304 | Zig:22   | Noticed Qumunes the pandemonium lord
300305 | Zig:22   | Killed Wyev the pandemonium lord
300305 | Zig:22   | Killed Cuppud the pandemonium lord
300305 | Zig:22   | Noticed Ummures the pandemonium lord
300305 | Zig:22   | Noticed Lezoon the pandemonium lord
300306 | Zig:22   | Noticed Xerch the pandemonium lord
300306 | Zig:22   | Killed Wyoffetium the pandemonium lord
300306 | Zig:22   | Killed Bemushra the pandemonium lord
300306 | Zig:22   | Killed Gocsater the pandemonium lord
300307 | Zig:22   | Killed Ahoirph the pandemonium lord
300307 | Zig:22   | Killed Nafo the pandemonium lord
300308 | Zig:22   | Noticed Siotan the pandemonium lord
300308 | Zig:22   | Noticed Bog Ceut the pandemonium lord
300309 | Zig:22   | Noticed Ceutelof the pandemonium lord
300310 | Zig:22   | Noticed Intin the pandemonium lord
300311 | Zig:22   | Noticed Fulacoy Raut the pandemonium lord
300311 | Zig:22   | Noticed Qoegekakh the pandemonium lord
300311 | Zig:22   | Killed Qumunes the pandemonium lord
300311 | Zig:22   | Killed Xiekaoru the pandemonium lord
300311 | Zig:22   | Killed Kaogysiy the pandemonium lord
300311 | Zig:22   | Killed Iqolym the pandemonium lord
300311 | Zig:22   | Killed Mimawaosm the pandemonium lord
300311 | Zig:22   | Noticed Beimix the pandemonium lord
300312 | Zig:22   | Noticed Xeloser the pandemonium lord
300313 | Zig:22   | Killed Higudibb the pandemonium lord
300313 | Zig:22   | Killed Siotan the pandemonium lord
300313 | Zig:22   | Killed Yhealuq the pandemonium lord
300313 | Zig:22   | Killed Intin the pandemonium lord
300313 | Zig:22   | Killed Zoexzoag the pandemonium lord
300313 | Zig:22   | Killed Didolea the pandemonium lord
300314 | Zig:22   | Killed Fareiqy the pandemonium lord
300314 | Zig:22   | Killed Ingot the pandemonium lord
300314 | Zig:22   | Killed Veillieno the pandemonium lord
300315 | Zig:22   | Noticed Yrijak the pandemonium lord
300315 | Zig:22   | Killed Joxitwig the pandemonium lord
300315 | Zig:22   | Killed Imipowke the pandemonium lord
300315 | Zig:22   | Killed Liorchela the pandemonium lord
300316 | Zig:22   | Killed Argheh the pandemonium lord
300316 | Zig:22   | Killed Tepsuum the pandemonium lord
300316 | Zig:22   | Noticed Irrif the pandemonium lord
300317 | Zig:22   | Noticed Katef the pandemonium lord
300318 | Zig:22   | Killed Lezoon the pandemonium lord
300318 | Zig:22   | Killed Beimix the pandemonium lord
300318 | Zig:22   | Killed Katef the pandemonium lord
300318 | Zig:22   | Killed Bog Ceut the pandemonium lord
300319 | Zig:22   | Noticed Tucu the pandemonium lord
300320 | Zig:22   | Noticed Xayluuda the pandemonium lord
300321 | Zig:22   | Killed Ummures the pandemonium lord
300321 | Zig:22   | Killed Xerch the pandemonium lord
300321 | Zig:22   | Noticed Athroa the pandemonium lord
300322 | Zig:22   | Killed Athroa the pandemonium lord
300323 | Zig:22   | Noticed Foonle the pandemonium lord
300324 | Zig:22   | Killed Irrif the pandemonium lord
300325 | Zig:22   | Killed Ykoyl the pandemonium lord
300325 | Zig:22   | Killed Cyedang the pandemonium lord
300325 | Zig:22   | Killed Xeloser the pandemonium lord
300326 | Zig:22   | Killed Tucu the pandemonium lord
300326 | Zig:22   | Killed Fulacoy Raut the pandemonium lord
300327 | Zig:22   | Killed Foonle the pandemonium lord
300327 | Zig:22   | Killed Igasmout the pandemonium lord
300327 | Zig:22   | Noticed Xeggonoz the pandemonium lord
300331 | Zig:22   | Killed Xayluuda the pandemonium lord
300331 | Zig:22   | Killed Yrijak the pandemonium lord
300331 | Zig:22   | Killed Ceutelof the pandemonium lord
300333 | Zig:22   | Noticed Ihudyupt the pandemonium lord
300334 | Zig:22   | Noticed Comiqeom the pandemonium lord
300337 | Zig:22   | Killed Xeggonoz the pandemonium lord
300342 | Zig:22   | Killed Jotawe Unuw the pandemonium lord
300349 | Zig:22   | Killed Awepho the pandemonium lord
300356 | Zig:22   | Killed Ihudyupt the pandemonium lord
300367 | Zig:22   | Killed Comiqeom the pandemonium lord
300372 | Zig:22   | Killed Qoegekakh the pandemonium lord
300614 | Zig:22   | Identified the +0 shortbow of the Big Bang {speed, Stlth+}
300618 | Zig:22   | Identified the amulet "Forripn" {RegenMP Dex+3}
300622 | Zig:22   | Identified the +7 bardiche of the Dead {protect, rC+ Str+4
                  | Int+3}
300968 | Zig:23   | Entered Level 23 of a ziggurat
300978 | Zig:23   | Noticed Imyl the pandemonium lord
300978 | Zig:23   | Noticed Feseer the pandemonium lord
300978 | Zig:23   | Noticed Tyfiaboe the pandemonium lord
300979 | Zig:23   | Noticed Isulof Jeesk the pandemonium lord
300981 | Zig:23   | Noticed Wour the pandemonium lord
300984 | Zig:23   | Noticed Geaxa the pandemonium lord
300985 | Zig:23   | Noticed Sovveom the pandemonium lord
300985 | Zig:23   | Noticed Ditha the pandemonium lord
300985 | Zig:23   | Noticed Nopaathrana the pandemonium lord
300985 | Zig:23   | Noticed Suso Lol the pandemonium lord
300985 | Zig:23   | Noticed Weemobla the pandemonium lord
300986 | Zig:23   | Noticed Ecwemn the pandemonium lord
300986 | Zig:23   | Noticed Qedarid the pandemonium lord
300986 | Zig:23   | Noticed Civvyep the pandemonium lord
300987 | Zig:23   | Noticed Qojedwin the pandemonium lord
300987 | Zig:23   | Noticed Tude the pandemonium lord
300987 | Zig:23   | Noticed Moxedeil the pandemonium lord
300987 | Zig:23   | Noticed Pody the pandemonium lord
300988 | Zig:23   | Noticed Lecirueh the pandemonium lord
300988 | Zig:23   | Noticed Vydugule the pandemonium lord
300988 | Zig:23   | Noticed Yfawol the pandemonium lord
300989 | Zig:23   | Killed Geaxa the pandemonium lord
300989 | Zig:23   | Killed Nopaathrana the pandemonium lord
300989 | Zig:23   | Killed Ecwemn the pandemonium lord
300989 | Zig:23   | Killed Tyfiaboe the pandemonium lord
300989 | Zig:23   | Noticed Reick the pandemonium lord
300990 | Zig:23   | Killed Suso Lol the pandemonium lord
300990 | Zig:23   | Noticed Biacalaj the pandemonium lord
300991 | Zig:23   | Noticed Zalesar the pandemonium lord
300991 | Zig:23   | Noticed Gilacolu the pandemonium lord
300991 | Zig:23   | Noticed Ozuez the pandemonium lord
300991 | Zig:23   | Noticed Zihokig the pandemonium lord
300991 | Zig:23   | Noticed Qeorchibb the pandemonium lord
300991 | Zig:23   | Noticed Qiamn the pandemonium lord
300991 | Zig:23   | Noticed Leteukk the pandemonium lord
300991 | Zig:23   | Noticed Reofygi the pandemonium lord
300992 | Zig:23   | Noticed Foicw the pandemonium lord
300992 | Zig:23   | Noticed Susameo the pandemonium lord
300992 | Zig:23   | Noticed Zizaxeg the pandemonium lord
300992 | Zig:23   | Killed Wour the pandemonium lord
300992 | Zig:23   | Noticed Olaro the pandemonium lord
300992 | Zig:23   | Noticed Reonetan the pandemonium lord
300993 | Zig:23   | Noticed Arreun the pandemonium lord
300993 | Zig:23   | Noticed Izxamn the pandemonium lord
300993 | Zig:23   | Noticed Laeruluc the pandemonium lord
300993 | Zig:23   | Noticed Boveu the pandemonium lord
300993 | Zig:23   | Noticed Ohoger the pandemonium lord
300993 | Zig:23   | Noticed Wore Kac the pandemonium lord
300993 | Zig:23   | Killed Isulof Jeesk the pandemonium lord
300994 | Zig:23   | Noticed Nirohuqu the pandemonium lord
300994 | Zig:23   | Noticed Laimaem the pandemonium lord
300994 | Zig:23   | Noticed Ewyaco Gogao the pandemonium lord
300994 | Zig:23   | Noticed Cucwuip the pandemonium lord
300994 | Zig:23   | Noticed Afampuut the pandemonium lord
300994 | Zig:23   | Noticed Nauhau the pandemonium lord
300994 | Zig:23   | Noticed Tomumypi the pandemonium lord
300996 | Zig:23   | Noticed Xothipar the pandemonium lord
300997 | Zig:23   | Noticed Neqali Yxty the pandemonium lord
300998 | Zig:23   | Noticed Ivvikh the pandemonium lord
300998 | Zig:23   | Noticed Ucaaf the pandemonium lord
300998 | Zig:23   | Noticed Juurunax the pandemonium lord
300998 | Zig:23   | Noticed Upsiosuw the pandemonium lord
300998 | Zig:23   | Noticed Qalaeghi the pandemonium lord
300998 | Zig:23   | Noticed Kuergh Upim the pandemonium lord
300998 | Zig:23   | Noticed Awurch the pandemonium lord
300998 | Zig:23   | Noticed Hopop the pandemonium lord
300998 | Zig:23   | Noticed Zared the pandemonium lord
300998 | Zig:23   | Noticed Rinneama the pandemonium lord
300998 | Zig:23   | Noticed Muici the pandemonium lord
300998 | Zig:23   | Noticed Uxaqas the pandemonium lord
300998 | Zig:23   | Noticed Guyng the pandemonium lord
300998 | Zig:23   | Noticed Arrufruts the pandemonium lord
300998 | Zig:23   | Noticed Beamiho the pandemonium lord
300998 | Zig:23   | Noticed Nenen the pandemonium lord
300998 | Zig:23   | Noticed Amumetau the pandemonium lord
300998 | Zig:23   | Noticed Uvik the pandemonium lord
300998 | Zig:23   | Found the ring of the Octopus King
300998 | Zig:23   | Noticed Migubim the pandemonium lord
300999 | Zig:23   | Noticed Zawi the pandemonium lord
301000 | Zig:23   | Killed Tude the pandemonium lord
301001 | Zig:23   | Noticed Xyunin the pandemonium lord
301001 | Zig:23   | Killed Sovveom the pandemonium lord
301002 | Zig:23   | Noticed Wetukh the pandemonium lord
301002 | Zig:23   | Noticed Peuh the pandemonium lord
301002 | Zig:23   | Noticed Headd the pandemonium lord
301002 | Zig:23   | Killed Lecirueh the pandemonium lord
301003 | Zig:23   | Noticed Utouruer the pandemonium lord
301004 | Zig:23   | Noticed Hiettaf the pandemonium lord
301004 | Zig:23   | Killed Qeorchibb the pandemonium lord
301004 | Zig:23   | Killed Hopop the pandemonium lord
301004 | Zig:23   | Killed Arrufruts the pandemonium lord
301004 | Zig:23   | Killed Cucwuip the pandemonium lord
301004 | Zig:23   | Killed Zared the pandemonium lord
301004 | Zig:23   | Killed Ohoger the pandemonium lord
301004 | Zig:23   | Killed Guyng the pandemonium lord
301004 | Zig:23   | Killed Leteukk the pandemonium lord
301004 | Zig:23   | Killed Civvyep the pandemonium lord
301004 | Zig:23   | Killed Reonetan the pandemonium lord
301004 | Zig:23   | Killed Pody the pandemonium lord
301004 | Zig:23   | Killed Xothipar the pandemonium lord
301005 | Zig:23   | Noticed Ceup the pandemonium lord
301005 | Zig:23   | Killed Qedarid the pandemonium lord
301006 | Zig:23   | Noticed Keshrof the pandemonium lord
301006 | Zig:23   | Noticed Oceneon the pandemonium lord
301006 | Zig:23   | Noticed Imall the pandemonium lord
301006 | Zig:23   | Killed Afampuut the pandemonium lord
301006 | Zig:23   | Killed Imyl the pandemonium lord
301007 | Zig:23   | Killed Kuergh Upim the pandemonium lord
301008 | Zig:23   | Killed Juurunax the pandemonium lord
301008 | Zig:23   | Killed Laimaem the pandemonium lord
301008 | Zig:23   | Killed Awurch the pandemonium lord
301010 | Zig:23   | Killed Ozuez the pandemonium lord
301014 | Zig:23   | Killed Nauhau the pandemonium lord
301014 | Zig:23   | Killed Peuh the pandemonium lord
301014 | Zig:23   | Killed Qalaeghi the pandemonium lord
301016 | Zig:23   | Killed Susameo the pandemonium lord
301018 | Zig:23   | Killed Reick the pandemonium lord
301020 | Zig:23   | Killed Zizaxeg the pandemonium lord
301021 | Zig:23   | Killed Biacalaj the pandemonium lord
301021 | Zig:23   | Killed Qiamn the pandemonium lord
301021 | Zig:23   | Killed Feseer the pandemonium lord
301022 | Zig:23   | Killed Zalesar the pandemonium lord
301023 | Zig:23   | Killed Vydugule the pandemonium lord
301023 | Zig:23   | Killed Imall the pandemonium lord
301023 | Zig:23   | Killed Moxedeil the pandemonium lord
301024 | Zig:23   | Killed Zihokig the pandemonium lord
301025 | Zig:23   | Killed Ditha the pandemonium lord
301026 | Zig:23   | Killed Ewyaco Gogao the pandemonium lord
301026 | Zig:23   | Killed Hiettaf the pandemonium lord
301026 | Zig:23   | Killed Qojedwin the pandemonium lord
301026 | Zig:23   | Killed Voyrecy the pandemonium lord
301029 | Zig:23   | Killed Wore Kac the pandemonium lord
301029 | Zig:23   | Killed Foicw the pandemonium lord
301029 | Zig:23   | Killed Wetukh the pandemonium lord
301029 | Zig:23   | Killed Yfawol the pandemonium lord
301029 | Zig:23   | Killed Uxaqas the pandemonium lord
301030 | Zig:23   | Killed Oceneon the pandemonium lord
301030 | Zig:23   | Killed Gilacolu the pandemonium lord
301031 | Zig:23   | Killed Weemobla the pandemonium lord
301033 | Zig:23   | Killed Arreun the pandemonium lord
301033 | Zig:23   | Killed Laeruluc the pandemonium lord
301033 | Zig:23   | Killed Nirohuqu the pandemonium lord
301033 | Zig:23   | Killed Nenen the pandemonium lord
301035 | Zig:23   | Killed Olaro the pandemonium lord
301035 | Zig:23   | Killed Amumetau the pandemonium lord
301035 | Zig:23   | Killed Ucaaf the pandemonium lord
301035 | Zig:23   | Killed Ivvikh the pandemonium lord
301035 | Zig:23   | Killed Uvik the pandemonium lord
301037 | Zig:23   | Killed Keshrof the pandemonium lord
301037 | Zig:23   | Killed Beamiho the pandemonium lord
301037 | Zig:23   | Killed Boveu the pandemonium lord
301041 | Zig:23   | Noticed Mannaid the pandemonium lord
301041 | Zig:23   | Noticed Vourufo the pandemonium lord
301041 | Zig:23   | Noticed Iniottah the pandemonium lord
301042 | Zig:23   | Killed Tomumypi the pandemonium lord
301057 | Zig:23   | Killed Neqali Yxty the pandemonium lord
301061 | Zig:23   | Killed Upsiosuw the pandemonium lord
301062 | Zig:23   | Noticed Rinkuziu the pandemonium lord
301063 | Zig:23   | Noticed Xutry the pandemonium lord
301067 | Zig:23   | Killed Migubim the pandemonium lord
301073 | Zig:23   | Noticed Sizeh the pandemonium lord
301074 | Zig:23   | Noticed Bioxzoas the pandemonium lord
301085 | Zig:23   | Killed Muici the pandemonium lord
301085 | Zig:23   | Killed Sizeh the pandemonium lord
301085 | Zig:23   | Killed Vourufo the pandemonium lord
301086 | Zig:23   | Killed Bioxzoas the pandemonium lord
301086 | Zig:23   | Noticed Icupp the pandemonium lord
301087 | Zig:23   | Killed Reofygi the pandemonium lord
301097 | Zig:23   | Killed Izxamn the pandemonium lord
301102 | Zig:23   | Killed Rinneama the pandemonium lord
301108 | Zig:23   | Killed Xutry the pandemonium lord
301111 | Zig:23   | Killed Iniottah the pandemonium lord
301111 | Zig:23   | Killed Rinkuziu the pandemonium lord
301111 | Zig:23   | Killed Mannaid the pandemonium lord
301116 | Zig:23   | Killed Xyunin the pandemonium lord
301117 | Zig:23   | Killed Ceup the pandemonium lord
301118 | Zig:23   | Killed Zawi the pandemonium lord
301121 | Zig:23   | Killed Icupp the pandemonium lord
301126 | Zig:23   | Killed Utouruer the pandemonium lord
301184 | Zig:23   | Killed Headd the pandemonium lord
301238 | Zig:23   | Identified the ring "Gopturix" {*Corrode Str+6 Dex+4
                  | Stlth+}
301246 | Zig:23   | Identified the +7 sling "Kuqiruz" {antimagic, rC+}
301252 | Zig:23   | Identified the amulet of Lilacs {Regen+ Stlth+}
301285 | Zig:23   | Identified the +4 bardiche "Jofelir" {holy, rElec}
301315 | Zig:23   | Identified a ring of the Octopus King {rCorr HP+2 AC+2 EV+2
                  | SH+2}
301337 | Zig:23   | Identified the staff of Annihilation {rElec rPois Dex+3
                  | Tmut Poison}
301741 | Zig:23   | Identified the +1 scale mail of Beauty {rC+}
301758 | Zig:24   | Entered Level 24 of a ziggurat
302258 | Zig:24   | Identified the +4 short sword "Taluec" {flame, SInv}
302371 | Zig:24   | Identified the +4 orcbow of Peace {heavy, rF+++ Str+3
                  | Dex-2}
302376 | Zig:24   | Identified the +8 spear of Dividends {freeze, ^Contam Str+3
                  | Stlth+}
302381 | Zig:24   | Identified the staff "Valu" {rElec rF+ Conj Fire Poison}
302394 | Zig:24   | Identified the +5 bardiche of Peace {venom, rPois Str+2}
302560 | Zig:25   | Entered Level 25 of a ziggurat
302690 | Zig:25   | Identified the ring of Doubt {Ice Dex+5}
302696 | Zig:25   | Identified the +0 robe "Atuan" {Archmagi}
302730 | Zig:25   | Identified the staff "Wekema Picu" {rPois rF- Dex+2 Tmut
                  | Poison}
302747 | Zig:25   | Identified the ring "Kuucsiut" {rN+ Dex+4}
302782 | Zig:25   | Identified the +7 bardiche of Brawling {heavy, rC+}
303191 | Zig:25   | Identified the +0 scale mail of Philately {Dex+3}
303286 | Zig:26   | Entered Level 26 of a ziggurat
303299 | Zig:26   | Noticed a juggernaut
303301 | Zig:26   | Noticed a juggernaut
303302 | Zig:26   | Noticed a juggernaut
303304 | Zig:26   | Noticed a juggernaut
303304 | Zig:26   | Noticed a juggernaut
303305 | Zig:26   | Killed a juggernaut
303305 | Zig:26   | Killed a juggernaut
303305 | Zig:26   | Killed a juggernaut
303305 | Zig:26   | Noticed a juggernaut
303306 | Zig:26   | Noticed a juggernaut
303306 | Zig:26   | Noticed a juggernaut
303306 | Zig:26   | Noticed a juggernaut
303306 | Zig:26   | Noticed a juggernaut
303306 | Zig:26   | Noticed a juggernaut
303307 | Zig:26   | Noticed a juggernaut
303307 | Zig:26   | Noticed a juggernaut
303308 | Zig:26   | Noticed a juggernaut
303308 | Zig:26   | Noticed a juggernaut
303308 | Zig:26   | Noticed a juggernaut
303308 | Zig:26   | Noticed a juggernaut
303309 | Zig:26   | Noticed a juggernaut
303310 | Zig:26   | Noticed a juggernaut
303310 | Zig:26   | Noticed a juggernaut
303310 | Zig:26   | Noticed a juggernaut
303311 | Zig:26   | Noticed a juggernaut
303311 | Zig:26   | Killed a juggernaut
303311 | Zig:26   | Killed a juggernaut
303311 | Zig:26   | Killed a juggernaut
303311 | Zig:26   | Killed a juggernaut
303311 | Zig:26   | Killed a juggernaut
303311 | Zig:26   | Killed a juggernaut
303311 | Zig:26   | Killed a juggernaut
303311 | Zig:26   | Killed a juggernaut
303311 | Zig:26   | Killed a juggernaut
303311 | Zig:26   | Killed a juggernaut
303311 | Zig:26   | Killed a juggernaut
303311 | Zig:26   | Killed a juggernaut
303312 | Zig:26   | Noticed a juggernaut
303313 | Zig:26   | Noticed a juggernaut
303313 | Zig:26   | Noticed a juggernaut
303313 | Zig:26   | Noticed a juggernaut
303313 | Zig:26   | Noticed a juggernaut
303313 | Zig:26   | Noticed a juggernaut
303313 | Zig:26   | Noticed a juggernaut
303313 | Zig:26   | Killed a juggernaut
303313 | Zig:26   | Killed a juggernaut
303313 | Zig:26   | Noticed a juggernaut
303314 | Zig:26   | Noticed a juggernaut
303314 | Zig:26   | Noticed a juggernaut
303314 | Zig:26   | Noticed a juggernaut
303314 | Zig:26   | Noticed a juggernaut
303314 | Zig:26   | Found the Hermit's Pendant {Faith Invo=14 Evo=0 MP+5}
303315 | Zig:26   | Noticed a juggernaut
303315 | Zig:26   | Noticed a juggernaut
303316 | Zig:26   | Noticed a juggernaut
303316 | Zig:26   | Noticed a juggernaut
303316 | Zig:26   | Noticed a juggernaut
303316 | Zig:26   | Noticed a juggernaut
303317 | Zig:26   | Noticed a juggernaut
303317 | Zig:26   | Killed a juggernaut
303317 | Zig:26   | Killed a juggernaut
303317 | Zig:26   | Killed a juggernaut
303317 | Zig:26   | Killed a juggernaut
303317 | Zig:26   | Killed a juggernaut
303317 | Zig:26   | Killed a juggernaut
303317 | Zig:26   | Killed a juggernaut
303317 | Zig:26   | Killed a juggernaut
303317 | Zig:26   | Killed a juggernaut
303317 | Zig:26   | Killed a juggernaut
303317 | Zig:26   | Killed a juggernaut
303317 | Zig:26   | Killed a juggernaut
303317 | Zig:26   | Killed a juggernaut
303317 | Zig:26   | Killed a juggernaut
303318 | Zig:26   | Noticed a juggernaut
303318 | Zig:26   | Noticed a juggernaut
303318 | Zig:26   | Noticed a juggernaut
303318 | Zig:26   | Noticed a juggernaut
303319 | Zig:26   | Killed a juggernaut
303320 | Zig:26   | Noticed a juggernaut
303320 | Zig:26   | Killed a juggernaut
303320 | Zig:26   | Killed a juggernaut
303321 | Zig:26   | Noticed a juggernaut
303323 | Zig:26   | Killed a juggernaut
303324 | Zig:26   | Killed a juggernaut
303324 | Zig:26   | Killed a juggernaut
303324 | Zig:26   | Killed a juggernaut
303324 | Zig:26   | Killed a juggernaut
303324 | Zig:26   | Killed a juggernaut
303324 | Zig:26   | Killed a juggernaut
303324 | Zig:26   | Killed a juggernaut
303324 | Zig:26   | Noticed a juggernaut
303328 | Zig:26   | Noticed a juggernaut
303331 | Zig:26   | Killed a juggernaut
303331 | Zig:26   | Killed a juggernaut
303335 | Zig:26   | Killed a juggernaut
303357 | Zig:26   | Killed a juggernaut
303357 | Zig:26   | Killed a juggernaut
303357 | Zig:26   | Killed a juggernaut
303358 | Zig:26   | Killed a juggernaut
303818 | Zig:26   | Identified the amulet of Zikhu {Acrobat rPois Stlth+}
303852 | Zig:26   | Identified the +4 long sword of the Girdle {drain, *Corrode
                  | rF++ Dex+5}
303856 | Zig:26   | Identified the amulet "Ypigue" {RegenMP Dex+4}
303896 | Zig:26   | Identified the +8 arbalest of Broken Luck {penet, rPois
                  | Int-4 Dex+6 Stlth+}
303938 | Zig:26   | Identified the ring of the Heron {rN+ rCorr Str+6}
303940 | Zig:26   | Identified the ring "Kimuvuhe" {MP+9 Dex+3 Stlth+}
303944 | Zig:26   | Identified the ring "Efev Henk" {rElec rPois Will++ Str+6
                  | Dex-4}
303959 | Zig:26   | Identified the blade talisman of Wonele Gilil {rPois rC-
                  | Stlth+}
303964 | Zig:26   | Identified the +0 plate armour "Tyisadoon" {Rampage Int+5}
304208 | Zig:27   | Entered Level 27 of a ziggurat
304217 | Zig:27   | Noticed a royal mummy
304221 | Zig:27   | Noticed a royal mummy
304221 | Zig:27   | Noticed a royal mummy
304222 | Zig:27   | Noticed a royal mummy
304222 | Zig:27   | Noticed a royal mummy
304224 | Zig:27   | Killed a royal mummy
304224 | Zig:27   | Noticed a royal mummy
304225 | Zig:27   | Noticed a royal mummy
304225 | Zig:27   | Noticed a royal mummy
304226 | Zig:27   | Noticed a royal mummy
304226 | Zig:27   | Noticed a royal mummy
304226 | Zig:27   | Noticed a royal mummy
304227 | Zig:27   | Noticed a royal mummy
304227 | Zig:27   | Noticed a royal mummy
304227 | Zig:27   | Noticed a royal mummy
304227 | Zig:27   | Noticed a royal mummy
304228 | Zig:27   | Noticed a royal mummy
304228 | Zig:27   | Noticed a royal mummy
304228 | Zig:27   | Noticed a royal mummy
304228 | Zig:27   | Noticed a royal mummy
304229 | Zig:27   | Noticed a royal mummy
304230 | Zig:27   | Noticed a royal mummy
304232 | Zig:27   | Killed a royal mummy
304232 | Zig:27   | Killed a royal mummy
304232 | Zig:27   | Killed a royal mummy
304232 | Zig:27   | Killed a royal mummy
304232 | Zig:27   | Killed a royal mummy
304232 | Zig:27   | Killed a royal mummy
304232 | Zig:27   | Killed a royal mummy
304232 | Zig:27   | Killed a royal mummy
304232 | Zig:27   | Killed a royal mummy
304232 | Zig:27   | Killed a royal mummy
304232 | Zig:27   | Noticed a royal mummy
304232 | Zig:27   | Noticed a royal mummy
304233 | Zig:27   | Noticed a royal mummy
304233 | Zig:27   | Noticed a royal mummy
304233 | Zig:27   | Noticed a royal mummy
304233 | Zig:27   | Noticed a royal mummy
304233 | Zig:27   | Noticed a royal mummy
304234 | Zig:27   | Noticed a royal mummy
304234 | Zig:27   | Noticed a royal mummy
304234 | Zig:27   | Noticed a royal mummy
304234 | Zig:27   | Noticed a royal mummy
304234 | Zig:27   | Noticed a royal mummy
304234 | Zig:27   | Noticed a royal mummy
304235 | Zig:27   | Noticed a royal mummy
304235 | Zig:27   | Noticed a royal mummy
304235 | Zig:27   | Noticed a royal mummy
304235 | Zig:27   | Noticed a royal mummy
304235 | Zig:27   | Noticed a royal mummy
304237 | Zig:27   | Noticed a royal mummy
304238 | Zig:27   | Killed a royal mummy
304238 | Zig:27   | Killed a royal mummy
304238 | Zig:27   | Killed a royal mummy
304238 | Zig:27   | Killed a royal mummy
304238 | Zig:27   | Killed a royal mummy
304238 | Zig:27   | Killed a royal mummy
304238 | Zig:27   | Killed a royal mummy
304238 | Zig:27   | Killed a royal mummy
304238 | Zig:27   | Killed a royal mummy
304238 | Zig:27   | Killed a royal mummy
304238 | Zig:27   | Killed a royal mummy
304238 | Zig:27   | Killed a royal mummy
304238 | Zig:27   | Killed a royal mummy
304238 | Zig:27   | Killed a royal mummy
304238 | Zig:27   | Killed a royal mummy
304238 | Zig:27   | Killed a royal mummy
304238 | Zig:27   | Killed a royal mummy
304238 | Zig:27   | Killed a royal mummy
304238 | Zig:27   | Noticed a royal mummy
304238 | Zig:27   | Noticed a royal mummy
304238 | Zig:27   | Noticed a royal mummy
304238 | Zig:27   | Noticed a royal mummy
304239 | Zig:27   | Noticed a royal mummy
304239 | Zig:27   | Killed a royal mummy
304239 | Zig:27   | Killed a royal mummy
304239 | Zig:27   | Killed a royal mummy
304239 | Zig:27   | Killed a royal mummy
304239 | Zig:27   | Killed a royal mummy
304239 | Zig:27   | Killed a royal mummy
304239 | Zig:27   | Killed a royal mummy
304239 | Zig:27   | Killed a royal mummy
304239 | Zig:27   | Killed a royal mummy
304239 | Zig:27   | Noticed a royal mummy
304239 | Zig:27   | Noticed a royal mummy
304239 | Zig:27   | Noticed a royal mummy
304240 | Zig:27   | Noticed a royal mummy
304240 | Zig:27   | Noticed a royal mummy
304240 | Zig:27   | Noticed a royal mummy
304240 | Zig:27   | Noticed a royal mummy
304241 | Zig:27   | Noticed an ancient lich
304241 | Zig:27   | Noticed a royal mummy
304241 | Zig:27   | Noticed a royal mummy
304241 | Zig:27   | Noticed a royal mummy
304243 | Zig:27   | Noticed a royal mummy
304243 | Zig:27   | Noticed a royal mummy
304243 | Zig:27   | Noticed a royal mummy
304244 | Zig:27   | Noticed a royal mummy
304244 | Zig:27   | Noticed a royal mummy
304244 | Zig:27   | Noticed a royal mummy
304245 | Zig:27   | Noticed a royal mummy
304245 | Zig:27   | Killed a royal mummy
304246 | Zig:27   | Killed a royal mummy
304246 | Zig:27   | Killed a royal mummy
304246 | Zig:27   | Killed a royal mummy
304246 | Zig:27   | Killed a royal mummy
304246 | Zig:27   | Killed a royal mummy
304246 | Zig:27   | Killed a royal mummy
304246 | Zig:27   | Killed a royal mummy
304246 | Zig:27   | Killed a royal mummy
304246 | Zig:27   | Killed a royal mummy
304246 | Zig:27   | Killed a royal mummy
304246 | Zig:27   | Killed a royal mummy
304246 | Zig:27   | Killed a royal mummy
304246 | Zig:27   | Killed a royal mummy
304246 | Zig:27   | Noticed a royal mummy
304246 | Zig:27   | Noticed a royal mummy
304246 | Zig:27   | Noticed a royal mummy
304246 | Zig:27   | Noticed a royal mummy
304247 | Zig:27   | Killed a royal mummy
304247 | Zig:27   | Killed a royal mummy
304247 | Zig:27   | Killed an ancient lich
304247 | Zig:27   | Killed a royal mummy
304247 | Zig:27   | Killed a royal mummy
304247 | Zig:27   | Killed a royal mummy
304247 | Zig:27   | Killed a royal mummy
304247 | Zig:27   | Killed a royal mummy
304247 | Zig:27   | Noticed a royal mummy
304247 | Zig:27   | Noticed a royal mummy
304247 | Zig:27   | Noticed a royal mummy
304247 | Zig:27   | Noticed a royal mummy
304248 | Zig:27   | Noticed a royal mummy
304248 | Zig:27   | Noticed a royal mummy
304248 | Zig:27   | Noticed a royal mummy
304248 | Zig:27   | Noticed a royal mummy
304248 | Zig:27   | Noticed a royal mummy
304249 | Zig:27   | Killed a royal mummy
304249 | Zig:27   | Noticed a royal mummy
304249 | Zig:27   | Noticed a royal mummy
304249 | Zig:27   | Noticed a royal mummy
304249 | Zig:27   | Noticed a royal mummy
304249 | Zig:27   | Noticed a royal mummy
304249 | Zig:27   | Noticed a royal mummy
304250 | Zig:27   | Killed a royal mummy
304250 | Zig:27   | Killed a royal mummy
304250 | Zig:27   | Killed a royal mummy
304250 | Zig:27   | Killed a royal mummy
304250 | Zig:27   | Killed a royal mummy
304250 | Zig:27   | Killed a royal mummy
304250 | Zig:27   | Killed a royal mummy
304250 | Zig:27   | Noticed a royal mummy
304250 | Zig:27   | Noticed a royal mummy
304251 | Zig:27   | Noticed a royal mummy
304251 | Zig:27   | Noticed a royal mummy
304251 | Zig:27   | Noticed a royal mummy
304252 | Zig:27   | Killed a royal mummy
304252 | Zig:27   | Killed a royal mummy
304252 | Zig:27   | Killed a royal mummy
304252 | Zig:27   | Killed a royal mummy
304252 | Zig:27   | Killed a royal mummy
304252 | Zig:27   | Killed a royal mummy
304252 | Zig:27   | Killed a royal mummy
304252 | Zig:27   | Killed a royal mummy
304252 | Zig:27   | Killed a royal mummy
304252 | Zig:27   | Killed a royal mummy
304252 | Zig:27   | Killed a royal mummy
304252 | Zig:27   | Killed a royal mummy
304252 | Zig:27   | Noticed a royal mummy
304252 | Zig:27   | Noticed a royal mummy
304253 | Zig:27   | Noticed a royal mummy
304253 | Zig:27   | Noticed a royal mummy
304254 | Zig:27   | Noticed a royal mummy
304254 | Zig:27   | Noticed a royal mummy
304255 | Zig:27   | Noticed a royal mummy
304255 | Zig:27   | Noticed a royal mummy
304257 | Zig:27   | Killed a royal mummy
304257 | Zig:27   | Killed a royal mummy
304257 | Zig:27   | Killed a royal mummy
304257 | Zig:27   | Killed a royal mummy
304257 | Zig:27   | Killed a royal mummy
304257 | Zig:27   | Killed a royal mummy
304257 | Zig:27   | Killed a royal mummy
304257 | Zig:27   | Noticed a royal mummy
304258 | Zig:27   | Killed a royal mummy
304258 | Zig:27   | Killed a royal mummy
304258 | Zig:27   | Killed a royal mummy
304258 | Zig:27   | Killed a royal mummy
304258 | Zig:27   | Killed a royal mummy
304258 | Zig:27   | Noticed a royal mummy
304259 | Zig:27   | Noticed a royal mummy
304259 | Zig:27   | Noticed a royal mummy
304260 | Zig:27   | Noticed a royal mummy
304260 | Zig:27   | Noticed a royal mummy
304261 | Zig:27   | Killed a royal mummy
304261 | Zig:27   | Noticed a royal mummy
304262 | Zig:27   | Killed a royal mummy
304262 | Zig:27   | Killed a royal mummy
304262 | Zig:27   | Killed a royal mummy
304263 | Zig:27   | Killed a royal mummy
304264 | Zig:27   | Killed a royal mummy
304264 | Zig:27   | Killed a royal mummy
304264 | Zig:27   | Killed a royal mummy
304265 | Zig:27   | Killed a royal mummy
304265 | Zig:27   | Killed a royal mummy
304367 | Zig:27   | Identified the +2 bardiche "Ogrebane" {chaos, *Rage *Noise
                  | rC+ Str+9}
304900 | Zig:27   | Identified the +6 whip of Karma {drain, rElec rN+ Str+3
                  | Int+3}
305029 | D:10     | Acquired 855 gold pieces
305030 | D:10     | Acquired 1212 gold pieces
305031 | D:10     | Acquired 657 gold pieces
305057 | Zig:1    | Entered Level 1 of a ziggurat
305095 | Zig:2    | Entered Level 2 of a ziggurat
305095 | Zig:2    | Noticed a royal mummy
305096 | Zig:2    | Killed a royal mummy
305170 | Zig:2    | Identified the staff of a Gauntlet {rN+ Will- Dex+4 Necro
                  | Air}
305214 | Zig:3    | Entered Level 3 of a ziggurat
305214 | Zig:3    | Noticed Juutroan the pandemonium lord
305214 | Zig:3    | Noticed Caufioj the pandemonium lord
305214 | Zig:3    | Noticed Pirgheosu the pandemonium lord
305214 | Zig:3    | Noticed Toalalla the pandemonium lord
305214 | Zig:3    | Noticed Hopik the pandemonium lord
305214 | Zig:3    | Noticed Voikketu the pandemonium lord
305214 | Zig:3    | Noticed Amnuhaite the pandemonium lord
305214 | Zig:3    | Noticed Qouff the pandemonium lord
305215 | Zig:3    | Killed Hopik the pandemonium lord
305218 | Zig:3    | Killed Qouff the pandemonium lord
305220 | Zig:3    | Killed Voikketu the pandemonium lord
305221 | Zig:3    | Killed Toalalla the pandemonium lord
305221 | Zig:3    | Killed Amnuhaite the pandemonium lord
305222 | Zig:3    | Killed Caufioj the pandemonium lord
305222 | Zig:3    | Killed Pirgheosu the pandemonium lord
305223 | Zig:3    | Killed Juutroan the pandemonium lord
305310 | Zig:4    | Entered Level 4 of a ziggurat
305460 | Zig:5    | Entered Level 5 of a ziggurat
305460 | Zig:5    | Noticed a dread lich
305460 | Zig:5    | Noticed an ancient lich
305460 | Zig:5    | Noticed an ancient lich
305460 | Zig:5    | Noticed a dread lich
305460 | Zig:5    | Noticed an ancient lich
305460 | Zig:5    | Noticed a dread lich
305461 | Zig:5    | Noticed a dread lich
305462 | Zig:5    | Killed a dread lich
305462 | Zig:5    | Killed an ancient lich
305462 | Zig:5    | Killed an ancient lich
305462 | Zig:5    | Killed an ancient lich
305462 | Zig:5    | Killed a dread lich
305462 | Zig:5    | Killed a dread lich
305462 | Zig:5    | Killed a dread lich
305462 | Zig:5    | Noticed a dread lich
305468 | Zig:5    | Killed a dread lich
305526 | Zig:5    | Identified the +1 leather armour "Pol Curr" {Rampage rC+
                  | rCorr Dex+3}
305540 | Zig:5    | Identified the +0 bardiche of the Bursting Gods {pain, rN+}
305581 | Zig:6    | Entered Level 6 of a ziggurat
305581 | Zig:6    | Noticed a royal mummy
305581 | Zig:6    | Noticed a royal mummy
305581 | Zig:6    | Noticed a royal mummy
305581 | Zig:6    | Noticed a royal mummy
305581 | Zig:6    | Noticed a royal mummy
305581 | Zig:6    | Noticed a royal mummy
305581 | Zig:6    | Noticed a royal mummy
305581 | Zig:6    | Noticed a royal mummy
305581 | Zig:6    | Noticed a royal mummy
305582 | Zig:6    | Killed a royal mummy
305582 | Zig:6    | Killed a royal mummy
305582 | Zig:6    | Killed a royal mummy
305582 | Zig:6    | Killed a royal mummy
305582 | Zig:6    | Killed a royal mummy
305584 | Zig:6    | Noticed a royal mummy
305584 | Zig:6    | Noticed a royal mummy
305584 | Zig:6    | Noticed a royal mummy
305585 | Zig:6    | Noticed a royal mummy
305585 | Zig:6    | Noticed a royal mummy
305585 | Zig:6    | Killed a royal mummy
305585 | Zig:6    | Killed a royal mummy
305586 | Zig:6    | Killed a royal mummy
305588 | Zig:6    | Killed a royal mummy
305589 | Zig:6    | Killed a royal mummy
305589 | Zig:6    | Killed a royal mummy
305590 | Zig:6    | Killed a royal mummy
305591 | Zig:6    | Killed a royal mummy
305591 | Zig:6    | Killed a royal mummy
305761 | Zig:6    | Identified the staff "Ryucouts" {Str-2 Dex+4 Hexes Earth}
305829 | Zig:7    | Entered Level 7 of a ziggurat
305897 | Zig:7    | Identified the +8 mace "Egiogog" {chaos, Will++ Dex+2}
305901 | Zig:7    | Identified the +4 shortbow of the Abyss {antimagic,
                  | ^Fragile rCorr Stlth+}
306056 | Zig:8    | Entered Level 8 of a ziggurat
306056 | Zig:8    | Noticed a dread lich
306056 | Zig:8    | Noticed an ancient lich
306056 | Zig:8    | Noticed a dread lich
306056 | Zig:8    | Noticed an ancient lich
306056 | Zig:8    | Noticed a dread lich
306056 | Zig:8    | Noticed a dread lich
306056 | Zig:8    | Noticed an ancient lich
306056 | Zig:8    | Noticed an ancient lich
306057 | Zig:8    | Noticed a dread lich
306058 | Zig:8    | Noticed a dread lich
306059 | Zig:8    | Noticed a dread lich
306059 | Zig:8    | Noticed a dread lich
306060 | Zig:8    | Killed a dread lich
306060 | Zig:8    | Killed a dread lich
306060 | Zig:8    | Killed a dread lich
306060 | Zig:8    | Killed an ancient lich
306060 | Zig:8    | Killed an ancient lich
306060 | Zig:8    | Killed a dread lich
306060 | Zig:8    | Killed an ancient lich
306060 | Zig:8    | Killed a dread lich
306060 | Zig:8    | Killed an ancient lich
306060 | Zig:8    | Killed a dread lich
306060 | Zig:8    | Killed a dread lich
306060 | Zig:8    | Killed a dread lich
306060 | Zig:8    | Noticed an ancient lich
306061 | Zig:8    | Noticed a dread lich
306061 | Zig:8    | Noticed a dread lich
306062 | Zig:8    | Noticed an ancient lich
306062 | Zig:8    | Noticed an ancient lich
306065 | Zig:8    | Killed a dread lich
306065 | Zig:8    | Killed an ancient lich
306066 | Zig:8    | Killed a dread lich
306067 | Zig:8    | Killed an ancient lich
306068 | Zig:8    | Killed an ancient lich
306265 | Zig:9    | Entered Level 9 of a ziggurat
306376 | Zig:9    | Identified the staff "Rummage" {rElec rC- rN++ Conj Necro}
306400 | Zig:9    | Identified the ring of the Lobster {^Contam rElec MP+9
                  | Str+3}
306402 | Zig:9    | Identified the +2 scale mail "Geonwang" {rF+}
306609 | Zig:10   | Entered Level 10 of a ziggurat
306756 | Zig:10   | Identified the staff of the Skies Above {*Corrode rElec
                  | Str+5 Int+4 Fire Air}
306793 | Zig:10   | Identified the ring "Jigihodd" {Will+ Int+6}
306795 | Zig:10   | Identified the staff "Gaboc" {rC+ rCorr Ice Poison}
306812 | Zig:10   | Identified the +6 bardiche "Ziris" {speed, Dex+2 Stlth+}
306847 | Zig:11   | Entered Level 11 of a ziggurat
306849 | Zig:11   | Noticed a dread lich
306851 | Zig:11   | Noticed an ancient lich
306851 | Zig:11   | Noticed a dread lich
306851 | Zig:11   | Noticed a dread lich
306851 | Zig:11   | Noticed an ancient lich
306851 | Zig:11   | Noticed an ancient lich
306851 | Zig:11   | Noticed an ancient lich
306852 | Zig:11   | Noticed a dread lich
306852 | Zig:11   | Noticed an ancient lich
306852 | Zig:11   | Noticed an ancient lich
306852 | Zig:11   | Noticed a dread lich
306853 | Zig:11   | Noticed a dread lich
306853 | Zig:11   | Noticed an ancient lich
306853 | Zig:11   | Noticed a dread lich
306854 | Zig:11   | Killed an ancient lich
306854 | Zig:11   | Killed an ancient lich
306854 | Zig:11   | Killed an ancient lich
306854 | Zig:11   | Killed a dread lich
306854 | Zig:11   | Killed a dread lich
306855 | Zig:11   | Noticed an ancient lich
306855 | Zig:11   | Killed a dread lich
306855 | Zig:11   | Killed a dread lich
306855 | Zig:11   | Killed an ancient lich
306855 | Zig:11   | Killed an ancient lich
306855 | Zig:11   | Killed an ancient lich
306855 | Zig:11   | Killed a dread lich
306855 | Zig:11   | Killed a dread lich
306855 | Zig:11   | Killed an ancient lich
306855 | Zig:11   | Killed a dread lich
306855 | Zig:11   | Noticed an ancient lich
306856 | Zig:11   | Noticed an ancient lich
306856 | Zig:11   | Noticed an ancient lich
306856 | Zig:11   | Noticed an ancient lich
306856 | Zig:11   | Killed an ancient lich
306857 | Zig:11   | Noticed a dread lich
306857 | Zig:11   | Noticed a dread lich
306858 | Zig:11   | Noticed a dread lich
306858 | Zig:11   | Noticed a dread lich
306861 | Zig:11   | Killed an ancient lich
306861 | Zig:11   | Killed a dread lich
306861 | Zig:11   | Killed a dread lich
306862 | Zig:11   | Killed an ancient lich
306862 | Zig:11   | Killed an ancient lich
306862 | Zig:11   | Killed a dread lich
306862 | Zig:11   | Killed a dread lich
306862 | Zig:11   | Killed an ancient lich
306939 | Zig:11   | Identified the +1 pair of boots of Wu Jian's Condemnation
                  | {Int-5 Dex+2 Slay+5}
306943 | Zig:11   | Identified the +6 lajatang "Nidess" {antimagic, ^Drain
                  | +Blink Int+3}
306949 | Zig:11   | Identified the amulet of Ypnaang {Reflect rElec Dex+4 SH+5
                  | SInv}
306979 | Zig:11   | Identified the +4 leather armour of the Tsukumogami {Will++
                  | Str+5}
306989 | Zig:11   | Identified the +1 bardiche "Lazianud" {venom, rC- Str+2
                  | Int+2}
306990 | Zig:11   | Identified the +3 plate armour of Brilliance {*Corrode Fly
                  | rElec SInv}
306992 | Zig:11   | Identified the +1 mace of Umep {protect, rC- Dex+8}
307159 | Zig:12   | Entered Level 12 of a ziggurat
307521 | Zig:12   | Identified the +1 ring mail of a bailey {*Slow rF+ Str+3
                  | Int+2}
307588 | Zig:13   | Entered Level 13 of a ziggurat
308047 | Zig:14   | Entered Level 14 of a ziggurat
308252 | Zig:14   | Identified the +8 hand axe "Biumafao" {flame, SInv}
308260 | Zig:14   | Identified the staff "Jepeu" {rPois Summ Poison}
308266 | Zig:14   | Identified the +1 morningstar of Summer {elec, Str+5 Int-4
                  | Stlth+}
308281 | Zig:14   | Identified the +4 glaive "Ogrebane" {holy, Will+ Dex+5}
308314 | Zig:14   | Identified the +1 halberd "Ihuxtyi" {freeze, Int+7}
308315 | Zig:14   | Identified the +2 scale mail of the Wereyak {Int+4}
308333 | Zig:14   | Identified the +2 pair of gloves "Afeckiyp" {rCorr}
308337 | Zig:14   | Identified the +1 arbalest "Tawoingy" {flame, rElec Int+2
                  | Dex+2}
308418 | Zig:15   | Entered Level 15 of a ziggurat
308549 | Zig:15   | Identified the +0 plate armour "Fori Rodgh" {+Inv}
308694 | Zig:15   | Identified the +4 spear of Destiny {antimagic, ^Drain Int+4
                  | Dex+7 SInv}
308698 | Zig:15   | Identified the +7 chain mail "Ykkata" {rElec rPois Str+6
                  | Dex-2}
308940 | Zig:16   | Entered Level 16 of a ziggurat
308944 | Zig:16   | Noticed Buohuem the pandemonium lord
308944 | Zig:16   | Noticed Loex the pandemonium lord
308945 | Zig:16   | Noticed Urre Xau the pandemonium lord
308945 | Zig:16   | Noticed Liokkarida the pandemonium lord
308945 | Zig:16   | Noticed Nottatimn the pandemonium lord
308947 | Zig:16   | Noticed Meek the pandemonium lord
308947 | Zig:16   | Noticed Rerghedu the pandemonium lord
308948 | Zig:16   | Noticed Efogebec the pandemonium lord
308950 | Zig:16   | Noticed Zuod the pandemonium lord
308950 | Zig:16   | Noticed Ylumuiq the pandemonium lord
308950 | Zig:16   | Noticed Tici the pandemonium lord
308950 | Zig:16   | Noticed Ysseo the pandemonium lord
308952 | Zig:16   | Noticed Jerphoima the pandemonium lord
308952 | Zig:16   | Killed Efogebec the pandemonium lord
308952 | Zig:16   | Killed Rerghedu the pandemonium lord
308952 | Zig:16   | Killed Liokkarida the pandemonium lord
308952 | Zig:16   | Noticed Voip the pandemonium lord
308953 | Zig:16   | Noticed Jokido the pandemonium lord
308953 | Zig:16   | Killed Urre Xau the pandemonium lord
308953 | Zig:16   | Killed Buohuem the pandemonium lord
308953 | Zig:16   | Killed Tici the pandemonium lord
308953 | Zig:16   | Killed Jokido the pandemonium lord
308953 | Zig:16   | Noticed Acluug the pandemonium lord
308954 | Zig:16   | Noticed Beklem the pandemonium lord
308954 | Zig:16   | Noticed Jothraenu the pandemonium lord
308954 | Zig:16   | Noticed Jeree the pandemonium lord
308954 | Zig:16   | Noticed Leixomet the pandemonium lord
308955 | Zig:16   | Noticed Yvvibb the pandemonium lord
308956 | Zig:16   | Killed Jerphoima the pandemonium lord
308956 | Zig:16   | Killed Meek the pandemonium lord
308957 | Zig:16   | Noticed Qocizum the pandemonium lord
308957 | Zig:16   | Killed Loex the pandemonium lord
308957 | Zig:16   | Killed Ylumuiq the pandemonium lord
308957 | Zig:16   | Noticed Nuefaasy the pandemonium lord
308957 | Zig:16   | Noticed Relaept the pandemonium lord
308957 | Zig:16   | Noticed Saexadd the pandemonium lord
308957 | Zig:16   | Noticed Dostat the pandemonium lord
308958 | Zig:16   | Killed Acluug the pandemonium lord
308958 | Zig:16   | Killed Yvvibb the pandemonium lord
308958 | Zig:16   | Killed Jeree the pandemonium lord
308958 | Zig:16   | Killed Yset the pandemonium lord
308958 | Zig:16   | Killed Ysseo the pandemonium lord
308958 | Zig:16   | Noticed Tuaxaum the pandemonium lord
308959 | Zig:16   | Killed Qocizum the pandemonium lord
308960 | Zig:16   | Noticed Nukkatin the pandemonium lord
308960 | Zig:16   | Killed Zuod the pandemonium lord
308961 | Zig:16   | Killed Mitiopn the pandemonium lord
308962 | Zig:16   | Killed Relaept the pandemonium lord
308962 | Zig:16   | Killed Tuaxaum the pandemonium lord
308962 | Zig:16   | Killed Zetosaz the pandemonium lord
308962 | Zig:16   | Noticed Vego the pandemonium lord
308962 | Zig:16   | Noticed Kauzoid the pandemonium lord
308963 | Zig:16   | Noticed Nogehude the pandemonium lord
308963 | Zig:16   | Noticed Aciwaod the pandemonium lord
308963 | Zig:16   | Noticed Xixon the pandemonium lord
308963 | Zig:16   | Noticed Assesho the pandemonium lord
308964 | Zig:16   | Killed Nogehude the pandemonium lord
308964 | Zig:16   | Killed Nukkatin the pandemonium lord
308964 | Zig:16   | Killed Plog the pandemonium lord
308964 | Zig:16   | Killed Dalluaw the pandemonium lord
308964 | Zig:16   | Killed Voip the pandemonium lord
308964 | Zig:16   | Killed Leixomet the pandemonium lord
308965 | Zig:16   | Noticed Nevuptia the pandemonium lord
308965 | Zig:16   | Killed Jothraenu the pandemonium lord
308965 | Zig:16   | Killed Dostat the pandemonium lord
308965 | Zig:16   | Killed Aciwaod the pandemonium lord
308965 | Zig:16   | Killed Xixon the pandemonium lord
308965 | Zig:16   | Killed Assesho the pandemonium lord
308965 | Zig:16   | Killed Nevuptia the pandemonium lord
308965 | Zig:16   | Killed Nuefaasy the pandemonium lord
308966 | Zig:16   | Killed Vego the pandemonium lord
308966 | Zig:16   | Noticed Uturch the pandemonium lord
308966 | Zig:16   | Noticed Beajiss the pandemonium lord
308966 | Zig:16   | Noticed Piawnesu the pandemonium lord
308966 | Zig:16   | Noticed Weil the pandemonium lord
308967 | Zig:16   | Noticed Abycown the pandemonium lord
308968 | Zig:16   | Noticed Pedumezu the pandemonium lord
308969 | Zig:16   | Killed Beajiss the pandemonium lord
308969 | Zig:16   | Killed Piawnesu the pandemonium lord
308969 | Zig:16   | Noticed Usyll the pandemonium lord
308969 | Zig:16   | Noticed Vant the pandemonium lord
308970 | Zig:16   | Noticed Wouth the pandemonium lord
308970 | Zig:16   | Killed Abycown the pandemonium lord
308971 | Zig:16   | Killed Beklem the pandemonium lord
308971 | Zig:16   | Killed Kauzoid the pandemonium lord
308971 | Zig:16   | Killed Weil the pandemonium lord
308972 | Zig:16   | Noticed Gufed the pandemonium lord
308972 | Zig:16   | Killed Gufed the pandemonium lord
308973 | Zig:16   | Noticed Utoleown the pandemonium lord
308973 | Zig:16   | Noticed Ohieh the pandemonium lord
308974 | Zig:16   | Killed Rus Iweg the pandemonium lord
308975 | Zig:16   | Noticed Vifirghogg the pandemonium lord
308976 | Zig:16   | Noticed Hicuvooh the pandemonium lord
308977 | Zig:16   | Killed Pedumezu the pandemonium lord
308977 | Zig:16   | Noticed Loaremm the pandemonium lord
308978 | Zig:16   | Killed Uturch the pandemonium lord
308978 | Zig:16   | Killed Nottatimn the pandemonium lord
308979 | Zig:16   | Killed Vifirghogg the pandemonium lord
308980 | Zig:16   | Killed Usyll the pandemonium lord
308980 | Zig:16   | Noticed Limer the pandemonium lord
308981 | Zig:16   | Killed Ohieh the pandemonium lord
308983 | Zig:16   | Killed Hicuvooh the pandemonium lord
308983 | Zig:16   | Killed Wouth the pandemonium lord
308983 | Zig:16   | Noticed Jommi the pandemonium lord
308986 | Zig:16   | Noticed Dota the pandemonium lord
308986 | Zig:16   | Noticed Gienkopn the pandemonium lord
308987 | Zig:16   | Killed Loaremm the pandemonium lord
308988 | Zig:16   | Killed Dota the pandemonium lord
308988 | Zig:16   | Killed Jommi the pandemonium lord
308988 | Zig:16   | Killed Saexadd the pandemonium lord
308989 | Zig:16   | Killed Gienkopn the pandemonium lord
308992 | Zig:16   | Killed Vant the pandemonium lord
308994 | Zig:16   | Killed Limer the pandemonium lord
309004 | Zig:16   | Killed Utoleown the pandemonium lord
309194 | Zig:16   | Identified the staff of Wunei {Fly rElec rPois rF- Air}
309195 | Zig:16   | Identified the ring of Titwynu {Will+ MP+9 Dex-2 Slay+5
                  | Stlth+}
309206 | Zig:16   | Identified the +3 short sword of Fate {holy, rC+ Will+
                  | SInv}
309233 | Zig:16   | Identified the ring "Koloxt" {rElec rC+ SInv}
309308 | Zig:16   | Identified the staff of Katawkow {rPois rC+ Str+2 Stlth-
                  | Conj}
309359 | Zig:17   | Entered Level 17 of a ziggurat
309364 | Zig:17   | Noticed an ancient lich
309366 | Zig:17   | Noticed an ancient lich
309366 | Zig:17   | Noticed an ancient lich
309367 | Zig:17   | Noticed an ancient lich
309367 | Zig:17   | Noticed an ancient lich
309370 | Zig:17   | Killed an ancient lich
309370 | Zig:17   | Killed an ancient lich
309371 | Zig:17   | Noticed an ancient lich
309373 | Zig:17   | Noticed an ancient lich
309373 | Zig:17   | Noticed an ancient lich
309373 | Zig:17   | Noticed an ancient lich
309373 | Zig:17   | Killed an ancient lich
309374 | Zig:17   | Noticed an ancient lich
309374 | Zig:17   | Noticed an ancient lich
309375 | Zig:17   | Noticed an ancient lich
309375 | Zig:17   | Noticed an ancient lich
309376 | Zig:17   | Noticed an ancient lich
309376 | Zig:17   | Killed an ancient lich
309376 | Zig:17   | Killed an ancient lich
309377 | Zig:17   | Killed an ancient lich
309377 | Zig:17   | Killed an ancient lich
309377 | Zig:17   | Killed an ancient lich
309377 | Zig:17   | Killed an ancient lich
309377 | Zig:17   | Killed an ancient lich
309377 | Zig:17   | Killed an ancient lich
309377 | Zig:17   | Killed an ancient lich
309378 | Zig:17   | Noticed an ancient lich
309378 | Zig:17   | Killed an ancient lich
309382 | Zig:17   | Killed an ancient lich
309382 | Zig:17   | Killed an ancient lich
309384 | Zig:17   | Noticed an ancient lich
309386 | Zig:17   | Noticed an ancient lich
309388 | Zig:17   | Killed an ancient lich
309393 | Zig:17   | Killed an ancient lich
309433 | Zig:17   | Identified the +8 bardiche of Truth {freeze, rF+ rC- Str+10
                  | Int+2}
309462 | Zig:17   | Identified the amulet "Iny Kio" {Acrobat Int+4 Dex+3
                  | Stlth+}
309465 | Zig:17   | Identified the amulet of Soysubla {Reflect Harm rC++ SH+5}
309584 | Zig:17   | Identified the staff "Widowermaker" {^Drain rPois rN+ Necro
                  | Fire}
309588 | Zig:17   | Identified the staff of Vierrot {rC+ Will- MP+9 Str+6 Dex-5
                  | Ice}
309592 | Zig:17   | Identified the ring "Qish" {rPois Dex+4}
309624 | Zig:17   | Identified the ring of Lolo {^Contam Fly rC+++ Str+7 Dex-5}
309858 | Zig:18   | Entered Level 18 of a ziggurat
310175 | Zig:18   | Identified the ring "Rugoce Iceo" {Fly Slay+2}
310189 | Zig:18   | Identified the +9 short sword of Peril {freeze, Dex+6}
310234 | Zig:18   | Identified the staff of Compassion {^Contam Str+2 Dex+5
                  | Conj Tloc}
310240 | Zig:18   | Identified the +4 trident of Law {drain, rF+}
310374 | Zig:19   | Entered Level 19 of a ziggurat
310438 | Zig:19   | Paralysed by accursed screaming for 2 turns
310495 | Zig:19   | Paralysed by accursed screaming for 2 turns
310657 | Zig:19   | Identified the ring "Feingoih" {Ice Int+3}
310661 | Zig:19   | Identified the ring "Habliu" {rPois rF- rCorr Str+2}
310675 | Zig:19   | Identified the staff of Crystal {Fly rN+ Conj Necro}
310679 | Zig:19   | Identified the +5 long sword "Ocuojel" {heavy, Int+2}
311070 | Zig:19   | Identified the ring "Zaatiati" {rElec rF+ MP+9 AC+4}
311077 | Zig:19   | Identified the +6 falchion of the Crawling Thing {venom,
                  | rCorr}
311167 | Zig:19   | Identified the +11 acid dragon scales of the Blacksmith
                  | {Harm rCorr}
311168 | Zig:19   | Identified the +1 scale mail "Sutevod" {rElec}
311180 | Zig:20   | Entered Level 20 of a ziggurat
311195 | Zig:20   | Found the +5 moon troll leather armour {Spirit, Regen++
                  | MP+5}
311447 | Zig:20   | Identified the +5 robe of Impressiveness {Rampage}
311546 | Zig:20   | Identified the staff "Kikle" {rElec rPois Str-2 Ice Air}
311713 | Zig:20   | Identified the staff of Invincibility {rElec rC+ Dex+6 Conj
                  | Ice}
311726 | Zig:20   | Identified the staff "Tatungi" {Fly rC+ Conj Ice}
311865 | Zig:21   | Entered Level 21 of a ziggurat
311873 | Zig:21   | Noticed a dread lich
311873 | Zig:21   | Noticed a dread lich
311874 | Zig:21   | Noticed a dread lich
311875 | Zig:21   | Noticed an ancient lich
311875 | Zig:21   | Noticed an ancient lich
311876 | Zig:21   | Killed a dread lich
311877 | Zig:21   | Noticed a dread lich
311877 | Zig:21   | Noticed an ancient lich
311877 | Zig:21   | Noticed an ancient lich
311879 | Zig:21   | Killed a dread lich
311879 | Zig:21   | Killed a dread lich
311879 | Zig:21   | Killed an ancient lich
311879 | Zig:21   | Killed an ancient lich
311879 | Zig:21   | Killed an ancient lich
311880 | Zig:21   | Noticed a dread lich
311880 | Zig:21   | Noticed an ancient lich
311881 | Zig:21   | Noticed an ancient lich
311881 | Zig:21   | Noticed an ancient lich
311881 | Zig:21   | Noticed a dread lich
311881 | Zig:21   | Noticed a dread lich
311882 | Zig:21   | Noticed an ancient lich
311882 | Zig:21   | Noticed an ancient lich
311883 | Zig:21   | Killed a dread lich
311883 | Zig:21   | Killed an ancient lich
311883 | Zig:21   | Killed a dread lich
311883 | Zig:21   | Noticed an ancient lich
311883 | Zig:21   | Noticed an ancient lich
311883 | Zig:21   | Noticed an ancient lich
311884 | Zig:21   | Noticed an ancient lich
311884 | Zig:21   | Noticed a dread lich
311884 | Zig:21   | Noticed an ancient lich
311884 | Zig:21   | Noticed a dread lich
311884 | Zig:21   | Noticed a dread lich
311884 | Zig:21   | Noticed an ancient lich
311885 | Zig:21   | Noticed an ancient lich
311885 | Zig:21   | Noticed a dread lich
311885 | Zig:21   | Noticed a dread lich
311886 | Zig:21   | Noticed a dread lich
311886 | Zig:21   | Noticed an ancient lich
311886 | Zig:21   | Noticed an ancient lich
311886 | Zig:21   | Noticed an ancient lich
311886 | Zig:21   | Noticed an ancient lich
311886 | Zig:21   | Killed an ancient lich
311886 | Zig:21   | Killed an ancient lich
311886 | Zig:21   | Killed a dread lich
311887 | Zig:21   | Killed an ancient lich
311887 | Zig:21   | Killed an ancient lich
311887 | Zig:21   | Killed an ancient lich
311887 | Zig:21   | Killed a dread lich
311888 | Zig:21   | Noticed an ancient lich
311888 | Zig:21   | Noticed an ancient lich
311888 | Zig:21   | Noticed an ancient lich
311888 | Zig:21   | Noticed a dread lich
311888 | Zig:21   | Noticed an ancient lich
311889 | Zig:21   | Noticed an ancient lich
311889 | Zig:21   | Noticed an ancient lich
311890 | Zig:21   | Killed an ancient lich
311890 | Zig:21   | Killed an ancient lich
311890 | Zig:21   | Killed an ancient lich
311890 | Zig:21   | Killed an ancient lich
311890 | Zig:21   | Killed a dread lich
311890 | Zig:21   | Killed a dread lich
311890 | Zig:21   | Killed an ancient lich
311890 | Zig:21   | Killed a dread lich
311890 | Zig:21   | Killed an ancient lich
311890 | Zig:21   | Killed a dread lich
311890 | Zig:21   | Killed an ancient lich
311890 | Zig:21   | Killed an ancient lich
311890 | Zig:21   | Killed an ancient lich
311890 | Zig:21   | Killed a dread lich
311890 | Zig:21   | Killed an ancient lich
311891 | Zig:21   | Killed a dread lich
311894 | Zig:21   | Killed a dread lich
311894 | Zig:21   | Killed an ancient lich
311894 | Zig:21   | Killed an ancient lich
311894 | Zig:21   | Killed an ancient lich
311894 | Zig:21   | Killed an ancient lich
311894 | Zig:21   | Killed an ancient lich
311894 | Zig:21   | Noticed an ancient lich
311896 | Zig:21   | Noticed an ancient lich
311898 | Zig:21   | Killed an ancient lich
311898 | Zig:21   | Killed an ancient lich
311899 | Zig:21   | Killed an ancient lich
311899 | Zig:21   | Killed an ancient lich
311900 | Zig:21   | Noticed an ancient lich
311901 | Zig:21   | Noticed an ancient lich
311902 | Zig:21   | Noticed an ancient lich
311907 | Zig:21   | Killed an ancient lich
311908 | Zig:21   | Killed an ancient lich
311908 | Zig:21   | Killed an ancient lich
311984 | Zig:21   | Identified the +5 morningstar of the Nurturing Gods
                  | {protect, rF++ rCorr Int-4 Stlth+}
311987 | Zig:21   | Identified the ring "Jias Cum" {rPois MP+9}
311989 | Zig:21   | Identified the +0 war axe of the Summoning Gods {distort,
                  | rPois rC+ Int-4}
312004 | Zig:21   | Identified the ring "Lugacigg" {Fly rC+ Will+ Int+3}
312019 | Zig:21   | Identified the +9 long sword of Checkmate {freeze, Str+3}
312043 | Zig:21   | Identified the +7 quarterstaff of the Owl {freeze, Int+3}
312045 | Zig:21   | Identified the +0 troll leather armour of Gozag's
                  | Displeasure {Regen+ Str+2 Int+3 Dex+4}
312113 | Zig:21   | Identified the ring of Ydudghor {Ice Str+3 Int+2}
312414 | Zig:22   | Entered Level 22 of a ziggurat
312444 | Zig:22   | Identified the staff of Patience {rPois rF+ Str+4 Fire}
312723 | Zig:22   | Identified the +6 bardiche "Jymatic" {holy, rF+ rC- rN+
                  | Dex+4}
312737 | Zig:22   | Identified the +0 plate armour of Day {rCorr SInv}
312829 | Zig:22   | Identified the staff of Sunlight {rC+ SInv Fire Ice}
312855 | Zig:22   | Identified the ring of Far Hiog {rN+ Int+2}
312861 | Zig:22   | Identified the +0 cloak of Boredom {rElec SInv}
312865 | Zig:22   | Identified the +8 plate armour of the Leaf {+Inv Dex+2
                  | Stlth-}
312889 | Zig:22   | Identified the +5 dagger "Tafoz" {flame, Dex+2}
312895 | Zig:22   | Identified the ring "Popt" {^Drain Fly rPois Dex+7}
312940 | Zig:22   | Identified the ring of Suspected Treachery {Dex+5 SInv}
313065 | Zig:23   | Entered Level 23 of a ziggurat
313339 | Zig:23   | Identified the ring "Zetusmi" {rPois rC+ Will+}
313346 | Zig:23   | Identified the +2 robe of the Shore {Fly rElec Will+ Int-2}
313361 | Zig:23   | Identified the +1 leather armour of the Midnight Sun {rPois
                  | Will+}
313826 | Zig:24   | Entered Level 24 of a ziggurat
314236 | Zig:24   | Found the +5 robe of Misfortune {Harm *Corrode *Slow EV+5}
314270 | Zig:24   | Identified the +8 scimitar of Xelul {holy, rC+++ rN+ rCorr
                  | Str-3}
314277 | Zig:24   | Identified the +0 chain mail of Vyluss {rN+}
314285 | Zig:24   | Identified the +1 long sword "Tyewn" {flame, ^Contam rPois
                  | rF+++ Str+3}
314292 | Zig:24   | Identified the +5 mace of the Smoking Goat {heavy, Will+
                  | rCorr Str-5}
314294 | Zig:24   | Identified the +11 bardiche of the Evil Eye {holy, rC+
                  | Int+2 SInv}
314295 | Zig:24   | Identified the +2 battleaxe of Cyesirod {drain, rC+ rN+
                  | Int+2 Dex+2}
314298 | Zig:24   | Identified the +2 scale mail of the Alphagorgon {rF+}
314302 | Zig:24   | Identified the staff "Dragonbane" {rElec rPois Conj Summ
                  | Poison}
314306 | Zig:24   | Identified the ring "Wowkakh" {Fly rF+ Will+ SInv Stlth-}
314308 | Zig:24   | Identified the staff of the Butterfly {rC+ Dex+3 Ice}
314316 | Zig:24   | Identified the staff of Ragnarok {rPois Int+3 Tloc Poison}
314320 | Zig:24   | Identified the ring "Ojeogh" {rC+ rCorr Int+3}
314323 | Zig:24   | Identified the ring "Beruc" {Ice rN++ Str+4 Int+3}
314328 | Zig:24   | Identified the +2 arbalest "Maffi" {heavy, Str+2}
314471 | Zig:25   | Entered Level 25 of a ziggurat
314609 | Zig:25   | Identified the ring "Akheschyoli" {rC+ Str+3}
314611 | Zig:25   | Identified the +6 whip of Kaczuek {freeze, Int+2 Dex+3 SInv
                  | Stlth+}
314666 | Zig:25   | Identified the +7 dagger of the Known World {drain, rPois
                  | rCorr}
314672 | Zig:25   | Identified the +5 rapier "Yfor" {flame, rF+ rCorr Int-4}
314681 | Zig:25   | Identified the amulet "Hacolaxt" {Faith rC+ rCorr Slay-2}
315317 | Zig:26   | Entered Level 26 of a ziggurat
315345 | Zig:26   | Noticed a dread lich
315347 | Zig:26   | Paralysed by a wendigo for 1 turns
315352 | Zig:26   | Killed a dread lich
315704 | Zig:26   | Identified the +10 plate armour of the Morning Star {Str+4}
315710 | Zig:26   | Identified the +7 battleaxe of the Hummingbird {drain, rC+
                  | rCorr}
315771 | Zig:26   | Identified the +2 plate armour "Winnamm" {Harm}
315814 | Zig:26   | Identified the ring of Fragile Peace {rElec rPois AC+4
                  | Str-2}
315841 | Zig:26   | Identified the +8 long sword of the Mushroom {freeze, *Slow
                  | rElec rCorr Int+4}
315843 | Zig:26   | Identified the ring "Nuynle" {rElec Dex+3 SInv}
315992 | Zig:27   | Entered Level 27 of a ziggurat
316225 | Zig:27   | Identified the +1 robe "Tyum" {rC+}
316234 | Zig:27   | Identified the ring of Oqui {*Slow +Blink Fly Int-5 Slay+6}
316246 | Zig:27   | Identified the +9 mace "Niroah" {holy, ^Contam rC+ rN+
                  | rCorr}
316262 | Zig:27   | Identified the +7 bardiche of Spring {flame, ^Drain rC++
                  | rN+ SInv}
316314 | Zig:27   | Identified the ring "Distyleu" {rN+ Will+ Int-5 SInv}
316386 | Zig:27   | Identified the ring of Leojakh {rF+ Will+ Int+2 Stlth-}
316400 | Zig:27   | Identified the ring of Rationality {Will+ rCorr Int+3}
316762 | Zig:27   | Identified the amulet "Bazir" {Regen+ Int+2}
316766 | Zig:27   | Identified the +4 quarterstaff of Okawaru's Displeasure
                  | {chaos, Fly MP-9 Str+4}
316768 | Zig:27   | Identified the +1 scale mail of Ifuogo {^Contam rC+ Int+2}
316892 | D:10     | Acquired 808 gold pieces
316893 | D:10     | Acquired the ring "Yra Iti" {Fly rN+++ Will- Dex+8 Stlth-}
316894 | D:10     | Acquired 713 gold pieces
316895 | D:10     | Acquired 1266 gold pieces
316896 | D:10     | Acquired 685 gold pieces
316913 | Zig:1    | Entered Level 1 of a ziggurat
316913 | Zig:1    | Noticed an ancient lich
316914 | Zig:1    | Noticed an ancient lich
316917 | Zig:1    | Killed an ancient lich
316917 | Zig:1    | Killed an ancient lich
316955 | Zig:2    | Entered Level 2 of a ziggurat
317045 | Zig:3    | Entered Level 3 of a ziggurat
317101 | Zig:3    | Identified the amulet of Feuciuna {Acrobat rF+ rN+}
317193 | Zig:4    | Entered Level 4 of a ziggurat
317193 | Zig:4    | Noticed an ancient lich
317193 | Zig:4    | Noticed an ancient lich
317193 | Zig:4    | Noticed an ancient lich
317193 | Zig:4    | Noticed a dread lich
317194 | Zig:4    | Killed an ancient lich
317195 | Zig:4    | Killed a dread lich
317195 | Zig:4    | Killed an ancient lich
317198 | Zig:4    | Noticed a dread lich
317199 | Zig:4    | Killed an ancient lich
317201 | Zig:4    | Identified the +0 bardiche "Ezxaqaic" {protect, ^Fragile
                  | rF++}
317203 | Zig:4    | Killed a dread lich
317227 | Zig:4    | Identified the +2 quarterstaff "Belill" {spect, *Corrode
                  | Will+ Dex+3 SInv}
317277 | Zig:4    | Identified the +1 pair of boots of Dice, Bag, and Bottle
                  | {*Corrode Int+5 Dex+2}
317288 | Zig:4    | Identified the ring "Baetazxi" {Fly rC+ Slay+3}
317309 | Zig:5    | Entered Level 5 of a ziggurat
317309 | Zig:5    | Noticed a juggernaut
317309 | Zig:5    | Noticed a juggernaut
317309 | Zig:5    | Noticed a juggernaut
317310 | Zig:5    | Killed a juggernaut
317310 | Zig:5    | Noticed a juggernaut
317311 | Zig:5    | Killed a juggernaut
317311 | Zig:5    | Killed a juggernaut
317313 | Zig:5    | Killed a juggernaut
317359 | Zig:5    | Identified the ring of Leaves {Fire Dex+6 Slay+5 Stlth-}
317366 | Zig:5    | Identified the staff of Tomorrow {rElec Earth}
317367 | Zig:5    | Identified the +7 mace "Ruthamub" {freeze, rF+ Will++ Dex+4
                  | SInv}
317489 | Zig:6    | Entered Level 6 of a ziggurat
317489 | Zig:6    | Noticed a seraph
317495 | Zig:6    | Noticed a seraph
317495 | Zig:6    | Killed a seraph
317498 | Zig:6    | Noticed a seraph
317500 | Zig:6    | Killed a seraph
317505 | Zig:6    | Killed a seraph
317746 | Zig:6    | Identified the +2 morningstar "Deun" {spect, Will+ Str+6}
317777 | Zig:6    | Identified the staff of Poverty {*Slow rC- rN+++ Stlth+
                  | Conj}
317805 | Zig:6    | Identified the +1 robe "Aweotec" {*Corrode Will+ Dex+5
                  | Archmagi}
317810 | Zig:7    | Entered Level 7 of a ziggurat
317989 | Zig:7    | Identified the +1 spear "Qaakoc" {holy, rF+}
317990 | Zig:7    | Identified the +4 sling of Classification {flame, rPois rF+
                  | rN+ Dex+3}
317999 | Zig:7    | Identified the +0 ring mail "Beano" {Str+5 Dex+3}
318021 | Zig:8    | Entered Level 8 of a ziggurat
318021 | Zig:8    | Noticed an ancient lich
318027 | Zig:8    | Killed an ancient lich
318193 | Zig:8    | Identified the +2 shortbow of Dominance {freeze, +Blink
                  | Int+3 Dex+2}
318196 | Zig:8    | Identified the ring of Wu Jian's Condemnation {rF+ rC+
                  | Dex+2 Slay+6}
318201 | Zig:8    | Identified the +2 leather armour of the Sunfish {*Slow rC+
                  | Dex+6 Stlth+}
318256 | Zig:9    | Entered Level 9 of a ziggurat
318332 | Zig:9    | Identified the +10 shortbow "Couwn" {freeze, rElec SInv}
318336 | Zig:9    | Identified the ring of Fifeunga {rN++ Str+2 Int-4 Dex+6}
318340 | Zig:9    | Identified the +2 great sword of Ravage {speed, rPois Str+4
                  | Int-5 Stlth+}
318567 | Zig:10   | Entered Level 10 of a ziggurat
318647 | Zig:10   | Identified the +1 arbalest of Victory {speed, Int+2}
318677 | Zig:10   | Identified the ring "Jazualip" {Ice rPois Str+2}
318693 | Zig:10   | Identified the +9 orcbow of Vukint {drain, Fly rPois rCorr
                  | SInv}
318706 | Zig:10   | Identified the +0 plate armour of Zourirej {Harm MP+9 Int+6
                  | Slay-2}
318717 | Zig:10   | Identified the ring of Midnight {^Contam rElec rC+ Dex-5
                  | SInv}
318720 | Zig:10   | Identified the ring "Pafuav" {+Blink Fly rF+ rN+++ Str-5}
318907 | Zig:11   | Entered Level 11 of a ziggurat
318907 | Zig:11   | Noticed an ancient lich
318907 | Zig:11   | Noticed a dread lich
318907 | Zig:11   | Noticed a dread lich
318907 | Zig:11   | Noticed a dread lich
318907 | Zig:11   | Noticed an ancient lich
318907 | Zig:11   | Noticed an ancient lich
318907 | Zig:11   | Noticed a dread lich
318907 | Zig:11   | Noticed a dread lich
318907 | Zig:11   | Noticed a dread lich
318908 | Zig:11   | Noticed a dread lich
318908 | Zig:11   | Noticed an ancient lich
318911 | Zig:11   | Killed an ancient lich
318911 | Zig:11   | Killed an ancient lich
318911 | Zig:11   | Killed a dread lich
318911 | Zig:11   | Killed a dread lich
318911 | Zig:11   | Killed a dread lich
318911 | Zig:11   | Noticed a dread lich
318912 | Zig:11   | Killed a dread lich
318912 | Zig:11   | Killed an ancient lich
318913 | Zig:11   | Killed a dread lich
318913 | Zig:11   | Killed a dread lich
318913 | Zig:11   | Killed a dread lich
318913 | Zig:11   | Killed a dread lich
318913 | Zig:11   | Noticed a dread lich
318913 | Zig:11   | Noticed a dread lich
318913 | Zig:11   | Noticed a dread lich
318914 | Zig:11   | Noticed an ancient lich
318915 | Zig:11   | Noticed an ancient lich
318916 | Zig:11   | Noticed a dread lich
318916 | Zig:11   | Noticed a dread lich
318916 | Zig:11   | Noticed a dread lich
318916 | Zig:11   | Noticed an ancient lich
318916 | Zig:11   | Noticed an ancient lich
318916 | Zig:11   | Noticed an ancient lich
318917 | Zig:11   | Noticed an ancient lich
318917 | Zig:11   | Noticed a dread lich
318917 | Zig:11   | Killed an ancient lich
318918 | Zig:11   | Killed a dread lich
318918 | Zig:11   | Killed an ancient lich
318918 | Zig:11   | Killed a dread lich
318918 | Zig:11   | Killed an ancient lich
318918 | Zig:11   | Noticed a dread lich
318919 | Zig:11   | Noticed an ancient lich
318921 | Zig:11   | Killed a dread lich
318921 | Zig:11   | Killed a dread lich
318921 | Zig:11   | Killed a dread lich
318921 | Zig:11   | Killed an ancient lich
318921 | Zig:11   | Killed a dread lich
318921 | Zig:11   | Killed an ancient lich
318921 | Zig:11   | Killed a dread lich
318921 | Zig:11   | Killed a dread lich
318921 | Zig:11   | Killed an ancient lich
318921 | Zig:11   | Killed an ancient lich
318922 | Zig:11   | Killed an ancient lich
318958 | Zig:11   | Identified the staff "Jiudd" {rPois rF+ Will+ Str+3 Hexes
                  | Fire}
318968 | Zig:11   | Identified the +8 short sword "Hulk" {venom, rF+ Str+2}
319188 | Zig:12   | Entered Level 12 of a ziggurat
319481 | Zig:12   | Identified the staff of True Grit {rElec rN+ Ice Air}
319491 | Zig:12   | Identified the +0 rapier "Murmur" {spect, Str+3}
319539 | Zig:13   | Entered Level 13 of a ziggurat
319539 | Zig:13   | Noticed a dread lich
319539 | Zig:13   | Noticed an ancient lich
319539 | Zig:13   | Noticed an ancient lich
319539 | Zig:13   | Noticed a dread lich
319539 | Zig:13   | Noticed an ancient lich
319539 | Zig:13   | Noticed a dread lich
319539 | Zig:13   | Noticed a dread lich
319539 | Zig:13   | Noticed a dread lich
319539 | Zig:13   | Noticed an ancient lich
319539 | Zig:13   | Noticed a dread lich
319539 | Zig:13   | Noticed a dread lich
319539 | Zig:13   | Noticed an ancient lich
319540 | Zig:13   | Noticed a dread lich
319540 | Zig:13   | Noticed a dread lich
319540 | Zig:13   | Noticed a dread lich
319540 | Zig:13   | Noticed an ancient lich
319541 | Zig:13   | Noticed a dread lich
319541 | Zig:13   | Noticed an ancient lich
319541 | Zig:13   | Noticed an ancient lich
319541 | Zig:13   | Noticed an ancient lich
319542 | Zig:13   | Killed a dread lich
319542 | Zig:13   | Killed an ancient lich
319542 | Zig:13   | Killed an ancient lich
319542 | Zig:13   | Killed an ancient lich
319542 | Zig:13   | Killed a dread lich
319542 | Zig:13   | Killed a dread lich
319542 | Zig:13   | Killed an ancient lich
319542 | Zig:13   | Killed a dread lich
319542 | Zig:13   | Killed an ancient lich
319542 | Zig:13   | Killed a dread lich
319542 | Zig:13   | Killed a dread lich
319543 | Zig:13   | Noticed an ancient lich
319543 | Zig:13   | Noticed an ancient lich
319543 | Zig:13   | Noticed a dread lich
319543 | Zig:13   | Noticed a dread lich
319543 | Zig:13   | Noticed an ancient lich
319544 | Zig:13   | Noticed an ancient lich
319544 | Zig:13   | Noticed a dread lich
319544 | Zig:13   | Noticed a dread lich
319545 | Zig:13   | Noticed an ancient lich
319545 | Zig:13   | Noticed a dread lich
319545 | Zig:13   | Found the +18 Lear's hauberk
319545 | Zig:13   | Noticed a dread lich
319545 | Zig:13   | Noticed an ancient lich
319546 | Zig:13   | Noticed an ancient lich
319546 | Zig:13   | Noticed a dread lich
319546 | Zig:13   | Noticed an ancient lich
319547 | Zig:13   | Noticed an ancient lich
319547 | Zig:13   | Noticed a dread lich
319547 | Zig:13   | Noticed an ancient lich
319547 | Zig:13   | Noticed an ancient lich
319548 | Zig:13   | Killed a dread lich
319548 | Zig:13   | Killed a dread lich
319548 | Zig:13   | Killed an ancient lich
319548 | Zig:13   | Killed a dread lich
319548 | Zig:13   | Killed an ancient lich
319548 | Zig:13   | Killed an ancient lich
319548 | Zig:13   | Killed an ancient lich
319548 | Zig:13   | Killed a dread lich
319548 | Zig:13   | Killed a dread lich
319548 | Zig:13   | Killed an ancient lich
319548 | Zig:13   | Killed a dread lich
319548 | Zig:13   | Killed a dread lich
319548 | Zig:13   | Killed an ancient lich
319548 | Zig:13   | Killed a dread lich
319548 | Zig:13   | Killed an ancient lich
319548 | Zig:13   | Killed a dread lich
319548 | Zig:13   | Killed a dread lich
319548 | Zig:13   | Killed an ancient lich
319549 | Zig:13   | Noticed a dread lich
319549 | Zig:13   | Noticed an ancient lich
319549 | Zig:13   | Noticed a dread lich
319551 | Zig:13   | Killed an ancient lich
319551 | Zig:13   | Killed a dread lich
319551 | Zig:13   | Killed an ancient lich
319551 | Zig:13   | Killed an ancient lich
319551 | Zig:13   | Killed a dread lich
319551 | Zig:13   | Killed an ancient lich
319551 | Zig:13   | Killed an ancient lich
319551 | Zig:13   | Killed an ancient lich
319551 | Zig:13   | Killed a dread lich
319556 | Zig:13   | Killed a dread lich
319556 | Zig:13   | Killed an ancient lich
319557 | Zig:13   | Killed a dread lich
319557 | Zig:13   | Killed an ancient lich
319598 | Zig:13   | Identified the staff of Vehija {rF+ rC+ rCorr Str-3 Tmut
                  | Ice}
319603 | Zig:13   | Identified the staff of Tartarus {+Blink rN+ Necro Tloc
                  | Earth}
319635 | Zig:13   | Identified the staff "Tumuce" {rElec Int+4 Conj Air}
319639 | Zig:13   | Identified the +7 bardiche of the Poles {heavy, *Rage
                  | +Blink rF+ SInv}
319869 | Zig:13   | Identified the +0 plate armour of a wizard's laboratory
                  | {Str+4}
319880 | Zig:14   | Entered Level 14 of a ziggurat
319880 | Zig:14   | Noticed a royal mummy
319880 | Zig:14   | Noticed a royal mummy
319880 | Zig:14   | Noticed a royal mummy
319880 | Zig:14   | Noticed a royal mummy
319880 | Zig:14   | Noticed a royal mummy
319880 | Zig:14   | Noticed a royal mummy
319880 | Zig:14   | Noticed a royal mummy
319881 | Zig:14   | Killed a royal mummy
319881 | Zig:14   | Killed a royal mummy
319881 | Zig:14   | Killed a royal mummy
319881 | Zig:14   | Killed a royal mummy
319881 | Zig:14   | Killed a royal mummy
319882 | Zig:14   | Noticed a royal mummy
319883 | Zig:14   | Noticed a royal mummy
319883 | Zig:14   | Noticed a royal mummy
319884 | Zig:14   | Noticed a royal mummy
319884 | Zig:14   | Killed a royal mummy
319885 | Zig:14   | Noticed a royal mummy
319885 | Zig:14   | Killed a royal mummy
319885 | Zig:14   | Noticed a royal mummy
319886 | Zig:14   | Noticed a royal mummy
319886 | Zig:14   | Noticed a royal mummy
319886 | Zig:14   | Noticed a royal mummy
319887 | Zig:14   | Noticed a royal mummy
319887 | Zig:14   | Noticed a royal mummy
319887 | Zig:14   | Noticed a royal mummy
319887 | Zig:14   | Noticed a royal mummy
319887 | Zig:14   | Killed a royal mummy
319888 | Zig:14   | Noticed a royal mummy
319889 | Zig:14   | Killed a royal mummy
319889 | Zig:14   | Killed a royal mummy
319889 | Zig:14   | Killed a royal mummy
319889 | Zig:14   | Killed a royal mummy
319889 | Zig:14   | Killed a royal mummy
319889 | Zig:14   | Killed a royal mummy
319889 | Zig:14   | Killed a royal mummy
319889 | Zig:14   | Lost strength.
319891 | Zig:14   | Noticed a royal mummy
319892 | Zig:14   | Noticed a royal mummy
319893 | Zig:14   | Killed a royal mummy
319894 | Zig:14   | Found the +1 Delatra's gloves {ID++}
319895 | Zig:14   | Killed a royal mummy
319895 | Zig:14   | Killed a royal mummy
319895 | Zig:14   | Killed a royal mummy
319895 | Zig:14   | Killed a royal mummy
319896 | Zig:14   | Noticed a royal mummy
319897 | Zig:14   | Killed a royal mummy
319897 | Zig:14   | Killed a royal mummy
319897 | Zig:14   | Noticed a royal mummy
319901 | Zig:14   | Killed a royal mummy
319904 | Zig:14   | Killed a royal mummy
319904 | Zig:14   | Killed a royal mummy
320122 | Zig:14   | Identified the ring of Impy {Fly Will+ SInv}
320141 | Zig:14   | Identified the ring of Minyll {Will+ Str+6 Stlth+}
320143 | Zig:14   | Identified the +7 mace of Crusades {vamp, ^Drain rF++ rC+++
                  | rCorr}
320147 | Zig:14   | Identified the +2 falchion of Uncomfortable Rashes {flame,
                  | Fly rElec rPois Will-}
320191 | Zig:14   | Identified the +6 great mace of the Fox {elec, rCorr}
320201 | Zig:14   | Identified the +3 sling of the Crushed Ziggurats {freeze,
                  | rC+ Int+3 Dex-2}
320220 | Zig:15   | Entered Level 15 of a ziggurat
320220 | Zig:15   | Noticed an ancient lich
320220 | Zig:15   | Noticed an ancient lich
320220 | Zig:15   | Noticed a dread lich
320220 | Zig:15   | Noticed an ancient lich
320220 | Zig:15   | Noticed an ancient lich
320220 | Zig:15   | Noticed a dread lich
320220 | Zig:15   | Noticed a dread lich
320220 | Zig:15   | Noticed a dread lich
320220 | Zig:15   | Noticed an ancient lich
320220 | Zig:15   | Noticed a dread lich
320220 | Zig:15   | Noticed an ancient lich
320220 | Zig:15   | Noticed a dread lich
320221 | Zig:15   | Killed a dread lich
320221 | Zig:15   | Killed an ancient lich
320221 | Zig:15   | Killed a dread lich
320221 | Zig:15   | Killed a dread lich
320221 | Zig:15   | Killed a dread lich
320222 | Zig:15   | Killed a dread lich
320222 | Zig:15   | Killed an ancient lich
320222 | Zig:15   | Killed a dread lich
320222 | Zig:15   | Killed an ancient lich
320222 | Zig:15   | Killed an ancient lich
320222 | Zig:15   | Killed an ancient lich
320224 | Zig:15   | Noticed a dread lich
320224 | Zig:15   | Noticed an ancient lich
320224 | Zig:15   | Noticed an ancient lich
320224 | Zig:15   | Noticed an ancient lich
320224 | Zig:15   | Noticed a dread lich
320225 | Zig:15   | Noticed an ancient lich
320225 | Zig:15   | Noticed a dread lich
320225 | Zig:15   | Noticed a dread lich
320226 | Zig:15   | Noticed a dread lich
320226 | Zig:15   | Noticed an ancient lich
320226 | Zig:15   | Noticed an ancient lich
320227 | Zig:15   | Killed an ancient lich
320227 | Zig:15   | Killed an ancient lich
320227 | Zig:15   | Killed a dread lich
320227 | Zig:15   | Noticed a dread lich
320228 | Zig:15   | Killed a dread lich
320228 | Zig:15   | Killed an ancient lich
320228 | Zig:15   | Killed a dread lich
320228 | Zig:15   | Killed an ancient lich
320228 | Zig:15   | Killed an ancient lich
320228 | Zig:15   | Killed an ancient lich
320228 | Zig:15   | Killed a dread lich
320228 | Zig:15   | Killed an ancient lich
320228 | Zig:15   | Killed a dread lich
320228 | Zig:15   | Killed a dread lich
320230 | Zig:15   | Noticed a dread lich
320230 | Zig:15   | Noticed a dread lich
320230 | Zig:15   | Noticed a dread lich
320230 | Zig:15   | Noticed an ancient lich
320231 | Zig:15   | Noticed an ancient lich
320231 | Zig:15   | Noticed an ancient lich
320231 | Zig:15   | Noticed an ancient lich
320232 | Zig:15   | Noticed an ancient lich
320232 | Zig:15   | Noticed a dread lich
320232 | Zig:15   | Noticed a dread lich
320232 | Zig:15   | Noticed an ancient lich
320233 | Zig:15   | Noticed a dread lich
320233 | Zig:15   | Noticed a dread lich
320233 | Zig:15   | Noticed a dread lich
320233 | Zig:15   | Noticed an ancient lich
320234 | Zig:15   | Killed an ancient lich
320234 | Zig:15   | Killed a dread lich
320234 | Zig:15   | Killed a dread lich
320234 | Zig:15   | Killed a dread lich
320234 | Zig:15   | Killed an ancient lich
320234 | Zig:15   | Killed an ancient lich
320234 | Zig:15   | Killed an ancient lich
320234 | Zig:15   | Killed a dread lich
320235 | Zig:15   | Killed an ancient lich
320235 | Zig:15   | Killed an ancient lich
320235 | Zig:15   | Killed a dread lich
320235 | Zig:15   | Killed a dread lich
320235 | Zig:15   | Killed a dread lich
320235 | Zig:15   | Killed a dread lich
320235 | Zig:15   | Killed an ancient lich
320236 | Zig:15   | Noticed a dread lich
320237 | Zig:15   | Noticed a dread lich
320241 | Zig:15   | Killed a dread lich
320241 | Zig:15   | Killed a dread lich
320250 | Zig:15   | Identified the +6 bardiche "Livuhun" {antimagic, rElec rC+
                  | Str+3}
320355 | Zig:15   | Identified the ring "Noso" {Ice *Slow rCorr Int+8}
320357 | Zig:15   | Identified the amulet "Xucocwet" {Harm Regen+ Str+3}
320612 | Zig:16   | Entered Level 16 of a ziggurat
320959 | Zig:16   | Identified the +1 war axe of the Tundras {vamp, +Blink rN+
                  | Str-4 Stlth+}
321045 | Zig:16   | Identified the +2 whip of Sorrovvau {venom, rElec}
321057 | Zig:16   | Identified the staff "Naajar" {rElec rCorr Earth}
321061 | Zig:16   | Identified the ring "Miodoff" {rF+ rCorr Dex+4}
321070 | Zig:17   | Entered Level 17 of a ziggurat
321119 | Zig:17   | Identified the +1 ring mail "Katt" {^Drain rF+++ Int-4
                  | Dex+3}
321139 | Zig:17   | Identified the death talisman of Meloviho {Str+2}
321155 | Zig:17   | Identified the +5 dagger of Lust {chaos, Str+3}
321174 | Zig:17   | Identified the staff of Pych {Int+5 Earth}
321183 | Zig:17   | Identified the staff "Ukonko Ziefu" {rF+ rC+ SInv Necro
                  | Fire}
321194 | Zig:17   | Identified the staff of Resourcefulness {Int+4 Dex+4 Earth}
321624 | Zig:18   | Entered Level 18 of a ziggurat
321643 | Zig:18   | Identified the staff of True Grit {rElec Earth}
321656 | Zig:18   | Identified the +2 trident of Hacking and Slashing {flame,
                  | Will+ Str+4}
322041 | Zig:18   | Identified the +11 flail "Ceex" {flame, ^Drain rC+ MP+9
                  | Dex+3}
322074 | Zig:18   | Identified the +0 buckler "Beytal" {+Blink rF- rN++ Int-4}
322099 | Zig:18   | Identified the +4 plate armour of Miracles {Int+5}
322120 | Zig:18   | Identified the +2 bardiche "Voicleis" {freeze, rF+ rCorr
                  | Int+4}
322126 | Zig:18   | Identified the +0 helmet of Pipp {rElec}
322151 | Zig:18   | Identified the +7 flail "Esiebodu" {pain, Will+}
322155 | Zig:18   | Identified the staff "Yxzyohoi" {rC+ Will- Int+2 Ice Air}
322196 | Zig:19   | Entered Level 19 of a ziggurat
322309 | Zig:19   | Identified the +7 rapier "Xipton" {heavy, Will+ Str+5}
322319 | Zig:19   | Identified the +2 dire flail of the Realm of Zot {spect,
                  | rPois Will+ rCorr Stlth+}
322320 | Zig:19   | Identified the staff of Rubbish {rPois Str+2 Poison}
322334 | Zig:19   | Identified the ring "Teuz" {*Slow rF+ Dex+2 SInv}
322338 | Zig:19   | Identified the ring "Fynais" {rF+ rN+ Dex+3}
322354 | Zig:19   | Identified the +7 great sword of the Golden God {venom,
                  | ^Fragile +Blink SInv}
322363 | Zig:19   | Identified the staff of Tumult {rElec rPois rC+ Str-2 Earth
                  | Poison}
322364 | Zig:19   | Identified the +6 rapier of Ucueneam {holy, Dex+7}
322370 | Zig:19   | Identified the ring of Yhufyhua {Fire rN+ Int-4 Stlth+}
322375 | Zig:19   | Identified the +1 plate armour of Tenacity {rC++ rCorr
                  | Int+3 Slay+2}
322382 | Zig:19   | Identified the +7 great sword of Glory {holy, +Blink SInv}
322733 | Zig:20   | Entered Level 20 of a ziggurat
322733 | Zig:20   | Noticed an ancient lich
322733 | Zig:20   | Noticed an ancient lich
322759 | Zig:20   | Killed an ancient lich
322760 | Zig:20   | Killed an ancient lich
322811 | Zig:20   | Noticed an ancient lich
322862 | Zig:20   | Killed an ancient lich
323200 | Zig:20   | Identified the ring of the Red God {rPois rF- Will- AC+4
                  | Dex+8}
323202 | Zig:20   | Identified the +0 quick blade of Discord {venom, Will+
                  | Str+3}
323274 | Zig:20   | Identified the +1 falchion "Faonutux" {drain, rF+ Str+3}
323309 | Zig:20   | Identified the +2 robe "Goriej" {Str+9 Int-4 Slay-6
                  | Archmagi}
323332 | Zig:20   | Identified the +0 ice dragon scales of the Shining Light
                  | {rF- rC++ Str+4 Dex+3 Stlth+}
323377 | Zig:20   | Identified the +0 plate armour of Insecurity {Will+ Stlth+}
323382 | Zig:20   | Identified the +4 hand axe "Igair" {heavy, Str+2}
323412 | Zig:21   | Entered Level 21 of a ziggurat
323510 | Zig:21   | Identified the ring of Qaec Lei {rElec rPois rC+ Stlth+}
323524 | Zig:21   | Identified the ring "Peovva" {Fly rF+ rC+}
323526 | Zig:21   | Identified the ring "Cistax" {rN+ rCorr MP+9 Str+2 Stlth+}
323542 | Zig:21   | Identified the amulet of Kaum {rC+ Regen+ rCorr}
323544 | Zig:21   | Identified the +6 trident "Noramesch" {protect, rPois
                  | Str+2}
323556 | Zig:21   | Identified the +1 dire flail of the Fifty Artists {flame,
                  | rC- Dex+7}
323558 | Zig:21   | Identified the +1 glaive "Earthworm" {heavy, Dex+3}
323564 | Zig:21   | Identified the +3 plate armour "Pirojeul" {+Inv rPois}
323625 | Zig:21   | Identified the +8 trident of Ziohue {vamp, *Rage rPois
                  | Will- Dex+9}
323674 | Zig:21   | Identified the ring "Yqaunebu" {+Blink Int+3 Dex+6 SInv}
323684 | Zig:21   | Identified the ring "Wotagos" {rPois rC- rN+ AC+4}
323690 | Zig:21   | Identified the +0 ring mail "Fiuguefit" {Slay+2}
323696 | Zig:21   | Identified the +11 bardiche of Contention {venom, MP+9
                  | Dex+3}
323698 | Zig:21   | Identified the ring of the Duke {Ice rPois Int+2}
323704 | Zig:21   | Identified the amulet "Kajinoep" {Fly rPois rC- Regen+
                  | Dex+4}
324069 | Zig:22   | Entered Level 22 of a ziggurat
324081 | Zig:22   | Noticed an ancient lich
324083 | Zig:22   | Noticed a dread lich
324086 | Zig:22   | Killed an ancient lich
324086 | Zig:22   | Killed a dread lich
324408 | Zig:22   | Identified the +4 demon blade of Blind Justice {freeze,
                  | rC+}
324574 | Zig:22   | Identified the staff of Ignis's Generosity {rPois Will+
                  | Poison}
324584 | Zig:22   | Identified the ring of the Oligarchy {rPois rC+ Will+}
324586 | Zig:22   | Identified the amulet "Ciclakou" {Reflect rElec rCorr Str-4
                  | Int+5 SH+5}
324590 | Zig:22   | Identified the +1 shortbow of Certain Death {drain, *Slow
                  | rPois Str+3}
324597 | Zig:22   | Identified the +6 bardiche of Dried Tears {drain, rF+
                  | Str+3}
324612 | Zig:22   | Identified the ring "Cizoet" {rCorr Stlth+}
324623 | Zig:22   | Identified the amulet "Gageg" {Faith +Blink rPois}
324657 | Zig:23   | Entered Level 23 of a ziggurat
324657 | Zig:23   | Noticed Enysoom the pandemonium lord
324657 | Zig:23   | Noticed Ahunituime the pandemonium lord
324657 | Zig:23   | Noticed Kexkuam the pandemonium lord
324657 | Zig:23   | Noticed Garysh the pandemonium lord
324657 | Zig:23   | Noticed Taisuyb the pandemonium lord
324657 | Zig:23   | Noticed Zev Itoa the pandemonium lord
324657 | Zig:23   | Noticed Miwnakk the pandemonium lord
324657 | Zig:23   | Noticed Naiwkus the pandemonium lord
324657 | Zig:23   | Noticed Zeibosm the pandemonium lord
324657 | Zig:23   | Noticed Voav Duim the pandemonium lord
324657 | Zig:23   | Noticed Quoph the pandemonium lord
324657 | Zig:23   | Noticed Cosche Ruopp the pandemonium lord
324657 | Zig:23   | Noticed Ygomoall the pandemonium lord
324657 | Zig:23   | Noticed Sodimoos the pandemonium lord
324657 | Zig:23   | Noticed Laulyl the pandemonium lord
324657 | Zig:23   | Noticed Asengoan the pandemonium lord
324657 | Zig:23   | Noticed Voytiaco the pandemonium lord
324660 | Zig:23   | Noticed Nefeipam the pandemonium lord
324660 | Zig:23   | Killed Nefeipam the pandemonium lord
324660 | Zig:23   | Killed Ahunituime the pandemonium lord
324660 | Zig:23   | Killed Zev Itoa the pandemonium lord
324660 | Zig:23   | Killed Laulyl the pandemonium lord
324660 | Zig:23   | Killed Sodimoos the pandemonium lord
324660 | Zig:23   | Killed Asengoan the pandemonium lord
324660 | Zig:23   | Killed Kexkuam the pandemonium lord
324662 | Zig:23   | Killed Ygomoall the pandemonium lord
324662 | Zig:23   | Killed Voav Duim the pandemonium lord
324662 | Zig:23   | Noticed Lidwyifi the pandemonium lord
324663 | Zig:23   | Noticed Erecrese the pandemonium lord
324664 | Zig:23   | Noticed Jonugut the pandemonium lord
324664 | Zig:23   | Noticed Neffus the pandemonium lord
324664 | Zig:23   | Noticed Fyreiz the pandemonium lord
324664 | Zig:23   | Killed Miwnakk the pandemonium lord
324664 | Zig:23   | Killed Erecrese the pandemonium lord
324664 | Zig:23   | Killed Taisuyb the pandemonium lord
324664 | Zig:23   | Noticed Wanguont the pandemonium lord
324665 | Zig:23   | Killed Jonugut the pandemonium lord
324666 | Zig:23   | Killed Fyreiz the pandemonium lord
324666 | Zig:23   | Noticed Cisuy the pandemonium lord
324667 | Zig:23   | Noticed Zufroats the pandemonium lord
324667 | Zig:23   | Noticed Ablod the pandemonium lord
324667 | Zig:23   | Noticed Oshanole the pandemonium lord
324667 | Zig:23   | Noticed Diutheca the pandemonium lord
324668 | Zig:23   | Noticed Mujamu the pandemonium lord
324668 | Zig:23   | Noticed Minayfus the pandemonium lord
324668 | Zig:23   | Noticed Popt the pandemonium lord
324668 | Zig:23   | Noticed Ichesuol the pandemonium lord
324668 | Zig:23   | Noticed Liqoi the pandemonium lord
324668 | Zig:23   | Noticed Nuutuen the pandemonium lord
324668 | Zig:23   | Noticed Nogaxafoam the pandemonium lord
324668 | Zig:23   | Noticed Nuxutag the pandemonium lord
324668 | Zig:23   | Killed Zeibosm the pandemonium lord
324668 | Zig:23   | Killed Quoph the pandemonium lord
324669 | Zig:23   | Noticed Pekatof the pandemonium lord
324669 | Zig:23   | Noticed Teom the pandemonium lord
324669 | Zig:23   | Noticed Xeorra the pandemonium lord
324669 | Zig:23   | Noticed Wutsis the pandemonium lord
324669 | Zig:23   | Noticed Edir the pandemonium lord
324669 | Zig:23   | Killed Enysoom the pandemonium lord
324670 | Zig:23   | Noticed Xusk the pandemonium lord
324670 | Zig:23   | Noticed Doeni the pandemonium lord
324670 | Zig:23   | Noticed Fuminaocs the pandemonium lord
324670 | Zig:23   | Noticed Meadam the pandemonium lord
324671 | Zig:23   | Noticed Cammitu the pandemonium lord
324672 | Zig:23   | Noticed Jenimeq the pandemonium lord
324672 | Zig:23   | Killed Edir the pandemonium lord
324672 | Zig:23   | Killed Zufroats the pandemonium lord
324672 | Zig:23   | Killed Minayfus the pandemonium lord
324672 | Zig:23   | Killed Ichesuol the pandemonium lord
324672 | Zig:23   | Killed Diutheca the pandemonium lord
324672 | Zig:23   | Killed Oshanole the pandemonium lord
324672 | Zig:23   | Killed Mujamu the pandemonium lord
324672 | Zig:23   | Killed Pekatof the pandemonium lord
324672 | Zig:23   | Noticed Pogionu the pandemonium lord
324672 | Zig:23   | Noticed Zuimi the pandemonium lord
324673 | Zig:23   | Killed Ablod the pandemonium lord
324673 | Zig:23   | Killed Wanguont the pandemonium lord
324673 | Zig:23   | Killed Meadam the pandemonium lord
324673 | Zig:23   | Killed Garysh the pandemonium lord
324673 | Zig:23   | Killed Jenimeq the pandemonium lord
324673 | Zig:23   | Killed Voytiaco the pandemonium lord
324674 | Zig:23   | Noticed Donnil the pandemonium lord
324675 | Zig:23   | Noticed Soepos the pandemonium lord
324675 | Zig:23   | Noticed Ykefoopp the pandemonium lord
324675 | Zig:23   | Noticed Myun the pandemonium lord
324675 | Zig:23   | Noticed Omeuh the pandemonium lord
324675 | Zig:23   | Noticed Pituot the pandemonium lord
324676 | Zig:23   | Noticed Disk the pandemonium lord
324676 | Zig:23   | Noticed Qoidwis the pandemonium lord
324676 | Zig:23   | Noticed Fynutt the pandemonium lord
324676 | Zig:23   | Noticed Arona the pandemonium lord
324676 | Zig:23   | Noticed Loeguole the pandemonium lord
324676 | Zig:23   | Killed Teom the pandemonium lord
324676 | Zig:23   | Killed Popt the pandemonium lord
324676 | Zig:23   | Killed Xusk the pandemonium lord
324676 | Zig:23   | Killed Cosche Ruopp the pandemonium lord
324676 | Zig:23   | Killed Arona the pandemonium lord
324676 | Zig:23   | Noticed Puhuc the pandemonium lord
324677 | Zig:23   | Killed Omeuh the pandemonium lord
324677 | Zig:23   | Killed Donnil the pandemonium lord
324677 | Zig:23   | Killed Nuxutag the pandemonium lord
324677 | Zig:23   | Killed Xeorra the pandemonium lord
324677 | Zig:23   | Noticed Deboud the pandemonium lord
324678 | Zig:23   | Noticed Dafoaf the pandemonium lord
324678 | Zig:23   | Noticed Buosocw the pandemonium lord
324678 | Zig:23   | Noticed Vomah the pandemonium lord
324678 | Zig:23   | Killed Lidwyifi the pandemonium lord
324680 | Zig:23   | Killed Nuutuen the pandemonium lord
324680 | Zig:23   | Noticed Ynim the pandemonium lord
324680 | Zig:23   | Killed Nogaxafoam the pandemonium lord
324680 | Zig:23   | Noticed Uturakaz the pandemonium lord
324681 | Zig:23   | Noticed Tiptaffi the pandemonium lord
324681 | Zig:23   | Noticed Gacoawn the pandemonium lord
324681 | Zig:23   | Noticed Coetot the pandemonium lord
324681 | Zig:23   | Noticed Jyasur the pandemonium lord
324681 | Zig:23   | Killed Cisuy the pandemonium lord
324681 | Zig:23   | Killed Qoidwis the pandemonium lord
324681 | Zig:23   | Killed Cammitu the pandemonium lord
324682 | Zig:23   | Noticed Gunlel the pandemonium lord
324682 | Zig:23   | Noticed Hunio the pandemonium lord
324682 | Zig:23   | Noticed Bohory the pandemonium lord
324682 | Zig:23   | Noticed Lomov the pandemonium lord
324682 | Zig:23   | Noticed Tusoimp the pandemonium lord
324682 | Zig:23   | Noticed Arij the pandemonium lord
324682 | Zig:23   | Noticed Muerubawk the pandemonium lord
324682 | Zig:23   | Noticed Asukocho the pandemonium lord
324682 | Zig:23   | Noticed Zuucwaoc the pandemonium lord
324682 | Zig:23   | Noticed Popp the pandemonium lord
324682 | Zig:23   | Noticed Noypluni the pandemonium lord
324683 | Zig:23   | Noticed Akhes the pandemonium lord
324683 | Zig:23   | Noticed Tutsolua the pandemonium lord
324683 | Zig:23   | Noticed Baylai the pandemonium lord
324683 | Zig:23   | Killed Fynutt the pandemonium lord
324683 | Zig:23   | Killed Wutsis the pandemonium lord
324683 | Zig:23   | Killed Liqoi the pandemonium lord
324683 | Zig:23   | Killed Arij the pandemonium lord
324683 | Zig:23   | Killed Jyasur the pandemonium lord
324683 | Zig:23   | Killed Gacoawn the pandemonium lord
324683 | Zig:23   | Killed Popp the pandemonium lord
324683 | Zig:23   | Killed Deboud the pandemonium lord
324683 | Zig:23   | Noticed Hofim the pandemonium lord
324684 | Zig:23   | Noticed Herulot the pandemonium lord
324685 | Zig:23   | Noticed Willolub the pandemonium lord
324685 | Zig:23   | Noticed Ilummemo the pandemonium lord
324685 | Zig:23   | Noticed Nytzeqa the pandemonium lord
324685 | Zig:23   | Noticed Vausor the pandemonium lord
324685 | Zig:23   | Killed Hunio the pandemonium lord
324685 | Zig:23   | Noticed Oremp the pandemonium lord
324685 | Zig:23   | Noticed Unopse Peil the pandemonium lord
324685 | Zig:23   | Noticed Muninael the pandemonium lord
324686 | Zig:23   | Noticed Tin Zeu the pandemonium lord
324686 | Zig:23   | Noticed Ykyxzuf the pandemonium lord
324686 | Zig:23   | Noticed Eblodaon the pandemonium lord
324686 | Zig:23   | Noticed Hichemah the pandemonium lord
324686 | Zig:23   | Noticed Tycuer the pandemonium lord
324686 | Zig:23   | Noticed Ocyoti the pandemonium lord
324686 | Zig:23   | Noticed Pacres the pandemonium lord
324687 | Zig:23   | Noticed Lotuyc the pandemonium lord
324688 | Zig:23   | Killed Tusoimp the pandemonium lord
324688 | Zig:23   | Killed Muerubawk the pandemonium lord
324688 | Zig:23   | Killed Asukocho the pandemonium lord
324688 | Zig:23   | Killed Soepos the pandemonium lord
324688 | Zig:23   | Killed Oremp the pandemonium lord
324688 | Zig:23   | Killed Nytzeqa the pandemonium lord
324688 | Zig:23   | Killed Fuminaocs the pandemonium lord
324688 | Zig:23   | Killed Uturakaz the pandemonium lord
324688 | Zig:23   | Killed Ykyxzuf the pandemonium lord
324688 | Zig:23   | Killed Ykefoopp the pandemonium lord
324688 | Zig:23   | Killed Eblodaon the pandemonium lord
324688 | Zig:23   | Killed Unopse Peil the pandemonium lord
324688 | Zig:23   | Killed Coetot the pandemonium lord
324688 | Zig:23   | Noticed Tuise the pandemonium lord
324688 | Zig:23   | Noticed Zolenox the pandemonium lord
324688 | Zig:23   | Noticed Nuorig the pandemonium lord
324689 | Zig:23   | Killed Vausor the pandemonium lord
324690 | Zig:23   | Noticed Kaddiu the pandemonium lord
324691 | Zig:23   | Killed Ynim the pandemonium lord
324691 | Zig:23   | Killed Puhuc the pandemonium lord
324692 | Zig:23   | Noticed Kurgha the pandemonium lord
324692 | Zig:23   | Killed Kurgha the pandemonium lord
324692 | Zig:23   | Killed Vomah the pandemonium lord
324692 | Zig:23   | Killed Zolenox the pandemonium lord
324692 | Zig:23   | Killed Akhes the pandemonium lord
324692 | Zig:23   | Killed Ilummemo the pandemonium lord
324692 | Zig:23   | Killed Muninael the pandemonium lord
324692 | Zig:23   | Killed Lomov the pandemonium lord
324692 | Zig:23   | Killed Tuise the pandemonium lord
324693 | Zig:23   | Killed Tin Zeu the pandemonium lord
324693 | Zig:23   | Killed Pacres the pandemonium lord
324693 | Zig:23   | Killed Neffus the pandemonium lord
324693 | Zig:23   | Killed Tutsolua the pandemonium lord
324693 | Zig:23   | Noticed Veunewki the pandemonium lord
324693 | Zig:23   | Killed Hofim the pandemonium lord
324693 | Zig:23   | Killed Loeguole the pandemonium lord
324693 | Zig:23   | Noticed Gytid the pandemonium lord
324694 | Zig:23   | Killed Zuimi the pandemonium lord
324694 | Zig:23   | Killed Tiptaffi the pandemonium lord
324695 | Zig:23   | Killed Baylai the pandemonium lord
324695 | Zig:23   | Killed Dafoaf the pandemonium lord
324695 | Zig:23   | Noticed Dedwauzap the pandemonium lord
324696 | Zig:23   | Noticed Tib Nonka the pandemonium lord
324696 | Zig:23   | Noticed Kiowuimm the pandemonium lord
324696 | Zig:23   | Killed Buosocw the pandemonium lord
324696 | Zig:23   | Killed Doeni the pandemonium lord
324696 | Zig:23   | Killed Kaddiu the pandemonium lord
324696 | Zig:23   | Killed Noypluni the pandemonium lord
324696 | Zig:23   | Noticed Quemm the pandemonium lord
324696 | Zig:23   | Noticed Lumoff the pandemonium lord
324697 | Zig:23   | Killed Willolub the pandemonium lord
324697 | Zig:23   | Killed Disk the pandemonium lord
324697 | Zig:23   | Killed Pituot the pandemonium lord
324697 | Zig:23   | Noticed Kouceleu the pandemonium lord
324697 | Zig:23   | Noticed Kidafau the pandemonium lord
324697 | Zig:23   | Noticed Amurisch the pandemonium lord
324698 | Zig:23   | Killed Myun the pandemonium lord
324699 | Zig:23   | Killed Veunewki the pandemonium lord
324699 | Zig:23   | Killed Lumoff the pandemonium lord
324699 | Zig:23   | Killed Kouceleu the pandemonium lord
324699 | Zig:23   | Killed Tib Nonka the pandemonium lord
324700 | Zig:23   | Noticed Ugritoga the pandemonium lord
324700 | Zig:23   | Noticed Kutuamor the pandemonium lord
324700 | Zig:23   | Noticed Fiqusucw the pandemonium lord
324700 | Zig:23   | Noticed Ajanitad the pandemonium lord
324700 | Zig:23   | Killed Kidafau the pandemonium lord
324700 | Zig:23   | Killed Bohory the pandemonium lord
324700 | Zig:23   | Noticed Uvonoh Lomu the pandemonium lord
324700 | Zig:23   | Noticed Oqaekew the pandemonium lord
324702 | Zig:23   | Killed Ajanitad the pandemonium lord
324702 | Zig:23   | Killed Tycuer the pandemonium lord
324702 | Zig:23   | Killed Naiwkus the pandemonium lord
324702 | Zig:23   | Killed Gytid the pandemonium lord
324703 | Zig:23   | Killed Zuucwaoc the pandemonium lord
324703 | Zig:23   | Noticed Tikk the pandemonium lord
324704 | Zig:23   | Noticed Sozogeq the pandemonium lord
324705 | Zig:23   | Killed Herulot the pandemonium lord
324705 | Zig:23   | Killed Dedwauzap the pandemonium lord
324708 | Zig:23   | Killed Nuorig the pandemonium lord
324709 | Zig:23   | Noticed Dum Odgh the pandemonium lord
324711 | Zig:23   | Killed Sozogeq the pandemonium lord
324711 | Zig:23   | Killed Ugritoga the pandemonium lord
324713 | Zig:23   | Killed Fiqusucw the pandemonium lord
324713 | Zig:23   | Killed Kiowuimm the pandemonium lord
324714 | Zig:23   | Killed Lotuyc the pandemonium lord
324717 | Zig:23   | Noticed Wisewoq the pandemonium lord
324718 | Zig:23   | Killed Gunlel the pandemonium lord
324718 | Zig:23   | Killed Janasket the pandemonium lord
324718 | Zig:23   | Killed Roddeo Surho the pandemonium lord
324718 | Zig:23   | Killed Fimien Tetz the pandemonium lord
324719 | Zig:23   | Killed Uvonoh Lomu the pandemonium lord
324719 | Zig:23   | Killed Kutuamor the pandemonium lord
324722 | Zig:23   | Killed Ocyoti the pandemonium lord
324722 | Zig:23   | Killed Wisewoq the pandemonium lord
324722 | Zig:23   | Killed Tikk the pandemonium lord
324723 | Zig:23   | Killed Quemm the pandemonium lord
324727 | Zig:23   | Killed Dum Odgh the pandemonium lord
324741 | Zig:23   | Killed Hichemah the pandemonium lord
324742 | Zig:23   | Killed Oqaekew the pandemonium lord
324743 | Zig:23   | Killed Pogionu the pandemonium lord
324745 | Zig:23   | Killed Amurisch the pandemonium lord
325145 | Zig:23   | Identified the ring "Yli Vil" {^Drain rN+ Int+2 Dex+6 SInv}
325153 | Zig:23   | Identified the ring "Napsytuf" {Fire rElec Will- Int+3}
325155 | Zig:23   | Identified the staff of Wunwasho {Fly rPois rC++ Dex-3
                  | Poison}
325158 | Zig:23   | Identified the +0 ring mail of Zoupn {Str+3}
325172 | Zig:23   | Identified the +8 trident of Kuqot {antimagic, rF+}
325198 | Zig:23   | Identified the +5 bardiche of Day {venom, rF+ Str+3}
325200 | Zig:23   | Identified the +1 battleaxe of Arathul {freeze, rN+++ Str-2
                  | Dex+2 Stlth-}
325205 | Zig:23   | Identified the +0 pair of boots of Xacluelu {rPois Will+
                  | Str+6 Dex-3}
325217 | Zig:24   | Entered Level 24 of a ziggurat
325217 | Zig:24   | Noticed an ancient lich
325217 | Zig:24   | Noticed a dread lich
325217 | Zig:24   | Noticed an ancient lich
325217 | Zig:24   | Noticed an ancient lich
325217 | Zig:24   | Noticed a dread lich
325217 | Zig:24   | Noticed an ancient lich
325218 | Zig:24   | Noticed a dread lich
325219 | Zig:24   | Noticed a dread lich
325219 | Zig:24   | Noticed a dread lich
325220 | Zig:24   | Noticed an ancient lich
325220 | Zig:24   | Killed a dread lich
325221 | Zig:24   | Killed an ancient lich
325221 | Zig:24   | Killed a dread lich
325221 | Zig:24   | Killed an ancient lich
325221 | Zig:24   | Killed a dread lich
325221 | Zig:24   | Killed an ancient lich
325221 | Zig:24   | Killed an ancient lich
325221 | Zig:24   | Killed a dread lich
325221 | Zig:24   | Noticed an ancient lich
325221 | Zig:24   | Noticed an ancient lich
325222 | Zig:24   | Killed a dread lich
325222 | Zig:24   | Killed an ancient lich
325222 | Zig:24   | Killed an ancient lich
325222 | Zig:24   | Killed an ancient lich
325223 | Zig:24   | Noticed an ancient lich
325223 | Zig:24   | Noticed an ancient lich
325223 | Zig:24   | Noticed a dread lich
325223 | Zig:24   | Noticed an ancient lich
325224 | Zig:24   | Noticed a dread lich
325224 | Zig:24   | Noticed an ancient lich
325224 | Zig:24   | Noticed an ancient lich
325224 | Zig:24   | Noticed a dread lich
325225 | Zig:24   | Noticed an ancient lich
325226 | Zig:24   | Noticed an ancient lich
325226 | Zig:24   | Noticed a dread lich
325226 | Zig:24   | Noticed an ancient lich
325227 | Zig:24   | Killed an ancient lich
325227 | Zig:24   | Killed a dread lich
325227 | Zig:24   | Killed an ancient lich
325227 | Zig:24   | Killed an ancient lich
325227 | Zig:24   | Killed a dread lich
325227 | Zig:24   | Killed a dread lich
325228 | Zig:24   | Killed an ancient lich
325228 | Zig:24   | Killed an ancient lich
325228 | Zig:24   | Killed an ancient lich
325228 | Zig:24   | Killed an ancient lich
325228 | Zig:24   | Killed an ancient lich
325228 | Zig:24   | Noticed a dread lich
325228 | Zig:24   | Noticed an ancient lich
325229 | Zig:24   | Noticed a dread lich
325229 | Zig:24   | Noticed an ancient lich
325230 | Zig:24   | Noticed a dread lich
325230 | Zig:24   | Noticed an ancient lich
325231 | Zig:24   | Noticed an ancient lich
325231 | Zig:24   | Noticed a dread lich
325231 | Zig:24   | Noticed an ancient lich
325232 | Zig:24   | Noticed a dread lich
325232 | Zig:24   | Noticed an ancient lich
325232 | Zig:24   | Noticed a dread lich
325233 | Zig:24   | Killed a dread lich
325233 | Zig:24   | Killed a dread lich
325233 | Zig:24   | Killed an ancient lich
325233 | Zig:24   | Killed a dread lich
325233 | Zig:24   | Killed an ancient lich
325233 | Zig:24   | Killed a dread lich
325233 | Zig:24   | Noticed a dread lich
325234 | Zig:24   | Killed a dread lich
325234 | Zig:24   | Killed an ancient lich
325234 | Zig:24   | Killed an ancient lich
325234 | Zig:24   | Killed an ancient lich
325234 | Zig:24   | Killed a dread lich
325234 | Zig:24   | Killed a dread lich
325235 | Zig:24   | Noticed an ancient lich
325235 | Zig:24   | Noticed an ancient lich
325235 | Zig:24   | Noticed a dread lich
325236 | Zig:24   | Noticed an ancient lich
325236 | Zig:24   | Noticed a dread lich
325237 | Zig:24   | Noticed an ancient lich
325239 | Zig:24   | Killed an ancient lich
325239 | Zig:24   | Killed a dread lich
325239 | Zig:24   | Killed an ancient lich
325239 | Zig:24   | Killed an ancient lich
325239 | Zig:24   | Killed an ancient lich
325239 | Zig:24   | Killed a dread lich
325240 | Zig:24   | Killed an ancient lich
325240 | Zig:24   | Killed a dread lich
325242 | Zig:24   | Noticed an ancient lich
325248 | Zig:24   | Killed an ancient lich
325758 | Zig:24   | Identified the +2 trident "Vomueth" {venom, rC+}
325813 | Zig:24   | Identified the +0 pair of boots "Kifateic" {Str+3 Int-3
                  | Dex+4}
325827 | Zig:25   | Entered Level 25 of a ziggurat
325852 | Zig:25   | Identified the +9 shortbow "Heqy" {heavy, Int+3}
325933 | Zig:25   | Identified the staff "Syryry" {rElec rC+ rN+ Ice}
325951 | Zig:25   | Identified the +5 dagger "Buvam" {flame, +Blink rElec Str-4
                  | Dex-2}
325956 | Zig:25   | Identified the amulet "Buasut Etru" {Spirit Regen+}
325970 | Zig:25   | Identified the ring of Ethics {rCorr Str+2 Int+4}
325982 | Zig:25   | Identified the +1 flail of Beogh's Grace {pain, Dex+2}
325998 | Zig:25   | Identified the +2 robe "Wuukiyxi" {Will+}
326036 | Zig:25   | Identified the ring of Ucyomp Ucwo {*Corrode rElec rPois
                  | rN+ EV+5}
326130 | Zig:25   | Identified the +5 ring mail of the Spheres {Dex+2}
326132 | Zig:25   | Identified the +6 falchion of Anxiety {drain, *Corrode
                  | rF+++ rC+}
326606 | Zig:26   | Entered Level 26 of a ziggurat
326632 | Zig:26   | Identified the +9 bardiche of Red Wine {pain, rN++ Str-3
                  | Int+2}
327277 | Zig:26   | Identified the +0 chain mail "Maetic" {rC+ Regen+ Str+2
                  | Dex+3}
327287 | Zig:26   | Identified the ring of Kebejoad {+Blink Fly rElec rC++
                  | Int-3}
327289 | Zig:26   | Acquired 875 gold pieces
327290 | Zig:26   | Acquired 675 gold pieces
327330 | Zig:26   | Identified the +5 glaive of the Eternal Void {protect,
                  | rElec rCorr Int-4 Dex+4}
327340 | Zig:26   | Identified the +1 flail of Mana {heavy, *Corrode Fly rN+
                  | Str+4}
327358 | Zig:26   | Identified the ring "Lupami Deir" {rF+ Will- rCorr Slay+3}
327444 | Zig:27   | Entered Level 27 of a ziggurat
327444 | Zig:27   | Noticed a seraph
327444 | Zig:27   | Identified the +1 tower shield of the Dungeon {rCorr MP+9
                  | Int+2}
327444 | Zig:27   | Identified the +0 tower shield "Tungapri" {Str+2 Dex+3}
327444 | Zig:27   | Noticed a seraph
327444 | Zig:27   | Noticed a seraph
327444 | Zig:27   | Noticed a seraph
327448 | Zig:27   | Identified the +1 tower shield of Wid Obyd {rN++ Str+3}
327449 | Zig:27   | Noticed a seraph
327450 | Zig:27   | Killed a seraph
327450 | Zig:27   | Killed a seraph
327451 | Zig:27   | Noticed a seraph
327451 | Zig:27   | Noticed a seraph
327452 | Zig:27   | Killed a seraph
327452 | Zig:27   | Killed a seraph
327452 | Zig:27   | Killed a seraph
327452 | Zig:27   | Killed a seraph
327452 | Zig:27   | Killed a seraph
327453 | Zig:27   | Noticed a seraph
327453 | Zig:27   | Noticed a seraph
327453 | Zig:27   | Noticed a seraph
327454 | Zig:27   | Noticed a seraph
327454 | Zig:27   | Noticed a seraph
327455 | Zig:27   | Killed a seraph
327455 | Zig:27   | Killed a seraph
327457 | Zig:27   | Noticed a seraph
327457 | Zig:27   | Killed a seraph
327457 | Zig:27   | Killed a seraph
327457 | Zig:27   | Killed a seraph
327458 | Zig:27   | Noticed a seraph
327458 | Zig:27   | Noticed a seraph
327458 | Zig:27   | Noticed a seraph
327458 | Zig:27   | Identified the +0 tower shield of the Furies {Will+}
327459 | Zig:27   | Killed a seraph
327459 | Zig:27   | Killed a seraph
327459 | Zig:27   | Noticed a seraph
327460 | Zig:27   | Identified the +1 tower shield of the Bells {Int+5}
327462 | Zig:27   | Killed a seraph
327462 | Zig:27   | Killed a seraph
327462 | Zig:27   | Killed a seraph
327463 | Zig:27   | Noticed a seraph
327463 | Zig:27   | Identified the +1 tower shield of the Bright Taurataur
                  | {Int+3}
327464 | Zig:27   | Noticed a seraph
327465 | Zig:27   | Killed a seraph
327465 | Zig:27   | Identified the +1 buckler "Gened" {Str+3}
327466 | Zig:27   | Noticed a seraph
327467 | Zig:27   | Noticed a seraph
327467 | Zig:27   | Noticed a seraph
327467 | Zig:27   | Killed a seraph
327467 | Zig:27   | Killed a seraph
327467 | Zig:27   | Killed a seraph
327473 | Zig:27   | Noticed a seraph
327476 | Zig:27   | Killed a seraph
327477 | Zig:27   | Killed a seraph
327478 | Zig:27   | Identified the +8 tower shield "Xirul" {rC+}
327480 | Zig:27   | Killed a seraph
327483 | Zig:27   | Killed a seraph
327486 | Zig:27   | Killed a seraph
327488 | Zig:27   | Identified the +4 tower shield "Illyc" {rPois}
327493 | Zig:27   | Killed a seraph
327556 | Zig:27   | Identified the +6 tower shield of the Tuna {Regen+ Int+3}
                  | (You took it off a daeva on level 27 of a ziggurat)
327565 | Zig:27   | Identified the staff "Zira" {rF+ rCorr Hexes Fire}
327570 | Zig:27   | Identified the +3 spear of the Middle {flame, ^Fragile
                  | Will++}
327574 | Zig:27   | Identified the +9 plate armour of the Platytaur {rElec rF+
                  | Str+3 Dex-5}
327576 | Zig:27   | Identified the +2 dagger "Transmigrator" {heavy, rElec
                  | rCorr Str-2 Dex+4}
327600 | Zig:27   | Identified the +9 halberd "Guniop" {antimagic, rElec rC+}
327615 | Zig:27   | Identified the ring "Jiroxaug" {Ice rElec Will- Dex+4}
328138 | Zig:27   | Identified the +7 orcbow "Immiq" {flame, Will+}
328145 | Zig:27   | Identified the ring "Plog" {Ice rElec rN+ Will- Dex+2}
328180 | D:10     | Upgraded the game from 0.31-a0-1278-g11c5b68f87 to
                  | 0.31-a0-1300-gb6740aa4e6
328185 | Zig:1    | Entered Level 1 of a ziggurat
328235 | Zig:2    | Entered Level 2 of a ziggurat
328306 | Zig:3    | Entered Level 3 of a ziggurat
328431 | Zig:4    | Entered Level 4 of a ziggurat
328617 | Zig:5    | Entered Level 5 of a ziggurat
328685 | Zig:5    | Identified the +0 robe of Vehumet's Hatred {rC+ Regen+
                  | Archmagi}
328779 | Zig:6    | Entered Level 6 of a ziggurat
328779 | Zig:6    | Noticed a dread lich
328779 | Zig:6    | Noticed a dread lich
328779 | Zig:6    | Noticed an ancient lich
328779 | Zig:6    | Noticed a dread lich
328780 | Zig:6    | Noticed an ancient lich
328780 | Zig:6    | Noticed an ancient lich
328780 | Zig:6    | Noticed a dread lich
328782 | Zig:6    | Killed an ancient lich
328782 | Zig:6    | Killed a dread lich
328782 | Zig:6    | Killed a dread lich
328784 | Zig:6    | Noticed an ancient lich
328784 | Zig:6    | Noticed a dread lich
328788 | Zig:6    | Killed an ancient lich
328788 | Zig:6    | Killed an ancient lich
328788 | Zig:6    | Killed a dread lich
328789 | Zig:6    | Killed a dread lich
328789 | Zig:6    | Killed an ancient lich
328789 | Zig:6    | Killed a dread lich
328974 | Zig:7    | Entered Level 7 of a ziggurat
328974 | Zig:7    | Noticed a royal mummy
328974 | Zig:7    | Noticed a royal mummy
328974 | Zig:7    | Noticed a royal mummy
328974 | Zig:7    | Noticed a royal mummy
328974 | Zig:7    | Noticed a royal mummy
328974 | Zig:7    | Noticed a royal mummy
328976 | Zig:7    | Killed a royal mummy
328976 | Zig:7    | Killed a royal mummy
328976 | Zig:7    | Killed a royal mummy
328976 | Zig:7    | Killed a royal mummy
328976 | Zig:7    | Killed a royal mummy
328976 | Zig:7    | Killed a royal mummy
328978 | Zig:7    | Noticed a royal mummy
328980 | Zig:7    | Noticed a royal mummy
328980 | Zig:7    | Noticed a royal mummy
328980 | Zig:7    | Noticed a royal mummy
328982 | Zig:7    | Noticed a royal mummy
328984 | Zig:7    | Noticed a royal mummy
328984 | Zig:7    | Noticed a royal mummy
328985 | Zig:7    | Killed a royal mummy
328985 | Zig:7    | Killed a royal mummy
328985 | Zig:7    | Killed a royal mummy
328985 | Zig:7    | Killed a royal mummy
328985 | Zig:7    | Killed a royal mummy
328987 | Zig:7    | Killed a royal mummy
328987 | Zig:7    | Killed a royal mummy
329344 | Zig:8    | Entered Level 8 of a ziggurat
329349 | Zig:8    | Noticed Hutaekh the pandemonium lord
329354 | Zig:8    | Killed Hutaekh the pandemonium lord
329585 | Zig:8    | Identified the +9 bardiche of the Whelk {freeze, Str+2
                  | Dex+3}
329614 | Zig:8    | Identified the +1 ring mail of Vanity {Rampage rC- Will+}
329647 | Zig:8    | Identified the +0 chain mail of the Equinox {rF+ Dex+5}
329654 | Zig:9    | Entered Level 9 of a ziggurat
329662 | Zig:9    | Found the +8 trident of the Octopus King {venom, rElec
                  | rPois}
329761 | Zig:9    | Identified the +0 dagger "Mepnobis" {heavy, rCorr Str-3
                  | SInv}
329763 | Zig:9    | Identified the ring "Tireenwo" {^Contam rC+ rN+ Slay+4}
329765 | Zig:9    | Identified the +12 hand axe "Retwym Ixip" {freeze, Str+3
                  | Dex+2}
329769 | Zig:9    | Identified the +1 trident "Dragon's Funeral" {flame, rN+++
                  | Will- Str+3 Dex+3}
329771 | Zig:9    | Identified the +1 hand axe "Hahekump" {freeze, ^Fragile
                  | rC++ Str+3 Int+3}
329986 | Zig:10   | Entered Level 10 of a ziggurat
329986 | Zig:10   | Noticed a dread lich
329986 | Zig:10   | Noticed a dread lich
329986 | Zig:10   | Noticed an ancient lich
329986 | Zig:10   | Noticed an ancient lich
329986 | Zig:10   | Noticed an ancient lich
329987 | Zig:10   | Noticed an ancient lich
329987 | Zig:10   | Noticed an ancient lich
329988 | Zig:10   | Noticed a dread lich
329988 | Zig:10   | Noticed a dread lich
329989 | Zig:10   | Noticed a dread lich
329989 | Zig:10   | Noticed a dread lich
329990 | Zig:10   | Killed a dread lich
329990 | Zig:10   | Killed a dread lich
329990 | Zig:10   | Noticed a dread lich
329990 | Zig:10   | Noticed a dread lich
329991 | Zig:10   | Killed an ancient lich
329991 | Zig:10   | Killed an ancient lich
329991 | Zig:10   | Killed an ancient lich
329991 | Zig:10   | Killed a dread lich
329991 | Zig:10   | Killed an ancient lich
329991 | Zig:10   | Killed a dread lich
329991 | Zig:10   | Killed a dread lich
329992 | Zig:10   | Noticed an ancient lich
329992 | Zig:10   | Noticed an ancient lich
329992 | Zig:10   | Noticed an ancient lich
329993 | Zig:10   | Noticed a dread lich
329993 | Zig:10   | Noticed an ancient lich
329993 | Zig:10   | Noticed a dread lich
329994 | Zig:10   | Noticed an ancient lich
329994 | Zig:10   | Noticed a dread lich
329994 | Zig:10   | Killed a dread lich
329995 | Zig:10   | Noticed an ancient lich
329995 | Zig:10   | Noticed a dread lich
329996 | Zig:10   | Noticed an ancient lich
329997 | Zig:10   | Killed a dread lich
329997 | Zig:10   | Killed an ancient lich
329997 | Zig:10   | Killed a dread lich
329997 | Zig:10   | Killed an ancient lich
329997 | Zig:10   | Killed an ancient lich
329997 | Zig:10   | Killed a dread lich
329997 | Zig:10   | Killed a dread lich
329998 | Zig:10   | Killed a dread lich
329998 | Zig:10   | Killed an ancient lich
329998 | Zig:10   | Killed an ancient lich
329998 | Zig:10   | Killed an ancient lich
329998 | Zig:10   | Killed an ancient lich
329998 | Zig:10   | Killed an ancient lich
329998 | Zig:10   | Killed a dread lich
330151 | Zig:10   | Identified the +1 hand axe of Interdependent Arising {holy,
                  | rC+ rCorr Str+2}
330205 | Zig:10   | Identified the +10 hand axe "Dragonbane" {venom, rC+ Str+3
                  | Dex+3 Stlth-}
330275 | Zig:11   | Entered Level 11 of a ziggurat
330276 | Zig:11   | Noticed Teure the pandemonium lord
330276 | Zig:11   | Noticed Yhuseiro the pandemonium lord
330276 | Zig:11   | Noticed Gempeach the pandemonium lord
330277 | Zig:11   | Noticed Kimil the pandemonium lord
330277 | Zig:11   | Noticed Muilewid the pandemonium lord
330277 | Zig:11   | Noticed Meylap the pandemonium lord
330277 | Zig:11   | Noticed Tiguulow the pandemonium lord
330277 | Zig:11   | Noticed Suifrany the pandemonium lord
330277 | Zig:11   | Noticed Doateb the pandemonium lord
330278 | Zig:11   | Noticed Raxaxeocuw the pandemonium lord
330278 | Zig:11   | Noticed Zuschidox the pandemonium lord
330278 | Zig:11   | Noticed Dud Pimn the pandemonium lord
330278 | Zig:11   | Noticed Huaterph the pandemonium lord
330278 | Zig:11   | Noticed Cofet the pandemonium lord
330278 | Zig:11   | Noticed Zitofuzo the pandemonium lord
330278 | Zig:11   | Noticed Diepol the pandemonium lord
330279 | Zig:11   | Noticed Abbotikiwk the pandemonium lord
330279 | Zig:11   | Noticed Joruif the pandemonium lord
330280 | Zig:11   | Noticed Asian the pandemonium lord
330280 | Zig:11   | Noticed Ywavemm the pandemonium lord
330280 | Zig:11   | Noticed Ehick the pandemonium lord
330280 | Zig:11   | Noticed Pus Jiadd the pandemonium lord
330280 | Zig:11   | Noticed Vulaelou the pandemonium lord
330280 | Zig:11   | Noticed Niel the pandemonium lord
330280 | Zig:11   | Noticed Muintinn the pandemonium lord
330280 | Zig:11   | Noticed Hoich the pandemonium lord
330281 | Zig:11   | Killed Abbotikiwk the pandemonium lord
330281 | Zig:11   | Killed Huaterph the pandemonium lord
330281 | Zig:11   | Killed Muilewid the pandemonium lord
330281 | Zig:11   | Noticed Banoiz the pandemonium lord
330287 | Zig:11   | Noticed Yheddaar the pandemonium lord
330289 | Zig:11   | Killed Zuschidox the pandemonium lord
330289 | Zig:11   | Killed Banoiz the pandemonium lord
330289 | Zig:11   | Killed Cofet the pandemonium lord
330289 | Zig:11   | Killed Doateb the pandemonium lord
330289 | Zig:11   | Killed Zitofuzo the pandemonium lord
330290 | Zig:11   | Killed Teure the pandemonium lord
330290 | Zig:11   | Killed Tiguulow the pandemonium lord
330290 | Zig:11   | Killed Suifrany the pandemonium lord
330291 | Zig:11   | Noticed Zuxid the pandemonium lord
330291 | Zig:11   | Killed Yhuseiro the pandemonium lord
330291 | Zig:11   | Killed Zuxid the pandemonium lord
330292 | Zig:11   | Killed Yheddaar the pandemonium lord
330292 | Zig:11   | Killed Ydairimona the pandemonium lord
330292 | Zig:11   | Killed Hoich the pandemonium lord
330292 | Zig:11   | Noticed Koneugam the pandemonium lord
330294 | Zig:11   | Noticed Luoronno the pandemonium lord
330295 | Zig:11   | Killed Luoronno the pandemonium lord
330295 | Zig:11   | Noticed Cyss the pandemonium lord
330295 | Zig:11   | Noticed Erhue the pandemonium lord
330296 | Zig:11   | Noticed Sujui the pandemonium lord
330296 | Zig:11   | Noticed Erghe the pandemonium lord
330296 | Zig:11   | Killed Gempeach the pandemonium lord
330296 | Zig:11   | Killed Ywavemm the pandemonium lord
330296 | Zig:11   | Noticed Besaoropn the pandemonium lord
330297 | Zig:11   | Noticed Jeydelepp the pandemonium lord
330297 | Zig:11   | Noticed Roigod the pandemonium lord
330297 | Zig:11   | Noticed Odoest the pandemonium lord
330298 | Zig:11   | Killed Dishuc Dean the pandemonium lord
330298 | Zig:11   | Killed Cyss the pandemonium lord
330298 | Zig:11   | Noticed Teumixer the pandemonium lord
330299 | Zig:11   | Killed Asian the pandemonium lord
330299 | Zig:11   | Killed Odoest the pandemonium lord
330299 | Zig:11   | Killed Jeydelepp the pandemonium lord
330300 | Zig:11   | Noticed Raggyomi the pandemonium lord
330300 | Zig:11   | Killed Diepol the pandemonium lord
330301 | Zig:11   | Killed Roigod the pandemonium lord
330301 | Zig:11   | Killed Niel the pandemonium lord
330303 | Zig:11   | Noticed Guasary the pandemonium lord
330303 | Zig:11   | Killed Guasary the pandemonium lord
330303 | Zig:11   | Killed Erghe the pandemonium lord
330303 | Zig:11   | Killed Erhue the pandemonium lord
330304 | Zig:11   | Noticed Rifam the pandemonium lord
330304 | Zig:11   | Noticed Nosin the pandemonium lord
330305 | Zig:11   | Killed Nosin the pandemonium lord
330305 | Zig:11   | Killed Muintinn the pandemonium lord
330305 | Zig:11   | Killed Ehick the pandemonium lord
330305 | Zig:11   | Noticed Ocoroe the pandemonium lord
330305 | Zig:11   | Noticed Hoti the pandemonium lord
330308 | Zig:11   | Killed Teumixer the pandemonium lord
330308 | Zig:11   | Killed Sujui the pandemonium lord
330308 | Zig:11   | Killed Raggyomi the pandemonium lord
330310 | Zig:11   | Killed Joruif the pandemonium lord
330311 | Zig:11   | Killed Meylap the pandemonium lord
330311 | Zig:11   | Killed Dud Pimn the pandemonium lord
330312 | Zig:11   | Killed Ocoroe the pandemonium lord
330312 | Zig:11   | Noticed Firuy the pandemonium lord
330313 | Zig:11   | Noticed Esoaq the pandemonium lord
330313 | Zig:11   | Noticed Sarphipti the pandemonium lord
330317 | Zig:11   | Noticed Xepheucs the pandemonium lord
330319 | Zig:11   | Noticed Watacemoipe the pandemonium lord
330320 | Zig:11   | Killed Rifam the pandemonium lord
330322 | Zig:11   | Killed Koneugam the pandemonium lord
330322 | Zig:11   | Killed Kimil the pandemonium lord
330322 | Zig:11   | Killed Pus Jiadd the pandemonium lord
330322 | Zig:11   | Killed Esoaq the pandemonium lord
330322 | Zig:11   | Killed Raxaxeocuw the pandemonium lord
330322 | Zig:11   | Killed Sarphipti the pandemonium lord
330322 | Zig:11   | Killed Watacemoipe the pandemonium lord
330323 | Zig:11   | Killed Firuy the pandemonium lord
330324 | Zig:11   | Killed Hoti the pandemonium lord
330326 | Zig:11   | Killed Xepheucs the pandemonium lord
330330 | Zig:11   | Killed Besaoropn the pandemonium lord
330340 | Zig:11   | Killed Vulaelou the pandemonium lord
330418 | Zig:11   | Identified the +6 bardiche "Zolaeg" {flame, rElec}
330419 | Zig:11   | Identified the +7 bardiche "Omevvatud" {heavy, rN+}
330426 | Zig:11   | Identified the ring "Weafeu" {*Slow rF- Will+++ Str+6
                  | Dex+8}
330620 | Zig:11   | Upgraded the game from 0.31-a0-1300-gb6740aa4e6 to
                  | 0.31-a0-1308-ga3cce3a448
330632 | Zig:12   | Entered Level 12 of a ziggurat
330634 | Zig:12   | Noticed a dread lich
330634 | Zig:12   | Noticed an ancient lich
330635 | Zig:12   | Noticed a dread lich
330635 | Zig:12   | Noticed a dread lich
330635 | Zig:12   | Noticed an ancient lich
330636 | Zig:12   | Noticed a dread lich
330636 | Zig:12   | Noticed a dread lich
330636 | Zig:12   | Noticed an ancient lich
330636 | Zig:12   | Noticed an ancient lich
330637 | Zig:12   | Noticed an ancient lich
330637 | Zig:12   | Noticed a dread lich
330638 | Zig:12   | Noticed a dread lich
330638 | Zig:12   | Noticed an ancient lich
330638 | Zig:12   | Noticed an ancient lich
330638 | Zig:12   | Noticed an ancient lich
330638 | Zig:12   | Noticed a dread lich
330639 | Zig:12   | Killed a dread lich
330639 | Zig:12   | Killed an ancient lich
330639 | Zig:12   | Killed a dread lich
330639 | Zig:12   | Killed a dread lich
330640 | Zig:12   | Noticed an ancient lich
330640 | Zig:12   | Noticed a dread lich
330640 | Zig:12   | Noticed a dread lich
330640 | Zig:12   | Noticed a dread lich
330640 | Zig:12   | Noticed a dread lich
330640 | Zig:12   | Noticed a dread lich
330640 | Zig:12   | Noticed a dread lich
330641 | Zig:12   | Noticed an ancient lich
330641 | Zig:12   | Noticed an ancient lich
330642 | Zig:12   | Noticed an ancient lich
330642 | Zig:12   | Noticed a dread lich
330643 | Zig:12   | Noticed an ancient lich
330643 | Zig:12   | Noticed a dread lich
330643 | Zig:12   | Noticed an ancient lich
330643 | Zig:12   | Noticed an ancient lich
330644 | Zig:12   | Killed a dread lich
330644 | Zig:12   | Killed an ancient lich
330644 | Zig:12   | Killed a dread lich
330644 | Zig:12   | Killed an ancient lich
330644 | Zig:12   | Killed a dread lich
330644 | Zig:12   | Killed a dread lich
330644 | Zig:12   | Killed a dread lich
330644 | Zig:12   | Killed a dread lich
330644 | Zig:12   | Killed a dread lich
330644 | Zig:12   | Killed a dread lich
330644 | Zig:12   | Killed an ancient lich
330644 | Zig:12   | Killed an ancient lich
330644 | Zig:12   | Killed an ancient lich
330644 | Zig:12   | Killed an ancient lich
330644 | Zig:12   | Killed an ancient lich
330645 | Zig:12   | Noticed an ancient lich
330645 | Zig:12   | Noticed an ancient lich
330646 | Zig:12   | Noticed an ancient lich
330647 | Zig:12   | Killed a dread lich
330647 | Zig:12   | Killed an ancient lich
330647 | Zig:12   | Killed an ancient lich
330647 | Zig:12   | Killed an ancient lich
330647 | Zig:12   | Killed an ancient lich
330647 | Zig:12   | Killed a dread lich
330649 | Zig:12   | Killed an ancient lich
330649 | Zig:12   | Killed an ancient lich
330649 | Zig:12   | Killed an ancient lich
330650 | Zig:12   | Killed an ancient lich
330650 | Zig:12   | Killed an ancient lich
330650 | Zig:12   | Killed a dread lich
330650 | Zig:12   | Killed a dread lich
330650 | Zig:12   | Killed an ancient lich
330651 | Zig:12   | Killed a dread lich
330927 | Zig:12   | Identified the +4 acid dragon scales of Fedhas's Hatred
                  | {rC- rCorr Int+3 SInv}
331000 | Zig:13   | Entered Level 13 of a ziggurat
331000 | Zig:13   | Noticed a royal mummy
331000 | Zig:13   | Noticed a royal mummy
331000 | Zig:13   | Noticed a royal mummy
331000 | Zig:13   | Noticed a royal mummy
331000 | Zig:13   | Noticed a royal mummy
331000 | Zig:13   | Noticed a royal mummy
331000 | Zig:13   | Noticed a royal mummy
331000 | Zig:13   | Noticed a royal mummy
331000 | Zig:13   | Noticed a royal mummy
331000 | Zig:13   | Noticed a royal mummy
331000 | Zig:13   | Noticed a royal mummy
331000 | Zig:13   | Noticed a royal mummy
331000 | Zig:13   | Noticed a royal mummy
331000 | Zig:13   | Noticed a royal mummy
331000 | Zig:13   | Noticed a royal mummy
331000 | Zig:13   | Noticed a royal mummy
331001 | Zig:13   | Killed a royal mummy
331001 | Zig:13   | Killed a royal mummy
331001 | Zig:13   | Killed a royal mummy
331001 | Zig:13   | Killed a royal mummy
331001 | Zig:13   | Killed a royal mummy
331001 | Zig:13   | Killed a royal mummy
331001 | Zig:13   | Killed a royal mummy
331001 | Zig:13   | Killed a royal mummy
331001 | Zig:13   | Killed a royal mummy
331001 | Zig:13   | Killed a royal mummy
331002 | Zig:13   | Noticed a royal mummy
331002 | Zig:13   | Noticed a royal mummy
331002 | Zig:13   | Noticed a royal mummy
331003 | Zig:13   | Noticed a royal mummy
331005 | Zig:13   | Noticed a royal mummy
331005 | Zig:13   | Noticed a royal mummy
331006 | Zig:13   | Noticed a royal mummy
331009 | Zig:13   | Killed a royal mummy
331009 | Zig:13   | Killed a royal mummy
331009 | Zig:13   | Killed a royal mummy
331009 | Zig:13   | Killed a royal mummy
331009 | Zig:13   | Killed a royal mummy
331009 | Zig:13   | Killed a royal mummy
331009 | Zig:13   | Killed a royal mummy
331009 | Zig:13   | Killed a royal mummy
331009 | Zig:13   | Noticed a royal mummy
331010 | Zig:13   | Noticed a royal mummy
331010 | Zig:13   | Noticed a royal mummy
331010 | Zig:13   | Noticed a royal mummy
331011 | Zig:13   | Noticed a royal mummy
331011 | Zig:13   | Noticed a royal mummy
331011 | Zig:13   | Noticed a royal mummy
331012 | Zig:13   | Noticed a royal mummy
331012 | Zig:13   | Noticed a royal mummy
331015 | Zig:13   | Killed a royal mummy
331015 | Zig:13   | Killed a royal mummy
331015 | Zig:13   | Killed a royal mummy
331015 | Zig:13   | Killed a royal mummy
331015 | Zig:13   | Killed a royal mummy
331015 | Zig:13   | Killed a royal mummy
331015 | Zig:13   | Noticed a royal mummy
331018 | Zig:13   | Killed a royal mummy
331018 | Zig:13   | Killed a royal mummy
331018 | Zig:13   | Killed a royal mummy
331018 | Zig:13   | Killed a royal mummy
331018 | Zig:13   | Killed a royal mummy
331018 | Zig:13   | Killed a royal mummy
331018 | Zig:13   | Killed a royal mummy
331018 | Zig:13   | Killed a royal mummy
331018 | Zig:13   | Noticed a royal mummy
331019 | Zig:13   | Killed a royal mummy
331022 | Zig:13   | Killed a royal mummy
331026 | Zig:13   | Noticed a royal mummy
331032 | Zig:13   | Killed a royal mummy
331087 | Zig:13   | Identified the staff of the Changing Gods {rN+ Necro Air}
331089 | Zig:13   | Identified the staff "Xiorovaa" {^Contam rF++ Conj Summ
                  | Necro}
331091 | Zig:13   | Identified the +1 flail "Eczyzxifi" {vamp, Dex+2}
331101 | Zig:13   | Identified the amulet of Inuhurr {rElec Regen+ Str-4 Dex+4}
331643 | Zig:14   | Entered Level 14 of a ziggurat
331645 | Zig:14   | Noticed an ancient lich
331647 | Zig:14   | Noticed an ancient lich
331648 | Zig:14   | Noticed a dread lich
331648 | Zig:14   | Noticed a dread lich
331649 | Zig:14   | Noticed an ancient lich
331650 | Zig:14   | Noticed an ancient lich
331650 | Zig:14   | Noticed an ancient lich
331650 | Zig:14   | Noticed a dread lich
331651 | Zig:14   | Killed an ancient lich
331651 | Zig:14   | Killed a dread lich
331651 | Zig:14   | Killed an ancient lich
331653 | Zig:14   | Noticed an ancient lich
331653 | Zig:14   | Killed a dread lich
331654 | Zig:14   | Noticed an ancient lich
331654 | Zig:14   | Noticed a dread lich
331654 | Zig:14   | Noticed a dread lich
331654 | Zig:14   | Noticed an ancient lich
331654 | Zig:14   | Noticed a dread lich
331655 | Zig:14   | Noticed a dread lich
331655 | Zig:14   | Noticed an ancient lich
331655 | Zig:14   | Noticed a dread lich
331655 | Zig:14   | Noticed an ancient lich
331655 | Zig:14   | Noticed a dread lich
331655 | Zig:14   | Noticed an ancient lich
331656 | Zig:14   | Killed an ancient lich
331656 | Zig:14   | Killed an ancient lich
331656 | Zig:14   | Killed a dread lich
331656 | Zig:14   | Killed a dread lich
331656 | Zig:14   | Killed a dread lich
331656 | Zig:14   | Noticed a dread lich
331657 | Zig:14   | Noticed an ancient lich
331657 | Zig:14   | Noticed an ancient lich
331657 | Zig:14   | Noticed a dread lich
331657 | Zig:14   | Noticed an ancient lich
331658 | Zig:14   | Noticed a dread lich
331659 | Zig:14   | Killed an ancient lich
331660 | Zig:14   | Killed an ancient lich
331660 | Zig:14   | Killed a dread lich
331660 | Zig:14   | Killed an ancient lich
331660 | Zig:14   | Killed an ancient lich
331660 | Zig:14   | Killed a dread lich
331660 | Zig:14   | Killed an ancient lich
331660 | Zig:14   | Killed a dread lich
331660 | Zig:14   | Killed an ancient lich
331660 | Zig:14   | Killed an ancient lich
331660 | Zig:14   | Killed a dread lich
331660 | Zig:14   | Killed a dread lich
331660 | Zig:14   | Killed an ancient lich
331660 | Zig:14   | Killed an ancient lich
331660 | Zig:14   | Killed an ancient lich
331661 | Zig:14   | Noticed an ancient lich
331661 | Zig:14   | Noticed a dread lich
331663 | Zig:14   | Killed a dread lich
331668 | Zig:14   | Noticed a dread lich
331669 | Zig:14   | Killed an ancient lich
331671 | Zig:14   | Killed a dread lich
331671 | Zig:14   | Killed a dread lich
331673 | Zig:14   | Noticed a dread lich
331675 | Zig:14   | Killed a dread lich
331677 | Zig:14   | Killed a dread lich
331923 | Zig:14   | Identified the ring of the Wonderful God {rF+ MP+9}
331941 | Zig:14   | Identified the +3 chain mail "Ymaygoca" {Will- Dex+6}
332006 | Zig:14   | Identified the amulet of the Death Scarab {Spirit Harm
                  | Str+9 Dex-3}
332010 | Zig:14   | Identified the ring of Orotuxei {*Corrode rElec Will+
                  | Stlth+}
332096 | Zig:15   | Entered Level 15 of a ziggurat
332202 | Zig:15   | Identified the ring "Menu" {rElec EV+5}
332221 | Zig:15   | Identified the amulet of Brilliance {Acrobat rPois Int+6
                  | SInv Stlth+}
332472 | Zig:15   | Identified the +10 mace of the Lost Suns {flame, rElec
                  | rPois Will++ Str-4}
332496 | Zig:15   | Acquired 858 gold pieces
332507 | Zig:16   | Entered Level 16 of a ziggurat
332524 | Zig:16   | Found the ring of the Octopus King
332848 | Zig:16   | Identified the +9 scimitar of the Bashing Gods {heavy,
                  | Stlth+}
332894 | Zig:16   | Identified a ring of the Octopus King {Fly HP+2 AC+2 EV+2
                  | SH+2}
332898 | Zig:16   | Identified the +9 whip of Teloiluc {freeze, *Noise rPois
                  | rCorr Str+4}
332904 | Zig:16   | Identified the +3 lajatang of Blue Courage {freeze, Int+4}
332912 | Zig:16   | Identified the +4 chain mail "Xorhill" {rF++ Slay+2}
332914 | Zig:16   | Identified the ring "Boirhuj" {rC+ rN+ Int+5 SInv}
332916 | Zig:16   | Identified the +0 bardiche of Ruination {freeze, rCorr
                  | Stlth+}
332940 | Zig:16   | Identified the +4 dagger "Bucat" {pain, +Blink rPois rN+}
333053 | Zig:16   | Identified the +0 helmet of the Shining One's Whim {rPois
                  | rC+ Str+3}
333055 | Zig:16   | Identified the +2 hand axe of Cheese {flame, Int+5}
333079 | Zig:16   | Identified the +9 ring mail of Pleasant Breezes {Regen+
                  | Int+5}
333165 | Zig:17   | Entered Level 17 of a ziggurat
333282 | Zig:17   | Identified the +7 plate armour "Olit" {rF++ Str-4 Dex+4
                  | Stlth+}
333293 | Zig:17   | Identified the +8 glaive of Dyits {freeze, Str+3 Dex+2
                  | SInv}
333306 | Zig:17   | Identified the +5 bardiche "Kikesuad" {heavy, Will+ rCorr
                  | Int+3}
333308 | Zig:17   | Identified the orb of the Date {mayhem, rPois}
333334 | Zig:17   | Identified the staff "Laureh" {rF+ Dex+3 Fire}
333338 | Zig:17   | Identified the +1 flail of Terra Cotta {heavy, ^Drain rC+
                  | rN+ Int+8}
333342 | Zig:17   | Identified the death talisman of Ahoevem {rCorr Str+2 Dex+7
                  | Stlth-}
333344 | Zig:17   | Identified the +9 quick blade of Fimbulwinter {freeze,
                  | Dex+2}
333346 | Zig:17   | Identified the +5 long sword of Ydizyhi {heavy, *Noise
                  | rCorr Str+2 Stlth+}
333348 | Zig:17   | Identified the +6 great mace of Instant Death {heavy, MP+9
                  | SInv}
333362 | Zig:17   | Identified the +0 robe of Weightlessness {-Tele Rampage
                  | rC+++ SInv}
333368 | Zig:17   | Identified the +8 bardiche "Hikenk" {heavy, Fly Stlth+}
333804 | Zig:18   | Entered Level 18 of a ziggurat
333809 | Zig:18   | Noticed a dread lich
333809 | Zig:18   | Noticed a dread lich
333809 | Zig:18   | Noticed an ancient lich
333810 | Zig:18   | Noticed a dread lich
333810 | Zig:18   | Noticed a dread lich
333810 | Zig:18   | Noticed a dread lich
333811 | Zig:18   | Noticed an ancient lich
333811 | Zig:18   | Noticed an ancient lich
333811 | Zig:18   | Noticed a dread lich
333811 | Zig:18   | Noticed a dread lich
333811 | Zig:18   | Noticed a dread lich
333812 | Zig:18   | Noticed an ancient lich
333812 | Zig:18   | Noticed an ancient lich
333812 | Zig:18   | Noticed a dread lich
333812 | Zig:18   | Noticed an ancient lich
333812 | Zig:18   | Noticed a dread lich
333813 | Zig:18   | Killed an ancient lich
333813 | Zig:18   | Killed a dread lich
333813 | Zig:18   | Killed a dread lich
333813 | Zig:18   | Killed an ancient lich
333813 | Zig:18   | Killed a dread lich
333813 | Zig:18   | Killed a dread lich
333813 | Zig:18   | Killed a dread lich
333814 | Zig:18   | Noticed an ancient lich
333814 | Zig:18   | Noticed a dread lich
333814 | Zig:18   | Noticed a dread lich
333814 | Zig:18   | Noticed a dread lich
333814 | Zig:18   | Noticed a dread lich
333815 | Zig:18   | Noticed an ancient lich
333816 | Zig:18   | Killed an ancient lich
333816 | Zig:18   | Killed a dread lich
333816 | Zig:18   | Killed a dread lich
333816 | Zig:18   | Killed an ancient lich
333816 | Zig:18   | Killed an ancient lich
333816 | Zig:18   | Killed a dread lich
333816 | Zig:18   | Killed an ancient lich
333816 | Zig:18   | Killed a dread lich
333816 | Zig:18   | Killed a dread lich
333816 | Zig:18   | Noticed an ancient lich
333817 | Zig:18   | Noticed a dread lich
333817 | Zig:18   | Noticed an ancient lich
333817 | Zig:18   | Noticed an ancient lich
333817 | Zig:18   | Killed a dread lich
333817 | Zig:18   | Noticed a dread lich
333817 | Zig:18   | Noticed a dread lich
333818 | Zig:18   | Noticed an ancient lich
333819 | Zig:18   | Noticed a dread lich
333819 | Zig:18   | Noticed a dread lich
333819 | Zig:18   | Noticed a dread lich
333819 | Zig:18   | Noticed a dread lich
333820 | Zig:18   | Noticed an ancient lich
333820 | Zig:18   | Noticed a dread lich
333820 | Zig:18   | Killed a dread lich
333821 | Zig:18   | Killed an ancient lich
333821 | Zig:18   | Killed an ancient lich
333821 | Zig:18   | Killed a dread lich
333821 | Zig:18   | Killed a dread lich
333821 | Zig:18   | Killed an ancient lich
333821 | Zig:18   | Noticed a dread lich
333821 | Zig:18   | Noticed an ancient lich
333822 | Zig:18   | Killed an ancient lich
333822 | Zig:18   | Killed a dread lich
333822 | Zig:18   | Killed a dread lich
333822 | Zig:18   | Killed a dread lich
333822 | Zig:18   | Killed an ancient lich
333822 | Zig:18   | Killed an ancient lich
333822 | Zig:18   | Killed a dread lich
333822 | Zig:18   | Killed a dread lich
333822 | Zig:18   | Killed a dread lich
333822 | Zig:18   | Killed an ancient lich
333822 | Zig:18   | Killed a dread lich
333823 | Zig:18   | Noticed an ancient lich
333823 | Zig:18   | Noticed an ancient lich
333823 | Zig:18   | Noticed an ancient lich
333823 | Zig:18   | Noticed an ancient lich
333823 | Zig:18   | Noticed an ancient lich
333823 | Zig:18   | Noticed a dread lich
333823 | Zig:18   | Noticed an ancient lich
333823 | Zig:18   | Noticed a dread lich
333823 | Zig:18   | Noticed a dread lich
333823 | Zig:18   | Noticed a dread lich
333824 | Zig:18   | Noticed an ancient lich
333824 | Zig:18   | Noticed a dread lich
333824 | Zig:18   | Noticed a dread lich
333824 | Zig:18   | Noticed a dread lich
333824 | Zig:18   | Noticed an ancient lich
333824 | Zig:18   | Noticed a dread lich
333828 | Zig:18   | Killed a dread lich
333828 | Zig:18   | Killed a dread lich
333828 | Zig:18   | Killed a dread lich
333828 | Zig:18   | Killed an ancient lich
333829 | Zig:18   | Killed an ancient lich
333829 | Zig:18   | Killed an ancient lich
333829 | Zig:18   | Killed a dread lich
333829 | Zig:18   | Killed an ancient lich
333829 | Zig:18   | Killed an ancient lich
333829 | Zig:18   | Killed a dread lich
333829 | Zig:18   | Killed a dread lich
333829 | Zig:18   | Killed a dread lich
333829 | Zig:18   | Killed a dread lich
333829 | Zig:18   | Killed a dread lich
333829 | Zig:18   | Killed an ancient lich
333829 | Zig:18   | Noticed an ancient lich
333830 | Zig:18   | Killed an ancient lich
333830 | Zig:18   | Killed an ancient lich
333830 | Zig:18   | Killed a dread lich
333830 | Zig:18   | Killed an ancient lich
333831 | Zig:18   | Noticed a dread lich
333831 | Zig:18   | Noticed an ancient lich
333834 | Zig:18   | Noticed a dread lich
333835 | Zig:18   | Killed an ancient lich
333836 | Zig:18   | Killed a dread lich
333836 | Zig:18   | Killed an ancient lich
333836 | Zig:18   | Killed a dread lich
334135 | Zig:18   | Identified the +6 bardiche of Obiter Dictum {antimagic,
                  | ^Drain +Blink Str+3}
334137 | Zig:18   | Identified the ring of Feoff {rPois rC- Int+4}
334157 | Zig:18   | Identified the +6 scale mail "Cuoh" {rPois rC+ Str-2 Dex+2}
334182 | Zig:18   | Identified the +1 spear of the Battered Priests {freeze,
                  | ^Contam rF++ Str+3}
334186 | Zig:18   | Identified the staff of the Devouring Boar {rF+ Fire Air}
334209 | Zig:18   | Identified the +5 shortbow "Inowal" {heavy, *Corrode +Blink
                  | rF+ rN+}
334215 | Zig:18   | Identified the +1 scale mail "Liocu" {*Corrode Fly Dex+5}
334225 | Zig:18   | Identified the +5 bardiche of the Old World {venom, Fly rN+
                  | Str+3 Int+3}
334309 | Zig:18   | Upgraded the game from 0.31-a0-1308-ga3cce3a448 to
                  | 0.31-a0-1469-gd420192249
334327 | Zig:19   | Entered Level 19 of a ziggurat
334344 | Zig:19   | Noticed a seraph
334345 | Zig:19   | Noticed a seraph
334345 | Zig:19   | Noticed a seraph
334345 | Zig:19   | Noticed a seraph
334345 | Zig:19   | Noticed a seraph
334346 | Zig:19   | Noticed a seraph
334346 | Zig:19   | Noticed a seraph
334347 | Zig:19   | Noticed a seraph
334347 | Zig:19   | Killed a seraph
334348 | Zig:19   | Noticed a seraph
334348 | Zig:19   | Noticed a seraph
334350 | Zig:19   | Killed a seraph
334350 | Zig:19   | Killed a seraph
334352 | Zig:19   | Noticed a seraph
334352 | Zig:19   | Noticed a seraph
334352 | Zig:19   | Noticed a seraph
334352 | Zig:19   | Noticed a seraph
334352 | Zig:19   | Identified the +1 tower shield of Death Resistance {rF+
                  | Int+2 SInv}
334352 | Zig:19   | Noticed a seraph
334353 | Zig:19   | Killed a seraph
334353 | Zig:19   | Killed a seraph
334353 | Zig:19   | Killed a seraph
334353 | Zig:19   | Killed a seraph
334354 | Zig:19   | Noticed a seraph
334354 | Zig:19   | Noticed a seraph
334356 | Zig:19   | Killed a seraph
334356 | Zig:19   | Killed a seraph
334356 | Zig:19   | Killed a seraph
334357 | Zig:19   | Noticed a seraph
334357 | Zig:19   | Identified the +1 tower shield of the Bellicose God {Int+3
                  | Dex+5}
334357 | Zig:19   | Killed a seraph
334358 | Zig:19   | Noticed a seraph
334359 | Zig:19   | Noticed a seraph
334359 | Zig:19   | Killed a seraph
334359 | Zig:19   | Killed a seraph
334359 | Zig:19   | Killed a seraph
334361 | Zig:19   | Killed a seraph
334361 | Zig:19   | Killed a seraph
334361 | Zig:19   | Killed a seraph
334368 | Zig:19   | Killed a seraph
334368 | Zig:19   | Killed a seraph
334374 | Zig:19   | Identified the +0 tower shield of the Vanishing Seers
                  | {Rampage rF- Dex+6 Slay-2}
334376 | Zig:19   | Noticed a seraph
334377 | Zig:19   | Killed a seraph
334377 | Zig:19   | Killed a seraph
334378 | Zig:19   | Killed a seraph
334379 | Zig:19   | Identified the +3 tower shield "Boppedghe" {Rampage rElec
                  | rC- SInv}
334379 | Zig:19   | Killed a seraph
334380 | Zig:19   | Killed a seraph
334470 | Zig:19   | Identified the +3 buckler "Busauh" {rElec}
334479 | Zig:19   | Identified the amulet "Hychikua" {Reflect rF+ Dex+2 SH+5}
334501 | Zig:19   | Identified the staff "Wujaluh" {rF+ rC- rN+ Int+4 Dex-4
                  | Necro Fire}
334507 | Zig:19   | Identified the +8 glaive of Honour {freeze, *Rage Int+9}
334510 | Zig:19   | Got the Book of Egalitarianism
334522 | Zig:19   | Identified the +6 shortbow of Woe {elec, Int+3 Stlth+}
334532 | Zig:19   | Identified the +0 ring mail "Nypozea" {Rampage *Slow rN++
                  | Str+3}
334550 | Zig:19   | Identified the +1 plate armour of Omission {^Drain Will++
                  | Dex+6}
334620 | Zig:19   | Identified the +7 plate armour of the Tundras {Rampage
                  | Int+3}
334664 | Zig:19   | Identified the +3 chain mail of the Midnight Sun {+Blink}
334897 | Zig:19   | Upgraded the game from 0.31-a0-1469-gd420192249 to
                  | 0.31-a0-1620-gcbf77bbcfc
334908 | Zig:20   | Entered Level 20 of a ziggurat
334925 | Zig:20   | Noticed a dread lich
334925 | Zig:20   | Noticed a dread lich
334927 | Zig:20   | Noticed a dread lich
334931 | Zig:20   | Killed a dread lich
334932 | Zig:20   | Killed a dread lich
334934 | Zig:20   | Killed a dread lich
334935 | Zig:20   | Paralysed by a wendigo for 1 turns
335301 | Zig:20   | Identified the ring "Tiuteise" {rN+ EV+5}
335305 | Zig:20   | Identified the ring "Doqiap" {^Contam rC+ MP+9 Str+3 Dex+6}
335320 | Zig:20   | Identified the ring of Paranoia {rC+ Dex+6 Slay+2}
335322 | Zig:20   | Identified the +1 long sword of Ubeph {pain, Int+3}
335363 | Zig:20   | Identified the +5 ring mail of Defiance {rN+ Str+5 Slay-2}
335367 | Zig:20   | Identified the ring of Bitirecu {Fire Str+2}
335472 | Zig:21   | Entered Level 21 of a ziggurat
335686 | Zig:21   | Identified the +9 bardiche of the Manifold Demons {freeze,
                  | Int+3}
335688 | Zig:21   | Identified the +5 halberd of Inapety {speed, rC- Dex+3
                  | Stlth+}
335690 | Zig:21   | Identified the +0 plate armour "Meojol" {rPois Str+5 Int+3}
335700 | Zig:21   | Identified the +0 robe of Toibi Reo {*Slow Str+3 Int+7
                  | Dex+3}
335719 | Zig:21   | Identified the +0 hand axe of the Boiling Point {flame,
                  | +Blink Fly}
335764 | Zig:21   | Identified the ring "Gorung Goab" {Fire rCorr Int-3 Dex+7}
335770 | Zig:21   | Identified the staff of Ukikly {rElec Dex+4 Air}
335772 | Zig:21   | Identified the ring "Etanymuj" {Wiz Fly}
335778 | Zig:21   | Identified the amulet of Tahuxtos {RegenMP Rampage Will++
                  | Dex-5}
335784 | Zig:21   | Identified the +7 glaive of Disorder {flame, rC++ Will-
                  | Int-2 SInv}
335804 | Zig:21   | Identified the staff "Ytoysuos" {rPois Int-2 Dex+4 Alchemy}
335806 | Zig:21   | Identified the +1 eveningstar "Xetteen" {freeze, Str-2
                  | Int+8 Dex+4 SInv}
336330 | Zig:21   | Upgraded the game from 0.31-a0-1620-gcbf77bbcfc to
                  | 0.32-a0-12-g7fc57aa741
336361 | Zig:22   | Entered Level 22 of a ziggurat
336363 | Zig:22   | Noticed a juggernaut
336364 | Zig:22   | Noticed a juggernaut
336364 | Zig:22   | Noticed a juggernaut
336364 | Zig:22   | Noticed a juggernaut
336366 | Zig:22   | Noticed a juggernaut
336366 | Zig:22   | Noticed a juggernaut
336366 | Zig:22   | Noticed a juggernaut
336366 | Zig:22   | Noticed a juggernaut
336367 | Zig:22   | Noticed a juggernaut
336367 | Zig:22   | Noticed a juggernaut
336369 | Zig:22   | Noticed a juggernaut
336370 | Zig:22   | Killed a juggernaut
336370 | Zig:22   | Killed a juggernaut
336370 | Zig:22   | Killed a juggernaut
336370 | Zig:22   | Killed a juggernaut
336370 | Zig:22   | Killed a juggernaut
336370 | Zig:22   | Killed a juggernaut
336370 | Zig:22   | Killed a juggernaut
336371 | Zig:22   | Noticed a juggernaut
336371 | Zig:22   | Noticed a juggernaut
336372 | Zig:22   | Noticed a juggernaut
336372 | Zig:22   | Noticed a juggernaut
336373 | Zig:22   | Noticed a juggernaut
336373 | Zig:22   | Noticed a juggernaut
336374 | Zig:22   | Noticed a juggernaut
336376 | Zig:22   | Noticed a juggernaut
336377 | Zig:22   | Noticed a juggernaut
336377 | Zig:22   | Noticed a juggernaut
336377 | Zig:22   | Noticed a juggernaut
336377 | Zig:22   | Noticed a juggernaut
336378 | Zig:22   | Killed a juggernaut
336378 | Zig:22   | Killed a juggernaut
336378 | Zig:22   | Killed a juggernaut
336378 | Zig:22   | Killed a juggernaut
336378 | Zig:22   | Killed a juggernaut
336378 | Zig:22   | Killed a juggernaut
336378 | Zig:22   | Killed a juggernaut
336379 | Zig:22   | Noticed a juggernaut
336379 | Zig:22   | Noticed a juggernaut
336379 | Zig:22   | Noticed a juggernaut
336380 | Zig:22   | Noticed a juggernaut
336380 | Zig:22   | Noticed a juggernaut
336380 | Zig:22   | Noticed a juggernaut
336380 | Zig:22   | Noticed a juggernaut
336380 | Zig:22   | Noticed a juggernaut
336381 | Zig:22   | Noticed a juggernaut
336381 | Zig:22   | Noticed a juggernaut
336381 | Zig:22   | Noticed a juggernaut
336381 | Zig:22   | Noticed a juggernaut
336382 | Zig:22   | Noticed a juggernaut
336382 | Zig:22   | Noticed a juggernaut
336382 | Zig:22   | Noticed a juggernaut
336382 | Zig:22   | Killed a juggernaut
336383 | Zig:22   | Noticed a juggernaut
336383 | Zig:22   | Noticed a juggernaut
336384 | Zig:22   | Killed a juggernaut
336385 | Zig:22   | Killed a juggernaut
336385 | Zig:22   | Killed a juggernaut
336385 | Zig:22   | Killed a juggernaut
336385 | Zig:22   | Killed a juggernaut
336385 | Zig:22   | Killed a juggernaut
336385 | Zig:22   | Killed a juggernaut
336385 | Zig:22   | Killed a juggernaut
336385 | Zig:22   | Killed a juggernaut
336385 | Zig:22   | Killed a juggernaut
336385 | Zig:22   | Killed a juggernaut
336385 | Zig:22   | Killed a juggernaut
336385 | Zig:22   | Killed a juggernaut
336385 | Zig:22   | Killed a juggernaut
336385 | Zig:22   | Killed a juggernaut
336386 | Zig:22   | Noticed a juggernaut
336386 | Zig:22   | Killed a juggernaut
336387 | Zig:22   | Noticed a juggernaut
336387 | Zig:22   | Noticed a juggernaut
336388 | Zig:22   | Noticed a juggernaut
336388 | Zig:22   | Killed a juggernaut
336389 | Zig:22   | Noticed a juggernaut
336389 | Zig:22   | Noticed a juggernaut
336391 | Zig:22   | Killed a juggernaut
336391 | Zig:22   | Killed a juggernaut
336391 | Zig:22   | Killed a juggernaut
336391 | Zig:22   | Killed a juggernaut
336391 | Zig:22   | Killed a juggernaut
336392 | Zig:22   | Killed a juggernaut
336393 | Zig:22   | Noticed a juggernaut
336396 | Zig:22   | Killed a juggernaut
336400 | Zig:22   | Killed a juggernaut
336400 | Zig:22   | Killed a juggernaut
336406 | Zig:22   | Noticed a juggernaut
336409 | Zig:22   | Killed a juggernaut
336409 | Zig:22   | Killed a juggernaut
336409 | Zig:22   | Killed a juggernaut
336409 | Zig:22   | Killed a juggernaut
336409 | Zig:22   | Killed a juggernaut
336409 | Zig:22   | Killed a juggernaut
336410 | Zig:22   | Noticed a juggernaut
336410 | Zig:22   | Noticed a juggernaut
336415 | Zig:22   | Killed a juggernaut
336415 | Zig:22   | Killed a juggernaut
336424 | Zig:22   | Killed a juggernaut
336685 | Zig:22   | Identified the amulet "Wipinaif" {-Cast rF+ Regen+ Dex+3
                  | Stlth+}
337087 | Zig:22   | Identified the +1 robe of Compassion {Dex+3}
337101 | Zig:22   | Identified the ring "Ygivug" {rC+ Slay+4 SInv}
337132 | Zig:22   | Identified the ring of Gehi {+Blink rElec rN++ rCorr Int-5}
337136 | Zig:22   | Identified the +1 trident "Qevusier" {protect, rC- Dex+4}
337164 | Zig:22   | Identified the +4 bardiche "Killer Klown's Death" {venom,
                  | Int+2 Stlth+}
337172 | Zig:22   | Identified the +6 chain mail "Repun" {rC+ rN++}
337215 | Zig:22   | Identified the ring of Peyvedunk {*Corrode rF+ rC+ Int+4
                  | Stlth+}
337217 | Zig:22   | Identified the +7 whip "Wytoxt" {drain, ^Drain rN+ Will+
                  | SInv}
337226 | Zig:22   | Identified the +9 long sword of the Tomato {drain, Fly}
337343 | Zig:22   | Acquired 817 gold pieces
337355 | Zig:23   | Entered Level 23 of a ziggurat
337393 | Zig:23   | Paralysed by accursed screaming for 2 turns
337394 | Zig:23   | Noticed a dread lich
337397 | Zig:23   | Killed a dread lich
337534 | Zig:23   | Identified the ring of Music {MP+9 Str+3}
337536 | Zig:23   | Identified the staff of Risk Management {rElec rC- Int+2
                  | Dex+8 Air}
337567 | Zig:23   | Identified the +4 hand axe "Gotojaukk" {protect, Str+3
                  | Int+3 Dex+3}
337577 | Zig:23   | Identified the +6 bardiche "Plog" {heavy, rCorr Dex+4
                  | Stlth-}
337600 | Zig:23   | Identified the staff of Isogittu {^Fragile +Blink rF+ rCorr
                  | Fire Earth}
337618 | Zig:23   | Identified the +9 bardiche of Delueg {freeze, ^Fragile Fly
                  | rElec Dex+4}
337626 | Zig:23   | Identified the +5 ring mail of the Pink Corner {rC+ Dex+3}
337634 | Zig:23   | Identified the +3 dagger "Avucal" {freeze, rElec Will+}
337638 | Zig:23   | Identified the staff of the Riding Gods {Dex+4 Earth}
337741 | Zig:23   | Identified the amulet "Hatoum" {RegenMP rC+}
338247 | Zig:24   | Entered Level 24 of a ziggurat
338737 | Zig:24   | Identified the staff of Mayhem {*Slow rF+++ rC+ Will- rCorr
                  | Ice}
338743 | Zig:24   | Identified the +1 spear "Guryoss" {vamp, Fly rF- Int+8
                  | SInv}
338745 | Zig:24   | Identified the staff of Strategic Superiority {rF+ rC+
                  | Will+ Ice}
338814 | Zig:24   | Identified the +6 bardiche "Dragon's Tongue" {drain, rPois
                  | Str-4 Dex+5}
338830 | Zig:24   | Identified the +6 trident of Starshine {protect, rC+ Str+2}
338863 | Zig:24   | Identified the +1 chain mail of the Glimmering Gods {rElec
                  | Regen+ Slay-6}
338869 | Zig:24   | Identified the ring of Hihuf {rC+ rN+}
338871 | Zig:24   | Identified the ring "Nosous" {Will+ rCorr Str+3 Int+5}
338878 | Zig:24   | Identified the ring of Lohestiyr {rF- rC+ rCorr SInv}
339047 | Zig:24   | Acquired 792 gold pieces
339061 | Zig:25   | Entered Level 25 of a ziggurat
339066 | Zig:25   | Noticed a juggernaut
339066 | Zig:25   | Noticed a juggernaut
339066 | Zig:25   | Noticed a juggernaut
339066 | Zig:25   | Noticed a juggernaut
339067 | Zig:25   | Noticed a juggernaut
339067 | Zig:25   | Noticed a juggernaut
339067 | Zig:25   | Noticed a juggernaut
339068 | Zig:25   | Noticed a juggernaut
339069 | Zig:25   | Noticed a juggernaut
339069 | Zig:25   | Killed a juggernaut
339069 | Zig:25   | Killed a juggernaut
339069 | Zig:25   | Killed a juggernaut
339069 | Zig:25   | Noticed a juggernaut
339072 | Zig:25   | Noticed a juggernaut
339072 | Zig:25   | Noticed a juggernaut
339073 | Zig:25   | Noticed a juggernaut
339074 | Zig:25   | Noticed a juggernaut
339074 | Zig:25   | Noticed a juggernaut
339075 | Zig:25   | Noticed a juggernaut
339075 | Zig:25   | Noticed a juggernaut
339075 | Zig:25   | Noticed a juggernaut
339076 | Zig:25   | Noticed a juggernaut
339076 | Zig:25   | Noticed a juggernaut
339076 | Zig:25   | Killed a juggernaut
339076 | Zig:25   | Killed a juggernaut
339076 | Zig:25   | Killed a juggernaut
339076 | Zig:25   | Killed a juggernaut
339076 | Zig:25   | Killed a juggernaut
339076 | Zig:25   | Killed a juggernaut
339076 | Zig:25   | Killed a juggernaut
339076 | Zig:25   | Killed a juggernaut
339077 | Zig:25   | Noticed a juggernaut
339077 | Zig:25   | Noticed a juggernaut
339077 | Zig:25   | Noticed a juggernaut
339077 | Zig:25   | Noticed a juggernaut
339077 | Zig:25   | Noticed a juggernaut
339078 | Zig:25   | Noticed a juggernaut
339078 | Zig:25   | Noticed a juggernaut
339078 | Zig:25   | Noticed a juggernaut
339078 | Zig:25   | Noticed a juggernaut
339078 | Zig:25   | Noticed a juggernaut
339078 | Zig:25   | Killed a juggernaut
339078 | Zig:25   | Killed a juggernaut
339078 | Zig:25   | Killed a juggernaut
339079 | Zig:25   | Noticed a juggernaut
339080 | Zig:25   | Noticed a juggernaut
339080 | Zig:25   | Noticed a juggernaut
339080 | Zig:25   | Killed a juggernaut
339081 | Zig:25   | Killed a juggernaut
339081 | Zig:25   | Killed a juggernaut
339081 | Zig:25   | Killed a juggernaut
339081 | Zig:25   | Killed a juggernaut
339081 | Zig:25   | Killed a juggernaut
339081 | Zig:25   | Killed a juggernaut
339081 | Zig:25   | Killed a juggernaut
339081 | Zig:25   | Killed a juggernaut
339081 | Zig:25   | Killed a juggernaut
339081 | Zig:25   | Killed a juggernaut
339081 | Zig:25   | Killed a juggernaut
339081 | Zig:25   | Killed a juggernaut
339082 | Zig:25   | Noticed a juggernaut
339082 | Zig:25   | Noticed a juggernaut
339082 | Zig:25   | Noticed a juggernaut
339083 | Zig:25   | Noticed a juggernaut
339083 | Zig:25   | Noticed a juggernaut
339083 | Zig:25   | Noticed a juggernaut
339083 | Zig:25   | Noticed a juggernaut
339084 | Zig:25   | Noticed a juggernaut
339085 | Zig:25   | Noticed a juggernaut
339085 | Zig:25   | Noticed a juggernaut
339085 | Zig:25   | Noticed a juggernaut
339085 | Zig:25   | Noticed a juggernaut
339086 | Zig:25   | Noticed a juggernaut
339086 | Zig:25   | Killed a juggernaut
339086 | Zig:25   | Killed a juggernaut
339086 | Zig:25   | Killed a juggernaut
339086 | Zig:25   | Killed a juggernaut
339086 | Zig:25   | Killed a juggernaut
339086 | Zig:25   | Killed a juggernaut
339086 | Zig:25   | Killed a juggernaut
339086 | Zig:25   | Killed a juggernaut
339086 | Zig:25   | Killed a juggernaut
339086 | Zig:25   | Killed a juggernaut
339086 | Zig:25   | Killed a juggernaut
339087 | Zig:25   | Noticed a juggernaut
339087 | Zig:25   | Noticed a juggernaut
339087 | Zig:25   | Noticed a juggernaut
339088 | Zig:25   | Noticed a juggernaut
339088 | Zig:25   | Killed a juggernaut
339088 | Zig:25   | Noticed a juggernaut
339090 | Zig:25   | Killed a juggernaut
339092 | Zig:25   | Killed a juggernaut
339092 | Zig:25   | Killed a juggernaut
339092 | Zig:25   | Killed a juggernaut
339093 | Zig:25   | Noticed a juggernaut
339093 | Zig:25   | Noticed a juggernaut
339093 | Zig:25   | Noticed a juggernaut
339093 | Zig:25   | Noticed a juggernaut
339093 | Zig:25   | Killed a juggernaut
339094 | Zig:25   | Noticed a juggernaut
339094 | Zig:25   | Noticed a juggernaut
339094 | Zig:25   | Noticed a juggernaut
339095 | Zig:25   | Killed a juggernaut
339097 | Zig:25   | Killed a juggernaut
339097 | Zig:25   | Killed a juggernaut
339097 | Zig:25   | Killed a juggernaut
339097 | Zig:25   | Killed a juggernaut
339097 | Zig:25   | Killed a juggernaut
339097 | Zig:25   | Killed a juggernaut
339099 | Zig:25   | Killed a juggernaut
339100 | Zig:25   | Killed a juggernaut
339102 | Zig:25   | Noticed a juggernaut
339103 | Zig:25   | Killed a juggernaut
339105 | Zig:25   | Killed a juggernaut
339109 | Zig:25   | Killed a juggernaut
339111 | Zig:25   | Noticed a juggernaut
339112 | Zig:25   | Noticed a juggernaut
339114 | Zig:25   | Killed a juggernaut
339114 | Zig:25   | Killed a juggernaut
339117 | Zig:25   | Killed a juggernaut
339117 | Zig:25   | Killed a juggernaut
339121 | Zig:25   | Killed a juggernaut
339273 | Zig:25   | Identified the +7 dagger "Educk" {flame, rElec rF- rN+
                  | Int+4 SInv}
339290 | Zig:25   | Identified the +0 scale mail "Uxear" {Int+2}
339327 | Zig:25   | Identified the +2 pair of boots "Huesch" {rElec rC- rN+
                  | Regen+}
339349 | Zig:25   | Identified the +2 eveningstar of Dividends {freeze, rPois
                  | rF- rN+}
339356 | Zig:25   | Identified the +2 robe "Muiraff Gimu" {rN++ Int-3 Dex+4}
339360 | Zig:25   | Identified the amulet of Cekeoqis {RegenMP Dex+4}
339377 | Zig:25   | Identified the +7 halberd of Fiwewoe {flame, rElec rN+
                  | Str-2 Int+5}
340133 | Zig:25   | Upgraded the game from 0.32-a0-12-g7fc57aa741 to
                  | 0.32-a0-18-g89e19f1974
340143 | Zig:26   | Entered Level 26 of a ziggurat
340157 | Zig:26   | Noticed an ancient lich
340158 | Zig:26   | Noticed an ancient lich
340159 | Zig:26   | Noticed an ancient lich
340160 | Zig:26   | Noticed an ancient lich
340160 | Zig:26   | Noticed an ancient lich
340161 | Zig:26   | Noticed an ancient lich
340162 | Zig:26   | Killed an ancient lich
340162 | Zig:26   | Killed an ancient lich
340163 | Zig:26   | Noticed an ancient lich
340163 | Zig:26   | Noticed an ancient lich
340163 | Zig:26   | Noticed an ancient lich
340164 | Zig:26   | Noticed an ancient lich
340164 | Zig:26   | Noticed an ancient lich
340165 | Zig:26   | Noticed an ancient lich
340165 | Zig:26   | Noticed an ancient lich
340166 | Zig:26   | Noticed an ancient lich
340167 | Zig:26   | Noticed an ancient lich
340168 | Zig:26   | Killed an ancient lich
340168 | Zig:26   | Killed an ancient lich
340168 | Zig:26   | Killed an ancient lich
340168 | Zig:26   | Killed an ancient lich
340168 | Zig:26   | Killed an ancient lich
340170 | Zig:26   | Noticed an ancient lich
340170 | Zig:26   | Noticed an ancient lich
340170 | Zig:26   | Noticed an ancient lich
340170 | Zig:26   | Noticed an ancient lich
340170 | Zig:26   | Noticed an ancient lich
340170 | Zig:26   | Noticed an ancient lich
340171 | Zig:26   | Killed an ancient lich
340172 | Zig:26   | Killed an ancient lich
340172 | Zig:26   | Killed an ancient lich
340172 | Zig:26   | Killed an ancient lich
340172 | Zig:26   | Killed an ancient lich
340172 | Zig:26   | Killed an ancient lich
340173 | Zig:26   | Noticed an ancient lich
340174 | Zig:26   | Noticed an ancient lich
340175 | Zig:26   | Noticed an ancient lich
340176 | Zig:26   | Killed an ancient lich
340176 | Zig:26   | Killed an ancient lich
340176 | Zig:26   | Killed an ancient lich
340176 | Zig:26   | Killed an ancient lich
340178 | Zig:26   | Noticed an ancient lich
340179 | Zig:26   | Killed an ancient lich
340183 | Zig:26   | Killed an ancient lich
340185 | Zig:26   | Killed an ancient lich
340187 | Zig:26   | Noticed an ancient lich
340192 | Zig:26   | Killed an ancient lich
340193 | Zig:26   | Killed an ancient lich
340193 | Zig:26   | Killed an ancient lich
340195 | Zig:26   | Killed an ancient lich
340196 | Zig:26   | Killed an ancient lich
340200 | Zig:26   | Killed an ancient lich
340670 | Zig:26   | Identified the +1 ring mail of Mirth {*Slow rN++ Regen+
                  | Int+4}
340694 | Zig:26   | Identified the +3 scale mail of the Oni {+Inv rC++ Will-
                  | Dex+2}
340696 | Zig:26   | Identified the +4 falchion of Checkmate {venom, rN+}
340700 | Zig:26   | Identified the +7 morningstar of the Lair of Beasts
                  | {freeze, rF++ Int-2 Dex+2}
340712 | Zig:26   | Identified the +5 halberd of Light {vamp, Dex+3}
340757 | Zig:26   | Identified the +2 war axe "Yneathreo" {flame, rElec Dex+3}
340759 | Zig:26   | Identified the +6 battleaxe of Quantum Leap {vamp, rN+
                  | Str+2}
340760 | Zig:26   | Identified the +1 scimitar "Xaroj" {antimagic, rCorr Int+5
                  | Dex+2 Stlth+}
340812 | Zig:26   | Identified the +0 plate armour of Duck's Teeth {Harm
                  | *Corrode Regen+ Int+2 Stlth+}
340815 | Zig:26   | Identified the +7 hand axe "Noos Bae" {protect, *Slow rCorr
                  | SInv}
341007 | Zig:27   | Entered Level 27 of a ziggurat
341182 | Zig:27   | Identified the +1 demon whip of Defenestration {flame, rN+
                  | SInv}
341214 | Zig:27   | Identified the +5 morningstar of Instinct {drain, rC+
                  | Int+2}
341284 | Zig:27   | Identified the ring "Jokem" {Ice rN++ Str-5}
341290 | Zig:27   | Identified the +8 arbalest "Impbane" {freeze, rF+ Dex+2}
342152 | D:10     | Upgraded the game from 0.32-a0-18-g89e19f1974 to
                  | 0.32-a0-20-ge526923d97
342155 | Zig:1    | Entered Level 1 of a ziggurat
342209 | Zig:2    | Entered Level 2 of a ziggurat
342209 | Zig:2    | Noticed Ussulutyn's ghost (legendary DsFi)
342209 | Zig:2    | Noticed Ging's ghost (legendary OnFi)
342210 | Zig:2    | Noticed Canwutygu's ghost (veteran MiFi)
342210 | Zig:2    | Noticed Hoiham's ghost (legendary MiFi)
342210 | Zig:2    | Noticed Lagif's ghost (legendary MiFi)
342212 | Zig:2    | Noticed Ini Deriu's ghost (legendary DECj)
342215 | Zig:2    | Killed Lagif's ghost
342217 | Zig:2    | Killed Hoiham's ghost
342222 | Zig:2    | Killed Ini Deriu's ghost
342230 | Zig:2    | Killed Ussulutyn's ghost
342234 | Zig:2    | Killed Canwutygu's ghost
342234 | Zig:2    | Killed Ging's ghost
342304 | Zig:3    | Entered Level 3 of a ziggurat
342427 | Zig:4    | Entered Level 4 of a ziggurat
342427 | Zig:4    | Noticed an orb of fire
342427 | Zig:4    | Noticed an orb of fire
342427 | Zig:4    | Noticed an orb of fire
342427 | Zig:4    | Noticed an orb of fire
342427 | Zig:4    | Noticed an orb of fire
342427 | Zig:4    | Noticed an orb of fire
342427 | Zig:4    | Noticed an orb of fire
342427 | Zig:4    | Noticed an orb of fire
342427 | Zig:4    | Noticed an orb of fire
342427 | Zig:4    | Noticed an orb of fire
342430 | Zig:4    | Noticed an orb of fire
342432 | Zig:4    | Killed an orb of fire
342432 | Zig:4    | Killed an orb of fire
342432 | Zig:4    | Killed an orb of fire
342433 | Zig:4    | Noticed an orb of fire
342433 | Zig:4    | Noticed an orb of fire
342433 | Zig:4    | Killed an orb of fire
342434 | Zig:4    | Killed an orb of fire
342435 | Zig:4    | Killed an orb of fire
342437 | Zig:4    | Killed an orb of fire
342437 | Zig:4    | Killed an orb of fire
342437 | Zig:4    | Killed an orb of fire
342439 | Zig:4    | Killed an orb of fire
342441 | Zig:4    | Killed an orb of fire
342442 | Zig:4    | Killed an orb of fire
342445 | Zig:4    | Killed an orb of fire
342560 | Zig:5    | Entered Level 5 of a ziggurat
342618 | Zig:5    | Identified the +5 orcbow of Noon {antimagic, rElec Str-2
                  | Dex+3}
342646 | Zig:5    | Identified the amulet "Fiv Xexa" {Faith rF+ rN+ Regen+
                  | Int+3}
342751 | Zig:6    | Entered Level 6 of a ziggurat
342958 | Zig:6    | Identified the amulet "Yhalusui" {Spirit Harm ^Fragile
                  | Regen+}
342970 | Zig:6    | Identified the +6 scale mail "Niocw" {*Corrode rElec Will+
                  | Int+2}
342984 | Zig:7    | Entered Level 7 of a ziggurat
343003 | Zig:7    | Identified the +1 leather armour "Niamuq Zalag" {Str-4
                  | Int+6 Dex+5}
343010 | Zig:7    | Identified the +5 great mace "Nir Kyma" {drain, Fly rPois
                  | Will+ Stlth-}
343031 | Zig:7    | Identified the staff "Koid" {rF- rC+ rCorr Summ Necro Ice}
343036 | Zig:7    | Identified the ring of the Gloaming {rC+ rCorr Str+2
                  | Stlth-}
343040 | Zig:7    | Identified the +1 flail of Etzig {flame, rElec Dex+2
                  | Stlth-}
343208 | Zig:8    | Entered Level 8 of a ziggurat
343208 | Zig:8    | Noticed an ancient lich
343208 | Zig:8    | Noticed a dread lich
343208 | Zig:8    | Noticed a dread lich
343208 | Zig:8    | Noticed a dread lich
343208 | Zig:8    | Noticed an ancient lich
343208 | Zig:8    | Noticed a dread lich
343208 | Zig:8    | Noticed a dread lich
343208 | Zig:8    | Noticed an ancient lich
343208 | Zig:8    | Noticed a dread lich
343208 | Zig:8    | Noticed an ancient lich
343208 | Zig:8    | Noticed an ancient lich
343208 | Zig:8    | Noticed an ancient lich
343208 | Zig:8    | Noticed a dread lich
343208 | Zig:8    | Noticed a dread lich
343208 | Zig:8    | Noticed a dread lich
343208 | Zig:8    | Noticed a dread lich
343208 | Zig:8    | Noticed an ancient lich
343208 | Zig:8    | Noticed an ancient lich
343208 | Zig:8    | Noticed an ancient lich
343208 | Zig:8    | Noticed an ancient lich
343208 | Zig:8    | Noticed a dread lich
343210 | Zig:8    | Killed an ancient lich
343210 | Zig:8    | Killed a dread lich
343210 | Zig:8    | Killed a dread lich
343210 | Zig:8    | Noticed a dread lich
343212 | Zig:8    | Killed an ancient lich
343213 | Zig:8    | Noticed a dread lich
343213 | Zig:8    | Killed an ancient lich
343213 | Zig:8    | Killed an ancient lich
343213 | Zig:8    | Killed an ancient lich
343214 | Zig:8    | Killed an ancient lich
343214 | Zig:8    | Killed an ancient lich
343215 | Zig:8    | Noticed a dread lich
343215 | Zig:8    | Killed a dread lich
343215 | Zig:8    | Killed an ancient lich
343216 | Zig:8    | Noticed a dread lich
343216 | Zig:8    | Noticed an ancient lich
343216 | Zig:8    | Noticed an ancient lich
343216 | Zig:8    | Killed a dread lich
343216 | Zig:8    | Killed a dread lich
343216 | Zig:8    | Killed an ancient lich
343216 | Zig:8    | Killed a dread lich
343216 | Zig:8    | Killed a dread lich
343216 | Zig:8    | Killed a dread lich
343217 | Zig:8    | Noticed an ancient lich
343217 | Zig:8    | Killed a dread lich
343217 | Zig:8    | Killed a dread lich
343218 | Zig:8    | Killed a dread lich
343218 | Zig:8    | Killed an ancient lich
343219 | Zig:8    | Noticed an ancient lich
343219 | Zig:8    | Noticed a dread lich
343221 | Zig:8    | Killed a dread lich
343224 | Zig:8    | Killed a dread lich
343224 | Zig:8    | Killed a dread lich
343224 | Zig:8    | Killed an ancient lich
343224 | Zig:8    | Killed a dread lich
343225 | Zig:8    | Killed an ancient lich
343225 | Zig:8    | Killed an ancient lich
343225 | Zig:8    | Killed an ancient lich
343225 | Zig:8    | Killed a dread lich
343383 | Zig:8    | Identified the +1 halberd "Maureit" {pain, rElec Dex+4}
343391 | Zig:8    | Identified the +1 pair of boots of Juhof {rElec rC- rCorr
                  | Str+9}
343404 | Zig:8    | Identified the +5 war axe of Radicalism {freeze, ^Contam
                  | rPois Int+4}
343411 | Zig:9    | Entered Level 9 of a ziggurat
343423 | Zig:9    | Noticed Gididos the pandemonium lord
343438 | Zig:9    | Killed Gididos the pandemonium lord
343534 | Zig:9    | Identified the +9 whip "Laobyxt" {flame, Fly Int+2}
343553 | Zig:9    | Identified the +4 falchion of Zillil {drain, rN+ SInv}
343566 | Zig:9    | Identified the +1 leather armour of Zocloe Fumyk {rF+ rN+
                  | MP-9 Dex+3}
343617 | Zig:9    | Identified the +7 hand axe "Mith" {heavy, rPois Str-2 Int-4
                  | SInv}
343625 | Zig:9    | Identified the +3 glaive of War {vamp, ^Drain rElec rF+}
343631 | Zig:9    | Identified the ring of Logylossuez {+Blink rPois rC- MP+9
                  | Stlth+}
343763 | Zig:10   | Entered Level 10 of a ziggurat
343778 | Zig:10   | Identified the +1 great mace "Hell-Harrower" {freeze,
                  | Will+}
343938 | Zig:10   | Identified the +0 ring mail "Xaevoc" {Rampage *Slow Regen+
                  | Dex+5 Stlth+}
343958 | Zig:10   | Identified the +3 bardiche of the Riding Augurer {flame,
                  | rN+}
343960 | Zig:10   | Identified the +1 ring mail of the Untouchables {rElec
                  | Str-2 Dex+6 Stlth-}
344045 | Zig:10   | Identified the +1 bardiche "Pipt" {flame, rPois Str+6 Dex-4
                  | Stlth+}
344048 | Zig:10   | Identified the staff of Kismet {rN+ Str+3 Necro}
344055 | Zig:10   | Identified the +6 hand axe of Resourcefulness {pain, rPois
                  | rF+ Int+3 Dex-4}
344066 | Zig:11   | Entered Level 11 of a ziggurat
344132 | Zig:11   | Identified the ring "Mynkodwo" {Wiz Dex+3}
344147 | Zig:11   | Identified the +11 hand axe of the Nightmares {venom, rF++}
344148 | Zig:11   | Identified the ring "Vocin" {rF- Will+ Str+5}
344390 | Zig:11   | Identified the +11 short sword "Innempirch" {heavy, *Noise
                  | +Blink rF+}
344439 | Zig:12   | Entered Level 12 of a ziggurat
344457 | Zig:12   | Identified the +2 bardiche of Seycweit {elec, Dex+5}
344656 | Zig:12   | Identified the staff "Poil" {rF+ rN++ Str+3 Fire}
344705 | Zig:12   | Identified the +6 trident "Emnerr" {flame, rF+ Will+ Dex-2}
344726 | Zig:12   | Identified the ring of the Ghostly God {Wiz Str+4}
344730 | Zig:12   | Identified the +2 glaive of the Priest {freeze, ^Drain
                  | +Blink Dex+4}
344734 | Zig:12   | Identified the staff "Vacut" {rElec rN+ Int+3 Air}
344748 | Zig:12   | Identified the +5 bardiche "Liduf" {drain, ^Drain Fly rC+
                  | Will+}
344793 | Zig:13   | Entered Level 13 of a ziggurat
344821 | Zig:13   | Identified the ring of Hodibi Suorr {rElec rN+}
345126 | Zig:14   | Entered Level 14 of a ziggurat
345136 | Zig:14   | Paralysed by an air elemental for 1 turns
345491 | Zig:14   | Identified the +1 ring mail of Noxious Leaves {Harm rF++
                  | Int-3 SInv}
345510 | Zig:14   | Identified the +4 battleaxe of Redet {venom, rN+ Dex+3}
345543 | Zig:14   | Identified the +2 bardiche "Emed Mei" {freeze, rCorr}
345550 | Zig:14   | Identified the +4 ring mail of Boredom {Slay+3}
345558 | Zig:14   | Upgraded the game from 0.32-a0-20-ge526923d97 to
                  | 0.32-a0-22-g6ae6769602
345565 | Zig:15   | Entered Level 15 of a ziggurat
345583 | Zig:15   | Identified the +2 shortbow "Yzomus" {elec, ^Fragile Will++
                  | rCorr Str+3}
345684 | Zig:15   | Identified the +9 scimitar of Weejarr {freeze, rPois Dex+2}
345700 | Zig:15   | Identified the +10 shortbow of Telir {heavy, rN+ rCorr}
345716 | Zig:15   | Identified the ring "Tesogg" {Wiz rN+ Str+2 Int+3}
345720 | Zig:15   | Identified the +1 trident "Epnut" {freeze, rElec rPois}
345746 | Zig:15   | Identified the +5 morningstar of Defiance {freeze, rF++}
345931 | Zig:15   | Identified the staff of Contention {Fly rC+ Dex-4 Ice Air}
345935 | Zig:15   | Identified the +1 mace of the Gnashing Coward {protect,
                  | Dex+2}
346014 | Zig:15   | Identified the +7 lajatang of the Foot {drain, rPois Int+3}
346021 | Zig:16   | Entered Level 16 of a ziggurat
346319 | Zig:16   | Identified the +1 morningstar of Uncertain Death {spect,
                  | Dex+3}
346344 | Zig:16   | Identified the +8 sling of the Warrior {drain, Str+2}
346354 | Zig:16   | Identified the +7 flail "Jellybane" {pain, rPois Will+++
                  | Dex-5 Stlth+}
346399 | Zig:17   | Entered Level 17 of a ziggurat
346399 | Zig:17   | Noticed a seraph
346399 | Zig:17   | Noticed a seraph
346399 | Zig:17   | Identified the +0 tower shield of Cheibriados's Reproof
                  | {rCorr Str+2}
346399 | Zig:17   | Identified the +1 tower shield of Runkina {Rampage Str-3
                  | Int+2 Slay+3}
346399 | Zig:17   | Identified the +1 tower shield of Light {+Inv}
346399 | Zig:17   | Noticed a seraph
346399 | Zig:17   | Identified the +5 tower shield "Usekugeeru" {rPois rCorr
                  | Str+2 Slay-4}
346402 | Zig:17   | Noticed a seraph
346403 | Zig:17   | Noticed a seraph
346404 | Zig:17   | Killed a seraph
346405 | Zig:17   | Killed a seraph
346406 | Zig:17   | Killed a seraph
346408 | Zig:17   | Identified the +7 tower shield of the Cuttlefish {Harm
                  | rElec rPois Str-3}
346408 | Zig:17   | Killed a seraph
346408 | Zig:17   | Killed a seraph
346409 | Zig:17   | Noticed a seraph
346411 | Zig:17   | Noticed a seraph
346411 | Zig:17   | Killed a seraph
346411 | Zig:17   | Killed a seraph
346412 | Zig:17   | Killed a seraph
346412 | Zig:17   | Killed a seraph
346415 | Zig:17   | Noticed a seraph
346417 | Zig:17   | Noticed a seraph
346418 | Zig:17   | Noticed a seraph
346421 | Zig:17   | Identified the +5 tower shield of Fanaticism {^Contam Fly
                  | Int+5 Dex+3}
346422 | Zig:17   | Killed a seraph
346422 | Zig:17   | Killed a seraph
346424 | Zig:17   | Noticed a seraph
346424 | Zig:17   | Killed a seraph
346426 | Zig:17   | Killed a seraph
346427 | Zig:17   | Killed a seraph
346427 | Zig:17   | Noticed a seraph
346428 | Zig:17   | Killed a seraph
346432 | Zig:17   | Identified the +9 hand axe "Tuydotir" {flame, rF++ Int+3}
346437 | Zig:17   | Killed a seraph
346535 | Zig:17   | Identified the +8 battleaxe "Nazxegezxi" {drain, rC+ Str+2}
346583 | Zig:17   | Identified the ring of Noon {rCorr Str-3 Int+2 SInv}
346585 | Zig:17   | Identified the +8 falchion of Invincibility {distort,
                  | rCorr}
346604 | Zig:17   | Identified the ring of Qazlal, Crafting {rN+ EV+5}
346646 | Zig:17   | Identified the +1 scale mail of Minor Irritation {Rampage}
346873 | Zig:17   | Identified the +1 bardiche of the Charmed God {venom, rC-
                  | Str+5 Dex+7}
346895 | Zig:18   | Entered Level 18 of a ziggurat
346895 | Zig:18   | Noticed Ini Deriu's ghost (legendary DECj)
346895 | Zig:18   | Noticed Nalaklye's ghost (legendary DjCA)
346895 | Zig:18   | Noticed Feuw's ghost (veteran MiBe)
346895 | Zig:18   | Noticed Ometuamn's ghost (legendary OnSh)
346895 | Zig:18   | Noticed Tejiel's ghost (legendary GrFi)
346895 | Zig:18   | Noticed Nalaklye's ghost (legendary DjCA)
346895 | Zig:18   | Noticed Bines's ghost (legendary OpSh)
346895 | Zig:18   | Noticed Beoskaaj's ghost (legendary DEFE)
346895 | Zig:18   | Noticed Hoiham's ghost (legendary MiFi)
346895 | Zig:18   | Noticed Oxtuo's ghost (legendary DECj)
346895 | Zig:18   | Noticed Lagif's ghost (legendary MiFi)
346895 | Zig:18   | Noticed Tejiel's ghost (legendary GrFi)
346895 | Zig:18   | Noticed Pixogrep's ghost (legendary OpCj)
346895 | Zig:18   | Noticed Ussulutyn's ghost (legendary DsFi)
346895 | Zig:18   | Noticed Nalaklye's ghost (legendary DjCA)
346895 | Zig:18   | Noticed Coyd's ghost (legendary HOMo)
346895 | Zig:18   | Noticed Tejiel's ghost (legendary GrFi)
346895 | Zig:18   | Noticed Pixogrep's ghost (legendary OpCj)
346895 | Zig:18   | Noticed Canwutygu's ghost (veteran MiFi)
346895 | Zig:18   | Noticed Coyd's ghost (legendary HOMo)
346898 | Zig:18   | Noticed Ometuamn's ghost (legendary OnSh)
346898 | Zig:18   | Killed Tejiel's ghost
346898 | Zig:18   | Killed Tejiel's ghost
346898 | Zig:18   | Killed Tejiel's ghost
346899 | Zig:18   | Noticed Feuw's ghost (veteran MiBe)
346899 | Zig:18   | Noticed Quogoet's ghost (legendary OpSh)
346899 | Zig:18   | Noticed Nalaklye's ghost (legendary DjCA)
346899 | Zig:18   | Noticed Pixogrep's ghost (legendary OpCj)
346900 | Zig:18   | Noticed Ini Deriu's ghost (legendary DECj)
346900 | Zig:18   | Noticed Pixogrep's ghost (legendary OpCj)
346900 | Zig:18   | Noticed Beoskaaj's ghost (legendary DEFE)
346900 | Zig:18   | Noticed Beoskaaj's ghost (legendary DEFE)
346900 | Zig:18   | Noticed Quogoet's ghost (legendary OpSh)
346900 | Zig:18   | Noticed Oxtuo's ghost (legendary DECj)
346900 | Zig:18   | Noticed Lagif's ghost (legendary MiFi)
346900 | Zig:18   | Noticed Ging's ghost (legendary OnFi)
346901 | Zig:18   | Noticed Omay's ghost (master MiFi)
346901 | Zig:18   | Noticed Bines's ghost (legendary OpSh)
346901 | Zig:18   | Noticed Nalaklye's ghost (legendary DjCA)
346901 | Zig:18   | Noticed Oxtuo's ghost (legendary DECj)
346901 | Zig:18   | Killed Lagif's ghost
346902 | Zig:18   | Noticed Lagif's ghost (legendary MiFi)
346902 | Zig:18   | Killed Hoiham's ghost
346902 | Zig:18   | Killed Lagif's ghost
346903 | Zig:18   | Noticed Bines's ghost (legendary OpSh)
346903 | Zig:18   | Noticed Beoskaaj's ghost (legendary DEFE)
346903 | Zig:18   | Noticed Beoskaaj's ghost (legendary DEFE)
346903 | Zig:18   | Noticed Coyd's ghost (legendary HOMo)
346903 | Zig:18   | Noticed Nalaklye's ghost (legendary DjCA)
346903 | Zig:18   | Noticed Duta's ghost (legendary FoHu)
346904 | Zig:18   | Noticed Nalaklye's ghost (legendary DjCA)
346904 | Zig:18   | Noticed Beoskaaj's ghost (legendary DEFE)
346904 | Zig:18   | Noticed Coyd's ghost (legendary HOMo)
346904 | Zig:18   | Noticed Ini Deriu's ghost (legendary DECj)
346904 | Zig:18   | Noticed Ussulutyn's ghost (legendary DsFi)
346904 | Zig:18   | Killed Beoskaaj's ghost
346904 | Zig:18   | Noticed Ini Deriu's ghost (legendary DECj)
346904 | Zig:18   | Noticed Ysol's ghost (legendary OpHW)
346905 | Zig:18   | Killed Beoskaaj's ghost
346905 | Zig:18   | Killed Ysol's ghost
346905 | Zig:18   | Killed Lagif's ghost
346905 | Zig:18   | Killed Duta's ghost
346906 | Zig:18   | Killed Beoskaaj's ghost
346906 | Zig:18   | Killed Quogoet's ghost
346906 | Zig:18   | Noticed Ini Deriu's ghost (legendary DECj)
346907 | Zig:18   | Noticed Hoiham's ghost (legendary MiFi)
346907 | Zig:18   | Killed Beoskaaj's ghost
346907 | Zig:18   | Noticed Canwutygu's ghost (veteran MiFi)
346907 | Zig:18   | Noticed Beoskaaj's ghost (legendary DEFE)
346908 | Zig:18   | Noticed Omay's ghost (master MiFi)
346909 | Zig:18   | Noticed Ussulutyn's ghost (legendary DsFi)
346909 | Zig:18   | Killed Beoskaaj's ghost
346909 | Zig:18   | Killed Ometuamn's ghost
346909 | Zig:18   | Killed Hoiham's ghost
346909 | Zig:18   | Killed Nalaklye's ghost
346909 | Zig:18   | Killed Beoskaaj's ghost
346909 | Zig:18   | Killed Ini Deriu's ghost
346910 | Zig:18   | Noticed Duta's ghost (legendary FoHu)
346910 | Zig:18   | Killed Quogoet's ghost
346911 | Zig:18   | Killed Hoiham's ghost
346911 | Zig:18   | Killed Coyd's ghost
346911 | Zig:18   | Killed Ussulutyn's ghost
346911 | Zig:18   | Killed Coyd's ghost
346911 | Zig:18   | Killed Ometuamn's ghost
346911 | Zig:18   | Killed Ini Deriu's ghost
346911 | Zig:18   | Noticed Omay's ghost (master MiFi)
346912 | Zig:18   | Killed Ini Deriu's ghost
346912 | Zig:18   | Killed Pixogrep's ghost
346912 | Zig:18   | Noticed Ussulutyn's ghost (legendary DsFi)
346913 | Zig:18   | Noticed Pixogrep's ghost (legendary OpCj)
346914 | Zig:18   | Killed Coyd's ghost
346914 | Zig:18   | Killed Nalaklye's ghost
346914 | Zig:18   | Noticed Hoiham's ghost (legendary MiFi)
346914 | Zig:18   | Noticed Lagif's ghost (legendary MiFi)
346914 | Zig:18   | Noticed Ysol's ghost (legendary OpHW)
346914 | Zig:18   | Noticed Ini Deriu's ghost (legendary DECj)
346914 | Zig:18   | Noticed Ometuamn's ghost (legendary OnSh)
346914 | Zig:18   | Noticed Ini Deriu's ghost (legendary DECj)
346916 | Zig:18   | Noticed Oxtuo's ghost (legendary DECj)
346916 | Zig:18   | Killed Nalaklye's ghost
346916 | Zig:18   | Killed Canwutygu's ghost
346917 | Zig:18   | Killed Duta's ghost
346917 | Zig:18   | Killed Beoskaaj's ghost
346917 | Zig:18   | Killed Oxtuo's ghost
346917 | Zig:18   | Killed Pixogrep's ghost
346917 | Zig:18   | Killed Ging's ghost
346918 | Zig:18   | Killed Pixogrep's ghost
346918 | Zig:18   | Noticed Omay's ghost (master MiFi)
346919 | Zig:18   | Noticed Ometuamn's ghost (legendary OnSh)
346919 | Zig:18   | Noticed Oxtuo's ghost (legendary DECj)
346919 | Zig:18   | Noticed Ysol's ghost (legendary OpHW)
346919 | Zig:18   | Killed Hoiham's ghost
346919 | Zig:18   | Killed Canwutygu's ghost
346919 | Zig:18   | Killed Bines's ghost
346919 | Zig:18   | Noticed Pixogrep's ghost (legendary OpCj)
346919 | Zig:18   | Noticed Suwusiqo's ghost (legendary DjCj)
346920 | Zig:18   | Killed Lagif's ghost
346920 | Zig:18   | Killed Ysol's ghost
346920 | Zig:18   | Killed Nalaklye's ghost
346920 | Zig:18   | Killed Oxtuo's ghost
346920 | Zig:18   | Killed Ysol's ghost
346920 | Zig:18   | Killed Tejiel's ghost
346920 | Zig:18   | Killed Tejiel's ghost
346920 | Zig:18   | Noticed Ini Deriu's ghost (legendary DECj)
346920 | Zig:18   | Noticed Coyd's ghost (legendary HOMo)
346921 | Zig:18   | Killed Pixogrep's ghost
346921 | Zig:18   | Killed Feuw's ghost
346921 | Zig:18   | Killed Ometuamn's ghost
346921 | Zig:18   | Killed Ini Deriu's ghost
346922 | Zig:18   | Killed Feuw's ghost
346922 | Zig:18   | Killed Ini Deriu's ghost
346922 | Zig:18   | Noticed Ging's ghost (legendary OnFi)
346922 | Zig:18   | Noticed Oxtuo's ghost (legendary DECj)
346922 | Zig:18   | Noticed Tejiel's ghost (legendary GrFi)
346922 | Zig:18   | Noticed Ometuamn's ghost (legendary OnSh)
346922 | Zig:18   | Noticed Ometuamn's ghost (legendary OnSh)
346922 | Zig:18   | Noticed Tejiel's ghost (legendary GrFi)
346923 | Zig:18   | Noticed Pixogrep's ghost (legendary OpCj)
346923 | Zig:18   | Noticed Suwusiqo's ghost (legendary DjCj)
346923 | Zig:18   | Killed Ussulutyn's ghost
346923 | Zig:18   | Killed Tejiel's ghost
346923 | Zig:18   | Killed Ini Deriu's ghost
346924 | Zig:18   | Noticed Ging's ghost (legendary OnFi)
346925 | Zig:18   | Killed Omay's ghost
346925 | Zig:18   | Killed Coyd's ghost
346925 | Zig:18   | Killed Tejiel's ghost
346925 | Zig:18   | Killed Pixogrep's ghost
346925 | Zig:18   | Noticed Duta's ghost (legendary FoHu)
346926 | Zig:18   | Killed Ometuamn's ghost
346927 | Zig:18   | Killed Nalaklye's ghost
346927 | Zig:18   | Killed Omay's ghost
346928 | Zig:18   | Noticed Quogoet's ghost (legendary OpSh)
346928 | Zig:18   | Killed Omay's ghost
346928 | Zig:18   | Killed Oxtuo's ghost
346930 | Zig:18   | Killed Nalaklye's ghost
346931 | Zig:18   | Killed Oxtuo's ghost
346933 | Zig:18   | Killed Duta's ghost
346934 | Zig:18   | Noticed oldriver's ghost (legendary DsEE)
346934 | Zig:18   | Killed Ussulutyn's ghost
346934 | Zig:18   | Noticed Ging's ghost (legendary OnFi)
346935 | Zig:18   | Killed Ini Deriu's ghost
346936 | Zig:18   | Killed Ometuamn's ghost
346937 | Zig:18   | Killed Nalaklye's ghost
346937 | Zig:18   | Killed Ini Deriu's ghost
346937 | Zig:18   | Killed Ometuamn's ghost
346938 | Zig:18   | Killed Pixogrep's ghost
346938 | Zig:18   | Killed Coyd's ghost
346939 | Zig:18   | Killed Bines's ghost
346939 | Zig:18   | Killed Ussulutyn's ghost
346939 | Zig:18   | Killed Quogoet's ghost
346939 | Zig:18   | Killed Oxtuo's ghost
346950 | Zig:18   | Killed Bines's ghost
346952 | Zig:18   | Killed Ging's ghost
346953 | Zig:18   | Killed Ging's ghost
346955 | Zig:18   | Killed Suwusiqo's ghost
346955 | Zig:18   | Killed Omay's ghost
346961 | Zig:18   | Killed Pixogrep's ghost
346961 | Zig:18   | Killed Suwusiqo's ghost
346961 | Zig:18   | Killed Oxtuo's ghost
346967 | Zig:18   | Killed Ging's ghost
346975 | Zig:18   | Killed oldriver's ghost
347328 | Zig:18   | Identified the +9 falchion "Duskulao" {freeze, Int+4}
347373 | Zig:18   | Upgraded the game from 0.32-a0-22-g6ae6769602 to
                  | 0.32-a0-35-gd9ff480968
347381 | Zig:19   | Entered Level 19 of a ziggurat
347394 | Zig:19   | Found the +0 toga "Victory" {*Victory Clar}
347399 | Zig:19   | Identified the +2 morningstar of the Shark {heavy, rC+
                  | Int+3 Dex+4}
347409 | Zig:19   | Identified the +1 scale mail of the Ant {rC++ Regen+ Dex-2}
347428 | Zig:19   | Identified the +6 hand axe "Usexoc" {vamp, ^Contam rPois
                  | rF- Int+8}
347430 | Zig:19   | Identified the +10 bardiche "Beastbane" {flame, rPois}
347432 | Zig:19   | Identified the ring of Trepidation {Fire rPois rN+ Str-4
                  | Slay+2}
347457 | Zig:19   | Identified the +0 ring mail of Somewhere Else {Dex+2}
347465 | Zig:19   | Identified the +8 demon blade of Hubris {flame, Str+3}
347471 | Zig:19   | Identified the +6 battleaxe of Desertification {elec,
                  | Str+6}
347499 | Zig:19   | Identified the ring of Heubri {Fly Int+6 Dex+3}
347529 | Zig:19   | Identified the +7 bardiche of Wu Jian, Gazing {heavy, rElec
                  | rF- MP+9 Dex+6}
347551 | Zig:19   | Identified the amulet of Nomyam {rN+ Will+ Regen+ MP+9
                  | Dex-2}
347921 | Zig:19   | Upgraded the game from 0.32-a0-35-gd9ff480968 to
                  | 0.32-a0-41-gec2d92a32c
347947 | Zig:20   | Entered Level 20 of a ziggurat
348487 | Zig:20   | Identified the +0 leather armour of Duty {Str+3}
348495 | Zig:20   | Identified the +1 dagger "Hydraslayer" {freeze, Str+2}
348499 | Zig:20   | Identified the ring "Ilerphab" {rF+ Str+3}
348517 | Zig:20   | Identified the +0 plate armour of the Fiend {Will+}
348519 | Zig:20   | Identified the +8 shortbow "Etiq" {antimagic, rElec rF++
                  | Str+3 Dex-5}
348596 | Zig:21   | Entered Level 21 of a ziggurat
348747 | Zig:21   | Identified the +9 sling of Rotation {drain, rF+ Dex+2}
348758 | Zig:21   | Identified the +2 flail of Sharing Quick Death {pain,
                  | rPois}
348759 | Zig:21   | Identified the +6 shortbow of the Unseen Realm {drain,
                  | +Blink rF- Str+7}
348768 | Zig:21   | Identified the +1 robe of the Ant {Rampage rF- Regen+}
348774 | Zig:21   | Identified the +0 robe of a volcano {Harm}
349268 | Zig:21   | Acquired 986 gold pieces
349279 | Zig:22   | Entered Level 22 of a ziggurat
349303 | Zig:22   | Noticed Gestoy the pandemonium lord
349306 | Zig:22   | Killed Gestoy the pandemonium lord
349326 | Zig:22   | Identified the +5 ring mail of the Equator {rC+}
349570 | Zig:22   | Identified the +2 cloak "Ciatwy" {rPois Regen+ rCorr}
349576 | Zig:22   | Identified the amulet of the Empty Page {Spirit rPois rF-
                  | Str+4 Slay+6}
349755 | Zig:22   | Identified the +5 war axe of Hubris {vamp, rElec rN+ rCorr
                  | Int+3 Stlth-}
349769 | Zig:22   | Identified the +6 glaive "Zaeb" {drain, rF+ rN+ Int+5}
349779 | Zig:22   | Identified the ring "Ydghiemp" {Int+3 Dex+2 Slay+3 SInv}
349785 | Zig:22   | Identified the staff of Wounding {Stlth+ Earth}
349787 | Zig:22   | Identified the +3 leather armour of Legam {*Corrode Int+5}
349798 | Zig:22   | Identified the +0 robe of Birdsong {Will+ Str+4}
349802 | Zig:22   | Identified the amulet "Onoxkug" {Spirit Fly rPois Dex+6}
349806 | Zig:22   | Identified the +10 shortbow of Ipse Dixit {heavy, rPois
                  | Will+++ rCorr Int-5}
349817 | Zig:22   | Identified the +3 long sword of Meliny {flame, rN+ Dex+5}
349825 | Zig:22   | Identified the +9 orcbow of Reinforcement {freeze, rN+ SInv
                  | Stlth-}
349832 | Zig:22   | Identified the +1 broad axe of the Priest {vamp, *Noise
                  | rPois Will+ Int+3}
349839 | Zig:22   | Identified the staff "Anouric" {rElec rC+ Dex+2 Ice}
349841 | Zig:22   | Identified the ring of Vonoaf {rPois rC+ MP+9}
349855 | Zig:22   | Identified the staff of the Shrinking Whale {rElec rCorr
                  | Int+4 Air}
349859 | Zig:22   | Identified the +1 morningstar of Defiance {heavy, +Blink
                  | rF- Int+5}
349898 | Zig:23   | Entered Level 23 of a ziggurat
350029 | Zig:23   | Identified the +7 bardiche of Ifidde {antimagic, Dex+3}
350034 | Zig:23   | Identified the +11 great sword of Watchfulness {drain,
                  | Dex+3}
350041 | Zig:23   | Identified the staff "Trog's Anger" {^Contam rN+ MP+9 Dex+3
                  | Necro}
350043 | Zig:23   | Identified the +0 falchion "Nall" {flame, rCorr}
350088 | Zig:23   | Identified the +4 arbalest of Akhlat {flame, rF+ rC+ Int+3}
350094 | Zig:23   | Identified the storm talisman "Odotoizima" {Will+}
350096 | Zig:23   | Identified the +1 leather armour of Dawn {Int+3}
350118 | Zig:23   | Identified the +0 bardiche "Luse" {vamp, rC+ Int+2}
350154 | Zig:23   | Identified the +6 flail "Nuorgh" {antimagic, rElec rN+
                  | Will+++ Dex-3}
350605 | Zig:24   | Entered Level 24 of a ziggurat
350633 | Zig:24   | Identified the +3 spear of Midwinter {freeze, ^Drain rC+++
                  | Int-2 SInv}
350636 | Zig:24   | Identified the +0 gold dragon scales of Minor Irritation
                  | {-Cast rPois rF+ rC+ Dex+7}
351149 | Zig:24   | Identified the +4 whip of the Beastly God {vamp, *Rage
                  | Will- Str+4 Int+5}
351153 | Zig:24   | Identified the +10 war axe of Springtime {drain, Stlth+}
351156 | Zig:24   | Identified the +6 bardiche of Cheibriados's Approval
                  | {distort, ^Fragile rCorr Str-3 Int+8}
351163 | Zig:24   | Identified the +7 bardiche of Duty {drain, Str+2}
351177 | Zig:24   | Identified the staff of Foar {rF+ rN+ Fire}
351197 | Zig:24   | Identified the +9 halberd of the Pure Ghosts {flame, *Slow
                  | rPois Int+2 Dex+3}
351222 | Zig:24   | Identified the +4 hand axe of Yredelemnul, Gazing {chaos,
                  | rF+ Str+4 Int-4}
351236 | Zig:24   | Identified the +2 morningstar "Returewu" {protect, rElec}
351246 | Zig:24   | Identified the ring of Foolhardiness {rPois rF+ rCorr Str+2
                  | Slay+3}
351254 | Zig:24   | Identified the +4 spear of Tension {protect, ^Contam rPois
                  | rF+ rCorr}
351283 | Zig:24   | Identified the ring "Juzemiz" {rPois rF- Str+6 Int+3 Dex-4}
351297 | Zig:24   | Identified the amulet of Zeapsuk {Faith rElec Will+ Slay+2}
351334 | Zig:25   | Entered Level 25 of a ziggurat
351434 | Zig:25   | Identified the +8 morningstar of Dios {freeze, rPois Dex+4}
351456 | Zig:25   | Identified the +0 helmet "Qyutahuv" {Str+4 Dex+7}
351458 | Zig:25   | Identified the +1 lajatang of Fate {flame, rC+ Str+2 Dex+3}
351464 | Zig:25   | Identified the +3 acid dragon scales of the Monkey {rCorr
                  | MP+9}
351476 | Zig:25   | Identified the staff of the Noxious God {rF+ Str-4 Stlth-
                  | Tloc Fire Earth}
351478 | Zig:25   | Identified the +3 great sword of the Onslaught {elec,
                  | rCorr}
351492 | Zig:25   | Identified the +0 robe "Jimapou" {^Drain Will+ rCorr}
352121 | Zig:26   | Entered Level 26 of a ziggurat
352133 | Abyss:5  | Cast into level 5 of the Abyss (unwielding a weapon of
                  | distortion)
352212 | Zig:26   | Escaped the Abyss
352273 | Abyss:5  | Cast into level 5 of the Abyss (unwielding a weapon of
                  | distortion)
352287 | Abyss:5  | Noticed a dread lich
352357 | Zig:26   | Escaped the Abyss
352405 | Zig:26   | Killed from afar by a Brimstone Fiend

Illustrated notes

Levels and vault maps discovered:
D:1:      elethiomel_arrival_infinity_welcomes_careful_drivers, layout_basic,
          minmay_small_reverse_x
D:2:      layout_rooms, basic_altar, uniq_natasha, uniq_sigmund
D:3:      layout_rooms, mainiacjoe_overflow_cross_hatched,
          general_overflow_altar, minmay_goblin_outpost, uniq_ijyb
D:4:      layout_gridville, marbit_many_paths, kennysheep_little_box,
          serial_co_window_serial, co_window_paths_a, co_window_corner_a,
          co_window_paths_a, co_window_paths_b, co_window_paths_a,
          co_window_paths_a, co_window_paths_b, co_window_paths_c,
          co_window_of_opportunity_c, co_window_of_opportunity_c,
          co_window_2corner, co_window_broadway_b, co_window_2corner,
          co_window_broadway_b, glass_columns_a, glass_columns_a,
          glass_columns_b, glass_columns_b
D:5:      layout_rooms, tso_metal_star, corexii_corridor_pit, corexii_shack
D:6:      cheibrodos_helix_gallery, layout_basic, minmay_temple_entry_waves,
          nicolae_concentric_dashed_squares_mild, roderic_malta_cross,
          chequers_serial_rivers_large_a, hangedman_abyss_or_decor_slice,
          nicolae_shop_firing_range, uniq_duvessa, uniq_edmund, uniq_grinder
D:7:      layout_cave_pools, minivault_27, hangedman_decor_clover_reticule,
          minmay_diced_spiral, uniq_pikel
D:8:      layout_basic, gammafunk_temple_overflow_pools, serial_rivers,
          chequers_serial_rivers_micro_c, chequers_serial_rivers_marsh,
          chequers_serial_rivers_marsh, chequers_serial_rivers_room_a,
          chequers_serial_rivers_room_a
D:9:      layout_basic, evilmike_ruin_ashenzari,
          nicolae_ru_the_path_less_chosen, enter_bailey_4, bh_circular_ruins,
          uniq_jeremiah
D:10:     layout_loops_ring, lemuel_round_altar, trog_three_pillars_becter,
          erik_lair_island, uniq_lodul
D:11:     layout_basic, orc_0_dummy, lightli_wizard_tower
D:12:     nzn_winding_woodlands_medium [nzn_winding_woodlands_5x5_open_star,
          nzn_winding_woodlands_5x15_eye, nzn_winding_woodlands_hourglass,
          nzn_winding_woodlands_5x5_perimeter,
          nzn_winding_woodlands_center_triple_pond,
          nzn_winding_woodlands_5x5_cross,
          nzn_winding_woodlands_5x5_checkerboard,
          nzn_winding_woodlands_5x15_pathside_ponds,
          nzn_winding_woodlands_5x5_closed_star], layout_loops_corners,
          ebering_ghost_disaster_area
D:13:     layout_roguey, grunt_vaults_entry_fortified, uniq_nessos
D:14:     layout_irregular_city, solitary_fountain, serial_shops, shop
D:15:     gammafunk_enter_depths_forms, layout_basic,
          nicolae_kite_square_tiling_tiny
Temple:   nicolae_temple_bog_church
Lair:1:   layout_gridlike, roderic_batcave, chequers_serial_rivers_micro_c,
          grunt_megastairs_1, uniq_sonja, uniq_harold, uniq_amaemon
Lair:2:   layout_long_grid, nicolae_swamp_entry_spooky, dummy_snake_entry,
          lemuel_fruit_tree
Lair:3:   layout_gridlike, basic_altar, nicolae_lair_lindhole,
          grunt_megastairs_2
Lair:4:   layout_loops_ring, dreamdust_gnoll_shepherd
Lair:5:   hellmonk_lair_end_abyssal_woods, layout_cave_pods,
          dpeg_slime_entry_corner
Swamp:1:  layout_basic_swamp, evilmike_swamp_ruin_house_2, swamp_pool_4,
          infiniplex_staircase_pool
Swamp:2:  layout_basic_swamp, evilmike_swamp_ruin_house_6, swamp_pool_3
Swamp:3:  layout_basic_swamp, evilmike_swamp_ruin_house_1,
          nicolae_swamp_soggy_hallways, uniq_bai_suzhen, uniq_kirke
Swamp:4:  swamp, layout_basic_swamp, swamp_pool_3, beargit_elvish_explorers
Snake:1:  layout_misc_corridors, serial_shops, nicolae_shop_statue_plus,
          special_room, serial_bayou_lake_a, serial_bayou_shore_a
Snake:2:  layout_onion, grunt_ministairs_15, drop_trap,
          nicolae_snake_gridmaze_tees, nicolae_snake_omega, grunt_megastairs_4,
          uniq_roxanne
Snake:3:  layout_layer_cave, basic_altar, hangedman_snake_thin_pillar_pass,
          nicolae_snake_naga_rites
Snake:4:  johnstein_snake_rune_scales, layout_layer_cave, basic_altar,
          minmay_shoptagon, uniq_aizul
Slime:1:  layout_caves
Slime:2:  layout_caves
Slime:3:  layout_caves
Slime:4:  layout_caves, uniq_dissolution
Slime:5:  slime_pit_nicolae_block_by_block
Orc:1:    layout_caves, uniq_urug
Orc:2:    pf_orc_diabolical, layout_diamond_mine
Elf:1:    minmay_elf_arrival_plus, layout_loops_corners, serial_sigils,
          serial_sigils_hangedman_scar, serial_sigils_hangedman_writhe,
          serial_sigils_hangedman_gut, serial_sigils_hangedman_shear,
          hangedman_elf_disciples, uniq_nikola
Elf:2:    nicolae_elf_blades_splatter_lattice
          [nicolae_vaults_blade_armed_guards], layout_geoelf_diagonals,
          chequers_big_river, wad_floor_pattern_untrapped
Elf:3:    minmay_elf_hall, layout_onion_city, basic_altar, uniq_norris
Vaults:1: serial_library_hellmonk_reading_circle, v_misc_16, v_misc_10,
          nicolae_vaults_house_2, hangedman_vaults_capsules,
          nicolae_vaults_murder_corner, nicolae_vaults_house_2,
          nicolae_vaults_little_squares_1, nicolae_vaults_alarming,
          nicolae_vaults_storage_closets_3, nicolae_vaults_tetromino_Z_1,
          vaults_room_stairs_pillars, vaults_mumra_lcd,
          nicolae_vaults_diamond_2, layout_vaults_omnicross, serial_shops,
          nicolae_shop_just_a_little_nook
Vaults:2: v_misc_24, vaults_room_semicircle, grunt_vaults_twisty,
          hangedman_vaults_trim, hangedman_vaults_locks,
          nicolae_vaults_trapezoid_lopsided_3, nicolae_vaults_oval_intersection,
          nicolae_vaults_network_quincunx
          [nicolae_vaults_network_quincunx_subvault,
          nicolae_vaults_network_quincunx_subvault,
          nicolae_vaults_network_quincunx_subvault,
          nicolae_vaults_network_quincunx_subvault,
          nicolae_vaults_network_quincunx_subvault], vaults_room_large_hall,
          nicolae_vaults_double_plus_1, hangedman_vaults_snaps,
          nicolae_vaults_shipping_containers_4, layout_vaults_omnibox,
          serial_shops, shop
Vaults:3: minmay_crypt_entry_simple_statues, nicolae_vaults_oval_intersection,
          nicolae_vaults_quartermaster, v_misc_25, vaults_dpeg_diagonal,
          nicolae_vaults_six-pack, layout_vaults_omnigrid, uniq_saint_roka,
          uniq_mara
Vaults:4: nicolae_vaults_trapezoid_lopsided_1, nicolae_vaults_little_squares_2,
          nicolae_vaults_security_offices_2, ontoclasm_vaults_pinch, v_misc_25,
          hangedman_vaults_nails, grunt_vaults_diagonal,
          nicolae_vaults_frosty_reception, nicolae_vaults_tetromino_T_1,
          layout_vaults_big_room, uniq_sojobo
Vaults:5: serial_shops
Crypt:1:  layout_misc_corridors, nrook_guardian_serpent_ordinary,
          lemuel_upstairs_altar, grunt_megastairs_3, grunt_crypt_arrival_webbed
Crypt:2:  layout_misc_corridors, nicolae_danse_macabre,
          roderic_lattice_octagonal_star
Crypt:3:  grunt_crypt_end_deaths_head, uniq_grunn
Tomb:1
Tomb:2
Tomb:3
Depths:1: layout_forbidden_donut, hangedman_glass_teeth,
          nicolae_trove_entry_isolated, grunt_mini_vestibule,
          serial_sigils_hangedman_leer, minmay_variable_closet,
          serial_library_hellmonk_semicircle, kennysheep_generic_room_14
Depths:2: grunt_deathspiral_small, layout_twisted_cross,
          nicolae_elyvilon_peaceful_grove, grunt_hell_entry_dis_old, pan_entry,
          st_stairs_14, nicolae_island_escapes, infiniplex_staircase_spiral,
          uniq_josephina
Depths:3: minmay_three_patterns, layout_basic, pf_coc_iceberg,
          nicolae_gozag_cash_rules_everything_around_me, abyss_entry,
          minivault_16, uniq_margery, uniq_parghit
Depths:4: evilmike_zot_entry_hall, layout_basic, enter_ziggurat_e,
          ebering_ghost_reflecting_pool, hell_entry,
          hangedman_abyss_entry_splay, uniq_frederick, uniq_vv
Hell
Dis:1:    layout_gridville
Dis:2:    layout_subdivisions
Dis:3:    layout_gridville
Dis:4:    layout_subdivisions
Dis:5:    layout_regular_city, nicolae_hells_hurtin_island
Dis:6:    layout_regular_city
Dis:7:    dis_grunt_layers
Geh:1:    layout_gehenna_lava_caves, lemuel_flamethrower_2
Geh:2:    layout_gehenna_pools_basic
Geh:3:    layout_gehenna_lava_caves
Geh:4:    layout_gehenna_lava_caves
Geh:5:    layout_gehenna_pools_box
Geh:6:    layout_gehenna_pools_triple
Geh:7:    geh_old
Coc:1:    layout_cocytus_delve
Coc:2:    layout_cocytus_water_paths
Coc:3:    layout_ice_bergs
Coc:4:    layout_cocytus_delve
Coc:5:    layout_cocytus_delve
Coc:6:    layout_ice_bergs, nicolae_hells_seeping_fissure
Coc:7:    coc_dpeg
Tar:1:    layout_grid_maze
Tar:2:    layout_grid_maze
Tar:3:    layout_cathedral_of_symmetry
Tar:4:    layout_grid_maze
Tar:5:    layout_cathedral_of_symmetry
Tar:6:    layout_catacombs, nicolae_hells_fiendish_ambush
Tar:7:    tar_minmay_river
Zot:1:    layout_onion_interference, regret_index_zotdec_twisting_globes,
          grunt_megastairs_5
Zot:2:    kennysheep_spiral_hall, layout_misc_corridors,
          gammafunk_ghost_mausoleum
Zot:3:    layout_onion_interference, gammafunk_ghost_cemetery,
          nicolae_diode_quadrants
Zot:4:    layout_misc_corridors, bh_zot_ikea_curve
Zot:5:    layout_gridville
Zig:26:   ziggurat_pillar_abc, ziggurat_pillar_abc, ziggurat_pillar_abc,
          ziggurat_pillar_abc, ziggurat_pillar_abc, ziggurat_pillar_abc,
          ziggurat_pillar_abc, ziggurat_pillar_abc, ziggurat_pillar_centre_c,
          ziggurat_pillar_centre_c, ziggurat_pillar_centre_c,
          ziggurat_pillar_centre_c, ziggurat_pillar_centre_oklobs,
          ziggurat_pillar_centre_oklobs, ziggurat_pillar_centre_oklobs,
          ziggurat_pillar_centre_oklobs

Skill      XL: |  1  2  3  4  5  6  7  8  9 10 11 12 13 14 15 16 17 18 19 20 21 22 23 24 25 26 27 |
---------------+----------------------------------------------------------------------------------+-----
Stealth        | 3 4 5 6 7 9 10 11 12 14 15 17 18 19 20 21 27 | 27.0
Fighting       | 1 2 3 4 5 6 7 8 9 10 11 12 13 14 15 27 | 27.0
Translocations | 1 2 3 4 5 7 8 27 | 27.0
Shapeshifting  | 1 2 3 4 5 6 9 13 16 17 18 19 27 | 27.0
Hexes          | 1 2 3 4 5 7 8 27 | 27.0
Dodging        | 3 4 5 6 7 8 9 10 11 12 13 14 15 27 | 27.0
Conjurations   | 5 6 7 8 9 10 11 12 13 14 15 16 17 27 | 27.0
Earth Magic    | 3 11 12 27 | 27.0
Spellcasting   | 6 8 9 10 11 12 13 14 27 | 27.0
Ice Magic      | 5 7 8 27 | 27.0
Air Magic      | 5 7 8 9 12 13 18 27 | 27.0
Transmutations | 5 6 27 |  0.0
Fire Magic     | 3 5 27 | 27.0
Evocations     | 27 | 27.0
Throwing       | 27 | 27.0
Necromancy     | 27 | 27.0
Shields        | 27 | 27.0
Summonings     | 27 | 27.0
Staves         | 27 | 27.0
Ranged Weapons | 27 | 27.0
Unarmed Combat | 27 | 27.0
Short Blades   | 27 | 27.0
Axes           | 27 | 27.0
Polearms       | 27 | 27.0
Maces & Flails | 27 | 27.0
Long Blades    | 27 | 27.0
Alchemy        | 27 | 27.0
Invocations    | 27 | 27.0

Action                     |  1- 3 |  4- 6 |  7- 9 | 10-12 | 13-15 | 16-18 | 19-21 | 22-24 | 25-27 || total
---------------------------+-------+-------+-------+-------+-------+-------+-------+-------+-------++-------
  Melee: Unarmed           |    10 |       |       |       |       |       |       |       |     1 ||    11
         Tentacles         |     9 |     3 |    28 |    47 |   183 |    46 |    35 |    48 |   464 ||   863
         Constrict         |     7 |    11 |    18 |    21 |    67 |    15 |    19 |    11 |   201 ||   370
         Dagger            |    15 |    26 |    87 |   165 |   514 |   140 |       |       |       ||   947
         Staff             |     4 |    13 |       |     9 |       |       |    68 |    70 |   736 ||   900
         Punch             |       |     2 |     4 |     2 |     9 |     4 |     2 |     2 |   209 ||   234
         Falchion          |       |       |       |       |       |       |    25 |    20 |       ||    45
         Lajatang          |       |       |       |       |       |       |       |       |   442 ||   442
         Short sword       |       |       |       |       |       |       |       |       |    17 ||    17
         Bo                |       |       |       |       |       |       |       |       |     1 ||     1
   Fire: Longbow           |       |       |       |       |       |       |       |       |     2 ||     2
         Hand cannon       |       |       |       |       |       |       |       |       |     1 ||     1
  Throw: Javelin           |       |       |       |       |       |       |       |       |   132 ||   132
   Cast: Magic Dart        |    13 |     2 |     2 |     3 |       |       |       |       |       ||    20
         Searing Ray       |    17 |    24 |    38 |    37 |    14 |       |       |       |       ||   130
         Fulminant Prism   |       |       |    17 |   123 |   293 |    19 |     1 |     2 |     1 ||   456
         Iskenderun's Myst |       |       |     7 |    65 |    98 |    69 |    57 |    53 |    23 ||   372
         Teleport Other    |       |       |       |     2 |     3 |     7 |       |       |       ||    12
         Bombard           |       |       |       |       |       |   215 |   274 |   437 |   623 ||  1549
         Freezing Cloud    |       |       |       |       |       |   194 |   172 |   102 |    73 ||   541
         Irradiate         |       |       |       |       |       |     7 |    10 |    19 |    48 ||    84
         Passage of Golubr |       |       |       |       |       |     1 |       |       |     6 ||     7
         Lee's Rapid Decon |       |       |       |       |       |     4 |     3 |    84 |    79 ||   170
         Conjure Ball Ligh |       |       |       |       |       |       |       |    19 |    24 ||    43
         Arcjolt           |       |       |       |       |       |       |       |    40 |    17 ||    57
         Orb of Destructio |       |       |       |       |       |       |       |       |   224 ||   224
         Maxwell's Capacit |       |       |       |       |       |       |       |       |   218 ||   218
         Ignition          |       |       |       |       |       |       |       |       |  1296 ||  1296
         Fire Storm        |       |       |       |       |       |       |       |       |  1156 ||  1156
         Shatter           |       |       |       |       |       |       |       |       |  1001 ||  1001
         Chain Lightning   |       |       |       |       |       |       |       |       |   655 ||   655
         Polar Vortex      |       |       |       |       |       |       |       |       |   431 ||   431
         Discord           |       |       |       |       |       |       |       |       |   330 ||   330
         Death Channel     |       |       |       |       |       |       |       |       |   239 ||   239
         Swiftness         |       |       |       |       |       |       |       |       |   146 ||   146
         Disjunction       |       |       |       |       |       |       |       |       |   106 ||   106
         Ozocubu's Armour  |       |       |       |       |       |       |       |       |    86 ||    86
         Ozocubu's Refrige |       |       |       |       |       |       |       |       |     4 ||     4
         Summon Forest     |       |       |       |       |       |       |       |       |     1 ||     1
 Invoke: Call Merchant     |       |       |       |     1 |       |     3 |     2 |     2 |    11 ||    19
         Potion Petition   |       |       |       |       |       |       |       |       |  1213 ||  1213
Ability: Breathe Fire      |       |       |       |       |       |       |       |       |     2 ||     2
         Evoke Invisibilit |       |       |       |       |       |       |       |       |    37 ||    37
         Begin Untransform |       |       |       |       |       |       |       |       |    18 ||    18
         Evoke Blink       |       |       |       |       |       |       |       |       |    18 ||    18
         Siphon Essence    |       |       |       |       |       |       |       |       |     1 ||     1
  Evoke: Wand              |       |     5 |     8 |    24 |    23 |     6 |       |    11 |    72 ||   149
         Tin of tremorston |       |       |       |       |       |     2 |     1 |       |       ||     3
         Lightning rod     |       |       |       |       |       |     1 |     3 |       |       ||     4
         Figurine of a zig |       |       |       |       |       |       |       |       |    13 ||    13
    Use: Scroll            |       |       |     9 |     9 |    14 |    10 |    10 |     3 |   133 ||   188
         Potion            |       |       |     1 |     3 |    11 |     2 |     3 |    16 |   112 ||   148
   Stab: Sleeping          |     3 |       |     8 |     3 |    21 |     1 |       |       |     6 ||    42
         Paralysed         |       |     6 |     6 |    11 |       |       |       |       |       ||    23
         Distracted        |       |       |     1 |     3 |     6 |       |     1 |       |    47 ||    58
         Invisible         |       |       |       |       |       |       |       |       |    15 ||    15
 Armour: Skin              |    19 |    46 |    81 |   242 |  1055 |   572 |   789 |  1068 |  4935 ||  8807
  Dodge: Dodged            |    34 |    57 |    85 |   315 |  1332 |   613 |   780 |   893 |  8918 || 13027
  Block: Buckler           |       |       |       |       |       |       |       |       |    65 ||    65
   Form: Statue            |       |       |       |       |     1 |     1 |       |       |    31 ||    33
         Maw               |       |       |       |       |       |     1 |       |       |       ||     1
         Dragon            |       |       |       |       |       |       |       |       |     2 ||     2
         Death             |       |       |       |       |       |       |       |       |    42 ||    42
                           |       |       |       |       |       |       |       |       |     3 ||     3

Table legend: (Time is in decaauts) A = Elapsed time spent in this place. B = Non-inter-level travel time spent in this place. C = Inter-level travel time spent in this place. D = Time resting spent in this place. E = Time spent auto-exploring this place. F = Levels seen in this place. G = Mean time per level. A B C D E F G +--------+--------+--------+--------+--------+-----+--------+ Total | 430992 | 395038 | 35954 | 105291 | 207657 | 496 | 868.9 | Dungeon | 57939 | 40967 | 16972 | 17570 | 16589 | 15 | 3862.6 | Temple | 33 | 18 | 15 | 0 | 0 | 1 | 33.0 | Lair | 26570 | 23049 | 3521 | 11511 | 8198 | 5 | 5314.0 | Swamp | 15036 | 14635 | 401 | 6715 | 5643 | 4 | 3759.0 | Snake Pit | 15046 | 13795 | 1251 | 3540 | 8025 | 4 | 3761.5 | Slime Pits | 10459 | 10345 | 114 | 4460 | 4448 | 5 | 2091.8 | Orcish Mines | 5634 | 4383 | 1251 | 1792 | 1700 | 2 | 2817.0 | Elven Halls | 11700 | 11134 | 566 | 5052 | 4357 | 3 | 3900.0 | Vaults | 22875 | 21113 | 1762 | 8489 | 9804 | 5 | 4575.0 | Crypt | 14678 | 13539 | 1139 | 6651 | 5109 | 3 | 4892.7 | Tomb | 9945 | 9618 | 327 | 4500 | 3501 | 3 | 3315.0 | Depths | 24556 | 19929 | 4627 | 11030 | 6072 | 4 | 6139.0 | Hell | 11932 | 10856 | 1076 | 7085 | 2443 | 1 | 11932.0 | Dis | 6979 | 5941 | 1038 | 1063 | 3007 | 7 | 997.0 | Gehenna | 4012 | 3948 | 64 | 136 | 2845 | 7 | 573.1 | Cocytus | 4470 | 4267 | 203 | 391 | 2808 | 7 | 638.6 | Tartarus | 6906 | 6313 | 593 | 505 | 4705 | 7 | 986.6 | Zot | 16399 | 15370 | 1029 | 6654 | 6277 | 5 | 3279.8 | Abyss | 4691 | 4691 | 0 | 173 | 1144 | 16 | 293.2 | Pandemonium | 16951 | 16951 | 0 | 1674 | 11134 | 14 | 1210.8 | Ziggurat | 144057 | 144057 | 0 | 6263 | 99813 | 377 | 382.1 | Trove | 113 | 113 | 0 | 30 | 27 | 1 | 113.0 | +--------+--------+--------+--------+--------+-----+--------+

Top non-repeatable levels by time:
    D:10: 12800 daAuts
    Hell: 11932 daAuts
  Zig:25: 10318 daAuts
    D:13: 9616 daAuts
  Zig:26: 9448 daAuts
Depths:2: 9230 daAuts
  Zig:27: 9215 daAuts
  Zig:22: 8694 daAuts
  Zig:24: 8522 daAuts
Depths:1: 8430 daAuts
  Lair:5: 8368 daAuts
  Zig:23: 8273 daAuts
  Zig:21: 8166 daAuts
  Tomb:1: 7781 daAuts
  Zig:19: 7651 daAuts
